 Dungeon Crawl Stone Soup version 0.30-a0-928-g7f6bbad527 (console) character file.

Game seed: 1982085511936600025

9086735 atomjack the Archmage (level 27, 323/323 HPs)
             Began as a Demonspawn Conjurer on Mar 15, 2023.
             Was an Initiate of Gozag.
             Escaped with the Orb
             ... and 15 runes on Mar 23, 2023!
             The game lasted 16:41:10 (203134 turns).

atomjack the Archmage (Demonspawn Conjurer)       Turns: 203134, Time: 16:41:11

Health: 323/323    AC: 49    Str: 11    XL:     27
Magic:  85/85      EV: 17    Int: 45    God:    Gozag
Gold:   478998     SH:  4    Dex: 11    Spells: 1/80 levels left

rFire   + + .      SeeInvis +    a - +3 staff {rElec rF++ rC++ AC+5, !a}
rCold   + + +      Faith    .    d - orb {mayhem}
rNeg    + + +      Spirit   +    l - +10 pearl dragon scales
rPois   +          Reflect  .    v - +3 hat of Pondering {ponderous, Will+ MP+10 Int+5}
rElec   +          Rampage  +    (cloak unavailable)
rCorr   +          Clarity  +    p - +0 pair of gloves "Gaodeumn" {Will+ MP+9 Int+2}
Will    +++++                    r - +1 pair of boots "Ecsiap" {Rampage +Inv rC+ Int+4}
Stlth   +++                      h - dreamshard necklace {*Dream Drain}
HPRegen 0.73/turn                A - ring of Raff {rN+ Will+ MP+9 Str+3 SInv}
MPRegen 0.98/turn                M - ring "Ariascho" {Fly rN+ rCorr MP+9 Stlth-}

@: gold aura, flying, studying Maces & Flails, slow
A: slimy green scales 3, powered by death 3, robust 3, magic shield, magic
regeneration, magic link, weakness stinger 3, large bone plates 1, clarity, low
MP 1, wild magic 1, MP-powered wands
0: Orb of Zot
}: 15/15 runes: decaying, serpentine, slimy, silver, golden, iron, obsidian,
icy, bone, abyssal, demonic, glowing, magical, fiery, dark
a: Renounce Religion, Evoke Invisibility, Potion Petition, Call Merchant, Bribe
Branch


You escaped.
You worshipped Gozag.
Gozag was exalted by your worship.
You visited 18 branches of the dungeon, and saw 88 of its levels.
You visited Pandemonium 2 times, and saw 23 of its levels.
You visited the Abyss 2 times.
You completed 16 ziggurats, and saw 432 of their levels.
You also visited: Trove, Gauntlet and Ice Cave.

You collected 769189 gold pieces.
You spent 2598 gold pieces at shops.
You paid 287593 gold pieces to Gozag.

Inventory:

Hand Weapons
 a - the +3 Elemental Staff (weapon) {rElec rF++ rC++ AC+5, !a}
   (You found it on level 19 of a ziggurat)

   It enhances your fire, ice, earth and air magic.
   AC:        It affects your AC (+5).
   rF:        It greatly protects you from fire.
   rC:        It greatly protects you from cold.
   rElec:     It insulates you from electricity.
 b - the +8 mithril axe "Arga" {speed, Will+}
   (You acquired it on level 1 of the Depths)

   Will:      It increases your willpower.
 c - the +6 Majin-Bo {spellvamp, MP+6 Int+6}
   (You found it on level 14 of a ziggurat)

   Int:       It affects your intelligence (+6).
   MP:        It affects your magic capacity (+6).
 o - the +8 demon trident "Rift" {distort, reach+}
   (You found it on level 22 of a ziggurat)
 Q - the +6 sword of Cerebov {flame}
   (You took it off Cerebov in Pandemonium)
 V - the +7 sceptre of Asmodeus
   (You took it off Asmodeus on level 7 of Gehenna)

   Wielding it grants the ability to summon fiery demons, with success rate
   depending on Evocations skill.
   Those summoned this way will remain friendly only for a limited time.
Missiles
 S - 586 silver javelins
Armour
 d - an orb of mayhem (worn)
 l - +10 pearl dragon scales (worn)
 p - the +0 pair of gloves "Gaodeumn" (worn) {Will+ MP+9 Int+2}
   (You found it on level 4 of a ziggurat)

   Int:       It affects your intelligence (+2).
   MP:        It affects your magic capacity (+9).
   Will:      It increases your willpower.
 r - the +1 pair of boots "Ecsiap" (worn) {Rampage +Inv rC+ Int+4}
   (You bought it in a shop on level 2 of the Depths)

   Int:       It affects your intelligence (+4).
   rC:        It protects you from cold.
   +Inv:      It lets you turn invisible.
   Rampage:   It bestows one free step when moving towards enemies.
 v - the +3 hat of Pondering (worn) {ponderous, Will+ MP+10 Int+5}
   (You found it on level 27 of a ziggurat)

   Int:       It affects your intelligence (+5).
   MP:        It affects your magic capacity (+10).
   Will:      It increases your willpower.
 B - the +8 orange crystal plate armour {Archmagi, Int+3 Clar}
   (You acquired it on level 1 of the Depths)

   Int:       It affects your intelligence (+3).
   Clar:      It protects you against confusion.
 J - the +0 pair of boots of the Eight Boll Weevils {Contam rElec Regen+ Int+4}
   (You found it on level 25 of a ziggurat)

   Int:       It affects your intelligence (+4).
   rElec:     It insulates you from electricity.
   Contam:    It causes magical contamination when unequipped.
   Regen:     It increases your rate of health regeneration.
 K - the +1 pearl dragon scales of Bawnucludoz {rF++ rN+ rCorr MP+9 Dex-5}
   (You found it on level 25 of a ziggurat)

   Dex:       It affects your dexterity (-5).
   rF:        It greatly protects you from fire.
   rN:        It protects you from negative energy.
   MP:        It affects your magic capacity (+9).
   rCorr:     It protects you from acid and corrosion.
 T - the +3 warlock's mirror {omnireflect}
   (You found it on level 7 of Tartarus)

   Omnireflect: It can block and reflect piercing ranged attacks and magical
   attacks against the wielder's willpower.
 U - the orb of Dispater {+Damnation *Corrode AC+5}
   (You took it off Dispater on level 7 of the Iron City of Dis)

   +Damnation: It grants the ability to hurl damnation at the cost of health and
   magic, with strength depending on Evocations skill.
   AC:        It affects your AC (+5).
   *Corrode:  It may corrode you when you take damage.
 X - the +0 mask of the Dragon {Will+ Slay+3 SInv}
   (You found it on level 4 of the Realm of Zot)

   Slay:      It affects your accuracy & damage with ranged weapons and melee
   (+3).
   SInv:      It lets you see invisible.
   Will:      It increases your willpower.
Jewellery
 h - the dreamshard necklace (around neck) {*Dream Drain}
   (You found it on level 10 of a ziggurat)

   [amulet of nothing]

   *Dream:    It shatters if its wearer takes lethal or near-lethal damage,
   preventing the blow and releasing protective dreams that heal and fight for
   the wearer.
   Drain:     It drains your maximum health when unequipped.
 y - the amulet of the Four Winds {rN+ Will+++ Clar}
   (You found it on level 13 of a ziggurat)

   [amulet of nothing]

   rN:        It protects you from negative energy.
   Clar:      It protects you against confusion.
   Will:      It greatly increases your willpower.
 z - the ring "Muygrobbu" {MP+9 Str+2 Int+4 Dex+6}
   (You found it on level 18 of a ziggurat)

   [ring of dexterity]

   Str:       It affects your strength (+2).
   Int:       It affects your intelligence (+4).
   Dex:       It affects your dexterity (+6).
   MP:        It affects your magic capacity (+9).
 A - the ring of Raff (left hand) {rN+ Will+ MP+9 Str+3 SInv}
   (You found it on level 11 of a ziggurat)

   [ring of magical power]

   Str:       It affects your strength (+3).
   rN:        It protects you from negative energy.
   MP:        It affects your magic capacity (+9).
   SInv:      It lets you see invisible.
   Will:      It increases your willpower.
 H - the ring "Wenka" {+Blink rF+ rN+ MP+9}
   (You found it on level 24 of a ziggurat)

   [ring of protection from fire]

   rF:        It protects you from fire.
   rN:        It protects you from negative energy.
   MP:        It affects your magic capacity (+9).
   +Blink:    It lets you blink.
 I - the ring "Udog Oll" {+Blink rPois rC+ Will++ Stlth-, !d}
   (You found it on level 19 of a ziggurat)

   [ring of protection from cold]

   rC:        It protects you from cold.
   rPois:     It protects you from poison.
   +Blink:    It lets you blink.
   Will:      It greatly increases your willpower.
   Stlth:     It makes you less stealthy.
 M - the ring "Ariascho" (right hand) {Fly rN+ rCorr MP+9 Stlth-}
   (You found it on level 27 of a ziggurat)

   [ring of positive energy]

   rN:        It protects you from negative energy.
   MP:        It affects your magic capacity (+9).
   Fly:       It grants you flight.
   rCorr:     It protects you from acid and corrosion.
   Stlth:     It makes you less stealthy.
Wands
 t - a wand of digging (6)
Scrolls
 f - 382 scrolls of teleportation
 j - 263 scrolls of fog
 m - 129 scrolls of amnesia
 w - 39 scrolls of acquirement
 D - 19 scrolls of butterflies
 G - 32 scrolls of fear
 N - 56 scrolls of vulnerability
 P - 44 scrolls of torment
 R - 31 scrolls of magic mapping
 W - 168 scrolls of blinking
Potions
 e - 82 potions of curing
 g - 45 potions of might
 i - 143 potions of magic
 k - 120 potions of haste
 n - 13 potions of resistance
 q - 414 potions of mutation
 s - 219 potions of experience
 u - 31 potions of lignification
 x - 84 potions of cancellation
 C - 124 potions of heal wounds
 F - 38 potions of brilliance
 O - 14 potions of invisibility
Miscellaneous
 E - a condenser vane
 L - 2 +16 figurines of a ziggurat


   Skills:
 O Level 27 Fighting
 O Level 27 Short Blades
 O Level 27 Long Blades
 O Level 27 Axes
 O Level 27 Maces & Flails
 O Level 27 Polearms
 O Level 27 Staves
 O Level 27 Ranged Weapons
 O Level 27 Throwing
 O Level 27 Armour
 O Level 27 Dodging
 O Level 27 Stealth
 O Level 27 Shields
 O Level 27 Unarmed Combat
 O Level 27 Spellcasting
 O Level 27 Conjurations
 O Level 27 Hexes
 O Level 27 Summonings
 O Level 27 Necromancy
 O Level 27 Translocations
 O Level 27 Transmutations
 O Level 27 Fire Magic
 O Level 27 Ice Magic
 O Level 27 Air Magic
 O Level 27 Earth Magic
 O Level 27 Poison Magic
 O Level 27 Invocations
 O Level 27 Evocations


You had one spell level left.
You knew the following spells:

 Your Spells              Type           Power      Damage    Failure   Level
a - Polar Vortex          Ice            92%        N/A       1%          9
b - Death's Door          Necr           78%        N/A       1%          9
c - Disjunction           Tloc           78%        N/A       1%          8
d - Fire Storm            Conj/Fire      92%        8d23      1%          9
f - Shatter               Erth           92%        3d66*     1%          9
h - Lehudib's Crystal Sp  Conj/Erth      92%        10d20     1%          8
k - Chain Lightning       Conj/Air       92%        3d122     1%          9
C - Blink                 Tloc           100%       N/A       1%          2
N - Necromutation         Tmut/Necr      78%        N/A       1%          8
P - Borgnjor's Revivific  Necr           78%        N/A       1%          8

Your spell library contained the following spells:

 Spells                   Type           Power      Damage    Failure   Level
 Apportation              Tloc           100%       N/A       1%          1
 Beastly Appendage        Tmut           100%       N/A       1%          1
 Foxfire                  Conj/Fire      100%       2x1d9     1%          1
 Freeze                   Ice            100%       1d10      1%          1
 Kiss of Death            Conj/Necr      100%       2d13      1%          1
 Magic Dart               Conj           100%       1d8       1%          1
 Necrotise                Necr           100%       1d9       1%          1
 Sandblast                Erth           100%       2d20      1%          1
 Shock                    Conj/Air       100%       1d9       1%          1
 Slow                     Hex            100%       N/A       1%          1
 Sting                    Tmut/Pois      100%       1d8       1%          1
 Summon Small Mammal      Summ           100%       N/A       1%          1
 Call Imp                 Summ           100%       N/A       1%          2
 Cigotuvi's Dreadful Rot  Necr/Pois/Air  100%       N/A       1%          2
 Ensorcelled Hibernation  Hex/Ice        100%       N/A       1%          2
 Lesser Beckoning         Tloc           100%       N/A       1%          2
 Momentum Strike          Conj/Tloc      100%       3d10      1%          2
 Passwall                 Tmut/Erth      100%       N/A       1%          2
 Poisonous Vapours        Pois/Air       100%       N/A       1%          2
 Scorch                   Fire           100%       2d10      1%          2
 Searing Ray              Conj           100%       2d8       1%          2
 Static Discharge         Conj/Air       100%       2-7/arc   1%          2
 Sublimation of Blood     Necr           100%       N/A       1%          2
 Wereblood                Tmut           100%       N/A       1%          2
 Call Canine Familiar     Summ           100%       N/A       1%          3
 Confusing Touch          Hex            100%       N/A       1%          3
 Dazzling Flash           Conj/Hex       100%       N/A       1%          3
 Frozen Ramparts          Ice            100%       1d16      1%          3
 Gell's Gravitas          Tloc           100%       N/A       1%          3
 Hailstorm                Conj/Ice       100%       3d20      1%          3
 Ignite Poison            Fire/Tmut/Pois 100%       N/A       1%          3
 Inner Flame              Hex/Fire       100%       N/A       1%          3
 Kindle Blastsparks       Fire/Tloc/Air  100%       2d18      1%          3
 Mephitic Cloud           Conj/Pois/Air  100%       N/A       1%          3
 Ozocubu's Armour         Ice            100%       N/A       1%          3
 Portal Projectile        Hex/Tloc       100%       N/A       1%          3
 Spider Form              Tmut/Pois      100%       N/A       1%          3
 Stone Arrow              Conj/Erth      100%       3d13      1%          3
 Summon Guardian Golem    Hex/Summ       100%       N/A       1%          3
 Swiftness                Air            100%       N/A       1%          3
 Teleport Other           Tloc           100%       N/A       1%          3
 Tukima's Dance           Hex            100%       N/A       1%          3
 Vampiric Draining        Necr           100%       2d13      1%          3
 Vhi's Electric Charge    Tloc/Air       100%       N/A       1%          3
 Airstrike                Air            92%        2d(14-30) 1%          4
 Anguish                  Hex/Necr       78%        N/A       1%          4
 Animate Armour           Summ/Erth      100%       N/A       1%          4
 Cause Fear               Hex            78%        N/A       1%          4
 Dispel Undead            Necr           100%       3d31      1%          4
 Flame Wave               Conj/Fire      100%       2d21      1%          4
 Fulminant Prism          Conj/Hex       78%        3d31      1%          4
 Ice Form                 Ice/Tmut       100%       N/A       1%          4
 Iskenderun's Mystic Bla  Conj/Tloc      100%       2d19      1%          4
 Leda's Liquefaction      Hex/Erth       92%        N/A       1%          4
 Manifold Assault         Tloc           100%       N/A       1%          4
 Olgreb's Toxic Radiance  Pois           100%       N/A       1%          4
 Passage of Golubria      Tloc           100%       N/A       1%          4
 Petrify                  Tmut/Erth      100%       N/A       1%          4
 Sticky Flame             Conj/Fire      100%       2d11      1%          4
 Summon Ice Beast         Ice/Summ       100%       N/A       1%          4
 Summon Lightning Spire   Summ/Air       100%       N/A       1%          4
 Agony                    Necr           100%       N/A       1%          5
 Alistair's Intoxication  Tmut/Pois      100%       N/A       1%          5
 Arcjolt                  Conj/Air       92%        1d102     1%          5
 Blade Hands              Tmut           78%        N/A       1%          5
 Borgnjor's Vile Clutch   Necr/Erth      92%        N/A       1%          5
 Fireball                 Conj/Fire      92%        3d34      1%          5
 Freezing Cloud           Conj/Ice/Air   100%       6-21      1%          5
 Irradiate                Conj/Tmut      78%        3d37      1%          5
 Iskenderun's Battlesphe  Conj           100%       2d15      1%          5
 Lee's Rapid Deconstruct  Erth           92%        3d40*     1%          5
 Lightning Bolt           Conj/Air       92%        1d121     1%          5
 Metabolic Englaciation   Hex/Ice        92%        N/A       1%          5
 Plasma Beam              Fire/Air       100%       2x1d131   1%          5
 Silence                  Hex/Air        92%        N/A       1%          5
 Summon Forest            Summ/Tloc      78%        N/A       1%          5
 Summon Mana Viper        Hex/Summ       100%       N/A       1%          5
 Yara's Violent Unravell  Hex/Tmut       78%        3d29      1%          5
 Conjure Ball Lightning   Conj/Air       92%        3x3d35    1%          6
 Death Channel            Necr           78%        N/A       1%          6
 Dispersal                Tloc           78%        N/A       1%          6
 Eringya's Noxious Bog    Tmut/Pois      78%        N/A       1%          6
 Iron Shot                Conj/Erth      92%        9d17      1%          6
 Starburst                Conj/Fire      92%        6d23      1%          6
 Statue Form              Tmut/Erth      100%       N/A       1%          6
 Summon Cactus Giant      Summ           78%        N/A       1%          6
 Dragon Form              Tmut           78%        N/A       1%          7
 Enfeeble                 Hex            78%        N/A       1%          7
 Haunt                    Necr/Summ      78%        N/A       1%          7
 Malign Gateway           Summ/Tloc      78%        N/A       1%          7
 Monstrous Menagerie      Summ           78%        N/A       1%          7
 Orb of Destruction       Conj           78%        9d18      1%          7
 Ozocubu's Refrigeration  Ice            92%        4d27      1%          7
 Spellforged Servitor     Conj/Summ      78%        N/A       1%          7
 Storm Form               Tmut/Air       92%        N/A       1%          7
 Summon Hydra             Summ           78%        N/A       1%          7
 Discord                  Hex            78%        N/A       1%          8
 Ignition                 Fire           92%        3d23      1%          8
 Infestation              Necr           78%        N/A       1%          8
 Maxwell's Capacitive Co  Air            92%        ∞         1%          8
 Summon Horrible Things   Summ           78%        N/A       1%          8
 Dragon's Call            Summ           78%        N/A       1%          9
 Animate Dead             Necr           Unusable   N/A       N/A         4
 Simulacrum               Ice/Necr       Unusable   N/A       N/A         6

Dungeon Overview and Level Annotations

Branches:
Dungeon (15/15)            Temple (1/1) D:5            Lair (5/5) D:10
  Swamp (4/4) Lair:2        Snake (4/4) Lair:2        Slime (5/5) Lair:4
    Orc (2/2) D:10            Elf (3/3) Orc:2        Vaults (5/5) D:14
  Crypt (3/3) Vaults:2       Tomb (3/3) Crypt:3      Depths (4/4) D:15
   Hell (visited)             Dis (7/7) Hell            Geh (7/7) Hell
    Coc (7/7) Hell            Tar (7/7) Hell            Zot (5/5) Depths:4
  IceCv (visited)         Gauntlet (visited)

Altars:
Ashenzari
Cheibriados
Dithmenos
Fedhas
Gozag
Hepliaklqana
Kikubaaqudgha
Makhleb
Nemelex Xobeh
Okawaru
Qazlal
Ru
Sif Muna
Trog
Uskayaw
Vehumet
Wu Jian
Xom
Yredelemnul

Shops:
D:10 *   D:15 *   Orc:1 [   Orc:2 *((([   Elf:2 ??*::   Elf:3 **
Snake:1 ((=[[   Snake:2 [   Snake:3 *   Vaults:2 [*(   Vaults:3 *   Vaults:4 (
Crypt:2 *   Depths:2 !*[=[

Portals:
Hell: Depths:1 Depths:2 Depths:3 Depths:4
Abyss: D:15 Depths:3 Depths:4
Pandemonium: Depths:2 Depths:3

Annotations:
D:11 2 transporters, paps's ghost, journeyman DsGl
Swamp:3 2 runed translucent doors, exclusion: 2 doors, 112233's ghost, adept OpRe
Swamp:4 Roxanne
Snake:2 1 runed translucent door, choppaz's ghost, adept TrFi
Zot:4 2 transporters


Innate Abilities, Weirdness & Mutations

You are completely covered in slimy green scales. (AC +4, rPois)
You regenerate a lot of health from kills.
You are extremely robust. (+30% HP)
When hurt, damage is shared between your health and your magic reserves.
You regenerate magic rapidly.
When low on magic, you restore magic in place of health.
You have a sharp stinger which inflicts weakening toxins.
You are partially covered in large bone plates. (SH +4)
You possess an exceptional clarity of mind.
Your magical capacity is low. (-10% MP)
Your spells are a little harder to cast, but a little more powerful.
You expend magic power (3 MP) to strengthen your wands.


Message History

Aiming: Lehudib's Crystal Spear (mildly dangerous; 1% risk of failure)
Press: ? - help, Shift-Dir - straight line, f - cacodemon
Aim: a cacodemon (87% to hit)
You feel a surge of power!
The crystal spear misses the cacodemon.
You feel a surge of power! Lightning arcs from your hands!
The bolt of lightning hits the cacodemon!!!!
The cacodemon resists.
You kill the cacodemon!
The bolt of lightning hits the sixfirhy!!!
The sixfirhy resists.
You kill the sixfirhy!
The orange demon flies into a frenzy!
The bolt of lightning hits you! You resist.
The bolt of lightning hits the sixfirhy!!!
The sixfirhy resists.
You kill the sixfirhy!
The bolt of lightning hits the orange demon!!!!!
You kill the orange demon!
(D) Dungeon (T) Temple (L) Lair (S) Swamp (P) Snake Pit (M) Slime Pits (O) Orcish Mines (E) Elven Halls (V) Vaults (C) Crypt (W) Tomb (U) Depths (H) Hell (I) Dis (G) Gehenna (X) Cocytus (Y) Tartarus (Z) Zot
Where to? (* - list waypoints, Enter - D:1 @ (x,y), ? - help) HP restored.
Magic restored.
You see here a +0 club.
A Brimstone Fiend comes into view.
You feel a surge of power! Lightning arcs from your hands!
The bolt of lightning hits the Brimstone Fiend!!!!!
You kill the Brimstone Fiend!
The bolt of lightning hits you! You resist.
(D) Dungeon (T) Temple (L) Lair (S) Swamp (P) Snake Pit (M) Slime Pits (O) Orcish Mines (E) Elven Halls (V) Vaults (C) Crypt (W) Tomb (U) Depths (H) Hell (I) Dis (G) Gehenna (X) Cocytus (Y) Tartarus (Z) Zot
Where to? (* - list waypoints, Enter - D:1 @ (x,y), ? - help)
There is an open door here.
You reach down and open the door.
There is an open door here.
There is a staircase leading out of the dungeon here.
You have escaped!

#..# #..$..........[.....# #..#
#....####.##.........
#..#########.........####.####.#
#...............###### #.# ##.#
#..........#.#..# #.###.#.
###############'############.###
#........+8.8'........#.## #
#........#...#........##.###
#...⌠....##'##....⌠...##..#.
##...................##.#..#
######....@....######.###..
###.......## ##.#.## #.#########
##.## #.........# #.#
##........#########.###
########.......##...##
#.####.#..###.. #.# #.###.# #.#
#.# ##.#..###.. #.#####.##...##
#...........###


There were no monsters in sight!

Vanquished Creatures
  Cerebov (Pan)
  Antaeus (Coc:7)
  Asmodeus (Geh:7)
  the Royal Jelly (Slime:5)
  Ignacio (Pan)
  Ereshkigal (Tar:7)
  Gloorx Vloq (Pan)
  The ghost of Zorhyraw the Slayer, a legendary GrEE of Vehumet (Zig:17)
  The ghost of Zorhyraw the Slayer, a legendary GrEE of Vehumet (Zig:24)
  The ghost of Zorhyraw the Slayer, a legendary GrEE of Vehumet (Zig:27)
  The ghost of Zorhyraw the Slayer, a legendary GrEE of Vehumet (Zig:27)
  The ghost of Zorhyraw the Slayer, a legendary GrEE of Vehumet (Zig:24)
  The ghost of Zorhyraw the Slayer, a legendary GrEE of Vehumet (Zig:17)
  The ghost of Zorhyraw the Slayer, a legendary GrEE of Vehumet (Zig:17)
  Lom Lobon (Pan)
  Mnoleg (Pan)
  The ghost of Wougrad the Conqueror, a legendary GrEE of Vehumet (Zig:27)
  The ghost of Wougrad the Conqueror, a legendary GrEE of Vehumet (Zig:2)
  The ghost of Wougrad the Conqueror, a legendary GrEE of Vehumet (Zig:27)
  The ghost of Wougrad the Conqueror, a legendary GrEE of Vehumet (Zig:27)
  The ghost of Wougrad the Conqueror, a legendary GrEE of Vehumet (Zig:24)
  The ghost of Wougrad the Conqueror, a legendary GrEE of Vehumet (Zig:27)
  The ghost of Wougrad the Conqueror, a legendary GrEE of Vehumet (Zig:27)
  The ghost of Wougrad the Conqueror, a legendary GrEE of Vehumet (Zig:27)
  The ghost of Wougrad the Conqueror, a legendary GrEE of Vehumet (Zig:27)
  The ghost of wpisznazwe the Intangible, a legendary DjTm of Jiyva (Zig:24)
  The ghost of Leycex the Conqueror, a legendary GrEE of Vehumet (Zig:24)
  The ghost of Leycex the Conqueror, a legendary GrEE of Vehumet (Zig:24)
  The ghost of Leycex the Conqueror, a legendary GrEE of Vehumet (Zig:24)
  The ghost of Leycex the Conqueror, a legendary GrEE of Vehumet (Zig:27)
  The ghost of Leycex the Conqueror, a legendary GrEE of Vehumet (Zig:17)
  The ghost of Leycex the Conqueror, a legendary GrEE of Vehumet (Zig:27)
  The ghost of Leycex the Conqueror, a legendary GrEE of Vehumet (Zig:17)
  The ghost of Leycex the Conqueror, a legendary GrEE of Vehumet (Zig:24)
  The ghost of Xienem the Metallomancer, a legendary GrEE of Vehumet (Zig:17)
  The ghost of Xienem the Metallomancer, a legendary GrEE of Vehumet (Zig:24)
  The ghost of Xienem the Metallomancer, a legendary GrEE of Vehumet (Zig:27)
  The ghost of Xienem the Metallomancer, a legendary GrEE of Vehumet (Zig:27)
  The ghost of Xienem the Metallomancer, a legendary GrEE of Vehumet (Zig:27)
  The ghost of Xienem the Metallomancer, a legendary GrEE of Vehumet (Zig:17)
  The ghost of Ihium the Petrodigitator, a legendary GrEE of Vehumet (Zig:24)
  The ghost of Ihium the Petrodigitator, a legendary GrEE of Vehumet (Zig:27)
  The ghost of Ihium the Petrodigitator, a legendary GrEE of Vehumet (Zig:17)
  The ghost of Ihium the Petrodigitator, a legendary GrEE of Vehumet (Zig:27)
  The ghost of Ihium the Petrodigitator, a legendary GrEE of Vehumet (Zig:27)
  The ghost of Ihium the Petrodigitator, a legendary GrEE of Vehumet (Zig:27)
  The ghost of Ihium the Petrodigitator, a legendary GrEE of Vehumet (Zig:17)
  139 orbs of fire
  Dispater (Dis:7)
  The ghost of jrbgvjkr the Invulnerable, a legendary MiFi of Okawaru (Zig:17)
  343 ancient liches
  309 dread liches
  The ghost of Cetzew the Metallomancer, a legendary GrEE of Cheibriados (Zig:17)
  The ghost of Cetzew the Metallomancer, a legendary GrEE of Cheibriados (Zig:17)
  The ghost of Cetzew the Metallomancer, a legendary GrEE of Cheibriados (Zig:24)
  The ghost of Cetzew the Metallomancer, a legendary GrEE of Cheibriados (Zig:17)
  The ghost of Cetzew the Metallomancer, a legendary GrEE of Cheibriados (Zig:17)
  The ghost of Cetzew the Metallomancer, a legendary GrEE of Cheibriados (Zig:17)
  The ghost of Cetzew the Metallomancer, a legendary GrEE of Cheibriados (Zig:24)
  The ghost of Cetzew the Metallomancer, a legendary GrEE of Cheibriados (Zig:17)
  The ghost of Cetzew the Metallomancer, a legendary GrEE of Cheibriados (Zig:17)
  The ghost of Cetzew the Metallomancer, a legendary GrEE of Cheibriados (Zig:27)
  The ghost of Gyofeun the Axe Maniac, a legendary FoFi of Ru (Zig:27)
  The ghost of Gyofeun the Axe Maniac, a legendary FoFi of Ru (Zig:17)
  The ghost of Gyofeun the Axe Maniac, a legendary FoFi of Ru (Zig:17)
  The ghost of Gyofeun the Axe Maniac, a legendary FoFi of Ru (Zig:17)
  The ghost of Gyofeun the Axe Maniac, a legendary FoFi of Ru (Zig:17)
  The ghost of Gyofeun the Axe Maniac, a legendary FoFi of Ru (Zig:17)
  The ghost of Erphurifo the Ninja, a legendary GnWn of Zin (Zig:24)
  The ghost of Erphurifo the Ninja, a legendary GnWn of Zin (Zig:24)
  The ghost of Erphurifo the Ninja, a legendary GnWn of Zin (Zig:17)
  The ghost of Erphurifo the Ninja, a legendary GnWn of Zin (Zig:17)
  The ghost of Erphurifo the Ninja, a legendary GnWn of Zin (Zig:27)
  The ghost of Erphurifo the Ninja, a legendary GnWn of Zin (Zig:27)
  The ghost of Erphurifo the Ninja, a legendary GnWn of Zin (Zig:17)
  The ghost of Erphurifo the Ninja, a legendary GnWn of Zin (Zig:17)
  The ghost of Erphurifo the Ninja, a legendary GnWn of Zin (Zig:17)
  Mara (Vaults:3)
  The ghost of Xentuelits the Conqueror, a legendary DsGl of Okawaru (Zig:24)
  The ghost of Xentuelits the Conqueror, a legendary DsGl of Okawaru (Zig:17)
  The ghost of Xentuelits the Conqueror, a legendary DsGl of Okawaru (Zig:24)
  The ghost of Xentuelits the Conqueror, a legendary DsGl of Okawaru (Zig:27)
  The ghost of Xentuelits the Conqueror, a legendary DsGl of Okawaru (Zig:17)
  The ghost of Xentuelits the Conqueror, a legendary DsGl of Okawaru (Zig:27)
  The ghost of Xentuelits the Conqueror, a legendary DsGl of Okawaru (Zig:24)
  The ghost of Xentuelits the Conqueror, a legendary DsGl of Okawaru (Zig:27)
  The ghost of Xentuelits the Conqueror, a legendary DsGl of Okawaru (Zig:27)
  The ghost of Xentuelits the Conqueror, a legendary DsGl of Okawaru (Zig:27)
  The ghost of Xentuelits the Conqueror, a legendary DsGl of Okawaru (Zig:27)
  Mennas (Pan)
  297 juggernauts
  354 pandemonium lords
  The ghost of Muffal the Impregnable, a legendary FoFi of the Shining One (Zig:24)
  The ghost of Muffal the Impregnable, a legendary FoFi of the Shining One (Zig:17)
  The ghost of Muffal the Impregnable, a legendary FoFi of the Shining One (Zig:27)
  The ghost of Muffal the Impregnable, a legendary FoFi of the Shining One (Zig:27)
  The ghost of Muffal the Impregnable, a legendary FoFi of the Shining One (Zig:27)
  The ghost of Muffal the Impregnable, a legendary FoFi of the Shining One (Zig:17)
  The ghost of Muffal the Impregnable, a legendary FoFi of the Shining One (Zig:27)
  The ghost of Muffal the Impregnable, a legendary FoFi of the Shining One (Zig:27)
  The ghost of Wyzxe the Ruinous, a legendary OpFE of Sif Muna (Zig:27)
  The ghost of Wyzxe the Ruinous, a legendary OpFE of Sif Muna (Zig:27)
  The ghost of Wyzxe the Ruinous, a legendary OpFE of Sif Muna (Zig:27)
  The ghost of Wyzxe the Ruinous, a legendary OpFE of Sif Muna (Zig:17)
  The ghost of Wyzxe the Ruinous, a legendary OpFE of Sif Muna (Zig:17)
  The ghost of Wyzxe the Ruinous, a legendary OpFE of Sif Muna (Zig:17)
  The ghost of Ifad the Sorcerer, a legendary NaSu of Gozag (Zig:24)
  The ghost of Ifad the Sorcerer, a legendary NaSu of Gozag (Zig:27)
  The ghost of Ifad the Sorcerer, a legendary NaSu of Gozag (Zig:17)
  The ghost of Ifad the Sorcerer, a legendary NaSu of Gozag (Zig:17)
  The ghost of Ifad the Sorcerer, a legendary NaSu of Gozag (Zig:17)
  The ghost of Ifad the Sorcerer, a legendary NaSu of Gozag (Zig:24)
  The ghost of Ifad the Sorcerer, a legendary NaSu of Gozag (Zig:17)
  The ghost of Ifad the Sorcerer, a legendary NaSu of Gozag (Zig:27)
  The ghost of Ifad the Sorcerer, a legendary NaSu of Gozag (Zig:24)
  The ghost of Ifad the Sorcerer, a legendary NaSu of Gozag (Zig:27)
  The ghost of Ifad the Sorcerer, a legendary NaSu of Gozag (Zig:27)
  The ghost of Ahek the Gnoll Blade, a legendary GnTm of Cheibriados (Zig:24)
  The ghost of Ahek the Gnoll Blade, a legendary GnTm of Cheibriados (Zig:27)
  The ghost of Ahek the Gnoll Blade, a legendary GnTm of Cheibriados (Zig:24)
  The ghost of Ahek the Gnoll Blade, a legendary GnTm of Cheibriados (Zig:24)
  The ghost of Ahek the Gnoll Blade, a legendary GnTm of Cheibriados (Zig:17)
  The ghost of Ahek the Gnoll Blade, a legendary GnTm of Cheibriados (Zig:27)
  The ghost of Ahek the Gnoll Blade, a legendary GnTm of Cheibriados (Zig:27)
  The ghost of Ahek the Gnoll Blade, a legendary GnTm of Cheibriados (Zig:17)
  The ghost of Ahek the Gnoll Blade, a legendary GnTm of Cheibriados (Zig:17)
  The ghost of Ahek the Gnoll Blade, a legendary GnTm of Cheibriados (Zig:24)
  The ghost of Ahek the Gnoll Blade, a legendary GnTm of Cheibriados (Zig:17)
  The ghost of Ahek the Gnoll Blade, a legendary GnTm of Cheibriados (Zig:27)
  The ghost of Ahek the Gnoll Blade, a legendary GnTm of Cheibriados (Zig:27)
  The ghost of Ahek the Gnoll Blade, a legendary GnTm of Cheibriados (Zig:24)
  The ghost of Saonuxt the Cutthroat, a legendary DsFi of Uskayaw (Zig:17)
  The ghost of Saonuxt the Cutthroat, a legendary DsFi of Uskayaw (Zig:24)
  The ghost of Saonuxt the Cutthroat, a legendary DsFi of Uskayaw (Zig:17)
  The ghost of Saonuxt the Cutthroat, a legendary DsFi of Uskayaw (Zig:27)
  The ghost of Saonuxt the Cutthroat, a legendary DsFi of Uskayaw (Zig:27)
  The ghost of Saonuxt the Cutthroat, a legendary DsFi of Uskayaw (Zig:17)
  The ghost of Saonuxt the Cutthroat, a legendary DsFi of Uskayaw (Zig:17)
  The ghost of Saonuxt the Cutthroat, a legendary DsFi of Uskayaw (Zig:27)
  The ghost of Saonuxt the Cutthroat, a legendary DsFi of Uskayaw (Zig:17)
  The ghost of Saonuxt the Cutthroat, a legendary DsFi of Uskayaw (Zig:24)
  The ghost of Saonuxt the Cutthroat, a legendary DsFi of Uskayaw (Zig:27)
  The ghost of Saonuxt the Cutthroat, a legendary DsFi of Uskayaw (Zig:27)
  The ghost of Xiorchab the Archmage, a legendary VSFi of Wu Jian (Zig:24)
  The ghost of Xiorchab the Archmage, a legendary VSFi of Wu Jian (Zig:17)
  The ghost of Xiorchab the Archmage, a legendary VSFi of Wu Jian (Zig:24)
  The ghost of Xiorchab the Archmage, a legendary VSFi of Wu Jian (Zig:24)
  The ghost of Xiorchab the Archmage, a legendary VSFi of Wu Jian (Zig:24)
  The ghost of Xiorchab the Archmage, a legendary VSFi of Wu Jian (Zig:24)
  The ghost of Xiorchab the Archmage, a legendary VSFi of Wu Jian (Zig:27)
  The ghost of Xiorchab the Archmage, a legendary VSFi of Wu Jian (Zig:24)
  The ghost of Xiorchab the Archmage, a legendary VSFi of Wu Jian (Zig:24)
  The ghost of Xiorchab the Archmage, a legendary VSFi of Wu Jian (Zig:27)
  The ghost of Xiorchab the Archmage, a legendary VSFi of Wu Jian (Zig:17)
  The ghost of Xiorchab the Archmage, a legendary VSFi of Wu Jian (Zig:17)
  The ghost of Poybuibi the Conqueror, a veteran MiMo of Ru (Zig:27)
  The ghost of Poybuibi the Conqueror, a veteran MiMo of Ru (Zig:27)
  The ghost of Poybuibi the Conqueror, a veteran MiMo of Ru (Zig:27)
  The ghost of Poybuibi the Conqueror, a veteran MiMo of Ru (Zig:27)
  The ghost of Poybuibi the Conqueror, a veteran MiMo of Ru (Zig:27)
  The ghost of Poybuibi the Conqueror, a veteran MiMo of Ru (Zig:27)
  The ghost of Poybuibi the Conqueror, a veteran MiMo of Ru (Zig:24)
  The ghost of Poybuibi the Conqueror, a veteran MiMo of Ru (Zig:24)
  596 royal mummies
  The ghost of Gishoal the Imperceptible, a legendary KoBr of Wu Jian (Zig:24)
  The ghost of Gishoal the Imperceptible, a legendary KoBr of Wu Jian (Zig:17)
  The ghost of Gishoal the Imperceptible, a legendary KoBr of Wu Jian (Zig:27)
  The ghost of Gishoal the Imperceptible, a legendary KoBr of Wu Jian (Zig:27)
  The ghost of Gishoal the Imperceptible, a legendary KoBr of Wu Jian (Zig:24)
  The ghost of Gishoal the Imperceptible, a legendary KoBr of Wu Jian (Zig:17)
  The ghost of Gishoal the Imperceptible, a legendary KoBr of Wu Jian (Zig:17)
  Josephina (Depths:3)
  212 shard shrikes
  the Lernaean hydra (Swamp:4)
  145 Killer Klowns
  Saint Roka (Snake:2)
  The ghost of Dihet the Axe Maniac, a veteran MiBe of Trog (Crypt:2)
  Vashnia (Snake:4)
  The ghost of Ereufydu the Archmage, a legendary VSGl of Wu Jian (Zig:17)
  The ghost of Ereufydu the Archmage, a legendary VSGl of Wu Jian (Zig:17)
  The ghost of Ereufydu the Archmage, a legendary VSGl of Wu Jian (Zig:27)
  The ghost of Ereufydu the Archmage, a legendary VSGl of Wu Jian (Zig:17)
  The ghost of Ereufydu the Archmage, a legendary VSGl of Wu Jian (Zig:17)
  The ghost of Ereufydu the Archmage, a legendary VSGl of Wu Jian (Zig:27)
  The ghost of Ereufydu the Archmage, a legendary VSGl of Wu Jian (Zig:27)
  The ghost of Town the Pyromancer, a veteran DgFE (Zig:17)
  The ghost of Town the Pyromancer, a veteran DgFE (Zig:17)
  The ghost of Town the Pyromancer, a veteran DgFE (Zig:17)
  The ghost of Town the Pyromancer, a veteran DgFE (Zig:17)
  The ghost of Town the Pyromancer, a veteran DgFE (Zig:24)
  The ghost of Town the Pyromancer, a veteran DgFE (Zig:24)
  The ghost of Town the Pyromancer, a veteran DgFE (Zig:24)
  The ghost of Town the Pyromancer, a veteran DgFE (Zig:24)
  The ghost of Town the Pyromancer, a veteran DgFE (Zig:24)
  The ghost of Town the Pyromancer, a veteran DgFE (Zig:27)
  The ghost of Town the Pyromancer, a veteran DgFE (Zig:24)
  Margery (Depths:3)
  A caustic shrike (shapeshifter) (Zig:26)
  28 curse toes
  547 caustic shrikes
  621 golden dragons
  Xtahua (Vaults:2)
  The ghost of Kugyfig the Executioner, an adept MiBe of Trog (Vaults:4)
  Geryon (Hell)
  2 golden dragons (shapeshifter)
  165 profane servitors
  107 pearl dragons
  441 bone dragons
  345 Brimstone Fiends
  140 electric golems
  72 doom hounds
  235 Tzitzimimeh
  534 Ice Fiends
  A spectral shard shrike (Tar:2)
  461 hellephants
  The ghost of
  112233 the Sorcerer, an adept SpEE of Gozag (Depths:1)
  388 iron giants
  5 walking earthen tomes
  372 liches
  529 tentacled monstrosities
  22 Orb Guardians (Zot:5)
  632 Hell Sentinels
  3 walking crystal tomes
  8 walking divine tomes
  60 tainted leviathans
  258 deep elf blademasters
  6 quicksilver dragons (shapeshifter)
  Grunn (Depths:3)
  327 quicksilver dragons
  494 titans
  257 searing wretches
  Asterion (Elf:2)
  290 deep elf master archers
  Murray (Hell)
  Gastronok (Lair:1)
  2 death cobs
  7 walking frostbound tomes
  1339 acid blobs
  291 tentacled starspawn
  4 sphinxes (shapeshifter)
  342 ancient champions
  3 acid blobs (shapeshifter)
  264 Executioners
  112 sphinxes
  3 eldritch tentacles
  Kirke (D:15)
  135 shadow dragons
  20 thorn hunters
  97 daevas
  8 shadow dragons (shapeshifter)
  234 storm dragons
  129 tengu reavers
  284 revenants
  2 storm dragons (shapeshifter)
  393 draconian monks
  1299 nagarajas
  Agnes (Snake:2)
  11 fenstrider witches
  224 fire giants
  280 azure jellies
  8 fenstrider witches (shapeshifter)
  416 rockslimes
  274 demonspawn warmongers
  120 deep elf sorcerers
  11 frost giants (shapeshifter)
  286 iron dragons
  Louise (D:15)
  8 azure jellies (shapeshifter)
  7 fire giants (shapeshifter)
  299 quicksilver elementals
  151 frost giants
  407 draconian shifters
  3 spectral caustic shrikes
  27 caustic shrike zombies
  5 ghost moths (shapeshifter)
  682 balrugs
  658 ghost moths
  264 curse skulls
  4 spectral juggernauts
  27 juggernaut zombies
  33 deep elf elementalists
  506 draconian knights
  116 vault wardens
  418 emperor scorpions
  320 narguns
  The ghost of Odexios the Lord of Darkness, an adept KoSu of Kikubaaqudgha (Snake:3)
  467 orc warlords
  469 draconian scorchers
  4 shard shrike simulacra
  210 cacodemons
  565 draconian annihilators
  64 angels
  A broodmother (shapeshifter) (Zig:16)
  35 juggernaut skeletons
  67 ironbound preservers
  642 demonspawn corrupters
  424 draconian stormcallers
  59 ophanim
  49 ghouls
  48 broodmothers
  293 quicksilver oozes
  8 stone giants (shapeshifter)
  172 very ugly things
  447 war gargoyles
  357 stone giants
  58 apis
  231 reapers
  A spriggan defender (Depths:3)
  123 vampire knights
  33 caustic shrike skeletons
  The ghost of Theblade121 the Blocker, a journeyman DsBr of Gozag (D:15)
  4 quicksilver oozes (shapeshifter)
  342 demonspawn blood saints
  4 ironbound thunderhulks
  75 eleionomae
  173 black draconians
  255 deep elf annihilators
  11 elemental wellsprings
  7 eleionomae (shapeshifter)
  181 lorocyprocas
  3 halazid warlocks (Tar:2)
  205 red draconians
  Azrael (D:12)
  102 putrid mouths
  A rockslime zombie (Crypt:3)
  7 dire elephants (shapeshifter)
  183 white draconians
  206 bennus
  145 dire elephants
  3 spectral titans
  182 purple draconians
  286 demonspawn black suns
  186 deep elf demonologists
  86 bunyips
  225 yellow draconians
  A minotaur (Gauntlet)
  171 green draconians
  A bunyip (shapeshifter) (Zig:26)
  300 wendigos
  3 minotaurs (shapeshifter)
  369 blizzard demons
  177 spark wasps
  198 eidola
  The ghost of Umyoka the Cleaver, a journeyman MiBe of Trog (D:12)
  A spark wasp (shapeshifter) (Zig:17)
  Snorg (D:12)
  2 ettins (shapeshifter)
  92 merfolk impalers
  576 green deaths
  126 deep elf death magi
  A shapeshifter (Zig:3)
  107 crystal guardians
  6 spectral golden dragons
  382 iron golems
  114 ettins
  2 spectral quicksilver dragons
  545 mummy priests
  An elf zombie (Crypt:1)
  253 merfolk javelineers
  531 entropy weavers
  124 yaktaur captains
  4 fire dragons (shapeshifter)
  49 jiangshi
  4 entropy weavers (shapeshifter)
  159 great orbs of eyes
  9 quicksilver dragon zombies
  2 spectral spriggans
  A spectral shadow dragon (Zig:11)
  11 rakshasas
  471 shambling mangroves
  332 deep elf high priests
  192 fire dragons
  12 quicksilver dragon skeletons
  228 spriggan air magi
  46 vault guards
  560 hydras
  An ice dragon (shapeshifter) (Zig:10)
  10 ironbound frosthearts
  61 ghost crabs
  31 merfolk avatars
  68 radroaches
  112 ice dragons
  2 spectral sphinxes (Zig:11)
  A fenstrider witch zombie (Crypt:1)
  6 spectral tengu
  4 jorogumos (shapeshifter)
  173 hell beasts
  A peacekeeper (Vaults:2)
  8 alligator snapping turtles (shapeshifter)
  26 jorogumos
  23 caustic shrike simulacra
  191 anacondas
  1184 salamander tyrants
  238 catoblepae
  30 centaur warriors
  13 juggernaut simulacra
  14 anacondas (shapeshifter)
  4 boulder beetles (shapeshifter)
  7 two-headed ogres (shapeshifter)
  38 ogre magi
  53 alligator snapping turtles
  54 satyrs
  A bennu zombie (Crypt:2)
  A catoblepas (shapeshifter) (Zig:9)
  A satyr (shapeshifter) (Zig:11)
  35 stokers
  A death knight (Abyss:2)
  419 merfolk aquamancers
  82 boulder beetles
  4 radroaches (shapeshifter)
  28 spriggan skeletons
  61 alligators
  An alligator (shapeshifter) (Zig:16)
  261 naga warriors
  270 death scarabs
  5 deep troll shamans
  50 two-headed ogres
  24 death yaks
  2 fenstrider witch skeletons
  2 death yaks (shapeshifter)
  109 hell hogs
  377 naga sharpshooters
  A spectral storm dragon (Zig:12)
  12 shock serpents (shapeshifter)
  3 tengu warriors
  90 sun demons
  7 spriggan berserkers
  22 deep troll earth magi
  487 orc high priests
  418 shock serpents
  16 titan zombies
  305 deep elf knights
  195 vampire magi
  A spectral dire elephant (Tar:2)
  287 thrashing horrors
  456 dancing weapons
  57 hell knights
  Amaemon (D:10)
  7 fire crabs (shapeshifter)
  19 storm dragon zombies
  188 crystal echidnas
  34 fire crabs
  647 wretched stars
  A spectral anaconda (Tar:1)
  131 soul eaters
  119 iron trolls
  144 sixfirhies
  8 skysharks (shapeshifter)
  2 spectral spark wasps
  31 titan skeletons
  56 goliath frogs
  26 sun moths
  2 spectral bunyips (Tar:1)
  3 spectral hydras
  79 salamander mystics
  148 shadow wraiths
  6 iron trolls (shapeshifter)
  27 storm dragon skeletons
  10 death drakes (shapeshifter)
  122 spatial maelstroms
  102 sea snakes
  15 skysharks
  4 spark wasp zombies
  6 goliath frogs (shapeshifter)
  126 pharaoh ants
  Lodul (D:12)
  601 large abominations
  3 quicksilver dragon simulacra
  31 skeletal warriors
  295 death drakes
  476 orb spiders
  23 golden dragon zombies
  284 spriggan druids
  359 swamp dragons
  96 glowing orange brains
  10 glowing orange brains (shapeshifter)
  66 deep trolls
  8 swamp dragons (shapeshifter)
  37 bog bodies
  7 orb spiders (shapeshifter)
  64 cherubim
  14 deep trolls (shapeshifter)
  107 flayed ghosts
  27 orange crystal statues
  14 spriggan simulacra
  157 shadow demons
  10 sea snakes (shapeshifter)
  6 sphinx zombies
  58 wizards
  28 obsidian statues
  15 tengu zombies
  309 deep elf archers
  10 steelbarb worms (shapeshifter)
  Pikel (D:7)
  108 steelbarb worms
  131 harpies
  A harpy (shapeshifter) (Zig:22)
  11 lindwurms (shapeshifter)
  2 spectral iron dragons (Zig:15)
  118 phantasmal warriors
  78 ironbound convokers
  24 lindwurms
  425 starcursed masses
  168 naga ritualists
  495 deep elf pyromancers
  8 mana vipers (shapeshifter)
  11 wolf spiders (shapeshifter)
  48 necromancers
  8 shadow dragon zombies
  16 iron dragon zombies
  198 orc knights
  3 fire giant zombies
  142 mana vipers
  22 golden dragon skeletons
  250 orc sorcerers
  4 frost giant zombies
  A spectral ettin (Tar:4)
  25 oklob plants
  26 shadow dragon skeletons
  2 glowing shapeshifters (Zig:17)
  71 fauns
  199 shining eyes
  3 salamanders (shapeshifter)
  8 fauns (shapeshifter)
  413 deep elf zephyrmancers
  185 wolf spiders
  11 cyclopes (shapeshifter)
  98 manticores
  135 ugly things
  8 shining eyes (shapeshifter)
  A spectral centaur (Tar:1)
  10 manticores (shapeshifter)
  92 will-o-the-wisps
  40 tengu skeletons
  105 cyclopes
  95 salamanders
  30 worldbinders
  27 sphinx skeletons
  8 frost giant skeletons
  19 iron dragon skeletons
  12 elephants (shapeshifter)
  46 elephants
  3 moths of wrath (shapeshifter)
  358 moths of wrath
  Joseph (Lair:1)
  4 fire giant skeletons
  896 black mambas
  6 guardian serpents (shapeshifter)
  434 naga magi
  10 torpor snails (shapeshifter)
  53 merfolk sirens
  3 toenail golems
  152 apocalypse crabs
  7 black mambas (shapeshifter)
  41 rust devils
  415 water nymphs
  108 cane toads
  18 titan simulacra
  12 water nymphs (shapeshifter)
  107 demonic crawlers
  38 gargoyles
  111 eyes of devastation
  14 eyes of devastation (shapeshifter)
  30 ice statues
  66 vault sentinels
  10 storm dragon simulacra
  315 guardian serpents
  2 centaur zombies
  2 cane toads (shapeshifter)
  597 torpor snails
  32 yaktaurs
  112 orange demons
  386 hellions
  5 rime drakes (shapeshifter)
  2 centaur skeletons
  339 smoke demons
  4 unseen horrors
  A yaktaur zombie (Vaults:1)
  91 rime drakes
  Psyche (D:12)
  An elf skeleton (Vaults:1)
  21 spriggan zombies
  3 unseen horrors (shapeshifter)
  92 komodo dragons
  2 naga skeletons
  6 kobold demonologists
  3 spark wasp simulacra
  7 yaktaurs (shapeshifter)
  941 guardian mummies
  32 efreet
  45 freezing wraiths
  A green draconian skeleton (Crypt:2)
  8 komodo dragons (shapeshifter)
  253 ancient zymes
  62 ice devils
  An alligator snapping turtle skeleton (Pan)
  2 tengu conjurers (Depths:2)
  44 meliai
  424 tormentors
  2 hydra zombies
  5 anaconda simulacra
  18 silent spectres
  52 red devils
  A spectral glowing shapeshifter (Zig:12)
  A death drake zombie (Crypt:1)
  2 meliai (shapeshifter)
  29 polar bears
  3 queen bees (shapeshifter)
  4 spectral harpies
  8 trolls (shapeshifter)
  61 wind drakes
  9 golden dragon simulacra
  5 wind drakes (shapeshifter)
  12 merfolk (shapeshifter)
  122 hellwings
  161 trolls
  27 bloated husks
  2 harpy zombies
  12 tengu simulacra
  7 sphinx simulacra
  114 tarantellas
  319 merfolk
  10 shadow dragon simulacra
  A polar bear (shapeshifter) (Zig:22)
  3 tyrant leeches (shapeshifter)
  47 tyrant leeches
  A harpy skeleton (Abyss:2)
  13 tarantellas (shapeshifter)
  A fire dragon zombie (Crypt:1)
  A spectral swamp dragon (Tar:2)
  774 hornets
  15 iron dragon simulacra
  2 blink frogs (shapeshifter)
  169 raiju
  2 frost giant simulacra
  6 slime creatures (shapeshifter)
  67 snapping turtles
  11 dream sheep (shapeshifter)
  38 blink frogs
  3 raiju (shapeshifter)
  4 ettin zombies
  A hornet (shapeshifter) (Zig:22)
  4 fire giant simulacra
  5 snapping turtles (shapeshifter)
  24 dream sheep
  82 culicivoras
  6 jumping spiders (shapeshifter)
  847 slime creatures
  419 flying skulls
  106 jumping spiders
  3 ettin skeletons
  3 spriggans (shapeshifter)
  2 fire dragon skeletons
  10 culicivoras (shapeshifter)
  A wyvern (shapeshifter) (Zig:24)
  4 vampires
  4 dire elephant simulacra
  21 wraiths
  4 yaks (shapeshifter)
  465 ushabtiu
  189 ynoxinuls
  53 spriggans
  196 water elementals
  147 air elementals
  145 fire elementals
  8 shadows
  35 basilisks
  5 basilisks (shapeshifter)
  A hog (D:15)
  3 humans (shapeshifter)
  102 yaks
  43 wyverns
  A tyrant leech zombie (Crypt:3)
  2 hogs (shapeshifter)
  A black mamba skeleton (Crypt:1)
  112 golden eyes
  42 steam dragons
  159 redbacks
  3 golden eyes (shapeshifter)
  16 vampire mosquitoes
  8 redbacks (shapeshifter)
  An alligator snapping turtle simulacrum (Hell)
  A steam dragon (shapeshifter) (Zig:25)
  256 neqoxecs
  90 chaos spawn
  A naga zombie (Tomb:3)
  15 swamp worms
  6 spatial vortices
  A warg (shapeshifter) (Zig:6)
  5 swamp worms (shapeshifter)
  32 glowing shapeshifter zombies
  161 wargs
  7 harpy simulacra
  338 nagas
  46 acid dragons
  2 demonspawn skeletons
  40 glowing shapeshifter skeletons
  A water moccasin (shapeshifter) (Zig:17)
  60 hell hounds
  121 water moccasins
  7 floating eyes (shapeshifter)
  2 human skeletons (Zig:10)
  A merfolk skeleton (Crypt:2)
  762 orc warriors
  102 floating eyes
  A meliai simulacrum (Gauntlet)
  A two-headed ogre skeleton (Crypt:1)
  An ice beast (shapeshifter) (Zig:26)
  68 swamp drakes
  An ice dragon simulacrum (Gauntlet)
  A sky beast (shapeshifter) (Zig:16)
  A black bear (D:7)
  2 black bears (shapeshifter)
  3 ettin simulacra
  A hornet zombie (Crypt:3)
  11 ice beasts
  373 ogres
  18 centaurs
  12 wolves
  5 boggarts (Vaults:1)
  5 small abominations (Abyss:2)
  A rime drake zombie (Crypt:3)
  8 kobold brigands
  A fire crab zombie (Crypt:3)
  3 human zombies
  5 bullfrogs
  A salamander zombie (Crypt:2)
  2 two-headed ogre simulacra (D:12)
  3 scorpions
  12 glowing shapeshifter simulacra
  A necrophage (Crypt:3)
  130 earth elementals
  2 gnoll sergeants
  7 wights (D:7)
  20 killer bees
  An elephant simulacrum (D:12)
  2 lindwurm simulacra (IceCv)
  2 electric eels (Lair:3)
  4 howler monkeys
  The ghost of mertasd123 the Insei, a weakling OpTm (D:3)
  16 crimson imps
  A wolf skeleton (Crypt:1)
  7 komodo dragon simulacra (IceCv)
  2 quasits
  2 hounds
  94 orc priests
  3 jellies
  2 iron imps
  9 gnoll boudas
  A basilisk skeleton (Crypt:3)
  9 iguanas
  101 orc wizards
  6 hell rats
  3 troll simulacra (D:12)
  23 lightning spires
  A wolf simulacrum (D:12)
  A sky beast zombie (Crypt:1)
  An acid dragon skeleton (Crypt:3)
  A boggart simulacrum (Gauntlet)
  2 hound skeletons
  1609 mummies
  17 gnolls
  A howler monkey skeleton (Crypt:2)
  7 acid dragon simulacra (IceCv)
  4 adders
  3 naga simulacra
  4 shadow imps
  7 white imps
  An ufetubus (D:4)
  5 steam dragon simulacra (IceCv)
  An adder skeleton (D:3)
  9 worms
  2 dart slugs
  67 orcs
  3 ball pythons
  3 bats
  7 endoplasms
  2 giant cockroaches
  6 goblins
  13 hobgoblins
  9 jackals
  26 kobolds
  3 quokkas
  A ball python zombie (Crypt:3)
  4 frilled lizards
  2 giant cockroach zombies (D:3)
  A hobgoblin skeleton (Crypt:1)
  6 rats
  A river rat skeleton (Crypt:2)
  51 briar patches
  9 creeping infernos
  8 fire vortices
  3 fulminant prisms
  A lurking horror (Abyss:3)
  10 plants
  46 starspawn tentacles
67077 creatures vanquished.

Vanquished Creatures (collateral kills)
  The ghost of Kiciri the Archmage, a legendary DjCj of Makhleb (Zig:24)
  22 dread liches
  2 orbs of fire (Zig:25)
  25 ancient liches
  The ghost of Wyzxe the Ruinous, a legendary OpFE of Sif Muna (Zig:24)
  The ghost of Ifad the Sorcerer, a legendary NaSu of Gozag (Zig:27)
  The ghost of Ahek the Gnoll Blade, a legendary GnTm of Cheibriados (Zig:17)
  The ghost of Saonuxt the Cutthroat, a legendary DsFi of Uskayaw (Zig:17)
  23 juggernauts
  81 royal mummies
  The ghost of Gishoal the Imperceptible, a legendary KoBr of Wu Jian (Zig:24)
  21 shard shrikes
  13 Killer Klowns
  43 caustic shrikes
  37 pandemonium lords
  118 golden dragons
  5 pearl dragons
  17 profane servitors
  49 bone dragons
  22 Tzitzimimeh
  11 doom hounds
  13 electric golems
  30 iron giants
  48 Brimstone Fiends
  56 Ice Fiends
  26 hellephants
  95 tentacled monstrosities
  7 tainted leviathans
  72 Hell Sentinels
  11 deep elf blademasters
  2 Orb Guardians (Zot:5)
  23 liches
  57 titans
  A walking frostbound tome (Zig:27)
  18 Executioners
  9 deep elf master archers
  16 searing wretches
  171 acid blobs
  33 quicksilver dragons
  18 ancient champions
  17 tentacled starspawn
  32 sphinxes
  2 sphinxes (shapeshifter)
  29 storm dragons
  13 shadow dragons
  A shadow dragon (shapeshifter) (Zig:26)
  3 thorn hunters
  11 tengu reavers
  20 revenants
  2 fenstrider witches (shapeshifter)
  120 nagarajas
  49 rockslimes
  22 demonspawn warmongers
  24 narguns
  10 draconian monks
  34 azure jellies
  16 draconian knights
  A frost giant (shapeshifter) (Zig:23)
  6 deep elf sorcerers
  8 fire giants
  21 quicksilver elementals
  3 draconian scorchers
  12 caustic shrike zombies
  A fire giant (shapeshifter) (Zig:8)
  18 frost giants
  A ghost moth (shapeshifter) (Zig:26)
  34 iron dragons
  31 emperor scorpions
  39 ghost moths
  7 vault wardens
  10 curse skulls
  49 balrugs
  24 draconian annihilators
  12 ironbound preservers
  5 angels
  4 draconian shifters
  3 draconian stormcallers
  3 juggernaut zombies
  46 orc warlords
  2 broodmothers
  23 demonspawn blood saints
  47 demonspawn corrupters
  29 cacodemons
  2 ghouls
  11 reapers
  19 quicksilver oozes
  9 war gargoyles
  2 stone giants (shapeshifter) (Zig:23)
  7 vampire knights
  24 stone giants
  5 deep elf demonologists
  13 very ugly things
  A broodmother (shapeshifter) (Zig:8)
  59 bennus
  3 apis
  2 elemental wellsprings (Coc:7)
  An eleionoma (shapeshifter) (Zig:10)
  7 putrid mouths
  16 deep elf annihilators
  23 wendigos
  10 bunyips
  4 black draconians
  4 red draconians
  7 eleionomae
  19 demonspawn black suns
  2 yellow draconians (Zig:23)
  3 green draconians
  A spark wasp (shapeshifter) (Zig:8)
  A dire elephant (shapeshifter) (Zig:9)
  A halazid warlock (Tar:2)
  10 dire elephants
  13 lorocyprocas
  6 white draconians
  10 iron golems
  15 spark wasps
  6 crystal guardians
  34 mummy priests
  69 green deaths
  14 eidola
  9 deep elf death magi
  2 jiangshi
  75 blizzard demons
  6 merfolk impalers
  11 merfolk javelineers
  2 quicksilver dragon zombies (Zig:23)
  3 ettins
  A spriggan zombie (Zig:23)
  7 deep elf high priests
  8 yaktaur captains
  A fire dragon (shapeshifter) (Zig:26)
  70 shambling mangroves
  27 entropy weavers
  26 great orbs of eyes
  53 hydras
  17 fire dragons
  2 vault guards
  18 ice dragons
  90 salamander tyrants
  An alligator snapping turtle (shapeshifter) (Zig:6)
  A rakshasa (Zig:25)
  2 radroaches (shapeshifter)
  3 ogre magi
  9 spriggan air magi
  2 jorogumos
  4 ghost crabs
  9 radroaches
  28 merfolk aquamancers
  A stoker (Zig:24)
  4 alligator snapping turtles
  9 catoblepae
  2 centaur warriors
  2 juggernaut simulacra
  9 anacondas
  9 hell beasts
  3 merfolk avatars
  6 boulder beetles
  2 two-headed ogres
  A spectral frost giant (Zig:11)
  15 naga warriors
  13 death scarabs
  A death yak (Zig:18)
  7 alligators
  21 naga sharpshooters
  3 satyrs
  22 orc high priests
  4 titan zombies
  5 hell hogs
  A shock serpent (shapeshifter) (Zig:16)
  24 dancing weapons
  A spectral dire elephant (Geh:1)
  17 vampire magi
  A spriggan berserker (Zig:4)
  28 thrashing horrors
  11 soul eaters
  37 shock serpents
  7 sun demons
  A titan skeleton (Zig:23)
  17 crystal echidnas
  4 hell knights
  2 skysharks (Zig:26)
  7 storm dragon zombies
  70 wretched stars
  6 deep elf knights
  6 iron trolls
  8 spatial maelstroms
  59 death drakes
  2 skysharks (shapeshifter)
  3 goliath frogs
  8 pharaoh ants
  14 sixfirhies
  A death drake (shapeshifter) (Zig:10)
  A deep troll (shapeshifter) (Zig:8)
  A goliath frog (shapeshifter) (Zig:25)
  4 salamander mystics
  5 sea snakes
  A swamp dragon (shapeshifter) (Zig:10)
  8 shadow wraiths
  2 spark wasp zombies
  3 cherubim
  13 spriggan druids
  A skeletal warrior (Hell)
  57 swamp dragons
  4 golden dragon zombies
  9 glowing orange brains
  30 orb spiders
  A bog body (Zig:22)
  6 sun moths
  6 naga ritualists
  A glowing orange brain (shapeshifter) (Zig:16)
  10 flayed ghosts
  3 shadow dragon zombies
  An obsidian statue (Zig:12)
  9 shadow demons
  10 tengu zombies
  12 deep elf pyromancers
  6 deep elf archers
  7 harpies
  6 ironbound convokers
  A mana viper (shapeshifter) (Zig:9)
  15 starcursed masses
  12 phantasmal warriors
  5 steelbarb worms
  11 orc knights
  7 mana vipers
  8 orc sorcerers
  A manticore (shapeshifter) (Zig:24)
  19 shining eyes
  A necromancer (Zig:24)
  A wizard (Zig:22)
  3 ugly things
  13 wolf spiders
  A glowing shapeshifter (Zig:9)
  13 deep elf zephyrmancers
  6 sphinx zombies
  A cyclops (shapeshifter) (Zig:22)
  5 iron dragon zombies
  2 cyclopes
  A fire giant zombie (Zig:5)
  An elephant (Zig:26)
  8 manticores
  41 moths of wrath
  A stone giant skeleton (Zig:5)
  3 vault sentinels
  3 salamanders
  7 will-o-the-wisps
  2 worldbinders
  2 sphinx skeletons
  4 fauns
  An iron dragon skeleton (Zig:18)
  2 merfolk sirens
  A frost giant zombie (Zig:6)
  2 elephants (shapeshifter)
  21 naga magi
  A moth of wrath (shapeshifter) (Zig:9)
  A black mamba (shapeshifter) (Zig:19)
  2 rust devils
  A gargoyle (Zig:23)
  8 demonic crawlers
  8 apocalypse crabs
  An eye of devastation (shapeshifter) (Zig:6)
  37 black mambas
  13 water nymphs
  9 eyes of devastation
  49 torpor snails
  14 guardian serpents
  10 orange demons
  34 smoke demons
  A storm dragon simulacrum (Zig:27)
  A water nymph (shapeshifter) (Zig:26)
  A cane toad (shapeshifter) (Zig:8)
  37 hellions
  37 tormentors
  2 rime drakes (shapeshifter)
  3 ice devils
  6 komodo dragons
  6 freezing wraiths
  3 rime drakes
  3 efreet (Zig:25)
  A yaktaur (Zig:15)
  2 golden dragon simulacra (Zig:15)
  6 red devils
  45 guardian mummies
  10 trolls
  24 ancient zymes
  A polar bear (Zig:26)
  A wind drake (shapeshifter) (Zig:26)
  3 meliai
  12 merfolk
  A polar bear (shapeshifter) (Zig:25)
  2 tarantellas (shapeshifter)
  A tengu simulacrum (Zig:17)
  8 tarantellas
  A sphinx simulacrum (Zig:14)
  110 hornets
  12 hellwings
  11 wind drakes
  14 raiju
  2 blink frogs (Zig:26)
  A raiju (shapeshifter) (Zig:24)
  2 snapping turtles (shapeshifter)
  3 snapping turtles (Zig:27)
  2 slime creatures (shapeshifter)
  A dream sheep (Zig:26)
  71 slime creatures
  A fire giant simulacrum (Zig:4)
  4 jumping spiders
  4 culicivoras
  A spriggan skeleton (Zig:5)
  A wraith (Zig:22)
  26 ynoxinuls
  An ettin skeleton (Zig:5)
  A vampire (Zig:22)
  A spriggan (shapeshifter) (Zig:22)
  10 air elementals
  2 shadows
  25 ushabtiu
  25 flying skulls
  A hog (shapeshifter) (Zig:10)
  A yak (Zig:26)
  6 spriggans
  4 water elementals
  3 wyverns
  49 large abominations
  10 golden eyes
  9 fire elementals
  8 redbacks
  8 chaos spawn
  13 neqoxecs
  2 redbacks (shapeshifter)
  6 wargs
  13 spatial vortices
  9 steam dragons
  4 acid dragons (Zig:25)
  A small abomination (Abyss:3)
  A glowing shapeshifter zombie (Zig:23)
  A hell hound (Zig:25)
  9 nagas
  4 water moccasins
  A swamp worm (shapeshifter) (Zig:16)
  A floating eye (shapeshifter) (Zig:24)
  7 floating eyes
  2 ice beasts
  A glowing shapeshifter skeleton (Zig:23)
  A sky beast (shapeshifter) (Zig:24)
  33 orc warriors
  12 swamp drakes
  A swamp dragon zombie (Tomb:3)
  9 ogres
  A wolf (Zig:26)
  A centaur (shapeshifter) (Zig:19)
  A centaur (Zig:12)
  A glowing shapeshifter simulacrum (Zig:19)
  5 earth elementals
  A crimson imp (Zig:17)
  7 orc priests
  6 orc wizards
  A lightning spire (Zig:23)
  129 mummies
  33 fire vortices
  4 starspawn tentacles
5038 creatures vanquished.

Vanquished Creatures (others)
  The ghost of Ihium the Petrodigitator, a legendary GrEE of Vehumet (Zig:24)
  12 dread liches
  An orb of fire (Zot:5)
  11 ancient liches
  The ghost of Xentuelits the Conqueror, a legendary DsGl of Okawaru (Zig:24)
  The ghost of Ifad the Sorcerer, a legendary NaSu of Gozag (Zig:17)
  36 pandemonium lords
  11 juggernauts
  46 royal mummies
  6 shard shrikes
  20 Killer Klowns
  41 caustic shrikes
  4 pearl dragons
  72 golden dragons
  11 profane servitors
  31 bone dragons
  3 doom hounds
  35 iron giants
  18 Tzitzimimeh
  25 Brimstone Fiends
  29 hellephants
  2 tainted leviathans
  60 tentacled monstrosities
  22 liches
  70 Hell Sentinels
  34 titans
  44 Ice Fiends
  A quicksilver dragon (shapeshifter) (Zig:26)
  16 deep elf blademasters
  52 quicksilver dragons
  6 deep elf master archers
  8 searing wretches
  158 acid blobs
  10 sphinxes
  4 tentacled starspawn
  An eldritch tentacle (Zig:23)
  A sphinx (shapeshifter) (Zig:26)
  10 Executioners
  An ancient champion (Dis:7)
  12 shadow dragons
  A thorn hunter (Zig:27)
  2 azure jellies (shapeshifter) (Zig:8)
  14 tengu reavers
  3 draconian monks
  6 revenants
  2 fenstrider witches (shapeshifter)
  A daeva (Zig:18)
  A fenstrider witch (Zig:27)
  29 storm dragons
  82 nagarajas
  13 fire giants
  11 frost giants
  32 rockslimes
  16 azure jellies
  7 narguns
  5 deep elf sorcerers
  20 demonspawn warmongers
  58 balrugs
  2 ghouls
  5 curse skulls
  18 orc warlords
  3 vault wardens
  5 draconian stormcallers
  27 cacodemons
  15 draconian knights
  20 iron dragons
  29 emperor scorpions
  6 draconian shifters
  A deep elf elementalist (Zig:16)
  A draconian scorcher (Zig:19)
  12 ghost moths
  7 broodmothers
  2 ironbound preservers (Zig:24)
  14 demonspawn blood saints
  3 angels
  14 quicksilver oozes
  6 reapers
  8 war gargoyles
  8 draconian annihilators
  27 demonspawn corrupters
  A juggernaut skeleton (Zig:25)
  11 very ugly things
  9 stone giants
  3 ophanim
  8 demonspawn black suns
  8 deep elf demonologists
  2 green draconians
  2 vampire knights
  5 apis
  31 bennus
  An eleionoma (Zig:8)
  2 purple draconians (Zig:24)
  7 black draconians
  14 deep elf annihilators
  4 white draconians
  6 bunyips
  11 lorocyprocas
  2 putrid mouths
  3 dire elephants (shapeshifter) (Zig:8)
  A red draconian (Zig:19)
  3 yellow draconians
  9 starcursed masses
  5 dire elephants
  14 wendigos
  8 merfolk javelineers
  17 spark wasps
  7 eidola
  5 deep elf death magi
  10 mummy priests
  3 fire dragons (Zig:25)
  36 green deaths
  27 shambling mangroves
  2 ettins
  45 blizzard demons
  66 entropy weavers
  4 deep elf high priests
  A yaktaur captain (Zig:20)
  12 great orbs of eyes
  A spriggan zombie (Zig:25)
  39 salamander tyrants
  A caustic shrike simulacrum (Coc:6)
  A hydra (shapeshifter) (Zig:24)
  4 jorogumos
  21 hydras
  A juggernaut simulacrum (Zig:11)
  19 spriggan air magi
  9 hell beasts
  5 ice dragons
  6 anacondas
  6 radroaches
  An ogre mage (Zig:19)
  3 catoblepae
  2 boulder beetles
  A dancing weapon (Zig:22)
  16 merfolk aquamancers
  4 alligators
  2 ghost crabs
  A two-headed ogre (Zig:27)
  10 naga warriors
  2 death scarabs
  A hell hog (Zig:20)
  8 vampire magi
  6 thrashing horrors
  A titan zombie (Zig:25)
  11 naga sharpshooters
  2 orc high priests
  A spriggan berserker (Zig:18)
  A death yak (Zig:26)
  19 shock serpents
  3 soul eaters
  2 sun demons
  A deep elf knight (Zig:7)
  2 iron trolls
  A pharaoh ant (Zig:17)
  5 crystal echidnas
  4 shadow wraiths
  An iron troll (shapeshifter) (Zig:8)
  3 sun moths
  3 salamander mystics
  2 sixfirhies
  A skyshark (shapeshifter) (Zig:25)
  A deep troll (shapeshifter) (Zig:26)
  2 titan skeletons (Zig:25)
  49 wretched stars
  2 sea snakes
  3 goliath frogs
  18 spriggan druids
  6 glowing orange brains
  3 orb spiders (Zig:20)
  4 shadow demons
  20 death drakes
  14 swamp dragons
  2 cherubim (Zig:15)
  An ironbound convoker (Zig:10)
  A spriggan simulacrum (Zig:16)
  A steelbarb worm (Zig:21)
  A bog body (Zig:20)
  2 naga ritualists
  3 deep elf archers
  2 mana vipers
  A glowing orange brain (shapeshifter) (Zig:8)
  A tengu zombie (Zig:18)
  5 deep elf zephyrmancers
  3 phantasmal warriors
  A wolf spider (shapeshifter) (Zig:25)
  3 deep elf pyromancers
  5 harpies
  A mana viper (shapeshifter) (Zig:14)
  2 fauns
  2 orc knights
  9 wolf spiders
  11 ugly things
  8 shining eyes
  2 cyclopes
  2 orc sorcerers (Zig:10)
  A tengu skeleton (Zig:18)
  22 moths of wrath
  3 will-o-the-wisps
  An elephant (Zig:18)
  9 manticores
  3 water nymphs
  7 black mambas
  2 naga magi
  A centaur zombie (Tomb:3)
  6 eyes of devastation
  A merfolk siren (Zig:9)
  2 rust devils
  A water nymph (shapeshifter) (Zig:8)
  2 titan simulacra
  14 torpor snails
  9 smoke demons
  12 apocalypse crabs
  11 guardian serpents
  A vault sentinel (Zig:17)
  An orange demon (Zig:22)
  13 demonic crawlers
  A rime drake (Zig:25)
  6 tormentors
  5 hellions
  A golden dragon simulacrum (Zig:27)
  A komodo dragon (Zig:26)
  A freezing wraith (Zig:19)
  14 guardian mummies
  7 ancient zymes
  A troll (Zig:21)
  6 hellwings
  A meliai (Zig:21)
  7 merfolk
  2 red devils (Zig:26)
  A queen bee (shapeshifter) (Zig:26)
  5 bloated husks
  An iron giant simulacrum (Coc:7)
  A tyrant leech (Zig:14)
  25 hornets
  2 sphinx simulacra (Zig:27)
  4 wind drakes
  7 raiju
  A frost giant simulacrum (Zig:8)
  20 slime creatures
  A large abomination (Zig:12)
  A slime creature (shapeshifter) (Zig:11)
  A snapping turtle (Zig:17)
  2 flying skulls (Zig:25)
  2 air elementals
  2 yaks
  A water elemental (Zig:19)
  2 culicivoras
  4 ynoxinuls
  A fire bat (shapeshifter) (Zig:21)
  A basilisk (Zig:18)
  2 spriggans (Zig:18)
  7 ushabtiu
  A golden eye (shapeshifter) (Zig:21)
  A human (D:15)
  A vampire mosquito (Zig:7)
  11 chaos spawn
  6 neqoxecs
  3 redbacks
  3 wargs
  3 nagas
  2 swamp worms (shapeshifter)
  A glowing shapeshifter zombie (Zig:25)
  2 acid dragons (Zig:22)
  3 orc warriors
  3 swamp drakes
  An ogre (Zig:24)
  2 glowing shapeshifter simulacra
  23 mummies
  6 ball lightnings
  A briar patch (Zig:27)
  104 fire vortices
  50 foxfires
  318 fulminant prisms
  27 fungi
  A lurking horror (Abyss:2)
  183 plants
  46 starspawn tentacles
  10 withered plants
3373 creatures vanquished.

Grand Total: 75488 creatures vanquished

Notes
Turn   | Place    | Note
-------+----------+-------------------------------------------
     0 | D:1      | atomjack the Demonspawn Conjurer began the quest for the
                  | Orb.
     0 | D:1      | Reached XP level 1. HP: 13/13 MP: 3/3
   184 | D:1      | Found a faded altar of an unknown god.
   389 | D:1      | Gained mutation: You have a small tail. [demonic ancestry]
   389 | D:1      | Reached XP level 2. HP: 19/19 MP: 1/5
   392 | D:1      | Learned a level 2 spell: Searing Ray
   504 | D:1      | You fall into a shaft and drop 1 floor!
  1079 | D:1      | Gained mutation: You regenerate magic rapidly. [demonic
                  | ancestry]
  1079 | D:1      | Reached XP level 3. HP: 24/24 MP: 3/6
  1496 | D:2      | Reached skill level 5 in Conjurations
  1926 | D:3      | Found a runed translucent door.
  1926 | D:3      | Noticed mertasd123's ghost (weakling OpTm)
  2027 | D:3      | Gained mutation: You are partially covered in slimy green
                  | scales. (AC +2) [demonic ancestry]
  2027 | D:3      | Reached XP level 4. HP: 30/30 MP: 2/7
  2805 | D:3      | Gained mutation: When hurt, damage is shared between your
                  | health and your magic reserves. [demonic ancestry]
  2805 | D:3      | Reached XP level 5. HP: 35/35 MP: 6/9
  2887 | D:3      | Killed mertasd123's ghost
  3150 | D:4      | Learned a level 4 spell: Fulminant Prism
  3219 | D:4      | Reached XP level 6. HP: 41/41 MP: 6/11
  3691 | D:5      | Entered Level 5 of the Dungeon
  3893 | D:5      | Found a staircase to the Ecumenical Temple.
  3902 | Temple   | Entered the Ecumenical Temple
  3902 | Temple   | Found a transporter.
  3902 | Temple   | Found a transporter.
  3904 | Temple   | Found a transporter.
  3904 | Temple   | Found a transporter.
  3940 | Temple   | Became a worshipper of Vehumet
  4081 | D:5      | Noticed a water moccasin
  4087 | D:5      | Killed a water moccasin
  4088 | D:5      | Reached XP level 7. HP: 45/47 MP: 9/13
  4506 | D:5      | Reached skill level 1 in Fighting
  4512 | D:5      | Learned a level 4 spell: Iskenderun's Mystic Blast
  4546 | D:5      | Reached skill level 5 in Spellcasting
  4793 | D:6      | Noticed a steam dragon
  4911 | D:6      | Killed a steam dragon
  4912 | D:6      | Gained mutation: When low on magic, you restore magic in
                  | place of health. [demonic ancestry]
  4912 | D:6      | Reached XP level 8. HP: 54/54 MP: 8/16
  4954 | D:6      | Learned a level 2 spell: Blink
  5286 | D:7      | Noticed Pikel
  5295 | D:7      | Killed Pikel
  5400 | D:7      | Identified the ring of Xicutes {Wiz SInv}
  5636 | D:7      | Reached * piety under Vehumet
  5636 | D:7      | Offered knowledge of Shock by Vehumet.
  5670 | D:7      | Reached XP level 9. HP: 40/58 MP: 10/19
  6189 | D:7      | Found a sparkling altar of Nemelex Xobeh.
  6348 | D:7      | Found an iron altar of Okawaru.
  6477 | D:7      | Learned a level 5 spell: Arcjolt
  6974 | D:8      | Found an ornate altar of the Wu Jian Council.
  7184 | D:8      | Got the Incunabulum of Shapes and Evil Rituals
  7201 | D:8      | Reached skill level 1 in Hexes
  7285 | D:8      | Noticed a red ugly thing
  7310 | D:8      | Killed a red ugly thing
  7631 | D:9      | Noticed a two-headed ogre
  7637 | D:9      | Killed a two-headed ogre
  7638 | D:9      | Reached skill level 10 in Conjurations
  7638 | D:9      | Gained mutation: You are robust. (+10% HP) [demonic
                  | ancestry]
  7638 | D:9      | Reached XP level 10. HP: 62/74 MP: 16/22
  7735 | D:9      | Reached ** piety under Vehumet
  7740 | D:9      | Offered knowledge of Momentum Strike by Vehumet.
  8080 | D:10     | Entered Level 10 of the Dungeon
  8362 | D:10     | Noticed a gargoyle
  8387 | D:10     | Killed a gargoyle
  8458 | D:10     | Noticed a two-headed ogre
  8459 | D:10     | Found a staircase to the Orcish Mines.
  8463 | D:10     | Killed a two-headed ogre
  8594 | D:10     | Found a staircase to the Lair.
  8696 | D:10     | Found Hyig Roo's General Store.
  8704 | D:10     | Bought a potion of heal wounds for 80 gold pieces
  8797 | D:10     | Offered knowledge of Kindle Blastsparks by Vehumet.
  9245 | Lair:1   | Entered Level 1 of the Lair of Beasts
  9245 | Lair:1   | Noticed Amaemon
  9245 | Lair:1   | Noticed an orange demon
  9256 | D:10     | Killed Amaemon
  9257 | D:10     | Reached skill level 1 in Translocations
  9257 | D:10     | Reached XP level 11. HP: 64/81 MP: 5/24
  9328 | Lair:1   | Reached skill level 5 in Hexes
  9402 | Lair:1   | Noticed Joseph
  9431 | Lair:1   | Reached skill level 5 in Stealth
  9478 | Lair:1   | Reached skill level 10 in Spellcasting
  9493 | Lair:1   | Noticed Gastronok
  9599 | Lair:1   | Killed Joseph
  9801 | Lair:1   | Killed Gastronok
  9924 | Lair:1   | Reached *** piety under Vehumet
  9964 | Lair:1   | Identified the +1 pair of boots of Defiance {rC+ Int+3
                  | Dex-2}
  9989 | Lair:1   | Identified the +0 ring mail of Insecurity {rElec}
 10072 | Lair:1   | Identified the +9 whip of the Fox {heavy, rF+ Str+2}
 10821 | Lair:2   | Offered knowledge of Hailstorm by Vehumet.
 10824 | Lair:2   | Gained mutation: You regenerate a little health from kills.
                  | [demonic ancestry]
 10824 | Lair:2   | Reached XP level 12. HP: 85/88 MP: 13/27
 10990 | Lair:2   | Found a staircase to the Snake Pit.
 11270 | Lair:2   | Noticed a six-headed hydra
 11276 | Lair:2   | Killed a six-headed hydra
 11506 | Lair:2   | Noticed a four-headed hydra
 11516 | Lair:2   | Killed a four-headed hydra
 11636 | Lair:2   | Found a staircase to the Swamp.
 11763 | Lair:3   | Noticed a boulder beetle
 11817 | Lair:3   | Reached **** piety under Vehumet
 11905 | Lair:3   | Noticed an eight-headed hydra
 11913 | Lair:3   | Killed an eight-headed hydra
 11913 | Lair:3   | Offered knowledge of Yara's Violent Unravelling by Vehumet.
 11920 | Lair:3   | Learned a level 5 spell: Yara's Violent Unravelling
 12162 | Lair:3   | Reached skill level 5 in Dodging
 12400 | Lair:3   | Killed a boulder beetle
 12486 | Lair:3   | Reached XP level 13. HP: 85/96 MP: 16/29
 12631 | Lair:3   | Reached skill level 15 in Conjurations
 13267 | Lair:4   | Found a gate leading to a gauntlet.
 13295 | Gauntlet | Entered a Gauntlet
 13295 | Gauntlet | Found a transporter.
 13295 | Gauntlet | Found a transporter.
 13295 | Gauntlet | Found a runed translucent door.
 13302 | Gauntlet | Found a runed translucent door.
 13303 | Gauntlet | Found a runed translucent door.
 13304 | Gauntlet | Found a transporter.
 13306 | Gauntlet | Found a transporter.
 13308 | Gauntlet | Found a transporter.
 13308 | Gauntlet | Found a transporter.
 13342 | Gauntlet | Found a transporter.
 13345 | Gauntlet | Found a transporter.
 13357 | Gauntlet | Found a transporter.
 13370 | Gauntlet | Noticed a quicksilver ooze
 13373 | Gauntlet | Found a transporter.
 13387 | Gauntlet | Found a transporter.
 13391 | Gauntlet | Found a transporter.
 13549 | Gauntlet | Reached ***** piety under Vehumet
 13549 | Gauntlet | Offered knowledge of Irradiate by Vehumet.
 13556 | Gauntlet | Learned a level 5 spell: Irradiate
 13568 | Gauntlet | Learned a level 5 spell: Iskenderun's Battlesphere
 13568 | Gauntlet | Identified the +1 pair of gloves "Ribluy Zelys" {rC- Regen+
                  | Str+3 Stlth+}
 13601 | Gauntlet | Noticed a minotaur
 13606 | Gauntlet | Killed a minotaur
 13864 | Lair:4   | Found a staircase to the Slime Pits.
 14279 | Lair:5   | Entered Level 5 of the Lair of Beasts
 14301 | Lair:5   | Reached skill level 1 in Armour
 14487 | Lair:5   | Gained mutation: You have a tail ending in a sharp stinger.
                  | [demonic ancestry]
 14487 | Lair:5   | Reached XP level 14. HP: 104/104 MP: 22/30
 15397 | Lair:5   | Found the +12 pair of quick blades "Gyre" and "Gimble"
                  | {protect}
 15820 | Lair:5   | Reached skill level 1 in Short Blades
 16139 | D:11     | Found a transporter.
 16142 | D:11     | Found a transporter.
 16173 | D:11     | Found a bloodstained altar of Trog.
 16181 | D:11     | Noticed paps's ghost (journeyman DsGl)
 16775 | D:12     | Found a frozen archway.
 16783 | D:12     | Noticed Psyche
 16785 | D:12     | Killed Psyche
 16788 | D:12     | Found a runed translucent gate.
 16788 | D:12     | Found a runed translucent gate.
 16788 | D:12     | Found a runed translucent gate.
 16789 | D:12     | Noticed Umyoka's ghost (journeyman MiBe)
 16800 | IceCv    | Entered an ice cave
 16858 | IceCv    | Reached ****** piety under Vehumet
 16867 | IceCv    | Offered knowledge of Sticky Flame by Vehumet.
 16889 | IceCv    | Learned a level 6 spell: Starburst
 17380 | D:12     | Reached skill level 1 in Fire Magic
 17383 | D:12     | Noticed Snorg
 17389 | D:12     | Killed Snorg
 17432 | D:12     | Noticed Azrael
 17519 | D:12     | Noticed Lodul
 17943 | D:12     | Killed Lodul
 18090 | D:12     | Killed Azrael
 18178 | Orc:1    | Entered Level 1 of the Orcish Mines
 18199 | Orc:1    | Gained mutation: You are very robust. (+20% HP) [demonic
                  | ancestry]
 18199 | Orc:1    | Reached XP level 15. HP: 104/120 MP: 32/32
 18381 | Orc:1    | Reached skill level 5 in Short Blades
 18399 | Orc:1    | Found Uryew's Armour Shop.
 18843 | Orc:2    | Entered Level 2 of the Orcish Mines
 18908 | Orc:2    | Found a staircase to the Elven Halls.
 18927 | Orc:2    | Found Wowelek's General Store.
 18932 | Orc:2    | Bought a scroll of identify for 26 gold pieces
 18938 | Orc:2    | Identified a scroll of acquirement
 18999 | Orc:2    | Found Huxuq's Antique Armour Shop.
 19028 | Orc:2    | Offered knowledge of Fireball by Vehumet.
 19064 | Orc:2    | Found Zeenn's Antique Weapon Shop.
 19065 | Orc:2    | Found Osisuprerr's Weapon Shoppe.
 19070 | Orc:2    | Found Liblon's Antique Weapon Shoppe.
 19466 | Orc:2    | Bought a shiny buckler for 217 gold pieces
 19466 | Orc:2    | Bought a pair of embroidered boots for 217 gold pieces
 19466 | Orc:2    | Bought a pair of glowing boots for 217 gold pieces
 20452 | D:14     | Found the +1 robe of Vines {NoPotionHeal Regen++++}
 20493 | D:14     | Offered knowledge of Lee's Rapid Deconstruction by Vehumet.
 20503 | Abyss:2  | Cast into level 2 of the Abyss (a wizard)
 20531 | Abyss:2  | Found a hazy altar of Hepliaklqana.
 20572 | Abyss:2  | Found a corrupted altar of Lugonu.
 20581 | Abyss:2  | Found a corrupted altar of Lugonu.
 20742 | Abyss:2  | Noticed a hellephant
 20775 | Abyss:2  | Noticed a bone dragon
 20776 | Abyss:2  | Noticed a lich
 20848 | Abyss:2  | Noticed a tentacled starspawn
 20851 | Abyss:2  | Killed a tentacled starspawn
 20854 | D:14     | Escaped the Abyss
 20901 | D:14     | Found a gate to the Vaults.
 21341 | D:14     | Gained mutation: You regenerate health from kills. [demonic
                  | ancestry]
 21341 | D:14     | Reached XP level 16. HP: 94/127 MP: 21/34
 21389 | D:14     | Identified the +2 robe "Ytwaxuam" {Harm}
 21434 | D:14     | Found an iron altar of Okawaru.
 21472 | D:14     | Identified the +0 chain mail of the Guardian {rElec Will+
                  | Int+2}
 21473 | D:14     | Identified the +0 cloak of Onomm {Regen+}
 21568 | D:14     | Identified the +3 chain mail of Bad Feelings {rC++ SInv}
 21895 | D:15     | Entered Level 15 of the Dungeon
 21896 | D:15     | Offered knowledge of Orb of Destruction by Vehumet.
 21906 | D:15     | Reached skill level 15 in Spellcasting
 21938 | D:15     | Noticed Louise
 22069 | D:15     | Found Gozag's Platinum Reserve.
 22069 | D:15     | Found an opulent altar of Gozag.
 22248 | D:15     | Found a transporter.
 22250 | D:15     | Noticed Kirke
 22254 | D:15     | Killed Kirke
 22423 | D:15     | Killed Louise
 22443 | D:15     | Gained mutation: You are strong-willed. (Will+) [potion of
                  | mutation]
 22443 | D:15     | Gained mutation: Your spells are a little easier to cast,
                  | but a little less powerful. [potion of mutation]
 22443 | D:15     | Gained mutation: You are agile. (Dex +4, Str/Int -1)
                  | [potion of mutation]
 22599 | D:15     | Found a transporter.
 22787 | D:15     | Found a staircase to the Depths.
 23306 | Swamp:1  | Entered Level 1 of the Swamp
 23339 | Swamp:1  | Acquired the Quarto of Energetic Direction
 24092 | Swamp:2  | Offered knowledge of Lightning Bolt by Vehumet.
 24146 | Swamp:2  | Noticed a thorn hunter
 24153 | Swamp:2  | Killed a thorn hunter
 24154 | Swamp:2  | Reached skill level 1 in Air Magic
 24643 | Swamp:3  | Found a large runed translucent door.
 24645 | Swamp:3  | Found a large runed translucent door.
 24647 | Swamp:3  | Noticed 112233's ghost (adept OpRe)
 24732 | Swamp:3  | Identified the +0 pair of boots of Claustrophobia {rF+
                  | Str+3}
 24866 | Swamp:3  | Reached skill level 5 in Fighting
 24906 | Swamp:3  | Identified the +0 great sword of Harmony {venom, rPois rC+}
 25495 | Swamp:4  | Entered Level 4 of the Swamp
 25495 | Swamp:4  | Noticed Roxanne
 25528 | Swamp:4  | Gained mutation: You are mostly covered in slimy green
                  | scales. (AC +3) [demonic ancestry]
 25528 | Swamp:4  | Reached XP level 17. HP: 138/138 MP: 27/36
 25529 | Swamp:4  | Noticed the 27-headed Lernaean hydra
 25534 | Swamp:4  | Noticed a tentacled monstrosity
 25543 | Swamp:4  | Noticed a tentacled monstrosity
 25544 | Swamp:4  | Killed the 27-headed Lernaean hydra
 25551 | Swamp:4  | Killed a tentacled monstrosity
 25555 | Swamp:4  | Offered knowledge of Ozocubu's Refrigeration by Vehumet.
 25562 | Swamp:4  | Killed a tentacled monstrosity
 25696 | Swamp:4  | Got a decaying rune of Zot
 26319 | Snake:1  | Entered Level 1 of the Snake Pit
 26423 | Snake:1  | Found Loneegom's Armour Shop.
 26423 | Snake:1  | Found Miycleo's Jewellery Boutique.
 26425 | Snake:1  | Found Buloitarph's Armour Shop.
 26429 | Snake:1  | Found Setwuf's Weapon Boutique.
 26599 | Snake:1  | Found Xaothuc's Weapon Emporium.
 26750 | Snake:1  | Reached skill level 5 in Air Magic
 27322 | Snake:2  | Found Okaek's Armour Shop.
 27364 | Snake:2  | Offered knowledge of Lehudib's Crystal Spear by Vehumet.
 27364 | Snake:2  | Offered knowledge of Shatter by Vehumet.
 27364 | Snake:2  | Offered knowledge of Ignition by Vehumet.
 27525 | Snake:2  | Noticed Agnes
 27531 | Snake:2  | Killed Agnes
 27669 | Snake:2  | Found a shimmering altar of Xom.
 27692 | Snake:2  | Noticed Saint Roka
 27708 | Snake:2  | Killed Saint Roka
 27921 | Snake:2  | Found a runed translucent door.
 27921 | Snake:2  | Found a shimmering altar of Xom.
 27921 | Snake:2  | Noticed choppaz's ghost (adept TrFi)
 28419 | Snake:3  | Reached XP level 18. HP: 152/152 MP: 28/39
 28612 | Snake:3  | Found Erphy's General Store.
 28626 | Snake:3  | Bought the +2 helmet of Woqix {Regen+} for 344 gold pieces
 28695 | Snake:3  | Found a runed translucent door.
 28695 | Snake:3  | Found a shimmering altar of Xom.
 28695 | Snake:3  | Noticed Odexios's ghost (adept KoSu)
 29079 | Snake:3  | Identified the +1 buckler "Pubaf" {rElec Int+3}
 29247 | Snake:3  | Killed Odexios's ghost
 29361 | Snake:4  | Entered Level 4 of the Snake Pit
 29463 | Snake:4  | Noticed Vashnia
 29499 | Snake:4  | Killed Vashnia
 29753 | Snake:4  | Reached skill level 10 in Air Magic
 30430 | Snake:4  | Reached XP level 19. HP: 160/160 MP: 31/41
 30470 | Snake:4  | Got a serpentine rune of Zot
 30594 | Snake:4  | Learned a level 6 spell: Iron Shot
 30810 | Vaults:1 | Entered Level 1 of the Vaults
 31949 | Vaults:1 | Found a portal to a secret trove of treasure.
 32082 | Vaults:2 | Found Jinef's Antique Armour Shop.
 32098 | Vaults:2 | Noticed Xtahua
 32103 | Vaults:2 | Killed Xtahua
 32121 | Vaults:2 | Learned a level 9 spell: Chain Lightning
 32157 | Vaults:2 | Reached skill level 15 in Air Magic
 32428 | Vaults:2 | Found Heavaj's Assorted Antiques.
 32707 | Vaults:2 | Found Tulunlut's Weapon Emporium.
 32902 | Vaults:2 | Gained mutation: You are completely covered in slimy green
                  | scales. (AC +4, rPois) [demonic ancestry]
 32902 | Vaults:2 | Reached XP level 20. HP: 164/169 MP: 29/42
 33222 | Vaults:2 | Found a staircase to the Crypt.
 33501 | Vaults:3 | Identified the +0 leather armour of Integrity {rPois Will+}
 33519 | Vaults:3 | Found Cuumnep's General Store.
 33809 | Vaults:3 | Noticed Mara
 33812 | Vaults:3 | Killed Mara
 34157 | Vaults:3 | Identified the amulet "Hynwow" {Faith rF+ rCorr Str+4
                  | Stlth+}
 34502 | Vaults:4 | Acquired the +2 pair of gloves of Fortification {Int+4}
 35426 | Vaults:4 | Found Dim Othro's Antique Weapon Boutique.
 35434 | Vaults:4 | Bought an ichor-stained trident for 263 gold pieces
 35434 | Vaults:4 | Identified the +7 trident of Nunacuh {flame, rElec rC+
                  | Dex+3} (You bought it in a shop on level 4 of the Vaults)
 35434 | Vaults:4 | Bought a jewelled dagger for 217 gold pieces
 35434 | Vaults:4 | Identified the +5 dagger of the Harvest {drain, Drain rPois
                  | rN+ Will+ Int+2} (You bought it in a shop on level 4 of the
                  | Vaults)
 35597 | Vaults:4 | Found a runed translucent door.
 35597 | Vaults:4 | Noticed Kugyfig's ghost (adept MiBe)
 36086 | Elf:1    | Entered Level 1 of the Elven Halls
 36895 | Elf:2    | Gained mutation: You have a sharp stinger which inflicts
                  | weakening toxins. [demonic ancestry]
 36895 | Elf:2    | Reached XP level 21. HP: 164/181 MP: 7/43
 36956 | Elf:2    | Reached skill level 10 in Fighting
 37004 | Elf:2    | Found Ethrudusu's Book Shop.
 37014 | Elf:2    | Found Boest's Assorted Antiques.
 37022 | Elf:2    | Bought a scroll of blinking for 225 gold pieces
 37033 | Elf:2    | Found Ocvost's Magic Scroll Emporium.
 37094 | Elf:2    | Found Irphayl's Magic Scroll Boutique.
 37099 | Elf:2    | Bought a scroll of amnesia for 76 gold pieces
 37119 | Elf:2    | Found Hoyruov's Book Shop.
 37237 | Elf:2    | Found a runed translucent gate.
 37237 | Elf:2    | Found a runed translucent gate.
 37238 | Elf:2    | Found a runed translucent gate.
 37480 | Elf:2    | Noticed Asterion
 37484 | Elf:2    | Killed Asterion
 37786 | Elf:3    | Entered Level 3 of the Elven Halls
 37809 | Elf:3    | Found Ubyob's General Store.
 37923 | Elf:3    | Found Inovviv's Assorted Antiques.
 37928 | Elf:3    | Paralysed by an air elemental for 1 turns
 37938 | Elf:3    | Bought a colourful robe for 171 gold pieces
 37938 | Elf:3    | Identified the +0 robe "Muotop" {Int+4} (You bought it in a
                  | shop on level 3 of the Elven Halls)
 37986 | Elf:3    | Reached skill level 15 in Fighting
 38490 | Elf:3    | Got the Compilation of Rancid Charms
 38515 | Elf:3    | Identified the +5 quarterstaff of the Onslaught {freeze,
                  | Str+3 Int+3 Dex+3}
 38536 | Elf:3    | Identified the +11 falchion of the Crawling Thing {freeze,
                  | *Slow Will+ Stlth+}
 38601 | Elf:3    | Identified the +6 mace of Defence by Offence {freeze,
                  | +Blink Will+}
 38626 | Elf:3    | Identified the +9 scale mail of Batupn {Fly rElec Int-4}
 38919 | Slime:1  | Entered Level 1 of the Pits of Slime
 38994 | Slime:5  | Entered Level 5 of the Pits of Slime
 39004 | Slime:5  | Reached XP level 22. HP: 200/217 MP: 23/44
 39008 | Slime:5  | Noticed the Royal Jelly
 39014 | Slime:5  | Killed the Royal Jelly
 39032 | Slime:5  | Gained mutation: You are weak. (Str -2) [a shining eye]
 39048 | Slime:5  | Reached skill level 5 in Fire Magic
 39056 | Slime:5  | Found the +5 Storm Queen's Shield {shock, Fly rElec}
 39188 | Slime:5  | Identified the +0 scale mail of Joy {rF++ rC+ Int+4 Dex-2}
 39263 | Slime:5  | Identified the +0 leather armour of Texa {rPois rC+ Str+3}
 39291 | Slime:5  | Identified the ring "Furupp" {Ice Will+}
 39296 | Slime:5  | Got a slimy rune of Zot
 39585 | Depths:1 | Entered Level 1 of the Depths
 39587 | Depths:1 | Reached skill level 1 in Shields
 39696 | Depths:1 | Found a gateway to Hell.
 40040 | Depths:1 | Found a one-way gateway to a ziggurat.
 40165 | Depths:1 | Found a runed translucent gate.
 40165 | Depths:1 | Found a runed translucent gate.
 40165 | Depths:1 | Found a runed translucent gate.
 40166 | Depths:1 | Noticed a dread lich
 40166 | Depths:1 | Noticed an ancient lich
 40166 | Depths:1 | Noticed a dread lich
 40166 | Depths:1 | Noticed a dread lich
 40167 | Depths:1 | Found an ancient bone altar of Kikubaaqudgha.
 40167 | Depths:1 | Noticed 112233's ghost (adept SpEE)
 40609 | Depths:1 | Lost mutation: Your spells are a little easier to cast, but
                  | a little less powerful. [potion of mutation]
 40609 | Depths:1 | Lost mutation: You are strong-willed. (Will+) [potion of
                  | mutation]
 40609 | Depths:1 | Lost mutation: You are weak. (Str -2) [potion of mutation]
 40609 | Depths:1 | Gained mutation: You are vulnerable to cold. (rC-) [potion
                  | of mutation]
 40609 | Depths:1 | Gained mutation: Your mind is acute. (Int +4, Str/Dex -1)
                  | [potion of mutation]
 40671 | Depths:1 | Killed a dread lich
 40672 | Depths:1 | Killed an ancient lich
 40672 | Depths:1 | Killed a dread lich
 40676 | Depths:1 | Killed a dread lich
 40678 | Depths:1 | Killed 112233's ghost
 40679 | Depths:1 | Reached skill level 5 in Shields
 40692 | Depths:1 | Identified the +0 pair of gloves of Winter {rF+ Int+3}
 40710 | Depths:1 | Identified the ring of Gozag's Hope {Will+ Str-2 Dex+6
                  | SInv}
 40738 | Depths:2 | Reached skill level 10 in Dodging
 40822 | Depths:2 | Reached XP level 23. HP: 224/224 MP: 25/45
 40958 | Depths:2 | Got the Spellbook of Mortification
 40960 | Depths:2 | Got the Almanac of Necrotic Heat
 40962 | Depths:2 | Got the Octavo of Frozen Variation
 41078 | Depths:2 | Found Ywesabre's Jewellery Emporium.
 41208 | Depths:2 | Found Feseum's Armour Shoppe.
 41250 | Depths:2 | Found a one-way gate leading to the halls of Pandemonium.
 41283 | Depths:2 | Found Izxaleng's General Store.
 41314 | Depths:2 | Found Gishouma's Distillery.
 41322 | Depths:2 | Bought a potion of haste for 140 gold pieces
 41322 | Depths:2 | Bought a potion of heal wounds for 70 gold pieces
 41322 | Depths:2 | Bought a potion of heal wounds for 70 gold pieces
 41322 | Depths:2 | Bought a potion of brilliance for 56 gold pieces
 41415 | Depths:2 | Found a blossoming altar of Fedhas.
 41490 | Depths:2 | Found Xeiduaq's Antique Armour Shop.
 41498 | Depths:2 | Bought a pair of jewelled boots for 209 gold pieces
 41498 | Depths:2 | Identified the +1 pair of boots "Ecsiap" {Rampage +Inv rC+
                  | Int+4} (You bought it in a shop on level 2 of the Depths)
 41797 | Depths:3 | Noticed a caustic shrike
 41800 | Depths:3 | Killed a caustic shrike
 41811 | Depths:3 | Identified the ring "Usuomne" {rPois rN++ Will+++ Str-2
                  | Slay-3}
 41814 | Depths:3 | Identified the ring of Spring {Wiz rPois rC+ Int+2}
 41817 | Depths:3 | Noticed a juggernaut
 41819 | Depths:3 | Noticed Grunn
 41820 | Depths:3 | Killed a juggernaut
 41823 | Depths:3 | Killed Grunn
 41825 | Depths:3 | Identified the ring of Zotaures {rF- rN+ Will++ MP+9 Int+6}
 41994 | Depths:3 | Noticed Margery
 41995 | Depths:3 | Killed Margery
 42071 | Depths:3 | Reached skill level 10 in Fire Magic
 42371 | Depths:3 | Identified the ring of the Salmon {Ice *Corrode rPois
                  | Str+4}
 42371 | Depths:3 | Noticed Josephina
 42373 | Depths:3 | Killed Josephina
 42458 | Depths:3 | Found a broken altar of Ashenzari.
 42595 | Depths:3 | Found a one-way gate to the infinite horrors of the Abyss.
 42672 | Depths:4 | Entered Level 4 of the Depths
 42745 | Depths:4 | Reached XP level 24. HP: 198/234 MP: 31/45
 42786 | Depths:4 | Found a gate to the Realm of Zot.
 43315 | Depths:4 | Found a burning altar of Makhleb.
 43330 | Depths:4 | Found a burning altar of Makhleb.
 43330 | Depths:4 | Found the +16 obsidian axe {drain, demonic, Mesm Drain Fly
                  | SInv}
 43438 | Depths:4 | Found an ancient bone altar of Kikubaaqudgha.
 44075 | Vaults:4 | Killed Kugyfig's ghost
 44271 | D:15     | Noticed Theblade121's ghost (journeyman DsBr)
 44274 | D:15     | Killed Theblade121's ghost
 44456 | D:12     | Killed Umyoka's ghost
 44466 | D:12     | Identified the +1 lajatang of Zin's Righteous Anger {spect,
                  | *Slow rCorr Str+3}
 44654 | Crypt:1  | Entered Level 1 of the Crypt
 44732 | Crypt:1  | Reached skill level 1 in Necromancy
 44831 | Crypt:1  | Found an ancient bone altar of Kikubaaqudgha.
 44972 | Crypt:1  | Found a basalt altar of Yredelemnul.
 45563 | Crypt:2  | Reached skill level 5 in Necromancy
 45870 | Crypt:2  | Found an ancient bone altar of Kikubaaqudgha.
 45938 | Crypt:2  | Found a runed translucent gate.
 45938 | Crypt:2  | Found a runed translucent gate.
 45938 | Crypt:2  | Found a runed translucent gate.
 45940 | Crypt:2  | Found an opulent altar of Gozag.
 45940 | Crypt:2  | Noticed Dihet's ghost (veteran MiBe)
 45941 | Crypt:2  | Found Negyerph's Assorted Antiques.
 45950 | Crypt:2  | Killed Dihet's ghost
 46261 | Crypt:3  | Entered Level 3 of the Crypt
 46385 | Crypt:3  | Reached skill level 10 in Necromancy
 46535 | Crypt:3  | Noticed an ancient lich
 46538 | Crypt:3  | Killed an ancient lich
 46628 | Crypt:3  | Found an ancient bone altar of Kikubaaqudgha.
 46632 | Crypt:3  | Identified the amulet "Defron" {rPois Regen+ Str+3}
 46632 | Crypt:3  | Identified the ring "Jaextul" {rPois rN+ Will- Int+5}
 46637 | Crypt:3  | Identified the ring "Nonas" {rN+ SInv}
 46639 | Crypt:3  | Found a basalt altar of Yredelemnul.
 46646 | Crypt:3  | Reached XP level 25. HP: 236/241 MP: 33/46
 47057 | Crypt:3  | Found a staircase to the Tomb.
 47250 | Crypt:3  | Got the Meditations on Misery
 47251 | Crypt:3  | Identified the ring of Ocoq Esy {rPois Int+3 Slay+4}
 47461 | Vaults:5 | Entered Level 5 of the Vaults
 47482 | Vaults:5 | Noticed an ancient lich
 47510 | Vaults:5 | Killed an ancient lich
 47517 | Vaults:5 | Reached skill level 10 in Shields
 47527 | Vaults:5 | Reached skill level 15 in Necromancy
 47532 | Vaults:5 | Noticed an ancient lich
 47539 | Vaults:5 | Killed an ancient lich
 47722 | Vaults:5 | Identified the +5 ring mail "Cidopt" {rElec}
 47769 | Vaults:5 | Got a silver rune of Zot
 47778 | Vaults:5 | Found the +4 robe of Folly {Brill Will-∞ Int+8}
 47800 | Vaults:5 | Identified the +1 chain mail of Tosassus {Fly Will+ Int-3}
 47828 | Vaults:5 | Identified the +9 halberd "Ijoobrai" {heavy, Str+3 Int+3
                  | Dex-2}
 47839 | Vaults:5 | Got the Verses on Rime
 47874 | Vaults:5 | Identified the amulet of Foolhardiness {*Slow rF+ Regen+
                  | Int+3 Dex+2}
 47948 | Vaults:5 | Noticed an ancient lich
 47950 | Vaults:5 | Killed an ancient lich
 48346 | Vaults:5 | Identified the +0 battleaxe "Ywkaxira" {heavy, Fragile rC-
                  | rN++ Stlth+}
 48608 | Vaults:5 | Got the Notes on the Familiar
 50850 | Zig:1    | Entered Level 1 of a ziggurat
 50866 | Zig:2    | Entered Level 2 of a ziggurat
 50898 | Zig:3    | Entered Level 3 of a ziggurat
 50903 | Zig:3    | Reached skill level 1 in Throwing
 50903 | Zig:3    | Reached skill level 1 in Transmutations
 50934 | Zig:3    | Identified the ring of Lucidity {rPois Str+6 Int-3 Dex+8
                  | SInv}
 50953 | Zig:4    | Entered Level 4 of a ziggurat
 50968 | Zig:4    | Got the Papyrus of the Disjunct Tektite
 50972 | Zig:4    | Got Ibem's Experienced Magic
 50979 | Zig:5    | Entered Level 5 of a ziggurat
 50984 | Zig:5    | Found the ring of the Octopus King
 51008 | Zig:5    | Identified a ring of the Octopus King {HP+2 AC+2 EV+2 SH+2
                  | SInv}
 51016 | Zig:6    | Entered Level 6 of a ziggurat
 51047 | Zig:6    | Identified the +6 dagger of the Telling Oracle {flame,
                  | Will+ Str+3 Stlth+}
 51048 | Zig:6    | Identified the ring of the Final Decision {rF- rCorr Str+2
                  | Dex+7 Slay-6}
 51054 | Zig:7    | Entered Level 7 of a ziggurat
 51064 | Zig:7    | Gained mutation: You are extremely robust. (+30% HP)
                  | [demonic ancestry]
 51064 | Zig:7    | Reached XP level 26. HP: 233/270 MP: 46/46
 51087 | Zig:8    | Entered Level 8 of a ziggurat
 51113 | Zig:8    | Identified the ring "Johach" {Fly rCorr}
 51145 | Zig:9    | Entered Level 9 of a ziggurat
 51152 | Zig:9    | Noticed a juggernaut
 51154 | Zig:9    | Killed a juggernaut
 51169 | Zig:9    | Identified the ring of the Echidna {Fire Fly Dex-2 Slay+2}
 51195 | Zig:10   | Entered Level 10 of a ziggurat
 51262 | Zig:11   | Entered Level 11 of a ziggurat
 51285 | Zig:11   | Identified the +7 whip "Huhush" {freeze, Str+3 Int+3 Dex+2}
 51322 | Zig:12   | Entered Level 12 of a ziggurat
 51333 | Zig:12   | Noticed Rajytim the pandemonium lord
 51334 | Zig:12   | Noticed Qerigecw the pandemonium lord
 51336 | Zig:12   | Killed Qerigecw the pandemonium lord
 51337 | Zig:12   | Reached skill level 5 in Throwing
 51337 | Zig:12   | Reached skill level 5 in Transmutations
 51337 | Zig:12   | Killed Rajytim the pandemonium lord
 51369 | Zig:12   | Got the Spellbook of Amalgamated Hurting
 51410 | Zig:13   | Entered Level 13 of a ziggurat
 51424 | Zig:13   | Noticed Huodup the pandemonium lord
 51430 | Zig:13   | Killed Huodup the pandemonium lord
 51445 | Zig:13   | Identified the ring "Sefics" {Fly rF+ Dex+2}
 51466 | Zig:13   | Identified the +1 chain mail of Syplag {rPois}
 51475 | Zig:13   | Gained mutation: You regenerate a lot of health from kills.
                  | [demonic ancestry]
 51475 | Zig:13   | Reached XP level 27. HP: 278/278 MP: 46/46
 51510 | Zig:14   | Entered Level 14 of a ziggurat
 51519 | Zig:14   | Noticed a royal mummy
 51523 | Zig:14   | Noticed a royal mummy
 51525 | Zig:14   | Noticed a royal mummy
 51531 | Zig:14   | Killed a royal mummy
 51536 | Zig:14   | Killed a royal mummy
 51539 | Zig:14   | Killed a royal mummy
 51540 | Zig:14   | Noticed a royal mummy
 51544 | Zig:14   | Killed a royal mummy
 51605 | Zig:14   | Got the Vellum of a Million Nightingales
 51606 | Zig:14   | Identified the ring "Jumueff" {rPois Str+9 Slay-3 SInv}
 51609 | Zig:14   | Identified the +2 scale mail "Yximmes" {+Blink}
 51621 | Zig:14   | Identified the +1 scimitar of Callousness {flame, rF+++ rC-
                  | Will- Dex+4}
 51649 | Zig:15   | Entered Level 15 of a ziggurat
 51691 | Zig:15   | Identified the +0 pair of boots of Somewhere Else {Str+3}
 51701 | Zig:15   | Got the Parchment of Violent Changes
 51754 | Zig:15   | Learned a level 8 spell: Necromutation
 51767 | Zig:15   | Learned a level 9 spell: Death's Door
 51768 | Zig:16   | Entered Level 16 of a ziggurat
 51830 | Zig:16   | Identified the +0 chain mail of the Last Wars {rC- rCorr
                  | Dex+2}
 51834 | Zig:16   | Identified the +1 great sword of Maerysifip {holy, SInv}
 51835 | Zig:16   | Identified the +4 falchion of Wondrous Power {pain, rN+
                  | rCorr Str+6 Int-3}
 51877 | Zig:17   | Entered Level 17 of a ziggurat
 51918 | Zig:17   | Reached skill level 10 in Throwing
 51925 | Zig:17   | Identified the +6 dagger "Sogoc" {drain, *Rage rC+++ Str+4}
 51927 | Zig:17   | Identified the ring of the Philosopher {rPois rN+ Int+3}
 51930 | Zig:17   | Identified the amulet "Mupheocu" {Reflect Fragile rF+ Str+6
                  | SH+5 SInv}
 51949 | Zig:17   | Identified the +8 spear "Egunyaff" {flame, rF+ rCorr Str+3}
 52020 | Zig:18   | Entered Level 18 of a ziggurat
 52037 | Zig:18   | Noticed a juggernaut
 52039 | Zig:18   | Noticed a juggernaut
 52039 | Zig:18   | Noticed a juggernaut
 52039 | Zig:18   | Noticed a juggernaut
 52040 | Zig:18   | Killed a juggernaut
 52040 | Zig:18   | Noticed a juggernaut
 52040 | Zig:18   | Noticed a juggernaut
 52041 | Zig:18   | Killed a juggernaut
 52041 | Zig:18   | Killed a juggernaut
 52042 | Zig:18   | Killed a juggernaut
 52042 | Zig:18   | Killed a juggernaut
 52043 | Zig:18   | Killed a juggernaut
 52069 | Zig:18   | Identified the +11 mace of Tisuheto {freeze, Int+3}
 52073 | Zig:18   | Got the Tome of Clay
 52126 | Zig:19   | Entered Level 19 of a ziggurat
 52149 | Zig:19   | Reached skill level 15 in Shields
 52177 | Zig:19   | Identified the +5 morningstar of Shame {heavy, rF+ MP-9
                  | Str+3}
 52178 | Zig:19   | Identified the +10 shortbow of Puba {flame, Str+3 Int+3}
 52181 | Zig:19   | Identified the +7 scimitar of Demand {heavy, rF+}
 52271 | Zig:20   | Entered Level 20 of a ziggurat
 52286 | Zig:20   | Noticed an ancient lich
 52290 | Zig:20   | Killed an ancient lich
 52291 | Zig:20   | Reached skill level 10 in Transmutations
 52292 | Zig:20   | Noticed an ancient lich
 52295 | Zig:20   | Killed an ancient lich
 52317 | Zig:20   | Found the +2 hood of the Assassin {Detect Stab+ Stlth++}
 52333 | Zig:20   | Identified the ring "Yxiugeg" {MP+9 Int+3 Dex+6}
 52346 | Zig:20   | Identified the ring "Xuof" {rPois rF+ rN+ Int-3}
 52415 | Zig:21   | Entered Level 21 of a ziggurat
 52472 | Zig:21   | Found the amulet of the Air {Inacc Air Fly rElec RMsl}
 52516 | Zig:21   | Identified the +1 chain mail of Sorcery {Rampage Int+5
                  | Stlth-}
 52517 | Zig:21   | Identified the +3 short sword of Soeb {antimagic, rC+ Int-2
                  | Dex+2}
 52609 | Zig:22   | Entered Level 22 of a ziggurat
 52622 | Zig:22   | Noticed a dread lich
 52626 | Zig:22   | Killed a dread lich
 52629 | Zig:22   | Noticed an ancient lich
 52629 | Zig:22   | Noticed an ancient lich
 52631 | Zig:22   | Killed an ancient lich
 52631 | Zig:22   | Killed an ancient lich
 52633 | Zig:22   | Noticed a dread lich
 52633 | Zig:22   | Noticed an ancient lich
 52634 | Zig:22   | Noticed a dread lich
 52635 | Zig:22   | Killed a dread lich
 52636 | Zig:22   | Killed a dread lich
 52636 | Zig:22   | Killed an ancient lich
 52650 | Zig:22   | Found the +2 pair of slick slippers {slick, slippery, EV+5}
 52651 | Zig:22   | Found the +8 trishula "Condemnation" {holy, anguish, *Noise
                  | Fly rN+}
 52662 | Zig:22   | Identified the +7 broad axe of the Assorted Tales {freeze,
                  | *Noise rC+ Int+4}
 52664 | Zig:22   | Got the Quarto of Bruises
 52665 | Zig:22   | Identified the +3 shortbow of Fedhas's Grace {drain, rC+
                  | Will+}
 52669 | Zig:22   | Identified the amulet of Ririgh {Acrobat Str+5 Int-2}
 52682 | Zig:22   | Identified the +0 robe of Quantum Leap {rF+ Int+3}
 52750 | Zig:23   | Entered Level 23 of a ziggurat
 52843 | Zig:23   | Identified the +0 leather armour of Intuition {rElec}
 52854 | Zig:23   | Identified the +1 quick blade of Jotuodyl {drain, +Blink
                  | Dex+3}
 52859 | Zig:23   | Identified the amulet "Zucroh" {Faith -Tele rElec Str+6}
 52870 | Zig:23   | Got the Compilation of Arson and the Mortuary
 52907 | Zig:24   | Entered Level 24 of a ziggurat
 52931 | Zig:24   | Reached skill level 15 in Transmutations
 52986 | Zig:24   | Found the +7 lajatang of Order {silver, rMut}
 52989 | Zig:24   | Found the ring of the Hare {EV+10}
 53003 | Zig:24   | Identified the +0 pair of gloves "Fyggudd" {Regen+ Int+4
                  | Stlth+}
 53015 | Zig:24   | Reached skill level 5 in Axes
 53028 | Zig:24   | Identified the +3 robe of the Spider Nest {Str+4 Int-5}
 53029 | Zig:24   | Identified the +9 kite shield "Cataijug" {rN+}
 53086 | Zig:25   | Entered Level 25 of a ziggurat
 53094 | Zig:25   | Noticed a dread lich
 53098 | Zig:25   | Killed a dread lich
 53115 | Zig:25   | Noticed a dread lich
 53117 | Zig:25   | Killed a dread lich
 53184 | Zig:25   | Found the amulet of Vitality {RegenMP++ Regen++}
 53186 | Zig:25   | Found the +3 pair of seven-league boots {Rampage+∞}
 53199 | Zig:25   | Identified the ring of Scepticism {Str+4 Int+6 Dex-5}
 53211 | Zig:25   | Identified the +2 great sword of Radicalism {pain, *Noise
                  | rPois rN+}
 53212 | Zig:25   | Identified the +0 robe of the Ageless Seers {Archmagi}
 53312 | Zig:26   | Entered Level 26 of a ziggurat
 53331 | Zig:26   | Noticed Ojador Vila the pandemonium lord
 53331 | Zig:26   | Noticed Cyrefo Nuoh the pandemonium lord
 53332 | Zig:26   | Noticed Qygacri the pandemonium lord
 53332 | Zig:26   | Noticed Sanned the pandemonium lord
 53341 | Zig:26   | Killed Ojador Vila the pandemonium lord
 53341 | Zig:26   | Killed Cyrefo Nuoh the pandemonium lord
 53342 | Zig:26   | Killed Sanned the pandemonium lord
 53343 | Zig:26   | Killed Qygacri the pandemonium lord
 53345 | Zig:26   | Noticed Voekk the pandemonium lord
 53349 | Zig:26   | Killed Voekk the pandemonium lord
 53351 | Zig:26   | Noticed Yhiumu the pandemonium lord
 53351 | Zig:26   | Noticed Ceuqoc the pandemonium lord
 53352 | Zig:26   | Noticed Hataumuec the pandemonium lord
 53353 | Zig:26   | Killed Yhiumu the pandemonium lord
 53353 | Zig:26   | Noticed Ocizeum the pandemonium lord
 53353 | Zig:26   | Noticed Quwebi the pandemonium lord
 53354 | Zig:26   | Killed Ocizeum the pandemonium lord
 53354 | Zig:26   | Noticed Asimeref the pandemonium lord
 53355 | Zig:26   | Killed Hataumuec the pandemonium lord
 53356 | Zig:26   | Killed Ceuqoc the pandemonium lord
 53356 | Zig:26   | Killed Quwebi the pandemonium lord
 53356 | Zig:26   | Noticed Owatiupn the pandemonium lord
 53356 | Zig:26   | Noticed Urchur the pandemonium lord
 53357 | Zig:26   | Noticed Zaeskat the pandemonium lord
 53358 | Zig:26   | Killed Urchur the pandemonium lord
 53359 | Zig:26   | Noticed Isieme the pandemonium lord
 53360 | Zig:26   | Killed Owatiupn the pandemonium lord
 53360 | Zig:26   | Killed Zaeskat the pandemonium lord
 53360 | Zig:26   | Noticed Pabery the pandemonium lord
 53363 | Zig:26   | Killed Isieme the pandemonium lord
 53363 | Zig:26   | Killed Asimeref the pandemonium lord
 53363 | Zig:26   | Killed Pabery the pandemonium lord
 53366 | Zig:26   | Noticed Zeajayd the pandemonium lord
 53369 | Zig:26   | Killed Zeajayd the pandemonium lord
 53451 | Zig:26   | Identified the +9 sling of Paustramn {flame, rPois Will+
                  | MP+9}
 53460 | Zig:26   | Identified the ring of the Lost Underlurkers {rPois rF+}
 53468 | Zig:26   | Identified the +6 whip "Rebunism" {venom, MP+9 Dex+4}
 53483 | Zig:26   | Reached skill level 15 in Fire Magic
 53525 | Zig:27   | Entered Level 27 of a ziggurat
 53548 | Zig:27   | Paralysed by a wendigo for 1 turns
 53572 | Zig:27   | Found the +18 shield of the Gong {Loud rN+ Will+ rCorr
                  | EV-5}
 53583 | Zig:27   | Identified the +8 whip of Vigekk {venom, *Noise Will+++
                  | Dex+3 SInv}
 53604 | Zig:27   | Identified the +2 robe of Tadorud {rC++ Str+4 Int-4}
 53719 | Depths:1 | Acquired the +4 pair of gloves of the Learner {Drain Will++
                  | Str+3}
 53720 | Depths:1 | Acquired a manual of Armour
 53724 | Depths:1 | Acquired the ring "Xurroh" {Drain MP+9 Int+7 Dex+4}
 53737 | Depths:1 | Learned a level 9 spell: Fire Storm
 54526 | Zig:1    | Entered Level 1 of a ziggurat
 54545 | Zig:2    | Entered Level 2 of a ziggurat
 54548 | Zig:2    | Found the ring of the Octopus King
 54550 | Zig:2    | Reached skill level 1 in Evocations
 54562 | Zig:2    | Identified a ring of the Octopus King {Fly HP+2 AC+2 EV+2
                  | SH+2}
 54566 | Zig:3    | Entered Level 3 of a ziggurat
 54590 | Zig:4    | Entered Level 4 of a ziggurat
 54618 | Zig:5    | Entered Level 5 of a ziggurat
 54620 | Zig:5    | Noticed a dread lich
 54621 | Zig:5    | Noticed an ancient lich
 54621 | Zig:5    | Noticed an ancient lich
 54623 | Zig:5    | Killed an ancient lich
 54624 | Zig:5    | Killed a dread lich
 54624 | Zig:5    | Killed an ancient lich
 54634 | Zig:5    | Identified the +9 great sword of Pedups {distort, rPois rC+
                  | Will++ Int-5}
 54643 | Zig:6    | Entered Level 6 of a ziggurat
 54671 | Zig:6    | Got the Essays on Execration and the Discharge
 54682 | Zig:7    | Entered Level 7 of a ziggurat
 54687 | Zig:7    | Paralysed by a wendigo for 1 turns
 54690 | Zig:7    | Reached skill level 5 in Evocations
 54721 | Zig:8    | Entered Level 8 of a ziggurat
 54760 | Zig:9    | Entered Level 9 of a ziggurat
 54765 | Zig:9    | Noticed a royal mummy
 54766 | Zig:9    | Noticed a royal mummy
 54767 | Zig:9    | Noticed a royal mummy
 54767 | Zig:9    | Noticed a royal mummy
 54769 | Zig:9    | Killed a royal mummy
 54769 | Zig:9    | Killed a royal mummy
 54770 | Zig:9    | Killed a royal mummy
 54771 | Zig:9    | Killed a royal mummy
 54787 | Zig:9    | Identified the ring "Guint" {Ice *Slow Will- Str+8 Int+6
                  | SInv}
 54799 | Zig:9    | Identified the ring "Kerrae Uloett" {Wiz rPois SInv}
 54806 | Zig:10   | Entered Level 10 of a ziggurat
 54815 | Zig:10   | Reached skill level 10 in Evocations
 54861 | Zig:11   | Entered Level 11 of a ziggurat
 54874 | Zig:11   | Reached skill level 10 in Axes
 54899 | Zig:11   | Identified the +1 scale mail "Fevyclue" {Dex+3}
 54908 | Zig:12   | Entered Level 12 of a ziggurat
 54942 | Zig:12   | Identified the +4 short sword of Infinite Pain {flame,
                  | Dex+4}
 54948 | Zig:12   | Identified the +13 plate armour of Poriysim {rN+ Str+3
                  | Dex+3 Stlth-}
 54950 | Zig:12   | Identified the +7 war axe "Transmigrator" {freeze, rPois}
 54954 | Zig:13   | Entered Level 13 of a ziggurat
 54986 | Zig:13   | Identified the +4 sling of Boenible {flame, Dex+2}
 54994 | Zig:13   | Identified the +0 ring mail "Zasugron" {Rampage Dex+2
                  | Stlth+}
 54999 | Zig:13   | Identified the +4 trident of Plague {drain, rPois rF-
                  | Str+6}
 55011 | Zig:14   | Entered Level 14 of a ziggurat
 55018 | Zig:14   | Noticed an ancient lich
 55020 | Zig:14   | Killed an ancient lich
 55021 | Zig:14   | Found the +10 zealot's sword {holy, Zealotry, *Rage rN+
                  | EV+3}
 55021 | Zig:14   | Found the +6 Majin-Bo {spellvamp, MP+6 Int+6}
 55061 | Zig:14   | Identified the +5 flail of Impeachment {flame, rF+ Str+5}
 55082 | Zig:15   | Entered Level 15 of a ziggurat
 55136 | Zig:15   | Found the brooch of Shielding {Spirit SH+8}
 55142 | Zig:15   | Identified the +1 ring mail of Noon {Dex+4 SInv}
 55144 | Zig:15   | Identified the +6 demon trident of the Protecting Eel
                  | {drain, rCorr}
 55145 | Zig:15   | Identified the +9 great sword "Kyoh Qipp" {vamp, Str+3}
 55146 | Zig:15   | Identified the +0 chain mail "Deofeps" {Str+2}
 55156 | Zig:15   | Identified the +10 broad axe "Vuyn" {heavy, rElec}
 55157 | Zig:15   | Identified the ring "Potots" {Will+ Str+6 Dex+3 SInv
                  | Stlth-}
 55186 | Zig:16   | Entered Level 16 of a ziggurat
 55222 | Zig:16   | Identified the +5 dagger of the Endless March {heavy,
                  | Str+2}
 55236 | Zig:16   | Identified the amulet "Narasaiq" {RegenMP Int+3}
 55257 | Zig:17   | Entered Level 17 of a ziggurat
 55303 | Zig:17   | Identified the +5 spear of a bazaar {flame, rElec rCorr
                  | Int+3 Dex+3}
 55336 | Zig:18   | Entered Level 18 of a ziggurat
 55400 | Zig:18   | Identified the +0 pair of gloves "Seschaj" {Harm rF+ Str+3}
 55418 | Zig:18   | Identified the +4 mace of Precise Incision {drain, Int+3}
 55443 | Zig:19   | Entered Level 19 of a ziggurat
 55449 | Zig:19   | Noticed a dread lich
 55449 | Zig:19   | Noticed a dread lich
 55450 | Zig:19   | Noticed a dread lich
 55450 | Zig:19   | Noticed a dread lich
 55451 | Zig:19   | Killed a dread lich
 55451 | Zig:19   | Killed a dread lich
 55451 | Zig:19   | Killed a dread lich
 55452 | Zig:19   | Reached skill level 15 in Axes
 55452 | Zig:19   | Noticed a dread lich
 55454 | Zig:19   | Killed a dread lich
 55454 | Zig:19   | Noticed an ancient lich
 55455 | Zig:19   | Killed a dread lich
 55455 | Zig:19   | Noticed a dread lich
 55456 | Zig:19   | Noticed an ancient lich
 55456 | Zig:19   | Noticed an ancient lich
 55457 | Zig:19   | Noticed an ancient lich
 55457 | Zig:19   | Killed an ancient lich
 55458 | Zig:19   | Killed an ancient lich
 55458 | Zig:19   | Killed an ancient lich
 55458 | Zig:19   | Killed a dread lich
 55458 | Zig:19   | Killed an ancient lich
 55461 | Zig:19   | Found the +2 cloak of the Thief {*Fog Slay-2 SInv Stlth+}
 55461 | Zig:19   | Found the +3 Elemental Staff {rElec rF++ rC++ AC+5}
 55498 | Zig:19   | Identified the +2 pair of boots of the Unstoppable People
                  | {Dex+2}
 55540 | Zig:20   | Entered Level 20 of a ziggurat
 55551 | Zig:20   | Noticed a dread lich
 55553 | Zig:20   | Noticed an ancient lich
 55553 | Zig:20   | Noticed an ancient lich
 55554 | Zig:20   | Killed a dread lich
 55555 | Zig:20   | Noticed an ancient lich
 55555 | Zig:20   | Killed an ancient lich
 55555 | Zig:20   | Killed an ancient lich
 55556 | Zig:20   | Killed an ancient lich
 55558 | Zig:20   | Noticed an ancient lich
 55559 | Zig:20   | Noticed a dread lich
 55560 | Zig:20   | Killed an ancient lich
 55560 | Zig:20   | Killed a dread lich
 55575 | Zig:20   | Identified the +3 war axe of Glamorous Punishment {venom,
                  | Dex+4 SInv}
 55652 | Zig:21   | Entered Level 21 of a ziggurat
 55667 | Zig:21   | Noticed Yfeukohe the pandemonium lord
 55674 | Zig:21   | Killed Yfeukohe the pandemonium lord
 55785 | Zig:22   | Entered Level 22 of a ziggurat
 55797 | Zig:22   | Reached skill level 10 in Earth Magic
 55807 | Zig:22   | Reached skill level 15 in Earth Magic
 55818 | Zig:22   | Found the +8 demon trident "Rift" {distort, reach+}
 55832 | Zig:22   | Identified the +0 buckler of the Abyss {rN+}
 55833 | Zig:22   | Identified the ring "Karun" {rF+ rC++ Str+3 Int-5 Dex+6}
 55906 | Zig:23   | Entered Level 23 of a ziggurat
 55943 | Zig:23   | Identified the ring of the Barnacled God {rC+ AC+4 Str+3
                  | Dex+5}
 55945 | Zig:23   | Identified the +2 dagger of Cocytus {flame, Str+3}
 55950 | Zig:23   | Identified the amulet "Gukhlemoi" {Acrobat rC- Dex+4}
 55953 | Zig:23   | Identified the +1 dagger of Intimidation {protect, rElec
                  | Will+}
 55955 | Zig:23   | Got the Incunable of Fanaticism
 55967 | Zig:23   | Identified the +0 scale mail of Pantheism {Str+2}
 55983 | Zig:23   | Learned a level 9 spell: Shatter
 56027 | Zig:24   | Entered Level 24 of a ziggurat
 56035 | Zig:24   | Noticed a juggernaut
 56037 | Zig:24   | Killed a juggernaut
 56079 | Zig:24   | Identified the ring "Aruteokk" {Fly Str+6 Int-5 Stlth+}
 56092 | Zig:24   | Identified the +4 leather armour of the Ninety-Nine Hells
                  | {Harm rN+ Int+3}
 56160 | Zig:25   | Entered Level 25 of a ziggurat
 56207 | Zig:25   | Identified the +0 plate armour "Tomar" {*Slow Str+5}
 56208 | Zig:25   | Identified the +2 longbow of Ixoetamn {heavy, rElec rF++}
 56211 | Zig:25   | Identified the +2 shortbow of the Thieving Seeker {heavy,
                  | rC+}
 56223 | Zig:25   | Identified the +5 ring mail of Servitude {rN++ Int-4}
 56224 | Zig:25   | Identified the +7 trident of Sudden Death {flame, rPois
                  | MP+9 Int-3}
 56239 | Zig:25   | Identified the amulet "Haojusiu" {Acrobat rElec Will++
                  | Int+2}
 56242 | Zig:25   | Identified the +0 flail "Foweggu" {pain, rF+}
 56348 | Zig:26   | Entered Level 26 of a ziggurat
 56361 | Zig:26   | Reached skill level 27 in Spellcasting
 56367 | Zig:26   | Reached skill level 10 in Armour
 56397 | Zig:26   | Identified the +0 chain mail "Haanno" {rPois Will+ Str+3}
 56401 | Zig:26   | Identified the +6 trident "Zekhekh" {heavy, Str+6}
 56407 | Zig:26   | Identified the amulet of Descent {RegenMP Str+3 Int+4}
 56418 | Zig:26   | Identified the +1 scale mail "Tajoap" {Rampage +Blink
                  | Dex+4}
 56477 | Zig:27   | Entered Level 27 of a ziggurat
 56495 | Zig:27   | Reached skill level 15 in Armour
 56508 | Zig:27   | Found the +3 Mad Mage's Maulers {Infuse+∞ VampMP -Cast}
 56566 | Zig:27   | Identified the ring "Qogiux" {Fire rN++ Int-2 Dex+5}
 56571 | Zig:27   | Identified the ring of Vanity {*Corrode rF+ Will- Str+6
                  | Dex+3}
 56576 | Zig:27   | Identified the ring "Kaedet" {rN+ Will- Str+5 Int+3}
 56583 | Zig:27   | Identified the +4 morningstar of the Toothy God {freeze,
                  | rF- rC- Dex+6 SInv}
 56603 | Zig:27   | Identified the +10 sling "Orchorari" {freeze, Str+3 Dex+2
                  | SInv}
 56648 | Depths:1 | Acquired a manual of Conjurations
 56652 | Depths:1 | Acquired the +8 mithril axe "Arga" {speed, Will+}
 56652 | Depths:1 | Found the +8 mithril axe "Arga" {speed, Will+}
 57259 | Zig:1    | Entered Level 1 of a ziggurat
 57273 | Zig:2    | Entered Level 2 of a ziggurat
 57274 | Zig:2    | Noticed Rarhesent the pandemonium lord
 57276 | Zig:2    | Killed Rarhesent the pandemonium lord
 57291 | Zig:3    | Entered Level 3 of a ziggurat
 57294 | Zig:3    | Noticed a juggernaut
 57296 | Zig:3    | Killed a juggernaut
 57312 | Zig:4    | Entered Level 4 of a ziggurat
 57328 | Zig:4    | Identified the +0 pair of gloves "Gaodeumn" {Will+ MP+9
                  | Int+2}
 57348 | Zig:5    | Entered Level 5 of a ziggurat
 57371 | Zig:5    | Identified the +2 robe of Kaamoim {-Tele rF+ Will+++ Str+3}
 57384 | Zig:6    | Entered Level 6 of a ziggurat
 57400 | Zig:6    | Identified the +5 tower shield of Slovenliness {Str+7}
 57417 | Zig:7    | Entered Level 7 of a ziggurat
 57448 | Zig:7    | Identified the +6 plate armour of Spite {rC+ Will+ Str+4}
 57551 | Zig:7    | Reached skill level 27 in Fighting
 57554 | Zig:8    | Entered Level 8 of a ziggurat
 57559 | Zig:8    | Noticed Xemoud the pandemonium lord
 57561 | Zig:8    | Killed Xemoud the pandemonium lord
 57562 | Zig:8    | Noticed Aco Baet the pandemonium lord
 57565 | Zig:8    | Noticed Ceph the pandemonium lord
 57567 | Zig:8    | Killed Ceph the pandemonium lord
 57568 | Zig:8    | Killed Aco Baet the pandemonium lord
 57608 | Zig:9    | Entered Level 9 of a ziggurat
 57625 | Zig:9    | Found the +4 skin of Zhor {*Englaciate rC+++ SInv}
 57637 | Zig:9    | Identified the +3 mace of Valour {pain, Fragile Will+ SInv}
 57641 | Zig:9    | Identified the +3 spear "Fifinyvi" {flame, +Blink rPois
                  | rC++}
 57672 | Zig:10   | Entered Level 10 of a ziggurat
 57680 | Zig:10   | Noticed a juggernaut
 57681 | Zig:10   | Noticed a juggernaut
 57682 | Zig:10   | Noticed a juggernaut
 57682 | Zig:10   | Noticed a juggernaut
 57683 | Zig:10   | Killed a juggernaut
 57683 | Zig:10   | Killed a juggernaut
 57684 | Zig:10   | Killed a juggernaut
 57685 | Zig:10   | Killed a juggernaut
 57700 | Zig:10   | Identified the +3 spear of Valour {freeze, rCorr}
 57735 | Zig:11   | Entered Level 11 of a ziggurat
 57749 | Zig:11   | Reached skill level 15 in Throwing
 57792 | Zig:11   | Identified the +7 whip of Luxury {vamp, rPois Will+}
 57793 | Zig:11   | Identified the ring of the Firefly {rN+ MP+9}
 57830 | Zig:12   | Entered Level 12 of a ziggurat
 57846 | Zig:12   | Found the +7 staff of the Meek {protect, meekguard}
 57884 | Zig:12   | Identified the +2 chain mail of Catatonia {Rampage Int-2
                  | Dex+7 Stlth+}
 57900 | Zig:12   | Identified the +3 whip "Zocifuve" {drain, +Blink rElec
                  | Dex+3 Stlth+}
 57903 | Zig:12   | Identified the +5 ring mail of Didghurch {rC+ rN+}
 57926 | Zig:13   | Entered Level 13 of a ziggurat
 58137 | Zig:13   | Identified the amulet of Quxzuniwk {Regen+ Int+2}
 58142 | Zig:13   | Identified the +8 shortbow of Maryptol {antimagic, rElec
                  | Str+2 Int+3}
 58144 | Zig:13   | Identified the +3 quarterstaff "Killer Bee's Curse"
                  | {freeze, Dex+2}
 58146 | Zig:13   | Identified the +0 ring mail of Efecefuu {Will+}
 58169 | Zig:14   | Entered Level 14 of a ziggurat
 58229 | Zig:14   | Identified the +2 scimitar "Uhuipez" {flame, +Blink rN+++
                  | Int-2}
 58230 | Zig:14   | Identified the ring "Duaqoru" {rPois Str+5 Dex+3}
 58255 | Zig:14   | Identified the +1 leather armour of Sin {rCorr}
 58258 | Zig:14   | Identified the ring of Wois {AC+4 Str+4 Stlth+}
 58314 | Zig:15   | Entered Level 15 of a ziggurat
 58325 | Zig:15   | Identified the +3 tower shield of Circular Logic {rF-
                  | Int+4}
 58331 | Zig:15   | Identified the +0 buckler "Hiplau" {-Tele rN+ Will+++
                  | Dex+3}
 58331 | Zig:15   | Identified the +0 tower shield "Femonunk" {Dex+4}
 58374 | Zig:15   | Identified the +4 lajatang "Wikyriwn" {flame, rPois Str+3}
 58423 | Zig:16   | Entered Level 16 of a ziggurat
 58479 | Zig:16   | Identified the +0 quarterstaff of Equivalence {protect, Fly
                  | rPois Str+3 Int+3}
 58492 | Zig:16   | Identified the +1 shortbow of Ucimub {heavy, *Slow rF+++
                  | MP-9 Int+10}
 58496 | Zig:16   | Identified the +10 great sword of Nungyuh {freeze, rElec}
 58539 | Zig:17   | Entered Level 17 of a ziggurat
 58557 | Zig:17   | Noticed Gozeus the pandemonium lord
 58560 | Zig:17   | Killed Gozeus the pandemonium lord
 58662 | Zig:18   | Entered Level 18 of a ziggurat
 58685 | Zig:18   | Reached skill level 27 in Conjurations
 58718 | Zig:18   | Identified the +5 quarterstaff of the Skies Above {spect,
                  | Will+ Str+4}
 58721 | Zig:18   | Identified the +1 robe "Gettame" {Rampage rC+}
 58768 | Zig:19   | Entered Level 19 of a ziggurat
 58787 | Zig:19   | Noticed an ancient lich
 58787 | Zig:19   | Noticed an ancient lich
 58787 | Zig:19   | Noticed a dread lich
 58787 | Zig:19   | Noticed a dread lich
 58787 | Zig:19   | Noticed an ancient lich
 58788 | Zig:19   | Killed a dread lich
 58788 | Zig:19   | Killed an ancient lich
 58789 | Zig:19   | Killed an ancient lich
 58789 | Zig:19   | Killed a dread lich
 58790 | Zig:19   | Killed an ancient lich
 58790 | Zig:19   | Noticed an ancient lich
 58791 | Zig:19   | Noticed an ancient lich
 58792 | Zig:19   | Killed an ancient lich
 58793 | Zig:19   | Killed an ancient lich
 58796 | Zig:19   | Reached skill level 27 in Air Magic
 58807 | Zig:19   | Identified the +5 long sword of Mandamus {speed, rC+ Str+4
                  | SInv}
 58830 | Zig:19   | Identified the +6 spear of Fatarph {drain, Int+4}
 58884 | Zig:20   | Entered Level 20 of a ziggurat
 58915 | Zig:20   | Found the +4 moon troll leather armour {Spirit, Regen++
                  | MP+5}
 58926 | Zig:20   | Identified the +3 whip "Woub" {freeze, *Rage rF+ Will+++
                  | Stlth+}
 58936 | Zig:20   | Identified the amulet of the Fortifying Gods {Faith Fly
                  | rPois}
 58943 | Zig:20   | Identified the ring "Nownyvio" {Will+ Str+3}
 58949 | Zig:20   | Identified the +11 arbalest of Fisid {elec, rN+}
 59019 | Zig:21   | Entered Level 21 of a ziggurat
 59039 | Zig:21   | Reached skill level 15 in Evocations
 59089 | Zig:21   | Identified the ring "Robevogi" {Wiz rF+ SInv}
 59092 | Zig:21   | Identified the +6 dagger of the Fox {pain, rPois rCorr
                  | Dex-3}
 59113 | Zig:21   | Identified the +7 great sword of the Pit {drain, Fragile
                  | rPois Int+3 Dex+3}
 59172 | Zig:22   | Entered Level 22 of a ziggurat
 59191 | Zig:22   | Reached skill level 15 in Dodging
 59225 | Zig:22   | Identified the +6 falchion of Sagomid {freeze, rPois rF+
                  | SInv}
 59226 | Zig:22   | Identified the +0 ring mail of the Silversmith {Harm}
 59228 | Zig:22   | Identified the +3 robe of Card Tricks {+Inv Regen+ Int+5}
 59234 | Zig:22   | Identified the +8 shortbow of the Special Spines
                  | {antimagic, rN+}
 59301 | Zig:23   | Entered Level 23 of a ziggurat
 59312 | Zig:23   | Noticed a royal mummy
 59313 | Zig:23   | Noticed a royal mummy
 59315 | Zig:23   | Noticed a royal mummy
 59316 | Zig:23   | Killed a royal mummy
 59316 | Zig:23   | Noticed a royal mummy
 59318 | Zig:23   | Noticed a royal mummy
 59318 | Zig:23   | Noticed a royal mummy
 59318 | Zig:23   | Noticed a royal mummy
 59318 | Zig:23   | Killed a royal mummy
 59318 | Zig:23   | Noticed a royal mummy
 59319 | Zig:23   | Killed a royal mummy
 59320 | Zig:23   | Killed a royal mummy
 59320 | Zig:23   | Killed a royal mummy
 59320 | Zig:23   | Noticed a royal mummy
 59321 | Zig:23   | Killed a royal mummy
 59321 | Zig:23   | Killed a royal mummy
 59321 | Zig:23   | Killed a royal mummy
 59321 | Zig:23   | Noticed a royal mummy
 59321 | Zig:23   | Noticed a royal mummy
 59321 | Zig:23   | Noticed a royal mummy
 59321 | Zig:23   | Noticed a royal mummy
 59323 | Zig:23   | Killed a royal mummy
 59323 | Zig:23   | Killed a royal mummy
 59323 | Zig:23   | Killed a royal mummy
 59323 | Zig:23   | Killed a royal mummy
 59324 | Zig:23   | Killed a royal mummy
 59325 | Zig:23   | Noticed an ancient lich
 59326 | Zig:23   | Noticed a royal mummy
 59326 | Zig:23   | Noticed a royal mummy
 59328 | Zig:23   | Killed an ancient lich
 59328 | Zig:23   | Killed a royal mummy
 59330 | Zig:23   | Killed a royal mummy
 59330 | Zig:23   | Noticed a royal mummy
 59331 | Zig:23   | Noticed a royal mummy
 59331 | Zig:23   | Noticed a royal mummy
 59333 | Zig:23   | Killed a royal mummy
 59333 | Zig:23   | Killed a royal mummy
 59333 | Zig:23   | Noticed a royal mummy
 59334 | Zig:23   | Killed a royal mummy
 59341 | Zig:23   | Killed a royal mummy
 59367 | Zig:23   | Identified the ring "Fiocep" {*Corrode Fly MP+9 Str+5
                  | Slay+4}
 59372 | Zig:23   | Identified the ring of Azihul {Fly Will+ Int+2}
 59386 | Zig:23   | Identified the ring "Imiarouc" {rF+ SInv}
 59401 | Zig:23   | Identified the +5 plate armour of Solout {-Cast rElec Str+3
                  | Dex+5}
 59413 | Zig:23   | Identified the +7 hand axe of a Million Dreams {flame, rF+}
 59474 | Zig:24   | Entered Level 24 of a ziggurat
 59503 | Zig:24   | Noticed an ancient lich
 59504 | Zig:24   | Killed an ancient lich
 59561 | Zig:24   | Identified the +1 eveningstar of Valiance {drain, rPois
                  | Int+4}
 59565 | Zig:24   | Identified the ring "Anun" {Drain rC++ Int+3 Slay+2 SInv}
 59571 | Zig:24   | Identified the ring of Royalty {Will+ Str+3}
 59583 | Zig:24   | Identified the +6 scimitar "Leored" {vamp, rF+ Int+5}
 59655 | Zig:25   | Entered Level 25 of a ziggurat
 59730 | Zig:25   | Noticed Caegela the pandemonium lord
 59733 | Zig:25   | Killed Caegela the pandemonium lord
 59851 | Zig:25   | Found the +27 heavy crossbow "Sniper" {heavy, Acc+∞ SInv}
 59865 | Zig:25   | Identified the amulet of Yqantuus {Faith Int+4}
 59877 | Zig:25   | Identified the +3 flail of Fee Simple {pain, rC- rN+ Will+
                  | Str+3}
 59879 | Zig:25   | Identified the +7 short sword of Tuxih {venom, rN+}
 59881 | Zig:25   | Identified the ring "Puozaeme" {+Blink rPois rC+ rCorr
                  | Dex-4}
 60010 | Zig:26   | Entered Level 26 of a ziggurat
 60031 | Zig:26   | Noticed a juggernaut
 60033 | Zig:26   | Noticed a juggernaut
 60033 | Zig:26   | Noticed a juggernaut
 60035 | Zig:26   | Killed a juggernaut
 60035 | Zig:26   | Killed a juggernaut
 60035 | Zig:26   | Killed a juggernaut
 60038 | Zig:26   | Noticed a juggernaut
 60041 | Zig:26   | Found the +13 scythe of Curses {drain, curses, Drain}
 60042 | Zig:26   | Killed a juggernaut
 60055 | Zig:26   | Identified the +11 sling "Ezaocri" {elec, MP+9 Int+6}
 60056 | Zig:26   | Identified the +7 scimitar of Luamecua {heavy, Fly rElec
                  | MP-9 Str+5}
 60057 | Zig:26   | Identified the +7 spear of Foolhardiness {holy, rC+ Will+
                  | Str+3 Int+3}
 60059 | Zig:26   | Got the Annotations on the Polluted Glacier
 60061 | Zig:26   | Identified the ring of Afyaraor {*Slow rCorr Str+10 Dex+6
                  | Stlth-}
 60062 | Zig:26   | Identified the +12 glaive of Arbitration {flame, rPois
                  | Dex+4}
 60068 | Zig:26   | Identified the +5 plate armour of Turemo {Will++ Regen+
                  | rCorr Str-3}
 60073 | Zig:26   | Identified the +5 flail of Expedience {protect, rF+ rN++}
 60078 | Zig:26   | Identified the +10 flail of Kudeptaruo {speed, *Corrode
                  | rElec rF+++ Dex+2}
 60079 | Zig:26   | Identified the +0 pair of boots of the Valley of Death
                  | {Rampage rElec}
 60080 | Zig:26   | Identified the +1 plate armour of Koug {rC+ Will+ Regen+
                  | Str-3}
 60219 | Zig:27   | Entered Level 27 of a ziggurat
 60248 | Zig:27   | Reached skill level 27 in Dodging
 60346 | Zig:27   | Identified the amulet of Bimepoag {RegenMP rN+}
 60365 | Zig:27   | Identified the ring of Kirong {Fly rElec rC- rN+ SInv}
 60385 | Zig:27   | Identified the +2 pair of boots "Qefoevog" {+Inv rF+ Str-5
                  | Stlth+}
 60510 | Depths:1 | Upgraded the game from 0.30-a0-883-g5ad918d77d to
                  | 0.30-a0-897-ga2f19c967e
 60523 | Depths:1 | Acquired the +8 orange crystal plate armour {Archmagi,
                  | Int+3 Clar}
 60523 | Depths:1 | Found the +8 orange crystal plate armour {Archmagi, Int+3
                  | Clar}
 60524 | Depths:1 | Acquired 853 gold pieces
 60525 | Depths:1 | Acquired the amulet "Riohov" {Reflect rF++ rC- Slay+2 SH+5}
 60526 | Depths:1 | Acquired a manual of Throwing
 60530 | Depths:1 | Acquired a manual of Translocations
 60531 | Depths:1 | Acquired a manual of Hexes
 60532 | Depths:1 | Acquired the amulet of Volelawnui {Regen+ MP+9 Int+4}
 60659 | D:15     | Fell from the grace of Vehumet
 60659 | D:15     | Became a worshipper of Gozag Ym Sagoz the Greedy
 60748 | Zig:1    | Entered Level 1 of a ziggurat
 60748 | Zig:1    | Noticed Ulaefeap the pandemonium lord
 60750 | Zig:1    | Killed Ulaefeap the pandemonium lord
 60778 | Zig:2    | Entered Level 2 of a ziggurat
 60809 | Zig:3    | Entered Level 3 of a ziggurat
 60861 | Zig:4    | Entered Level 4 of a ziggurat
 60867 | Zig:4    | Noticed Nuytrak the pandemonium lord
 60872 | Zig:4    | Killed Nuytrak the pandemonium lord
 60914 | Zig:5    | Entered Level 5 of a ziggurat
 60917 | Zig:5    | Noticed a dread lich
 60918 | Zig:5    | Noticed a dread lich
 60919 | Zig:5    | Killed a dread lich
 60919 | Zig:5    | Killed a dread lich
 60920 | Zig:5    | Reached skill level 27 in Necromancy
 60971 | Zig:6    | Entered Level 6 of a ziggurat
 61029 | Zig:6    | Identified the +0 plate armour "Ogiutz" {Int+3}
 61052 | Zig:7    | Entered Level 7 of a ziggurat
 61112 | Zig:7    | Identified the +8 falchion of the Ancient People {freeze,
                  | *Rage rCorr Str-5 Dex+9}
 61113 | Zig:7    | Identified the ring of Moquu {Fly rCorr MP-9 Str+6 Int+5
                  | SInv}
 61116 | Zig:7    | Identified the ring of Toenof {Ice rElec rN+}
 61144 | Zig:8    | Entered Level 8 of a ziggurat
 61148 | Zig:8    | Noticed Felor the pandemonium lord
 61148 | Zig:8    | Noticed Zeoko the pandemonium lord
 61148 | Zig:8    | Noticed Fusatum the pandemonium lord
 61150 | Zig:8    | Killed Fusatum the pandemonium lord
 61150 | Zig:8    | Killed Zeoko the pandemonium lord
 61150 | Zig:8    | Noticed Toops the pandemonium lord
 61151 | Zig:8    | Noticed Paujese the pandemonium lord
 61152 | Zig:8    | Killed Felor the pandemonium lord
 61152 | Zig:8    | Killed Toops the pandemonium lord
 61155 | Zig:8    | Killed Paujese the pandemonium lord
 61209 | Zig:8    | Identified the ring "Ohuob" {rF+ Str+5}
 61212 | Zig:8    | Identified the +3 dire flail of the Ageless Hosts {vamp,
                  | rCorr Int+3 Dex+4}
 61247 | Zig:9    | Entered Level 9 of a ziggurat
 61356 | Zig:10   | Entered Level 10 of a ziggurat
 61367 | Zig:10   | Noticed an ancient lich
 61370 | Zig:10   | Killed an ancient lich
 61431 | Zig:10   | Identified the +6 mace of Harmony {distort, rF+ Str+3 Int-3
                  | Stlth+}
 61473 | Zig:11   | Entered Level 11 of a ziggurat
 61481 | Zig:11   | Identified the +1 tower shield of Follow the Leader {rN+}
 61484 | Zig:11   | Noticed a dread lich
 61491 | Zig:11   | Killed a dread lich
 61506 | Zig:11   | Found the +0 staff of Battle
 61543 | Zig:11   | Identified the +3 flail of the Scroll {holy, SInv}
 61545 | Zig:11   | Identified the +10 morningstar "Gikix" {venom, rElec rF+
                  | Dex+4}
 61602 | Zig:12   | Entered Level 12 of a ziggurat
 61634 | Zig:12   | Found the ring of Shadows {Umbra +Inv Stlth+}
 61697 | Zig:12   | Identified the +8 chain mail "Aceohemp" {+Blink rN+ Regen+
                  | Str-3}
 61703 | Zig:12   | Identified the +1 leather armour of Ru's Vengeance {Str+2
                  | Dex+3 SInv}
 61705 | Zig:12   | Identified the +6 arbalest of Ysi Sapa {freeze, rPois rF-
                  | rC+ Int+5}
 61713 | Zig:12   | Identified the ring "Botixu Ycke" {rC+ MP+9 Int+2 Stlth+}
 61741 | Zig:13   | Entered Level 13 of a ziggurat
 61751 | Zig:13   | Noticed a juggernaut
 61751 | Zig:13   | Noticed a juggernaut
 61752 | Zig:13   | Noticed a juggernaut
 61752 | Zig:13   | Noticed a juggernaut
 61752 | Zig:13   | Noticed a juggernaut
 61753 | Zig:13   | Noticed a juggernaut
 61754 | Zig:13   | Killed a juggernaut
 61754 | Zig:13   | Killed a juggernaut
 61754 | Zig:13   | Killed a juggernaut
 61754 | Zig:13   | Killed a juggernaut
 61755 | Zig:13   | Noticed a juggernaut
 61755 | Zig:13   | Killed a juggernaut
 61756 | Zig:13   | Killed a juggernaut
 61757 | Zig:13   | Killed a juggernaut
 61808 | Zig:13   | Identified the +5 war axe "Impslayer" {heavy, +Blink rElec
                  | Str-4 SInv}
 61901 | Zig:14   | Entered Level 14 of a ziggurat
 61915 | Zig:14   | Noticed Cyasch the pandemonium lord
 61919 | Zig:14   | Killed Cyasch the pandemonium lord
 62059 | Zig:14   | Identified the +5 broad axe of Incongruity {flame, Int+4}
 62068 | Zig:14   | Identified the +5 morningstar "Nitas" {pain, Int+3}
 62077 | Zig:14   | Identified the +3 longbow "Lazejer" {flame, Dex+3}
 62098 | Zig:15   | Entered Level 15 of a ziggurat
 62455 | Zig:15   | Reached skill level 27 in Earth Magic
 62551 | Zig:15   | Identified the +8 spear of Exoneration {elec, *Slow Dex+7}
 62607 | Zig:16   | Entered Level 16 of a ziggurat
 62720 | Zig:16   | Identified the +4 battleaxe of the Cup {heavy, rElec Will++
                  | Str+4}
 62727 | Zig:16   | Identified the +5 scimitar of Melee {venom, rF+ rN+ rCorr
                  | Stlth+}
 62730 | Zig:16   | Identified the +5 morningstar "Famun" {vamp, rElec Will+
                  | Stlth-}
 62731 | Zig:16   | Identified the ring "Imamm" {Wiz rC- Int+2 Dex+3}
 62795 | Zig:17   | Entered Level 17 of a ziggurat
 62854 | Zig:17   | Identified the +9 short sword "Jod Abbanix" {venom, rElec
                  | rPois rF+ rC-}
 63082 | Zig:18   | Entered Level 18 of a ziggurat
 63262 | Zig:18   | Identified the +1 short sword of Feen {freeze, *Rage rPois
                  | rN+++ Stlth+}
 63267 | Zig:18   | Identified the +0 chain mail of Devotion {rCorr MP+9 Dex-3
                  | Stlth+}
 63274 | Zig:18   | Identified the +3 shortbow of Misery {heavy, rElec rC-
                  | Will+ Int+3}
 63336 | Zig:19   | Entered Level 19 of a ziggurat
 63587 | Zig:19   | Identified the +7 plate armour of the Invisible Hand
                  | {Slay+2}
 63588 | Zig:19   | Identified the +8 dagger of Blind Justice {flame, Contam
                  | rPois Str+2 Int+4}
 63604 | Zig:19   | Identified the ring of Fanuvvo {rPois Stlth+}
 63644 | Zig:20   | Entered Level 20 of a ziggurat
 63665 | Zig:20   | Reached skill level 27 in Armour
 63718 | Zig:20   | Found the +2 shield of Resistance {rF++ rC++ Will++}
 63798 | Zig:20   | Identified the +6 sling of the Big Bang {drain, rC+ Str+4}
 63901 | Zig:20   | Identified the +11 great sword of Income {heavy, Str+7
                  | Dex-2}
 63903 | Zig:20   | Identified the +5 kite shield "Ginogap" {Contam rElec
                  | Regen+ Int+7}
 63961 | Zig:21   | Entered Level 21 of a ziggurat
 63974 | Zig:21   | Noticed an ancient lich
 63974 | Zig:21   | Noticed a royal mummy
 63975 | Zig:21   | Killed an ancient lich
 63975 | Zig:21   | Noticed a royal mummy
 63976 | Zig:21   | Noticed a royal mummy
 63976 | Zig:21   | Noticed a royal mummy
 63977 | Zig:21   | Killed a royal mummy
 63977 | Zig:21   | Noticed a royal mummy
 63979 | Zig:21   | Killed a royal mummy
 63979 | Zig:21   | Killed a royal mummy
 63979 | Zig:21   | Noticed a royal mummy
 63980 | Zig:21   | Noticed a royal mummy
 63980 | Zig:21   | Noticed a royal mummy
 63980 | Zig:21   | Noticed a royal mummy
 63981 | Zig:21   | Noticed a royal mummy
 63981 | Zig:21   | Killed a royal mummy
 63982 | Zig:21   | Noticed a royal mummy
 63983 | Zig:21   | Killed a royal mummy
 63983 | Zig:21   | Killed a royal mummy
 63983 | Zig:21   | Killed a royal mummy
 63984 | Zig:21   | Killed a royal mummy
 63984 | Zig:21   | Killed a royal mummy
 63984 | Zig:21   | Killed a royal mummy
 63984 | Zig:21   | Killed a royal mummy
 63985 | Zig:21   | Noticed a royal mummy
 63985 | Zig:21   | Noticed a royal mummy
 63987 | Zig:21   | Killed a royal mummy
 63988 | Zig:21   | Killed a royal mummy
 64231 | Zig:21   | Identified the +10 war axe "Gufag" {speed, rF- Int+5 Dex-2}
 64238 | Zig:21   | Identified the +4 shortbow of Rubbish {freeze, Str+3 Int+4}
 64239 | Zig:21   | Identified the +8 quarterstaff "Ofoa" {flame, *Rage rC+
                  | SInv}
 64243 | Zig:21   | Identified the +6 war axe "Loopy" {speed, Will+ rCorr Str-5
                  | Dex+2 SInv}
 64244 | Zig:21   | Identified the +1 robe of the Slug {Str+4}
 64312 | Zig:22   | Entered Level 22 of a ziggurat
 64348 | Zig:22   | Noticed Fimud the pandemonium lord
 64353 | Zig:22   | Killed Fimud the pandemonium lord
 64357 | Zig:22   | Found the +8 lance "Wyrmbane" {slay drac, rPois rF+ rC+
                  | AC+3}
 64389 | Zig:22   | Found the +3 giant club "Skullcrusher" {speed, Str+7}
 64472 | Zig:22   | Identified the +9 demon whip of Barate {elec, rPois Will+
                  | rCorr Dex+3}
 64480 | Zig:22   | Identified the +1 pair of gloves of the Untouchables {rElec
                  | rF+}
 64489 | Zig:22   | Identified the ring "Kymeryet" {+Blink rC+ rN+ Will- Dex+3}
 64492 | Zig:22   | Identified the +0 robe of Poor Excuses {MP+9}
 64510 | Zig:22   | Identified the +1 shortbow of Jyxisoah {drain, rF- rN+++
                  | rCorr Int-4}
 64587 | Zig:23   | Entered Level 23 of a ziggurat
 64610 | Zig:23   | Reached skill level 27 in Evocations
 64663 | Zig:23   | Identified the +4 long sword of Wibagg {heavy, Str+5}
 64666 | Zig:23   | Identified the +7 great mace "Killer Klown's Death" {drain,
                  | rPois}
 64672 | Zig:23   | Identified the +0 scale mail "Haahacw" {Dex+4}
 64677 | Zig:23   | Identified the +7 battleaxe "Faso" {flame, Stlth+}
 64680 | Zig:23   | Identified the +2 broad axe of Past Mistakes {flame, rF-
                  | Str+3 Int+3}
 64681 | Zig:23   | Identified the ring "Riduad Ugorr" {Fire rPois Str+4}
 64688 | Zig:23   | Identified the +3 chain mail of the Furies {MP+9 Dex+3}
 64892 | Zig:24   | Entered Level 24 of a ziggurat
 65025 | Zig:24   | Found the +11 plutonium sword {Contam Stlth-}
 65030 | Zig:24   | Identified the +9 whip of Zulir {spect, Int+3}
 65031 | Zig:24   | Identified the +9 shortbow of Brawling {antimagic, rPois
                  | Int+2}
 65032 | Zig:24   | Identified the +7 trident of Weimos {elec, rF+ Str-2 SInv}
 65041 | Zig:24   | Identified the +1 spear of the Skies Above {venom, Int+5
                  | Dex-4}
 65123 | Zig:24   | Identified the +10 dagger of Ancient Evil {freeze, *Rage
                  | rF+ rN+ Dex+4}
 65130 | Zig:24   | Identified the +2 pair of boots of Broken Taboos {rF+}
 65145 | Zig:24   | Identified the ring "Azooqean" {rN+ Will+ Str+2 Int+3
                  | Dex-5}
 65216 | Zig:25   | Entered Level 25 of a ziggurat
 65233 | Zig:25   | Noticed a juggernaut
 65233 | Zig:25   | Noticed a juggernaut
 65234 | Zig:25   | Noticed a juggernaut
 65236 | Zig:25   | Noticed a juggernaut
 65236 | Zig:25   | Noticed a juggernaut
 65237 | Zig:25   | Killed a juggernaut
 65237 | Zig:25   | Killed a juggernaut
 65237 | Zig:25   | Killed a juggernaut
 65238 | Zig:25   | Killed a juggernaut
 65240 | Zig:25   | Noticed a juggernaut
 65240 | Zig:25   | Killed a juggernaut
 65240 | Zig:25   | Killed a juggernaut
 65281 | Zig:25   | Identified the +5 great sword of the Gnashing Madman
                  | {venom, Str+2 Int+2}
 65285 | Zig:25   | Identified the ring of Kil Vus {*Slow Str+6 Int-5 Dex+8
                  | Stlth+}
 65296 | Zig:25   | Identified the +12 double sword of Fedhas's Castigation
                  | {flame, *Noise rC+ rN+ Will++}
 65304 | Zig:25   | Identified the +6 war axe of Echiwatu {flame, rElec rC+++
                  | rCorr Str-2}
 65725 | Zig:26   | Entered Level 26 of a ziggurat
 65745 | Zig:26   | Noticed an ancient lich
 65746 | Zig:26   | Noticed an ancient lich
 65748 | Zig:26   | Noticed a dread lich
 65749 | Zig:26   | Noticed an ancient lich
 65749 | Zig:26   | Noticed an ancient lich
 65749 | Zig:26   | Noticed a dread lich
 65749 | Zig:26   | Noticed a dread lich
 65750 | Zig:26   | Killed an ancient lich
 65750 | Zig:26   | Killed an ancient lich
 65750 | Zig:26   | Killed an ancient lich
 65750 | Zig:26   | Killed a dread lich
 65751 | Zig:26   | Noticed a dread lich
 65751 | Zig:26   | Killed a dread lich
 65751 | Zig:26   | Killed a dread lich
 65751 | Zig:26   | Killed a dread lich
 65751 | Zig:26   | Noticed a dread lich
 65751 | Zig:26   | Noticed an ancient lich
 65752 | Zig:26   | Noticed a dread lich
 65752 | Zig:26   | Noticed a dread lich
 65752 | Zig:26   | Noticed a dread lich
 65753 | Zig:26   | Noticed a dread lich
 65753 | Zig:26   | Noticed an ancient lich
 65754 | Zig:26   | Killed a dread lich
 65754 | Zig:26   | Killed an ancient lich
 65754 | Zig:26   | Killed an ancient lich
 65755 | Zig:26   | Killed a dread lich
 65755 | Zig:26   | Killed a dread lich
 65755 | Zig:26   | Killed a dread lich
 65755 | Zig:26   | Killed an ancient lich
 65756 | Zig:26   | Reached skill level 27 in Shields
 65756 | Zig:26   | Found the +8 Wrath of Trog {antimagic, *Rage Rampage}
 65757 | Zig:26   | Killed a dread lich
 65961 | Zig:26   | Identified the +7 mace "Lifebane" {drain, rPois rN+ Will+
                  | Dex+3}
 65962 | Zig:26   | Identified the +7 shortbow "Jolota" {heavy, rPois rF+}
 65968 | Zig:26   | Identified the +0 leather armour of Pleasant Breezes
                  | {Slay+2}
 65974 | Zig:26   | Identified the +9 battleaxe "Lesh" {drain, rC+ MP-9 Int+2}
 65975 | Zig:26   | Identified the +3 battleaxe of Beogh's Regard {distort,
                  | *Slow rF+ Str+3}
 65978 | Zig:26   | Identified the ring "Luaqey" {Fly Will++ Int+4}
 66131 | Zig:27   | Entered Level 27 of a ziggurat
 66166 | Zig:27   | Found the ring of the Mage {Wiz Archmagi}
 66264 | Zig:27   | Identified the +5 trident of the Battered Souls {antimagic,
                  | Fly}
 66266 | Zig:27   | Identified the ring of Ilyzaopu {rC+ rN+}
 66305 | Zig:27   | Identified the +7 mace "Lorem Ipsum" {vamp, Will+ Str+3}
 66319 | Zig:27   | Identified the +0 scimitar "Miledoor" {vamp, rN+ Dex+2
                  | Stlth+}
 66454 | Zig:27   | Was forgiven by Vehumet
 66603 | Zig:27   | Identified the +0 cloak of the Depths {Str+4}
 66624 | Depths:1 | Acquired a manual of Summonings
 66642 | Depths:1 | Reached skill level 27 in Fire Magic
 66659 | Depths:1 | Learned a level 9 spell: Polar Vortex
 66694 | Zig:1    | Entered Level 1 of a ziggurat
 66697 | Zig:1    | Reached skill level 1 in Ice Magic
 66727 | Zig:2    | Entered Level 2 of a ziggurat
 66763 | Zig:2    | Lost mutation: Your mind is acute. (Int +4, Str/Dex -1)
                  | [potion of mutation]
 66763 | Zig:2    | Lost mutation: You are vulnerable to cold. (rC-) [potion of
                  | mutation]
 66763 | Zig:2    | Lost mutation: You are agile. (Dex +4, Str/Int -1) [potion
                  | of mutation]
 66763 | Zig:2    | Gained mutation: A frigid envelope surrounds you and
                  | freezes all who hurt you. [potion of mutation]
 66763 | Zig:2    | Gained mutation: Your flesh is cold resistant. (rC+)
                  | [potion of mutation]
 66764 | Zig:2    | Lost mutation: A frigid envelope surrounds you and freezes
                  | all who hurt you. [potion of mutation]
 66764 | Zig:2    | Lost mutation: Your flesh is cold resistant. (rC+) [potion
                  | of mutation]
 66764 | Zig:2    | Gained mutation: You have hidden genetic potential. [potion
                  | of mutation]
 66765 | Zig:2    | Lost mutation: You have hidden genetic potential. [potion
                  | of mutation]
 66765 | Zig:2    | Gained mutation: Your system is resistant to poisons.
                  | (rPois) [potion of mutation]
 66765 | Zig:2    | Gained mutation: Your body sometimes deteriorates upon
                  | taking damage. [potion of mutation]
 66765 | Zig:2    | Gained mutation: You expend magic power (3 MP) to
                  | strengthen your wands. [potion of mutation]
 66766 | Zig:2    | Lost mutation: Your body sometimes deteriorates upon taking
                  | damage. [potion of mutation]
 66766 | Zig:2    | Lost mutation: You expend magic power (3 MP) to strengthen
                  | your wands. [potion of mutation]
 66766 | Zig:2    | Lost mutation: Your system is resistant to poisons. (rPois)
                  | [potion of mutation]
 66766 | Zig:2    | Gained mutation: You occasionally lose the ability to read
                  | scrolls when taking damage. [potion of mutation]
 66766 | Zig:2    | Gained mutation: You are covered in fur. (AC +1) [potion of
                  | mutation]
 66766 | Zig:2    | Gained mutation: You are somewhat resistant to further
                  | mutation. [potion of mutation]
 66767 | Zig:2    | Lost mutation: You are covered in fur. (AC +1) [potion of
                  | mutation]
 66767 | Zig:2    | Lost mutation: You are somewhat resistant to further
                  | mutation. [potion of mutation]
 66767 | Zig:2    | Gained mutation: You are weak. (Str -2) [potion of
                  | mutation]
 66767 | Zig:2    | Gained mutation: You possess an exceptional clarity of
                  | mind. [potion of mutation]
 66767 | Zig:2    | Gained mutation: Your body sometimes deteriorates upon
                  | taking damage. [potion of mutation]
 66768 | Zig:2    | Lost mutation: You possess an exceptional clarity of mind.
                  | [potion of mutation]
 66768 | Zig:2    | Lost mutation: You are weak. (Str -2) [potion of mutation]
 66768 | Zig:2    | Lost mutation: You occasionally lose the ability to read
                  | scrolls when taking damage. [potion of mutation]
 66769 | Zig:2    | Lost mutation: Your body sometimes deteriorates upon taking
                  | damage. [potion of mutation]
 66769 | Zig:2    | Gained mutation: You have a beak for a mouth. [potion of
                  | mutation]
 66769 | Zig:2    | Gained mutation: You are partially covered in large bone
                  | plates. (SH +4) [potion of mutation]
 66770 | Zig:2    | Lost mutation: You have a beak for a mouth. [potion of
                  | mutation]
 66770 | Zig:2    | Lost mutation: You are partially covered in large bone
                  | plates. (SH +4) [potion of mutation]
 66770 | Zig:2    | Gained mutation: Your muscles are strong. (Str +4, Int/Dex
                  | -1) [potion of mutation]
 66776 | Zig:2    | Lost mutation: Your muscles are strong. (Str +4, Int/Dex
                  | -1) [potion of mutation]
 66776 | Zig:2    | Gained mutation: Your movements are slightly less
                  | encumbered by armour. (ER -2) [potion of mutation]
 66776 | Zig:2    | Gained mutation: You are agile. (Dex +4, Str/Int -1)
                  | [potion of mutation]
 66777 | Zig:2    | Lost mutation: Your movements are slightly less encumbered
                  | by armour. (ER -2) [potion of mutation]
 66777 | Zig:2    | Lost mutation: You are agile. (Dex +4, Str/Int -1) [potion
                  | of mutation]
 66777 | Zig:2    | Gained mutation: You are clumsy. (Dex -2) [potion of
                  | mutation]
 66778 | Zig:2    | Lost mutation: You are clumsy. (Dex -2) [potion of
                  | mutation]
 66778 | Zig:2    | Gained mutation: You have large cloven feet. [potion of
                  | mutation]
 66778 | Zig:2    | Gained mutation: You are weak. (Str -2) [potion of
                  | mutation]
 66779 | Zig:2    | Lost mutation: You are weak. (Str -2) [potion of mutation]
 66779 | Zig:2    | Lost mutation: You have large cloven feet. [potion of
                  | mutation]
 66779 | Zig:2    | Gained mutation: Your muscles are strong. (Str +4, Int/Dex
                  | -1) [potion of mutation]
 66779 | Zig:2    | Gained mutation: You are covered in fur. (AC +1) [potion of
                  | mutation]
 66779 | Zig:2    | Gained mutation: You have large cloven feet. [potion of
                  | mutation]
 66780 | Zig:2    | Lost mutation: You have large cloven feet. [potion of
                  | mutation]
 66780 | Zig:2    | Lost mutation: You are covered in fur. (AC +1) [potion of
                  | mutation]
 66780 | Zig:2    | Lost mutation: Your muscles are strong. (Str +4, Int/Dex
                  | -1) [potion of mutation]
 66780 | Zig:2    | Gained mutation: Your spells are a little easier to cast,
                  | but a little less powerful. [potion of mutation]
 66780 | Zig:2    | Gained mutation: Your muscles are strong. (Str +4, Int/Dex
                  | -1) [potion of mutation]
 66781 | Zig:2    | Lost mutation: Your spells are a little easier to cast, but
                  | a little less powerful. [potion of mutation]
 66781 | Zig:2    | Lost mutation: Your muscles are strong. (Str +4, Int/Dex
                  | -1) [potion of mutation]
 66781 | Zig:2    | Gained mutation: You expend magic power (3 MP) to
                  | strengthen your wands. [potion of mutation]
 66781 | Zig:2    | Gained mutation: Your spells are a little harder to cast,
                  | but a little more powerful. [potion of mutation]
 66782 | Zig:2    | Lost mutation: You expend magic power (3 MP) to strengthen
                  | your wands. [potion of mutation]
 66782 | Zig:2    | Lost mutation: Your spells are a little harder to cast, but
                  | a little more powerful. [potion of mutation]
 66782 | Zig:2    | Gained mutation: You have a pair of small antennae on your
                  | head. [potion of mutation]
 66782 | Zig:2    | Gained mutation: Your spells are a little easier to cast,
                  | but a little less powerful. [potion of mutation]
 66783 | Zig:2    | Lost mutation: Your spells are a little easier to cast, but
                  | a little less powerful. [potion of mutation]
 66783 | Zig:2    | Lost mutation: You have a pair of small antennae on your
                  | head. [potion of mutation]
 66783 | Zig:2    | Gained mutation: You possess an exceptional clarity of
                  | mind. [potion of mutation]
 66783 | Zig:2    | Gained mutation: You have very sharp teeth. [potion of
                  | mutation]
 66789 | Zig:2    | Lost mutation: You have very sharp teeth. [potion of
                  | mutation]
 66789 | Zig:2    | Lost mutation: You possess an exceptional clarity of mind.
                  | [potion of mutation]
 66789 | Zig:2    | Gained mutation: Your spells are a little harder to cast,
                  | but a little more powerful. [potion of mutation]
 66789 | Zig:2    | Gained mutation: You are somewhat resistant to further
                  | mutation. [potion of mutation]
 66790 | Zig:2    | Lost mutation: Your spells are a little harder to cast, but
                  | a little more powerful. [potion of mutation]
 66790 | Zig:2    | Lost mutation: You are somewhat resistant to further
                  | mutation. [potion of mutation]
 66790 | Zig:2    | Gained mutation: You have an increased reservoir of magic.
                  | (+10% MP) [potion of mutation]
 66790 | Zig:2    | Gained mutation: You passively map a small area around you.
                  | [potion of mutation]
 66790 | Zig:2    | Gained mutation: Your mind is acute. (Int +4, Str/Dex -1)
                  | [potion of mutation]
 66790 | Zig:2    | Gained mutation: You have sharp fingernails. [potion of
                  | mutation]
 66791 | Zig:2    | Lost mutation: Your mind is acute. (Int +4, Str/Dex -1)
                  | [potion of mutation]
 66791 | Zig:2    | Lost mutation: You have an increased reservoir of magic.
                  | (+10% MP) [potion of mutation]
 66791 | Zig:2    | Lost mutation: You passively map a small area around you.
                  | [potion of mutation]
 66791 | Zig:2    | Gained mutation: You possess an exceptional clarity of
                  | mind. [potion of mutation]
 66791 | Zig:2    | Gained mutation: Your system is resistant to poisons.
                  | (rPois) [potion of mutation]
 66791 | Zig:2    | Gained mutation: Your body sometimes deteriorates upon
                  | taking damage. [potion of mutation]
 66791 | Zig:2    | Gained mutation: Your flesh is heat resistant. (rF+)
                  | [potion of mutation]
 66792 | Zig:2    | Lost mutation: You have sharp fingernails. [potion of
                  | mutation]
 66792 | Zig:2    | Lost mutation: Your body sometimes deteriorates upon taking
                  | damage. [potion of mutation]
 66792 | Zig:2    | Lost mutation: Your system is resistant to poisons. (rPois)
                  | [potion of mutation]
 66792 | Zig:2    | Gained mutation: You are weak. (Str -2) [potion of
                  | mutation]
 66793 | Zig:2    | Lost mutation: You are weak. (Str -2) [potion of mutation]
 66793 | Zig:2    | Lost mutation: You possess an exceptional clarity of mind.
                  | [potion of mutation]
 66793 | Zig:2    | Gained mutation: Your spells are a little easier to cast,
                  | but a little less powerful. [potion of mutation]
 66793 | Zig:2    | Gained mutation: Your mind is acute. (Int +4, Str/Dex -1)
                  | [potion of mutation]
 66794 | Zig:2    | Lost mutation: Your spells are a little easier to cast, but
                  | a little less powerful. [potion of mutation]
 66794 | Zig:2    | Lost mutation: Your mind is acute. (Int +4, Str/Dex -1)
                  | [potion of mutation]
 66794 | Zig:2    | Gained mutation: You occasionally lose the ability to drink
                  | potions when taking damage. [potion of mutation]
 66794 | Zig:2    | Gained mutation: Your system is resistant to poisons.
                  | (rPois) [potion of mutation]
 66795 | Zig:2    | Lost mutation: You occasionally lose the ability to drink
                  | potions when taking damage. [potion of mutation]
 66795 | Zig:2    | Lost mutation: Your system is resistant to poisons. (rPois)
                  | [potion of mutation]
 66795 | Zig:2    | Lost mutation: Your flesh is heat resistant. (rF+) [potion
                  | of mutation]
 66795 | Zig:2    | Gained mutation: Your body sometimes deteriorates upon
                  | taking damage. [potion of mutation]
 66795 | Zig:2    | Gained mutation: You are clumsy. (Dex -2) [potion of
                  | mutation]
 66796 | Zig:2    | Lost mutation: Your body sometimes deteriorates upon taking
                  | damage. [potion of mutation]
 66796 | Zig:2    | Lost mutation: You are clumsy. (Dex -2) [potion of
                  | mutation]
 66796 | Zig:2    | Gained mutation: Your flesh is heat resistant. (rF+)
                  | [potion of mutation]
 66796 | Zig:2    | Gained mutation: Your mind is acute. (Int +4, Str/Dex -1)
                  | [potion of mutation]
 66796 | Zig:2    | Gained mutation: Your system is resistant to poisons.
                  | (rPois) [potion of mutation]
 66797 | Zig:2    | Lost mutation: Your flesh is heat resistant. (rF+) [potion
                  | of mutation]
 66797 | Zig:2    | Lost mutation: Your mind is acute. (Int +4, Str/Dex -1)
                  | [potion of mutation]
 66797 | Zig:2    | Gained mutation: You are agile. (Dex +4, Str/Int -1)
                  | [potion of mutation]
 66798 | Zig:2    | Lost mutation: You are agile. (Dex +4, Str/Int -1) [potion
                  | of mutation]
 66798 | Zig:2    | Lost mutation: Your system is resistant to poisons. (rPois)
                  | [potion of mutation]
 66798 | Zig:2    | Gained mutation: You sometimes lose your temper in combat.
                  | [potion of mutation]
 66798 | Zig:2    | Gained mutation: Your spells are a little harder to cast,
                  | but a little more powerful. [potion of mutation]
 66799 | Zig:2    | Lost mutation: You sometimes lose your temper in combat.
                  | [potion of mutation]
 66799 | Zig:2    | Lost mutation: Your spells are a little harder to cast, but
                  | a little more powerful. [potion of mutation]
 66799 | Zig:2    | Gained mutation: Armour fits poorly on your strangely
                  | shaped body. [potion of mutation]
 66799 | Zig:2    | Gained mutation: You expend magic power (3 MP) to
                  | strengthen your wands. [potion of mutation]
 66800 | Zig:2    | Lost mutation: You expend magic power (3 MP) to strengthen
                  | your wands. [potion of mutation]
 66800 | Zig:2    | Lost mutation: Armour fits poorly on your strangely shaped
                  | body. [potion of mutation]
 66800 | Zig:2    | Gained mutation: You occasionally lose the ability to drink
                  | potions when taking damage. [potion of mutation]
 66800 | Zig:2    | Lost mutation: You occasionally lose the ability to drink
                  | potions when taking damage. [potion of mutation]
 66800 | Zig:2    | Gained mutation: You have an increased reservoir of magic.
                  | (+10% MP) [potion of mutation]
 66801 | Zig:2    | Lost mutation: You have an increased reservoir of magic.
                  | (+10% MP) [potion of mutation]
 66801 | Zig:2    | Gained mutation: You are strong-willed. (Will+) [potion of
                  | mutation]
 66801 | Zig:2    | Gained mutation: Your mind is acute. (Int +4, Str/Dex -1)
                  | [potion of mutation]
 66801 | Zig:2    | Gained mutation: You are agile. (Dex +4, Str/Int -1)
                  | [potion of mutation]
 66802 | Zig:2    | Lost mutation: You are strong-willed. (Will+) [potion of
                  | mutation]
 66802 | Zig:2    | Lost mutation: You are agile. (Dex +4, Str/Int -1) [potion
                  | of mutation]
 66802 | Zig:2    | Gained mutation: Armour fits poorly on your strangely
                  | shaped body. [potion of mutation]
 66803 | Zig:2    | Lost mutation: Armour fits poorly on your strangely shaped
                  | body. [potion of mutation]
 66803 | Zig:2    | Lost mutation: Your mind is acute. (Int +4, Str/Dex -1)
                  | [potion of mutation]
 66803 | Zig:2    | Gained mutation: You occasionally lose the ability to read
                  | scrolls when taking damage. [potion of mutation]
 66804 | Zig:2    | Lost mutation: You occasionally lose the ability to read
                  | scrolls when taking damage. [potion of mutation]
 66804 | Zig:2    | Gained mutation: You occasionally lose the ability to read
                  | scrolls when taking damage. [potion of mutation]
 66804 | Zig:2    | Gained mutation: You have hidden genetic potential. [potion
                  | of mutation]
 66805 | Zig:2    | Lost mutation: You occasionally lose the ability to read
                  | scrolls when taking damage. [potion of mutation]
 66805 | Zig:2    | Lost mutation: You have hidden genetic potential. [potion
                  | of mutation]
 66805 | Zig:2    | Gained mutation: Armour fits poorly on your strangely
                  | shaped body. [potion of mutation]
 66805 | Zig:2    | Gained mutation: You are agile. (Dex +4, Str/Int -1)
                  | [potion of mutation]
 66805 | Zig:2    | Gained mutation: Your mind is acute. (Int +4, Str/Dex -1)
                  | [potion of mutation]
 66806 | Zig:2    | Lost mutation: You are agile. (Dex +4, Str/Int -1) [potion
                  | of mutation]
 66806 | Zig:2    | Lost mutation: Armour fits poorly on your strangely shaped
                  | body. [potion of mutation]
 66806 | Zig:2    | Gained mutation: You expend magic power (3 MP) to
                  | strengthen your wands. [potion of mutation]
 66806 | Zig:2    | Gained mutation: Your magical capacity is low. (-10% MP)
                  | [potion of mutation]
 66806 | Zig:2    | Gained mutation: You are strong-willed. (Will+) [potion of
                  | mutation]
 66807 | Zig:2    | Lost mutation: You are strong-willed. (Will+) [potion of
                  | mutation]
 66807 | Zig:2    | Lost mutation: You expend magic power (3 MP) to strengthen
                  | your wands. [potion of mutation]
 66807 | Zig:2    | Gained mutation: Your muscles are strong. (Str +4, Int/Dex
                  | -1) [potion of mutation]
 66807 | Zig:2    | Gained mutation: You are somewhat resistant to further
                  | mutation. [potion of mutation]
 66807 | Zig:2    | Gained mutation: You are somewhat resistant to both further
                  | mutation and mutation removal. [potion of mutation]
 66808 | Zig:2    | Lost mutation: You are somewhat resistant to both further
                  | mutation and mutation removal. [potion of mutation]
 66808 | Zig:2    | Lost mutation: Your mind is acute. (Int +4, Str/Dex -1)
                  | [potion of mutation]
 66808 | Zig:2    | Lost mutation: You are somewhat resistant to further
                  | mutation. [potion of mutation]
 66808 | Zig:2    | Gained mutation: You have large cloven feet. [potion of
                  | mutation]
 66808 | Zig:2    | Gained mutation: Your muscles are very strong. (Str +8,
                  | Int/Dex -2) [potion of mutation]
 66809 | Zig:2    | Lost mutation: You have large cloven feet. [potion of
                  | mutation]
 66809 | Zig:2    | Lost mutation: Your muscles are very strong. (Str +8,
                  | Int/Dex -2) [potion of mutation]
 66809 | Zig:2    | Gained mutation: You have hidden genetic potential. [potion
                  | of mutation]
 66809 | Zig:2    | Gained mutation: Your flesh is heat resistant. (rF+)
                  | [potion of mutation]
 66809 | Zig:2    | Lost mutation: Your flesh is heat resistant. (rF+) [potion
                  | of mutation]
 66809 | Zig:2    | Gained mutation: You have a pair of small antennae on your
                  | head. [potion of mutation]
 66810 | Zig:2    | Lost mutation: You have hidden genetic potential. [potion
                  | of mutation]
 66810 | Zig:2    | Lost mutation: Your muscles are strong. (Str +4, Int/Dex
                  | -1) [potion of mutation]
 66810 | Zig:2    | Gained mutation: You have a pair of antennae on your head.
                  | [potion of mutation]
 66810 | Zig:2    | Gained mutation: You have hidden genetic potential. [potion
                  | of mutation]
 66810 | Zig:2    | Gained mutation: You passively map a small area around you.
                  | [potion of mutation]
 66810 | Zig:2    | Gained mutation: You have large cloven feet. [potion of
                  | mutation]
 66811 | Zig:2    | Lost mutation: You passively map a small area around you.
                  | [potion of mutation]
 66811 | Zig:2    | Lost mutation: Your magical capacity is low. (-10% MP)
                  | [potion of mutation]
 66811 | Zig:2    | Lost mutation: You have large cloven feet. [potion of
                  | mutation]
 66811 | Zig:2    | Gained mutation: You are weak. (Str -2) [potion of
                  | mutation]
 66812 | Zig:2    | Lost mutation: You have hidden genetic potential. [potion
                  | of mutation]
 66812 | Zig:2    | Lost mutation: You are weak. (Str -2) [potion of mutation]
 66812 | Zig:2    | Lost mutation: You have a pair of antennae on your head.
                  | [potion of mutation]
 66812 | Zig:2    | Gained mutation: You have large cloven feet. [potion of
                  | mutation]
 66812 | Zig:2    | Gained mutation: Potions are less effective at restoring
                  | your health. [potion of mutation]
 66812 | Zig:2    | Gained mutation: Your system is resistant to poisons.
                  | (rPois) [potion of mutation]
 66813 | Zig:2    | Lost mutation: Your system is resistant to poisons. (rPois)
                  | [potion of mutation]
 66813 | Zig:2    | Lost mutation: Potions are less effective at restoring your
                  | health. [potion of mutation]
 66813 | Zig:2    | Lost mutation: You have a pair of small antennae on your
                  | head. [potion of mutation]
 66813 | Zig:2    | Gained mutation: A frigid envelope surrounds you and
                  | freezes all who hurt you. [potion of mutation]
 66813 | Zig:2    | Gained mutation: You have a pair of small horns on your
                  | head. [potion of mutation]
 66813 | Zig:2    | Gained mutation: You have hidden genetic potential. [potion
                  | of mutation]
 66813 | Zig:2    | Gained mutation: You have a pair of horns on your head.
                  | [potion of mutation]
 66814 | Zig:2    | Lost mutation: You have large cloven feet. [potion of
                  | mutation]
 66814 | Zig:2    | Lost mutation: You have a pair of horns on your head.
                  | [potion of mutation]
 66814 | Zig:2    | Gained mutation: You occasionally shout uncontrollably at
                  | your foes. [potion of mutation]
 66814 | Zig:2    | Gained mutation: Your mind is acute. (Int +4, Str/Dex -1)
                  | [potion of mutation]
 66814 | Zig:2    | Gained mutation: You have a pair of horns on your head.
                  | [potion of mutation]
 66815 | Zig:2    | Lost mutation: You have a pair of horns on your head.
                  | [potion of mutation]
 66815 | Zig:2    | Lost mutation: A frigid envelope surrounds you and freezes
                  | all who hurt you. [potion of mutation]
 66815 | Zig:2    | Lost mutation: You have hidden genetic potential. [potion
                  | of mutation]
 66815 | Zig:2    | Gained mutation: You are weak. (Str -2) [potion of
                  | mutation]
 66816 | Zig:2    | Lost mutation: You have a pair of small horns on your head.
                  | [potion of mutation]
 66816 | Zig:2    | Lost mutation: You are weak. (Str -2) [potion of mutation]
 66816 | Zig:2    | Gained mutation: You passively dampen the noise of your
                  | surroundings. [potion of mutation]
 66816 | Zig:2    | Gained mutation: Potions are less effective at restoring
                  | your health. [potion of mutation]
 66817 | Zig:2    | Lost mutation: You occasionally shout uncontrollably at
                  | your foes. [potion of mutation]
 66817 | Zig:2    | Lost mutation: Potions are less effective at restoring your
                  | health. [potion of mutation]
 66817 | Zig:2    | Gained mutation: You have a pair of small horns on your
                  | head. [potion of mutation]
 66817 | Zig:2    | Gained mutation: You are somewhat resistant to further
                  | mutation. [potion of mutation]
 66818 | Zig:2    | Lost mutation: Your mind is acute. (Int +4, Str/Dex -1)
                  | [potion of mutation]
 66818 | Zig:2    | Lost mutation: You passively dampen the noise of your
                  | surroundings. [potion of mutation]
 66818 | Zig:2    | Lost mutation: You have a pair of small horns on your head.
                  | [potion of mutation]
 66819 | Zig:2    | Lost mutation: You are somewhat resistant to further
                  | mutation. [potion of mutation]
 66819 | Zig:2    | Gained mutation: You are somewhat resistant to further
                  | mutation. [potion of mutation]
 66820 | Zig:2    | Lost mutation: You are somewhat resistant to further
                  | mutation. [potion of mutation]
 66820 | Zig:2    | Gained mutation: You have a somewhat thin skeletal
                  | structure. (Dex +2, Stealth+) [potion of mutation]
 66820 | Zig:2    | Gained mutation: Your flesh is cold resistant. (rC+)
                  | [potion of mutation]
 66821 | Zig:2    | Lost mutation: You have a somewhat thin skeletal structure.
                  | (Dex +2, Stealth+) [potion of mutation]
 66821 | Zig:2    | Lost mutation: Your flesh is cold resistant. (rC+) [potion
                  | of mutation]
 66821 | Zig:2    | Gained mutation: You have a pair of small horns on your
                  | head. [potion of mutation]
 66821 | Zig:2    | Gained mutation: You have supernaturally acute eyesight.
                  | (SInv) [potion of mutation]
 66822 | Zig:2    | Lost mutation: You have supernaturally acute eyesight.
                  | (SInv) [potion of mutation]
 66822 | Zig:2    | Lost mutation: You have a pair of small horns on your head.
                  | [potion of mutation]
 66822 | Zig:2    | Gained mutation: You are weak. (Str -2) [potion of
                  | mutation]
 66823 | Zig:2    | Lost mutation: You are weak. (Str -2) [potion of mutation]
 66823 | Zig:2    | Gained mutation: You have a pair of small horns on your
                  | head. [potion of mutation]
 66823 | Zig:2    | Gained mutation: You passively dampen the noise of your
                  | surroundings. [potion of mutation]
 66823 | Zig:2    | Gained mutation: You are vulnerable to cold. (rC-) [potion
                  | of mutation]
 66824 | Zig:2    | Lost mutation: You passively dampen the noise of your
                  | surroundings. [potion of mutation]
 66824 | Zig:2    | Lost mutation: You have a pair of small horns on your head.
                  | [potion of mutation]
 66824 | Zig:2    | Lost mutation: You are vulnerable to cold. (rC-) [potion of
                  | mutation]
 66824 | Zig:2    | Gained mutation: You are dopey. (Int -2) [potion of
                  | mutation]
 66824 | Zig:2    | Gained mutation: Your muscles are strong. (Str +4, Int/Dex
                  | -1) [potion of mutation]
 66824 | Zig:2    | Gained mutation: Your spells are a little harder to cast,
                  | but a little more powerful. [potion of mutation]
 66824 | Zig:2    | Gained mutation: Your muscles are very strong. (Str +8,
                  | Int/Dex -2) [potion of mutation]
 66825 | Zig:2    | Lost mutation: You are dopey. (Int -2) [potion of mutation]
 66825 | Zig:2    | Lost mutation: Your spells are a little harder to cast, but
                  | a little more powerful. [potion of mutation]
 66825 | Zig:2    | Lost mutation: Your muscles are very strong. (Str +8,
                  | Int/Dex -2) [potion of mutation]
 66825 | Zig:2    | Gained mutation: Armour fits poorly on your strangely
                  | shaped body. [potion of mutation]
 66825 | Zig:2    | Gained mutation: You have a pair of small antennae on your
                  | head. [potion of mutation]
 66826 | Zig:2    | Lost mutation: Your muscles are strong. (Str +4, Int/Dex
                  | -1) [potion of mutation]
 66826 | Zig:2    | Lost mutation: Armour fits poorly on your strangely shaped
                  | body. [potion of mutation]
 66826 | Zig:2    | Lost mutation: You have a pair of small antennae on your
                  | head. [potion of mutation]
 66826 | Zig:2    | Gained mutation: You occasionally lose the ability to drink
                  | potions when taking damage. [potion of mutation]
 66826 | Zig:2    | Gained mutation: You are agile. (Dex +4, Str/Int -1)
                  | [potion of mutation]
 66827 | Zig:2    | Lost mutation: You are agile. (Dex +4, Str/Int -1) [potion
                  | of mutation]
 66827 | Zig:2    | Lost mutation: You occasionally lose the ability to drink
                  | potions when taking damage. [potion of mutation]
 66827 | Zig:2    | Gained mutation: You are weak. (Str -2) [potion of
                  | mutation]
 66828 | Zig:2    | Lost mutation: You are weak. (Str -2) [potion of mutation]
 66828 | Zig:2    | Gained mutation: Your muscles are strong. (Str +4, Int/Dex
                  | -1) [potion of mutation]
 66829 | Zig:2    | Lost mutation: Your muscles are strong. (Str +4, Int/Dex
                  | -1) [potion of mutation]
 66829 | Zig:2    | Gained mutation: You are strong-willed. (Will+) [potion of
                  | mutation]
 66830 | Zig:2    | Lost mutation: You are strong-willed. (Will+) [potion of
                  | mutation]
 66830 | Zig:2    | Gained mutation: You are clumsy. (Dex -2) [potion of
                  | mutation]
 66830 | Zig:2    | Gained mutation: Your spells are a little easier to cast,
                  | but a little less powerful. [potion of mutation]
 66830 | Zig:2    | Gained mutation: You have an increased reservoir of magic.
                  | (+10% MP) [potion of mutation]
 66831 | Zig:2    | Lost mutation: Your spells are a little easier to cast, but
                  | a little less powerful. [potion of mutation]
 66831 | Zig:2    | Lost mutation: You have an increased reservoir of magic.
                  | (+10% MP) [potion of mutation]
 66831 | Zig:2    | Gained mutation: You occasionally lose the ability to drink
                  | potions when taking damage. [potion of mutation]
 66832 | Zig:2    | Lost mutation: You are clumsy. (Dex -2) [potion of
                  | mutation]
 66832 | Zig:2    | Lost mutation: You occasionally lose the ability to drink
                  | potions when taking damage. [potion of mutation]
 66832 | Zig:2    | Gained mutation: You sometimes lose your temper in combat.
                  | [potion of mutation]
 66832 | Zig:2    | Gained mutation: Armour fits poorly on your strangely
                  | shaped body. [potion of mutation]
 66832 | Zig:2    | Gained mutation: You passively dampen the noise of your
                  | surroundings. [potion of mutation]
 66833 | Zig:2    | Lost mutation: Armour fits poorly on your strangely shaped
                  | body. [potion of mutation]
 66833 | Zig:2    | Lost mutation: You sometimes lose your temper in combat.
                  | [potion of mutation]
 66833 | Zig:2    | Gained mutation: You are weak. (Str -2) [potion of
                  | mutation]
 66833 | Zig:2    | Gained mutation: Your spells are a little harder to cast,
                  | but a little more powerful. [potion of mutation]
 66833 | Zig:2    | Gained mutation: You have sharp toenails. [potion of
                  | mutation]
 66834 | Zig:2    | Lost mutation: You passively dampen the noise of your
                  | surroundings. [potion of mutation]
 66834 | Zig:2    | Lost mutation: Your spells are a little harder to cast, but
                  | a little more powerful. [potion of mutation]
 66834 | Zig:2    | Gained mutation: Your movements are slightly less
                  | encumbered by armour. (ER -2) [potion of mutation]
 66834 | Zig:2    | Lost mutation: You are weak. (Str -2) [potion of mutation]
 66834 | Zig:2    | Gained mutation: You passively dampen the noise of your
                  | surroundings. [potion of mutation]
 66835 | Zig:2    | Lost mutation: Your movements are slightly less encumbered
                  | by armour. (ER -2) [potion of mutation]
 66835 | Zig:2    | Lost mutation: You have sharp toenails. [potion of
                  | mutation]
 66835 | Zig:2    | Gained mutation: You expend magic power (3 MP) to
                  | strengthen your wands. [potion of mutation]
 66835 | Zig:2    | Gained mutation: You are partially covered in large bone
                  | plates. (SH +4) [potion of mutation]
 66836 | Zig:2    | Lost mutation: You expend magic power (3 MP) to strengthen
                  | your wands. [potion of mutation]
 66836 | Zig:2    | Lost mutation: You are partially covered in large bone
                  | plates. (SH +4) [potion of mutation]
 66836 | Zig:2    | Lost mutation: You passively dampen the noise of your
                  | surroundings. [potion of mutation]
 66836 | Zig:2    | Gained mutation: You occasionally shout uncontrollably at
                  | your foes. [potion of mutation]
 66836 | Zig:2    | Gained mutation: Your movements are slightly less
                  | encumbered by armour. (ER -2) [potion of mutation]
 66837 | Zig:2    | Lost mutation: You occasionally shout uncontrollably at
                  | your foes. [potion of mutation]
 66837 | Zig:2    | Lost mutation: Your movements are slightly less encumbered
                  | by armour. (ER -2) [potion of mutation]
 66837 | Zig:2    | Gained mutation: You have a pair of small horns on your
                  | head. [potion of mutation]
 66837 | Zig:2    | Gained mutation: You are dopey. (Int -2) [potion of
                  | mutation]
 66837 | Zig:2    | Gained mutation: Your muscles are strong. (Str +4, Int/Dex
                  | -1) [potion of mutation]
 66837 | Zig:2    | Gained mutation: You have hidden genetic potential. [potion
                  | of mutation]
 66838 | Zig:2    | Lost mutation: You have hidden genetic potential. [potion
                  | of mutation]
 66838 | Zig:2    | Lost mutation: Your muscles are strong. (Str +4, Int/Dex
                  | -1) [potion of mutation]
 66838 | Zig:2    | Gained mutation: You are agile. (Dex +4, Str/Int -1)
                  | [potion of mutation]
 66838 | Zig:2    | Gained mutation: Your movements are slightly less
                  | encumbered by armour. (ER -2) [potion of mutation]
 66839 | Zig:2    | Lost mutation: You are agile. (Dex +4, Str/Int -1) [potion
                  | of mutation]
 66839 | Zig:2    | Lost mutation: Your movements are slightly less encumbered
                  | by armour. (ER -2) [potion of mutation]
 66839 | Zig:2    | Gained mutation: You have an increased reservoir of magic.
                  | (+10% MP) [potion of mutation]
 66839 | Zig:2    | Gained mutation: You have sharp toenails. [potion of
                  | mutation]
 66840 | Zig:2    | Lost mutation: You have a pair of small horns on your head.
                  | [potion of mutation]
 66840 | Zig:2    | Lost mutation: You are dopey. (Int -2) [potion of mutation]
 66840 | Zig:2    | Lost mutation: You have an increased reservoir of magic.
                  | (+10% MP) [potion of mutation]
 66840 | Zig:2    | Gained mutation: You possess an exceptional clarity of
                  | mind. [potion of mutation]
 66848 | Zig:3    | Entered Level 3 of a ziggurat
 66850 | Zig:3    | Found the +7 mace of Variability {chaos, chain chaos}
 66917 | Zig:4    | Entered Level 4 of a ziggurat
 66917 | Zig:4    | Noticed a royal mummy
 66917 | Zig:4    | Noticed a royal mummy
 66918 | Zig:4    | Noticed a royal mummy
 66919 | Zig:4    | Noticed a royal mummy
 66920 | Zig:4    | Reached skill level 5 in Ice Magic
 66921 | Zig:4    | Killed a royal mummy
 66921 | Zig:4    | Killed a royal mummy
 66921 | Zig:4    | Killed a royal mummy
 66924 | Zig:4    | Killed a royal mummy
 66970 | Zig:4    | Identified the +5 war axe of Descent {protect, rCorr}
 66987 | Zig:5    | Entered Level 5 of a ziggurat
 67067 | Zig:6    | Entered Level 6 of a ziggurat
 67074 | Zig:6    | Reached skill level 10 in Ice Magic
 67135 | Zig:7    | Entered Level 7 of a ziggurat
 67142 | Zig:7    | Noticed Qeradod the pandemonium lord
 67144 | Zig:7    | Killed Qeradod the pandemonium lord
 67189 | Zig:7    | Identified the +0 scale mail of Disguise {rPois}
 67221 | Zig:8    | Entered Level 8 of a ziggurat
 67324 | Zig:8    | Identified the +1 trident "Ockatib" {holy, Int+2}
 67325 | Zig:8    | Identified the +1 leather armour "Aje Sych" {rF+}
 67352 | Zig:9    | Entered Level 9 of a ziggurat
 67443 | Zig:9    | Identified the +4 ring mail of Negation {rN+ Dex+4}
 67519 | Zig:10   | Entered Level 10 of a ziggurat
 67524 | Zig:10   | Noticed a dread lich
 67524 | Zig:10   | Noticed a dread lich
 67525 | Zig:10   | Noticed a dread lich
 67525 | Zig:10   | Noticed a dread lich
 67525 | Zig:10   | Noticed a dread lich
 67525 | Zig:10   | Noticed an ancient lich
 67525 | Zig:10   | Noticed a dread lich
 67527 | Zig:10   | Reached skill level 15 in Ice Magic
 67527 | Zig:10   | Killed a dread lich
 67527 | Zig:10   | Killed a dread lich
 67527 | Zig:10   | Killed an ancient lich
 67527 | Zig:10   | Killed a dread lich
 67527 | Zig:10   | Noticed an ancient lich
 67528 | Zig:10   | Killed a dread lich
 67528 | Zig:10   | Killed a dread lich
 67528 | Zig:10   | Killed a dread lich
 67529 | Zig:10   | Noticed an ancient lich
 67529 | Zig:10   | Killed an ancient lich
 67531 | Zig:10   | Killed an ancient lich
 67596 | Zig:10   | Identified the +2 scimitar of Taopn {venom, rElec}
 67610 | Zig:10   | Identified the +10 flail of Fuoxait {pain, rElec rF- Str+3}
 67644 | Zig:11   | Entered Level 11 of a ziggurat
 67652 | Zig:11   | Noticed an ancient lich
 67653 | Zig:11   | Killed an ancient lich
 67658 | Zig:11   | Noticed an ancient lich
 67660 | Zig:11   | Killed an ancient lich
 67806 | Zig:12   | Entered Level 12 of a ziggurat
 67884 | Zig:12   | Identified the +4 morningstar "Sipt" {freeze, rPois Will-
                  | Int+2 SInv}
 67890 | Zig:12   | Identified the +6 chain mail of Claustrophobia {rC+ rCorr
                  | SInv Stlth-}
 67974 | Zig:13   | Entered Level 13 of a ziggurat
 67988 | Zig:13   | Found the amulet of the Four Winds {rN+ Will+++ Clar}
 68030 | Zig:13   | Identified the ring "Kiuff" {Will+ rCorr}
 68213 | Zig:14   | Entered Level 14 of a ziggurat
 68221 | Zig:14   | Noticed a royal mummy
 68223 | Zig:14   | Noticed a royal mummy
 68223 | Zig:14   | Noticed a royal mummy
 68224 | Zig:14   | Killed a royal mummy
 68225 | Zig:14   | Killed a royal mummy
 68225 | Zig:14   | Noticed a royal mummy
 68225 | Zig:14   | Noticed a royal mummy
 68229 | Zig:14   | Killed a royal mummy
 68229 | Zig:14   | Noticed a royal mummy
 68229 | Zig:14   | Noticed a royal mummy
 68229 | Zig:14   | Noticed a royal mummy
 68229 | Zig:14   | Killed a royal mummy
 68230 | Zig:14   | Noticed a royal mummy
 68231 | Zig:14   | Killed a royal mummy
 68232 | Zig:14   | Killed a royal mummy
 68232 | Zig:14   | Noticed a royal mummy
 68233 | Zig:14   | Killed a royal mummy
 68234 | Zig:14   | Killed a royal mummy
 68235 | Zig:14   | Killed a royal mummy
 68236 | Zig:14   | Killed a royal mummy
 68396 | Zig:14   | Identified the +7 trident "Gupy" {venom, +Blink Str+4 Int+3
                  | Dex-5}
 68460 | Zig:15   | Entered Level 15 of a ziggurat
 68701 | Zig:16   | Entered Level 16 of a ziggurat
 68709 | Zig:16   | Noticed an ancient lich
 68710 | Zig:16   | Noticed an ancient lich
 68712 | Zig:16   | Noticed an ancient lich
 68713 | Zig:16   | Killed an ancient lich
 68713 | Zig:16   | Killed an ancient lich
 68714 | Zig:16   | Noticed an ancient lich
 68714 | Zig:16   | Noticed a dread lich
 68714 | Zig:16   | Noticed a dread lich
 68714 | Zig:16   | Noticed a dread lich
 68715 | Zig:16   | Killed an ancient lich
 68716 | Zig:16   | Noticed a dread lich
 68716 | Zig:16   | Noticed an ancient lich
 68716 | Zig:16   | Noticed a dread lich
 68716 | Zig:16   | Noticed an ancient lich
 68716 | Zig:16   | Noticed a dread lich
 68716 | Zig:16   | Noticed a dread lich
 68717 | Zig:16   | Killed a dread lich
 68717 | Zig:16   | Killed a dread lich
 68717 | Zig:16   | Killed an ancient lich
 68717 | Zig:16   | Killed a dread lich
 68718 | Zig:16   | Noticed an ancient lich
 68718 | Zig:16   | Noticed a dread lich
 68718 | Zig:16   | Found the +7 sceptre of Torment {pain, torment}
 68718 | Zig:16   | Killed a dread lich
 68719 | Zig:16   | Killed an ancient lich
 68719 | Zig:16   | Killed a dread lich
 68719 | Zig:16   | Killed a dread lich
 68719 | Zig:16   | Killed a dread lich
 68719 | Zig:16   | Found the +8 autumn katana {manifold assault}
 68720 | Zig:16   | Killed an ancient lich
 68720 | Zig:16   | Killed a dread lich
 68722 | Zig:16   | Killed an ancient lich
 68850 | Zig:16   | Identified the +2 leather armour "Gilejait" {*Corrode +Inv
                  | rElec Regen+}
 68857 | Zig:16   | Identified the +4 spear "Pecef" {freeze, rPois Stlth+}
 68868 | Zig:16   | Identified the +3 sling "Oratitt" {freeze, rN+ Str+3 Int+3}
 68875 | Zig:16   | Identified the +0 scale mail "Ygasyil" {rPois rF+ Dex+4}
 68927 | Zig:17   | Entered Level 17 of a ziggurat
 68936 | Zig:17   | Noticed a dread lich
 68939 | Zig:17   | Killed a dread lich
 68942 | Zig:17   | Reached skill level 27 in Ice Magic
 68987 | Zig:17   | Noticed a dread lich
 68990 | Zig:17   | Killed a dread lich
 69054 | Zig:17   | Found the -2 hat of the Alchemist {rElec rPois rF+ rC+ rN+
                  | Will+ rMut rCorr}
 69166 | Zig:17   | Identified the +5 ring mail "Cogudone" {Dex+3}
 69191 | Zig:17   | Identified the ring "Cokar" {rN+ MP+9 SInv Stlth-}
 69193 | Zig:17   | Identified the +0 war axe "atomjack's Bane" {freeze, Drain
                  | rPois rC+ rN+}
 69226 | Zig:18   | Entered Level 18 of a ziggurat
 69239 | Zig:18   | Noticed an ancient lich
 69240 | Zig:18   | Noticed a dread lich
 69240 | Zig:18   | Noticed an ancient lich
 69240 | Zig:18   | Noticed a dread lich
 69240 | Zig:18   | Noticed an ancient lich
 69241 | Zig:18   | Killed a dread lich
 69242 | Zig:18   | Killed a dread lich
 69242 | Zig:18   | Killed an ancient lich
 69242 | Zig:18   | Killed an ancient lich
 69243 | Zig:18   | Noticed an ancient lich
 69244 | Zig:18   | Killed an ancient lich
 69244 | Zig:18   | Noticed an ancient lich
 69245 | Zig:18   | Killed an ancient lich
 69248 | Zig:18   | Killed an ancient lich
 69250 | Zig:18   | Found the ring of the Octopus King
 69346 | Zig:18   | Identified the +1 cloak "Vadu" {+Blink rCorr MP-9 Dex+4}
 69396 | Zig:18   | Identified the +4 scale mail of the New World {Dex+3}
 69397 | Zig:18   | Identified a ring of the Octopus King {Wiz HP+2 AC+2 EV+2
                  | SH+2}
 69464 | Zig:19   | Entered Level 19 of a ziggurat
 69515 | Zig:19   | Found the +7 great mace "Firestarter" {flame, inner flame,
                  | rFlCloud rF++}
 69530 | Zig:19   | Identified the ring "Zeadezxoclo" {Fire rElec Int+3}
 69539 | Zig:19   | Identified the +2 short sword of the Evil Eye {venom,
                  | *Noise rF+ Str+2}
 69541 | Zig:19   | Identified the +8 battleaxe of Honyts {drain, SInv}
 69565 | Zig:19   | Identified the amulet "Renuk" {Acrobat rN+ Dex+3}
 69761 | Zig:20   | Entered Level 20 of a ziggurat
 69784 | Zig:20   | Reached skill level 27 in Axes
 69788 | Zig:20   | Reached skill level 10 in Stealth
 69915 | Zig:20   | Found the +3 robe of Clouds {*Thunder rCloud rElec}
 69915 | Zig:20   | Found the macabre finger necklace {Finger+ rN+}
 69959 | Zig:20   | Identified the +8 chain mail of Benevolence {Dex+3}
 69989 | Zig:20   | Identified the +2 shortbow of Elulylox {speed, rN++}
 69992 | Zig:20   | Identified the +1 plate armour of Liqicu {rElec MP+9}
 69997 | Zig:20   | Identified the amulet "Jaomul" {Regen+ rCorr Dex+5}
 70008 | Zig:20   | Identified the +3 dagger of Righteous Fury {freeze, rCorr
                  | Int+2}
 70078 | Zig:21   | Entered Level 21 of a ziggurat
 70084 | Zig:21   | Noticed a royal mummy
 70085 | Zig:21   | Noticed a royal mummy
 70085 | Zig:21   | Noticed a royal mummy
 70086 | Zig:21   | Noticed a royal mummy
 70088 | Zig:21   | Killed a royal mummy
 70088 | Zig:21   | Killed a royal mummy
 70088 | Zig:21   | Noticed a royal mummy
 70089 | Zig:21   | Killed a royal mummy
 70090 | Zig:21   | Noticed a royal mummy
 70090 | Zig:21   | Noticed a royal mummy
 70091 | Zig:21   | Killed a royal mummy
 70091 | Zig:21   | Noticed a royal mummy
 70091 | Zig:21   | Noticed a royal mummy
 70092 | Zig:21   | Noticed a royal mummy
 70093 | Zig:21   | Noticed a royal mummy
 70093 | Zig:21   | Noticed a royal mummy
 70094 | Zig:21   | Killed a royal mummy
 70094 | Zig:21   | Killed a royal mummy
 70094 | Zig:21   | Noticed a royal mummy
 70095 | Zig:21   | Reached skill level 15 in Stealth
 70095 | Zig:21   | Killed a royal mummy
 70095 | Zig:21   | Killed a royal mummy
 70096 | Zig:21   | Killed a royal mummy
 70096 | Zig:21   | Noticed a royal mummy
 70097 | Zig:21   | Noticed a royal mummy
 70097 | Zig:21   | Noticed a royal mummy
 70097 | Zig:21   | Noticed a royal mummy
 70098 | Zig:21   | Killed a royal mummy
 70098 | Zig:21   | Killed a royal mummy
 70098 | Zig:21   | Killed a royal mummy
 70098 | Zig:21   | Killed a royal mummy
 70099 | Zig:21   | Noticed a royal mummy
 70100 | Zig:21   | Killed a royal mummy
 70100 | Zig:21   | Killed a royal mummy
 70100 | Zig:21   | Noticed a royal mummy
 70101 | Zig:21   | Killed a royal mummy
 70101 | Zig:21   | Killed a royal mummy
 70101 | Zig:21   | Killed a royal mummy
 70101 | Zig:21   | Noticed a royal mummy
 70101 | Zig:21   | Noticed a royal mummy
 70101 | Zig:21   | Noticed a royal mummy
 70102 | Zig:21   | Noticed a royal mummy
 70103 | Zig:21   | Noticed a royal mummy
 70104 | Zig:21   | Killed a royal mummy
 70104 | Zig:21   | Noticed a royal mummy
 70106 | Zig:21   | Killed a royal mummy
 70106 | Zig:21   | Killed a royal mummy
 70106 | Zig:21   | Killed a royal mummy
 70107 | Zig:21   | Killed a royal mummy
 70108 | Zig:21   | Killed a royal mummy
 70109 | Zig:21   | Killed a royal mummy
 70216 | Zig:21   | Identified the +1 sling "Umoyffof" {flame, rPois Will+++
                  | rCorr Str-4}
 70488 | Zig:22   | Entered Level 22 of a ziggurat
 70631 | Zig:22   | Killed a starcursed mass
 70828 | Zig:22   | Found the +3 pair of gauntlets of War {Slay+5}
 70858 | Zig:22   | Identified the +8 short sword "Macocem" {heavy, Dex+3}
 70873 | Zig:22   | Identified the +0 great sword of Beqenale {speed, rC++}
 70881 | Zig:22   | Identified the ring of Moariuf {rC++ Int+6 SInv Stlth-}
 70882 | Zig:22   | Identified the +1 flail of Toistrapn {flame, rF+ MP+9}
 70957 | Zig:23   | Entered Level 23 of a ziggurat
 71030 | Zig:23   | Identified the +0 robe of Least Resistance {Dex+3}
 71036 | Zig:23   | Identified the +4 whip of Yretum {antimagic, Str+3}
 71040 | Zig:23   | Identified the +8 spear of Noih {holy, +Blink Str+2 SInv}
 71317 | Zig:24   | Entered Level 24 of a ziggurat
 71341 | Zig:24   | Reached skill level 27 in Stealth
 71343 | Zig:24   | Reached skill level 5 in Summonings
 71543 | Zig:24   | Identified the ring "Weusenich" {rN+ Int+3 Dex+6 Stlth+}
 71548 | Zig:24   | Identified the ring of the Charming Gods {rElec rPois rN+
                  | Dex-3}
 71550 | Zig:24   | Identified the +10 long sword "Ewnosano" {holy, Str+3}
 71563 | Zig:24   | Identified the +6 triple sword "Orb Guardian's Regret"
                  | {flame, rPois Will+}
 71566 | Zig:24   | Identified the +9 trident "Saazilint" {flame, rC+ rCorr
                  | Str+4 Int-2}
 71578 | Zig:24   | Identified the +2 flail "Norionyo" {flame, rCorr Dex+4}
 71641 | Zig:25   | Entered Level 25 of a ziggurat
 71656 | Zig:25   | Noticed a juggernaut
 71656 | Zig:25   | Noticed a juggernaut
 71657 | Zig:25   | Noticed a juggernaut
 71658 | Zig:25   | Killed a juggernaut
 71659 | Zig:25   | Reached skill level 15 in Summonings
 71659 | Zig:25   | Noticed a juggernaut
 71659 | Zig:25   | Noticed a juggernaut
 71660 | Zig:25   | Killed a juggernaut
 71661 | Zig:25   | Killed a juggernaut
 71661 | Zig:25   | Noticed a juggernaut
 71661 | Zig:25   | Noticed a juggernaut
 71662 | Zig:25   | Killed a juggernaut
 71662 | Zig:25   | Noticed a juggernaut
 71663 | Zig:25   | Noticed a juggernaut
 71663 | Zig:25   | Noticed a juggernaut
 71663 | Zig:25   | Noticed a juggernaut
 71663 | Zig:25   | Killed a juggernaut
 71663 | Zig:25   | Noticed a juggernaut
 71664 | Zig:25   | Noticed a juggernaut
 71664 | Zig:25   | Noticed a juggernaut
 71664 | Zig:25   | Noticed a juggernaut
 71665 | Zig:25   | Noticed a juggernaut
 71665 | Zig:25   | Noticed a juggernaut
 71665 | Zig:25   | Noticed a juggernaut
 71666 | Zig:25   | Noticed a juggernaut
 71666 | Zig:25   | Killed a juggernaut
 71666 | Zig:25   | Killed a juggernaut
 71666 | Zig:25   | Killed a juggernaut
 71667 | Zig:25   | Killed a juggernaut
 71667 | Zig:25   | Killed a juggernaut
 71667 | Zig:25   | Killed a juggernaut
 71667 | Zig:25   | Killed a juggernaut
 71667 | Zig:25   | Killed a juggernaut
 71667 | Zig:25   | Killed a juggernaut
 71667 | Zig:25   | Killed a juggernaut
 71667 | Zig:25   | Killed a juggernaut
 71667 | Zig:25   | Killed a juggernaut
 71667 | Zig:25   | Killed a juggernaut
 71667 | Zig:25   | Killed a juggernaut
 71709 | Zig:25   | Identified the +6 hand axe "Hydra's Peril" {spect, rF-
                  | Will+ Int+3 Dex+2}
 71733 | Zig:25   | Identified the +3 whip of Juifoxt {heavy, rElec Str+2}
 71735 | Zig:25   | Identified the +1 swamp dragon scales of Pandemonium
                  | {Contam rPois Str+2 Stlth+}
 71743 | Zig:25   | Identified the ring "Vos Wuep" {rCorr Slay+2}
 72066 | Zig:26   | Entered Level 26 of a ziggurat
 72091 | Zig:26   | Noticed a dread lich
 72091 | Zig:26   | Noticed a dread lich
 72091 | Zig:26   | Noticed a dread lich
 72092 | Zig:26   | Noticed a dread lich
 72093 | Zig:26   | Noticed a dread lich
 72094 | Zig:26   | Killed a dread lich
 72094 | Zig:26   | Killed a dread lich
 72094 | Zig:26   | Killed a dread lich
 72094 | Zig:26   | Killed a dread lich
 72095 | Zig:26   | Killed a dread lich
 72096 | Zig:26   | Noticed a dread lich
 72096 | Zig:26   | Noticed a dread lich
 72100 | Zig:26   | Killed a dread lich
 72100 | Zig:26   | Killed a dread lich
 72102 | Zig:26   | Found the ring of the Octopus King
 72357 | Zig:26   | Identified the +4 robe of the Worm {Harm rN+}
 72366 | Zig:26   | Identified the +4 quarterstaff of Defence by Offence {elec,
                  | Fragile rElec Will++ Stlth+}
 72373 | Zig:26   | Identified a ring of the Octopus King {rF+ HP+2 AC+2 EV+2
                  | SH+2}
 72502 | Zig:27   | Entered Level 27 of a ziggurat
 72517 | Zig:27   | Identified the +0 buckler of Gosak {rPois Will- Regen+
                  | Dex+7}
 72529 | Zig:27   | Identified the +0 tower shield of Noughts and Crosses
                  | {Int+5 Dex+3}
 72533 | Zig:27   | Reached skill level 27 in Summonings
 72539 | Zig:27   | Identified the +7 tower shield of Anir Lar {rC+}
 72561 | Zig:27   | Identified the +0 buckler of the Moon {Fly rCorr Int+4
                  | Slay-6}
 72587 | Zig:27   | Found the +3 hat of Pondering {ponderous, Will+ MP+10
                  | Int+5}
 72601 | Zig:27   | Identified the +6 short sword of Grace {drain, rN+ rCorr
                  | Str+5}
 72605 | Zig:27   | Identified the +1 scimitar of the Madman {venom, rPois
                  | Int+2}
 72612 | Zig:27   | Identified the +7 plate armour of Courage {rC++ Will+
                  | Str+3}
 72617 | Zig:27   | Identified the amulet of Piumuf {Acrobat Str+4 Int+3}
 72625 | Zig:27   | Acquired a manual of Throwing
 72631 | Zig:27   | Identified the +9 rapier of Sulphur {pain, Int+2}
 72637 | Zig:27   | Identified the +9 dagger of Nuerithrolo {elec, rElec}
 72644 | Zig:27   | Identified the ring of Hirphem {rPois rC+ Dex+3}
 72950 | Zig:27   | Reached skill level 27 in Throwing
 73012 | Zig:1    | Entered Level 1 of a ziggurat
 73050 | Zig:2    | Entered Level 2 of a ziggurat
 73052 | Zig:2    | Reached skill level 15 in Hexes
 73105 | Zig:3    | Entered Level 3 of a ziggurat
 73156 | Zig:4    | Entered Level 4 of a ziggurat
 73203 | Zig:4    | Identified the +2 bardiche of Disharmony {heavy, Fragile
                  | Will+ rCorr Stlth+}
 73224 | Zig:5    | Entered Level 5 of a ziggurat
 73326 | Zig:6    | Entered Level 6 of a ziggurat
 73326 | Zig:6    | Noticed Myinn the pandemonium lord
 73326 | Zig:6    | Noticed Qaony the pandemonium lord
 73326 | Zig:6    | Noticed Utaguva the pandemonium lord
 73326 | Zig:6    | Noticed Hotitore the pandemonium lord
 73328 | Zig:6    | Killed Hotitore the pandemonium lord
 73329 | Zig:6    | Killed Utaguva the pandemonium lord
 73331 | Zig:6    | Killed Qaony the pandemonium lord
 73332 | Zig:6    | Killed Myinn the pandemonium lord
 73435 | Zig:7    | Entered Level 7 of a ziggurat
 73438 | Zig:7    | Noticed an ancient lich
 73438 | Zig:7    | Noticed a dread lich
 73438 | Zig:7    | Noticed a dread lich
 73438 | Zig:7    | Noticed a dread lich
 73439 | Zig:7    | Noticed a dread lich
 73439 | Zig:7    | Noticed an ancient lich
 73441 | Zig:7    | Killed a dread lich
 73441 | Zig:7    | Killed an ancient lich
 73441 | Zig:7    | Killed a dread lich
 73442 | Zig:7    | Killed a dread lich
 73443 | Zig:7    | Killed a dread lich
 73443 | Zig:7    | Killed an ancient lich
 73475 | Zig:7    | Identified the +0 pair of boots of Hyklawei {Drain Will++}
 73543 | Zig:8    | Entered Level 8 of a ziggurat
 73548 | Zig:8    | Found the +10 tower shield of Ignorance {rN+ Int-4}
 73548 | Zig:8    | Found the +6 lightning scales {swift, rElec}
 73614 | Zig:8    | Identified the +4 whip "Sutair" {venom, +Blink rCorr Str-3
                  | Int+3}
 73616 | Zig:8    | Identified the +1 scale mail "Duwacaw" {rN+ Will+ Dex-2
                  | Slay+3}
 73633 | Zig:8    | Identified the ring "Ilirot" {Will+ Str+3 Int-2}
 73636 | Zig:8    | Identified the +8 glaive of Frustration {freeze, rPois rF+
                  | rC+}
 73674 | Zig:9    | Entered Level 9 of a ziggurat
 73744 | Zig:9    | Identified the +1 leather armour "Ixtic" {rPois}
 73860 | Zig:10   | Entered Level 10 of a ziggurat
 73866 | Zig:10   | Noticed an ancient lich
 73866 | Zig:10   | Noticed a dread lich
 73866 | Zig:10   | Found the dreamshard necklace {*Dream Drain}
 73867 | Zig:10   | Noticed a dread lich
 73871 | Zig:10   | Killed a dread lich
 73872 | Zig:10   | Killed an ancient lich
 73872 | Zig:10   | Killed a dread lich
 73914 | Zig:10   | Identified the +3 morningstar of Conjuring Destruction
                  | {heavy, rC+}
 73918 | Zig:10   | Identified the +0 robe of the Moon {rC+ rCorr Stlth+}
 73965 | Zig:10   | Identified the +2 leather armour of the Land of Plenty
                  | {Will- Int+5 Dex+6}
 73989 | Zig:10   | Identified the ring "Giruhuj" {Will- MP+9 Int+6 SInv}
 74028 | Zig:11   | Entered Level 11 of a ziggurat
 74090 | Zig:11   | Identified the +4 hand crossbow "Vuasuy Uphi" {heavy, Str+2
                  | Dex+2 Stlth+}
 74098 | Zig:11   | Identified the +1 robe of the Monkey {rN++}
 74104 | Zig:11   | Identified the +1 sling of the Coin {heavy, MP+9}
 74113 | Zig:11   | Identified the +6 scimitar "Soozeel" {heavy, Int+2}
 74232 | Zig:12   | Entered Level 12 of a ziggurat
 74236 | Zig:12   | Noticed a royal mummy
 74237 | Zig:12   | Noticed a royal mummy
 74237 | Zig:12   | Noticed a royal mummy
 74237 | Zig:12   | Noticed a royal mummy
 74239 | Zig:12   | Noticed a royal mummy
 74239 | Zig:12   | Killed a royal mummy
 74240 | Zig:12   | Killed a royal mummy
 74240 | Zig:12   | Killed a royal mummy
 74240 | Zig:12   | Killed a royal mummy
 74241 | Zig:12   | Reached skill level 27 in Hexes
 74241 | Zig:12   | Killed a royal mummy
 74242 | Zig:12   | Noticed a royal mummy
 74244 | Zig:12   | Noticed a royal mummy
 74247 | Zig:12   | Killed a royal mummy
 74248 | Zig:12   | Killed a royal mummy
 74519 | Zig:13   | Entered Level 13 of a ziggurat
 74526 | Zig:13   | Reached skill level 10 in Unarmed Combat
 74533 | Zig:13   | Reached skill level 15 in Unarmed Combat
 74601 | Zig:13   | Identified the +2 hand axe of Day {vamp, rElec rCorr}
 74609 | Zig:13   | Identified the +0 double sword "Ypnyeho" {flame, Will+
                  | Str+3 Int+3}
 74740 | Zig:14   | Entered Level 14 of a ziggurat
 74752 | Zig:14   | Found the +3 pair of mountain boots {steadfast, rC+}
 74752 | Zig:14   | Paralysed by an air elemental for 1 turns
 74754 | Zig:14   | Found the ring of the Octopus King
 74754 | Zig:14   | Found the +5 demon whip "Spellbinder" {antimagic, disrupt,
                  | Will+}
 74899 | Zig:14   | Identified the +3 chain mail "Jociwk" {*Slow +Blink Dex+5
                  | SInv}
 74901 | Zig:14   | Identified the ring "Apugo" {rPois Int+6 Slay+3}
 74914 | Zig:14   | Identified a ring of the Octopus King {HP+2 MP+9 AC+2 EV+2
                  | SH+2}
 74963 | Zig:14   | Identified the +3 great sword of Dishonesty {flame, *Rage
                  | rF- rC+ Int+8}
 75044 | Zig:15   | Entered Level 15 of a ziggurat
 75050 | Zig:15   | Noticed a dread lich
 75051 | Zig:15   | Noticed a dread lich
 75053 | Zig:15   | Killed a dread lich
 75053 | Zig:15   | Killed a dread lich
 75055 | Zig:15   | Noticed an ancient lich
 75055 | Zig:15   | Noticed an ancient lich
 75056 | Zig:15   | Noticed a dread lich
 75056 | Zig:15   | Noticed an ancient lich
 75059 | Zig:15   | Killed an ancient lich
 75060 | Zig:15   | Killed an ancient lich
 75060 | Zig:15   | Killed a dread lich
 75060 | Zig:15   | Killed an ancient lich
 75082 | Zig:15   | Identified the +3 trident of Moral Flaws {holy, *Slow Int+4
                  | Dex+6}
 75099 | Zig:15   | Identified the +0 plate armour of Privacy {-Cast +Inv rF+
                  | Dex+2}
 75107 | Zig:15   | Identified the amulet of Fogi {Drain rElec rC+ rN++ Regen+}
 75113 | Zig:15   | Identified the ring "Eniqomuu" {Ice rPois rCorr}
 75132 | Zig:15   | Identified the +1 ring mail of Dyafeh {rC+++ rCorr Str-4
                  | Dex+3}
 75139 | Zig:15   | Identified the +7 falchion "Roc Ufy" {speed, +Blink rC- rN+
                  | MP+9}
 75316 | Zig:16   | Entered Level 16 of a ziggurat
 75330 | Zig:16   | Noticed a dread lich
 75332 | Zig:16   | Killed a dread lich
 75483 | Zig:16   | Identified the amulet of Qulokhluegh {Spirit rPois Int+3
                  | Dex-5}
 75598 | Zig:17   | Entered Level 17 of a ziggurat
 75613 | Zig:17   | Reached skill level 27 in Unarmed Combat
 75615 | Zig:17   | Reached skill level 5 in Translocations
 75666 | Zig:17   | Identified the +1 scale mail of the Harp {-Tele Str+5 Int-4
                  | SInv}
 75673 | Zig:17   | Identified the ring "Zonk" {Will+ Int+2 Dex+6}
 75676 | Zig:17   | Identified the +2 shortbow "Ipusimut" {freeze, rN++}
 75684 | Zig:17   | Identified the +8 trident "Hycof" {speed, Will+ Dex+4}
 75768 | Zig:17   | Identified the +4 ring mail of Tekuison {rPois Will+ Int+2
                  | Slay+3}
 75960 | Zig:18   | Entered Level 18 of a ziggurat
 75976 | Zig:18   | Reached skill level 15 in Translocations
 76180 | Zig:18   | Identified the +1 dagger "Arbiter" {heavy, rElec Dex+5}
 76205 | Zig:18   | Identified the +2 robe "Tidal" {rCorr}
 76218 | Zig:18   | Identified the ring of Voxzu {Fly Int+3}
 76296 | Zig:19   | Entered Level 19 of a ziggurat
 76307 | Zig:19   | Noticed a dread lich
 76308 | Zig:19   | Killed a dread lich
 76366 | Zig:19   | Found the +0 pair of fencer's gloves {Riposte Dex+3}
 76482 | Zig:19   | Identified the +4 halberd of Discord {speed, *Rage rPois
                  | Will+++}
 76491 | Zig:19   | Identified the +4 dagger "Moejoer" {heavy, Will+}
 76495 | Zig:19   | Identified the +6 flail of the Kissing Gods {freeze, rC-
                  | rN+ rCorr}
 76602 | Zig:20   | Entered Level 20 of a ziggurat
 76618 | Zig:20   | Noticed an ancient lich
 76622 | Zig:20   | Killed an ancient lich
 76644 | Zig:20   | Identified the +4 halberd "Widowermaker" {vamp, rCorr}
 76907 | Zig:20   | Identified the +7 trident "Wierr" {heavy, Int+3}
 76919 | Zig:20   | Identified the +2 swamp dragon scales of Impermeability
                  | {rPois rN+ Slay+2}
 77018 | Zig:20   | Identified the +3 broad axe "Sodilomo" {heavy, +Blink
                  | Int+2}
 77028 | Zig:20   | Identified the +2 spear "Defuclev" {heavy, rElec Will+}
 77036 | Zig:20   | Identified the +0 leather armour of the Imp {Will+}
 77129 | Zig:21   | Entered Level 21 of a ziggurat
 77140 | Zig:21   | Noticed a juggernaut
 77140 | Zig:21   | Noticed a juggernaut
 77142 | Zig:21   | Noticed a juggernaut
 77142 | Zig:21   | Noticed a juggernaut
 77144 | Zig:21   | Killed a juggernaut
 77144 | Zig:21   | Killed a juggernaut
 77144 | Zig:21   | Killed a juggernaut
 77144 | Zig:21   | Killed a juggernaut
 77144 | Zig:21   | Noticed a juggernaut
 77147 | Zig:21   | Noticed a juggernaut
 77148 | Zig:21   | Noticed a juggernaut
 77151 | Zig:21   | Killed a juggernaut
 77154 | Zig:21   | Killed a juggernaut
 77156 | Zig:21   | Killed a juggernaut
 77184 | Zig:21   | Reached skill level 27 in Translocations
 77300 | Zig:21   | Identified the ring "Adaacvet" {rElec Dex+3 SInv}
 77303 | Zig:21   | Identified the +1 scale mail of Joy {Int+4 SInv}
 77317 | Zig:21   | Identified the ring of Vasocl Akhomp {+Blink rCorr}
 77324 | Zig:21   | Identified the +5 short sword of the Telling Sybil {pain,
                  | rC+ Int+2 Dex+3}
 77334 | Zig:21   | Identified the +5 pair of boots of Hide-and-Seek {rN++
                  | Regen+ Int+3 Slay+2}
 77671 | Zig:22   | Entered Level 22 of a ziggurat
 77683 | Zig:22   | Noticed an ancient lich
 77684 | Zig:22   | Killed an ancient lich
 77685 | Zig:22   | Noticed a dread lich
 77687 | Zig:22   | Noticed an ancient lich
 77687 | Zig:22   | Noticed a dread lich
 77688 | Zig:22   | Noticed a dread lich
 77688 | Zig:22   | Killed a dread lich
 77689 | Zig:22   | Noticed an ancient lich
 77689 | Zig:22   | Noticed an ancient lich
 77689 | Zig:22   | Noticed an ancient lich
 77689 | Zig:22   | Noticed a dread lich
 77689 | Zig:22   | Noticed a dread lich
 77691 | Zig:22   | Killed an ancient lich
 77691 | Zig:22   | Killed a dread lich
 77691 | Zig:22   | Killed an ancient lich
 77691 | Zig:22   | Killed an ancient lich
 77691 | Zig:22   | Killed a dread lich
 77692 | Zig:22   | Noticed a dread lich
 77692 | Zig:22   | Noticed a dread lich
 77692 | Zig:22   | Noticed an ancient lich
 77692 | Zig:22   | Noticed an ancient lich
 77692 | Zig:22   | Noticed an ancient lich
 77693 | Zig:22   | Found the +8 whip "Snakebite" {venom, curare, rPois}
 77693 | Zig:22   | Killed an ancient lich
 77693 | Zig:22   | Noticed a dread lich
 77694 | Zig:22   | Killed a dread lich
 77694 | Zig:22   | Killed a dread lich
 77695 | Zig:22   | Killed an ancient lich
 77695 | Zig:22   | Killed a dread lich
 77695 | Zig:22   | Killed a dread lich
 77695 | Zig:22   | Killed an ancient lich
 77697 | Zig:22   | Killed an ancient lich
 77698 | Zig:22   | Killed a dread lich
 77912 | Zig:22   | Identified the +0 pair of gloves of Light {Harm rN+}
 77935 | Zig:22   | Identified the +2 plate armour of Grottiness {Dex+5}
 78083 | Zig:23   | Entered Level 23 of a ziggurat
 78092 | Zig:23   | Noticed Naxai the pandemonium lord
 78092 | Zig:23   | Noticed Distoet the pandemonium lord
 78092 | Zig:23   | Noticed Kuzioda the pandemonium lord
 78094 | Zig:23   | Noticed Sunanuf the pandemonium lord
 78096 | Zig:23   | Killed Kuzioda the pandemonium lord
 78096 | Zig:23   | Noticed Jihel the pandemonium lord
 78096 | Zig:23   | Killed Distoet the pandemonium lord
 78097 | Zig:23   | Noticed Kyxeg the pandemonium lord
 78097 | Zig:23   | Noticed Pudarioh the pandemonium lord
 78099 | Zig:23   | Noticed Maachauw the pandemonium lord
 78099 | Zig:23   | Noticed Keuq the pandemonium lord
 78100 | Zig:23   | Killed Jihel the pandemonium lord
 78101 | Zig:23   | Killed Naxai the pandemonium lord
 78103 | Zig:23   | Noticed Reummoaxi the pandemonium lord
 78104 | Zig:23   | Killed Kyxeg the pandemonium lord
 78104 | Zig:23   | Noticed Daigg the pandemonium lord
 78104 | Zig:23   | Noticed Noomyuj the pandemonium lord
 78105 | Zig:23   | Killed Sunanuf the pandemonium lord
 78105 | Zig:23   | Noticed Qiching the pandemonium lord
 78106 | Zig:23   | Killed Reummoaxi the pandemonium lord
 78106 | Zig:23   | Noticed Fyfe the pandemonium lord
 78106 | Zig:23   | Noticed Etrikkim the pandemonium lord
 78107 | Zig:23   | Killed Maachauw the pandemonium lord
 78107 | Zig:23   | Killed Pudarioh the pandemonium lord
 78107 | Zig:23   | Killed Daigg the pandemonium lord
 78108 | Zig:23   | Killed Keuq the pandemonium lord
 78108 | Zig:23   | Noticed Zel Wuamm the pandemonium lord
 78110 | Zig:23   | Noticed Fuamp the pandemonium lord
 78110 | Zig:23   | Killed Qiching the pandemonium lord
 78110 | Zig:23   | Noticed Xaah the pandemonium lord
 78111 | Zig:23   | Killed Fyfe the pandemonium lord
 78111 | Zig:23   | Killed Etrikkim the pandemonium lord
 78112 | Zig:23   | Noticed Dackaoc the pandemonium lord
 78113 | Zig:23   | Noticed Hisohub the pandemonium lord
 78113 | Zig:23   | Noticed Wuskef the pandemonium lord
 78114 | Zig:23   | Killed Zel Wuamm the pandemonium lord
 78115 | Zig:23   | Killed Noomyuj the pandemonium lord
 78115 | Zig:23   | Killed Fuamp the pandemonium lord
 78115 | Zig:23   | Noticed Foymesuu the pandemonium lord
 78115 | Zig:23   | Noticed Uvuf the pandemonium lord
 78116 | Zig:23   | Killed Xaah the pandemonium lord
 78116 | Zig:23   | Killed Dackaoc the pandemonium lord
 78117 | Zig:23   | Noticed Lacwaozi the pandemonium lord
 78117 | Zig:23   | Killed Wuskef the pandemonium lord
 78117 | Zig:23   | Noticed Maos the pandemonium lord
 78117 | Zig:23   | Noticed Oryozim the pandemonium lord
 78117 | Zig:23   | Noticed Tecseog the pandemonium lord
 78118 | Zig:23   | Noticed Gazxyr the pandemonium lord
 78118 | Zig:23   | Noticed Teppoex the pandemonium lord
 78120 | Zig:23   | Killed Uvuf the pandemonium lord
 78120 | Zig:23   | Killed Maos the pandemonium lord
 78120 | Zig:23   | Noticed Reipeghe the pandemonium lord
 78121 | Zig:23   | Noticed Umuustr Fooma the pandemonium lord
 78122 | Zig:23   | Noticed Joroth the pandemonium lord
 78122 | Zig:23   | Killed Foymesuu the pandemonium lord
 78122 | Zig:23   | Killed Hisohub the pandemonium lord
 78122 | Zig:23   | Killed Oryozim the pandemonium lord
 78122 | Zig:23   | Noticed Imeny the pandemonium lord
 78122 | Zig:23   | Noticed Rotamett the pandemonium lord
 78123 | Zig:23   | Killed Joroth the pandemonium lord
 78123 | Zig:23   | Killed Teppoex the pandemonium lord
 78123 | Zig:23   | Noticed Vinoq the pandemonium lord
 78123 | Zig:23   | Killed Lacwaozi the pandemonium lord
 78124 | Zig:23   | Killed Gazxyr the pandemonium lord
 78124 | Zig:23   | Killed Imeny the pandemonium lord
 78124 | Zig:23   | Killed Rotamett the pandemonium lord
 78124 | Zig:23   | Killed Umuustr Fooma the pandemonium lord
 78124 | Zig:23   | Noticed Ugygog the pandemonium lord
 78124 | Zig:23   | Noticed Fohukaidd the pandemonium lord
 78125 | Zig:23   | Killed Tecseog the pandemonium lord
 78125 | Zig:23   | Killed Reipeghe the pandemonium lord
 78125 | Zig:23   | Noticed Xoimirole the pandemonium lord
 78126 | Zig:23   | Killed Fohukaidd the pandemonium lord
 78126 | Zig:23   | Noticed Xoef the pandemonium lord
 78126 | Zig:23   | Noticed Cajipp the pandemonium lord
 78127 | Zig:23   | Killed Ugygog the pandemonium lord
 78127 | Zig:23   | Killed Xoimirole the pandemonium lord
 78127 | Zig:23   | Killed Vinoq the pandemonium lord
 78127 | Zig:23   | Noticed Midaqi Foogu the pandemonium lord
 78128 | Zig:23   | Killed Cajipp the pandemonium lord
 78129 | Zig:23   | Killed Xoef the pandemonium lord
 78129 | Zig:23   | Noticed Zoacreem the pandemonium lord
 78130 | Zig:23   | Killed Midaqi Foogu the pandemonium lord
 78130 | Zig:23   | Noticed Baihozol the pandemonium lord
 78131 | Zig:23   | Noticed Xuozoedgh the pandemonium lord
 78132 | Zig:23   | Killed Zoacreem the pandemonium lord
 78132 | Zig:23   | Killed Baihozol the pandemonium lord
 78132 | Zig:23   | Noticed Liuvvatz the pandemonium lord
 78133 | Zig:23   | Killed Xuozoedgh the pandemonium lord
 78133 | Zig:23   | Noticed Umypraid the pandemonium lord
 78135 | Zig:23   | Noticed Musiyrch the pandemonium lord
 78135 | Zig:23   | Killed Liuvvatz the pandemonium lord
 78135 | Zig:23   | Noticed Eceggap the pandemonium lord
 78136 | Zig:23   | Noticed Umioneid the pandemonium lord
 78137 | Zig:23   | Noticed Jocor the pandemonium lord
 78137 | Zig:23   | Killed Umypraid the pandemonium lord
 78137 | Zig:23   | Killed Eceggap the pandemonium lord
 78137 | Zig:23   | Noticed Qismosat the pandemonium lord
 78138 | Zig:23   | Noticed Ofub the pandemonium lord
 78139 | Zig:23   | Killed Umioneid the pandemonium lord
 78140 | Zig:23   | Noticed Fyfic the pandemonium lord
 78142 | Zig:23   | Killed Ofub the pandemonium lord
 78142 | Zig:23   | Killed Musiyrch the pandemonium lord
 78143 | Zig:23   | Killed Jocor the pandemonium lord
 78145 | Zig:23   | Killed Fyfic the pandemonium lord
 78145 | Zig:23   | Killed Qismosat the pandemonium lord
 78326 | Zig:23   | Identified the quicksilver dragon scales "Oquy" {Drain rN++
                  | Will+ rCorr Int+4}
 78328 | Zig:23   | Identified the ring of the Sparrow {Fly rPois Will++ Slay+4
                  | Stlth-}
 78331 | Zig:23   | Identified the +9 arbalest "Dypliw" {flame, rC+ Str+8}
 78336 | Zig:23   | Identified the +2 ring mail "His Gevo" {Harm rElec rN+
                  | Str+3}
 78344 | Zig:23   | Identified the +4 ring mail of the Will of the Gods
                  | {Rampage rN+}
 78355 | Zig:23   | Identified the +1 quarterstaff of the Vaults {heavy, rF++
                  | rC- rN++}
 78361 | Zig:23   | Identified the +9 flail of Defence by Offence {freeze,
                  | Int+5}
 78482 | Zig:24   | Entered Level 24 of a ziggurat
 78497 | Zig:24   | Noticed Cetzew's ghost (legendary GrEE)
 78497 | Zig:24   | Noticed Ahek's ghost (legendary GnTm)
 78498 | Zig:24   | Noticed Xentuelits's ghost (legendary DsGl)
 78498 | Zig:24   | Noticed Xiorchab's ghost (legendary VSFi)
 78500 | Zig:24   | Killed Cetzew's ghost
 78500 | Zig:24   | Noticed Zorhyraw's ghost (legendary GrEE)
 78500 | Zig:24   | Noticed Ihium's ghost (legendary GrEE)
 78500 | Zig:24   | Noticed Erphurifo's ghost (legendary GnWn)
 78501 | Zig:24   | Noticed Wougrad's ghost (legendary GrEE)
 78502 | Zig:24   | Killed Ahek's ghost
 78502 | Zig:24   | Noticed Cetzew's ghost (legendary GrEE)
 78502 | Zig:24   | Noticed Saonuxt's ghost (legendary DsFi)
 78504 | Zig:24   | Reached skill level 27 in Transmutations
 78504 | Zig:24   | Noticed Saonuxt's ghost (legendary DsFi)
 78504 | Zig:24   | Noticed Zorhyraw's ghost (legendary GrEE)
 78504 | Zig:24   | Noticed Leycex's ghost (legendary GrEE)
 78505 | Zig:24   | Killed Ihium's ghost
 78506 | Zig:24   | Killed Zorhyraw's ghost
 78506 | Zig:24   | Noticed Ifad's ghost (legendary NaSu)
 78506 | Zig:24   | Noticed Leycex's ghost (legendary GrEE)
 78506 | Zig:24   | Noticed Town's ghost (veteran DgFE)
 78507 | Zig:24   | Killed Saonuxt's ghost
 78507 | Zig:24   | Killed Wougrad's ghost
 78507 | Zig:24   | Killed Cetzew's ghost
 78507 | Zig:24   | Killed Saonuxt's ghost
 78507 | Zig:24   | Noticed Ihium's ghost (legendary GrEE)
 78507 | Zig:24   | Noticed Xienem's ghost (legendary GrEE)
 78508 | Zig:24   | Killed Xentuelits's ghost
 78508 | Zig:24   | Killed Leycex's ghost
 78508 | Zig:24   | Killed Erphurifo's ghost
 78509 | Zig:24   | Killed Town's ghost
 78509 | Zig:24   | Killed Leycex's ghost
 78509 | Zig:24   | Noticed Town's ghost (veteran DgFE)
 78509 | Zig:24   | Noticed Town's ghost (veteran DgFE)
 78509 | Zig:24   | Noticed Poybuibi's ghost (veteran MiMo)
 78510 | Zig:24   | Killed Ifad's ghost
 78510 | Zig:24   | Killed Zorhyraw's ghost
 78510 | Zig:24   | Noticed Gishoal's ghost (legendary KoBr)
 78510 | Zig:24   | Noticed Xiorchab's ghost (legendary VSFi)
 78511 | Zig:24   | Noticed Xentuelits's ghost (legendary DsGl)
 78512 | Zig:24   | Killed Town's ghost
 78513 | Zig:24   | Killed Town's ghost
 78513 | Zig:24   | Killed Xiorchab's ghost
 78513 | Zig:24   | Noticed Xiorchab's ghost (legendary VSFi)
 78515 | Zig:24   | Noticed Ifad's ghost (legendary NaSu)
 78515 | Zig:24   | Killed Xiorchab's ghost
 78515 | Zig:24   | Killed Gishoal's ghost
 78516 | Zig:24   | Killed Xentuelits's ghost
 78516 | Zig:24   | Noticed Gishoal's ghost (legendary KoBr)
 78516 | Zig:24   | Noticed Ifad's ghost (legendary NaSu)
 78517 | Zig:24   | Noticed Xentuelits's ghost (legendary DsGl)
 78517 | Zig:24   | Noticed Ahek's ghost (legendary GnTm)
 78517 | Zig:24   | Noticed Xiorchab's ghost (legendary VSFi)
 78517 | Zig:24   | Noticed Xentuelits's ghost (legendary DsGl)
 78517 | Zig:24   | Noticed Leycex's ghost (legendary GrEE)
 78517 | Zig:24   | Noticed Town's ghost (veteran DgFE)
 78517 | Zig:24   | Noticed Poybuibi's ghost (veteran MiMo)
 78517 | Zig:24   | Noticed Erphurifo's ghost (legendary GnWn)
 78517 | Zig:24   | Noticed Gishoal's ghost (legendary KoBr)
 78518 | Zig:24   | Killed Xiorchab's ghost
 78518 | Zig:24   | Killed Ifad's ghost
 78519 | Zig:24   | Noticed Town's ghost (veteran DgFE)
 78519 | Zig:24   | Noticed Ahek's ghost (legendary GnTm)
 78519 | Zig:24   | Noticed wpisznazwe's ghost (legendary DjTm)
 78519 | Zig:24   | Noticed Xiorchab's ghost (legendary VSFi)
 78519 | Zig:24   | Noticed Ahek's ghost (legendary GnTm)
 78519 | Zig:24   | Noticed Town's ghost (veteran DgFE)
 78519 | Zig:24   | Noticed Muffal's ghost (legendary FoFi)
 78519 | Zig:24   | Killed Ihium's ghost
 78519 | Zig:24   | Noticed Wyzxe's ghost (legendary OpFE)
 78520 | Zig:24   | Noticed Leycex's ghost (legendary GrEE)
 78520 | Zig:24   | Killed Poybuibi's ghost
 78521 | Zig:24   | Reached skill level 15 in Ranged Weapons
 78521 | Zig:24   | Killed Ahek's ghost
 78521 | Zig:24   | Killed Gishoal's ghost
 78523 | Zig:24   | Killed Wyzxe's ghost
 78524 | Zig:24   | Killed Gishoal's ghost
 78525 | Zig:24   | Killed Xentuelits's ghost
 78525 | Zig:24   | Killed Xentuelits's ghost
 78525 | Zig:24   | Killed Ifad's ghost
 78525 | Zig:24   | Killed Erphurifo's ghost
 78525 | Zig:24   | Killed Leycex's ghost
 78525 | Zig:24   | Killed Ahek's ghost
 78525 | Zig:24   | Killed Town's ghost
 78525 | Zig:24   | Killed Xienem's ghost
 78525 | Zig:24   | Noticed Xiorchab's ghost (legendary VSFi)
 78525 | Zig:24   | Noticed Ahek's ghost (legendary GnTm)
 78526 | Zig:24   | Killed Poybuibi's ghost
 78526 | Zig:24   | Killed Ahek's ghost
 78526 | Zig:24   | Killed Leycex's ghost
 78526 | Zig:24   | Killed Town's ghost
 78526 | Zig:24   | Killed Muffal's ghost
 78527 | Zig:24   | Noticed Kiciri's ghost (legendary DjCj)
 78528 | Zig:24   | Killed Town's ghost
 78529 | Zig:24   | Killed Ahek's ghost
 78529 | Zig:24   | Killed Xiorchab's ghost
 78529 | Zig:24   | Killed wpisznazwe's ghost
 78530 | Zig:24   | Found the +6 arbalest "Damnation" {damnation}
 78530 | Zig:24   | Noticed Xiorchab's ghost (legendary VSFi)
 78531 | Zig:24   | Killed Xiorchab's ghost
 78532 | Zig:24   | Killed Xiorchab's ghost
 78532 | Zig:24   | Killed Kiciri's ghost
 78533 | Zig:24   | Killed Xiorchab's ghost
 78673 | Zig:24   | Identified the +1 troll leather armour "Ylicar" {Regen+
                  | Str+5}
 78675 | Zig:24   | Identified the amulet of the Devil's Advocate {rN+ Regen+
                  | Int+5}
 78880 | Zig:25   | Entered Level 25 of a ziggurat
 78892 | Zig:25   | Noticed an ancient lich
 78895 | Zig:25   | Killed an ancient lich
 78896 | Zig:25   | Noticed an ancient lich
 78897 | Zig:25   | Noticed an ancient lich
 78897 | Zig:25   | Noticed a dread lich
 78897 | Zig:25   | Noticed a dread lich
 78898 | Zig:25   | Killed a dread lich
 78900 | Zig:25   | Killed an ancient lich
 78900 | Zig:25   | Killed an ancient lich
 78900 | Zig:25   | Noticed a dread lich
 78901 | Zig:25   | Noticed a dread lich
 78901 | Zig:25   | Noticed an ancient lich
 78901 | Zig:25   | Noticed a dread lich
 78902 | Zig:25   | Killed a dread lich
 78903 | Zig:25   | Killed a dread lich
 78903 | Zig:25   | Killed a dread lich
 78903 | Zig:25   | Noticed a dread lich
 78904 | Zig:25   | Noticed an ancient lich
 78904 | Zig:25   | Noticed a dread lich
 78904 | Zig:25   | Noticed an ancient lich
 78904 | Zig:25   | Noticed an ancient lich
 78904 | Zig:25   | Killed an ancient lich
 78905 | Zig:25   | Noticed an ancient lich
 78905 | Zig:25   | Noticed an ancient lich
 78906 | Zig:25   | Noticed an ancient lich
 78906 | Zig:25   | Noticed an ancient lich
 78906 | Zig:25   | Noticed a dread lich
 78906 | Zig:25   | Noticed an ancient lich
 78907 | Zig:25   | Noticed a dread lich
 78907 | Zig:25   | Killed an ancient lich
 78907 | Zig:25   | Killed a dread lich
 78907 | Zig:25   | Killed an ancient lich
 78907 | Zig:25   | Killed an ancient lich
 78907 | Zig:25   | Noticed an ancient lich
 78908 | Zig:25   | Killed a dread lich
 78908 | Zig:25   | Killed a dread lich
 78908 | Zig:25   | Killed an ancient lich
 78908 | Zig:25   | Killed a dread lich
 78908 | Zig:25   | Killed a dread lich
 78909 | Zig:25   | Killed an ancient lich
 78909 | Zig:25   | Killed an ancient lich
 78909 | Zig:25   | Killed an ancient lich
 78909 | Zig:25   | Killed an ancient lich
 78910 | Zig:25   | Noticed an ancient lich
 78911 | Zig:25   | Noticed a dread lich
 78913 | Zig:25   | Killed a dread lich
 78914 | Zig:25   | Killed an ancient lich
 78915 | Zig:25   | Killed an ancient lich
 78972 | Zig:25   | Identified the +7 falchion of Danenefa {spect, Fly rF+++
                  | rCorr Dex-2}
 78975 | Zig:25   | Identified the +6 great mace of Honour {flame, rPois Str+5}
 78979 | Zig:25   | Identified the +7 long sword of Impeachment {drain, rN+}
 78989 | Zig:25   | Identified the +7 demon trident of the Lonely Spines {pain,
                  | Will+ Str+4}
 78990 | Zig:25   | Identified the +2 hat "Paonuodgh" {Harm Str+5}
 79003 | Zig:25   | Identified the +0 scale mail of Daffodils {rElec rN+ Str+4}
 79017 | Zig:25   | Identified the +7 battleaxe "Uqutapsi" {flame, MP+9 Str+4}
 79392 | Zig:26   | Entered Level 26 of a ziggurat
 79418 | Zig:26   | Found the ring of the Octopus King
 79418 | Zig:26   | Found the +3 greatsling "Punk" {acid, rCorr}
 79420 | Zig:26   | Reached skill level 27 in Ranged Weapons
 79420 | Zig:26   | Reached skill level 1 in Long Blades
 79420 | Zig:26   | Reached skill level 1 in Staves
 79420 | Zig:26   | Reached skill level 1 in Invocations
 79421 | Zig:26   | Reached skill level 1 in Poison Magic
 79836 | Zig:26   | Identified a ring of the Octopus King {rCorr HP+2 AC+2 EV+2
                  | SH+2}
 79843 | Zig:26   | Identified the ring "Qecuom" {rPois Str+6 Stlth+}
 80003 | Zig:27   | Entered Level 27 of a ziggurat
 80016 | Zig:27   | Noticed Ifad's ghost (legendary NaSu)
 80016 | Zig:27   | Noticed Xentuelits's ghost (legendary DsGl)
 80016 | Zig:27   | Noticed Xentuelits's ghost (legendary DsGl)
 80016 | Zig:27   | Noticed Muffal's ghost (legendary FoFi)
 80017 | Zig:27   | Noticed Cetzew's ghost (legendary GrEE)
 80017 | Zig:27   | Noticed Xienem's ghost (legendary GrEE)
 80018 | Zig:27   | Noticed Muffal's ghost (legendary FoFi)
 80018 | Zig:27   | Noticed Xentuelits's ghost (legendary DsGl)
 80019 | Zig:27   | Killed Xienem's ghost
 80020 | Zig:27   | Noticed Ahek's ghost (legendary GnTm)
 80020 | Zig:27   | Noticed Muffal's ghost (legendary FoFi)
 80021 | Zig:27   | Killed Cetzew's ghost
 80021 | Zig:27   | Killed Muffal's ghost
 80021 | Zig:27   | Killed Ifad's ghost
 80021 | Zig:27   | Noticed Saonuxt's ghost (legendary DsFi)
 80022 | Zig:27   | Killed Muffal's ghost
 80022 | Zig:27   | Killed Xentuelits's ghost
 80023 | Zig:27   | Reached skill level 5 in Long Blades
 80023 | Zig:27   | Reached skill level 5 in Staves
 80023 | Zig:27   | Reached skill level 5 in Invocations
 80023 | Zig:27   | Noticed Xienem's ghost (legendary GrEE)
 80024 | Zig:27   | Killed Xentuelits's ghost
 80025 | Zig:27   | Killed Xentuelits's ghost
 80026 | Zig:27   | Killed Muffal's ghost
 80026 | Zig:27   | Noticed Wyzxe's ghost (legendary OpFE)
 80026 | Zig:27   | Noticed Wyzxe's ghost (legendary OpFE)
 80026 | Zig:27   | Noticed Ihium's ghost (legendary GrEE)
 80026 | Zig:27   | Noticed Zorhyraw's ghost (legendary GrEE)
 80027 | Zig:27   | Reached skill level 10 in Short Blades
 80027 | Zig:27   | Noticed Ereufydu's ghost (legendary VSGl)
 80027 | Zig:27   | Noticed Muffal's ghost (legendary FoFi)
 80028 | Zig:27   | Killed Saonuxt's ghost
 80028 | Zig:27   | Killed Ahek's ghost
 80029 | Zig:27   | Killed Zorhyraw's ghost
 80029 | Zig:27   | Killed Muffal's ghost
 80029 | Zig:27   | Killed Xienem's ghost
 80029 | Zig:27   | Noticed Gyofeun's ghost (legendary FoFi)
 80029 | Zig:27   | Noticed Saonuxt's ghost (legendary DsFi)
 80030 | Zig:27   | Reached skill level 5 in Poison Magic
 80030 | Zig:27   | Noticed Ihium's ghost (legendary GrEE)
 80030 | Zig:27   | Noticed Saonuxt's ghost (legendary DsFi)
 80030 | Zig:27   | Noticed Poybuibi's ghost (veteran MiMo)
 80030 | Zig:27   | Noticed Leycex's ghost (legendary GrEE)
 80030 | Zig:27   | Noticed Ifad's ghost (legendary NaSu)
 80030 | Zig:27   | Noticed Ahek's ghost (legendary GnTm)
 80031 | Zig:27   | Noticed Ihium's ghost (legendary GrEE)
 80031 | Zig:27   | Noticed Ahek's ghost (legendary GnTm)
 80031 | Zig:27   | Noticed Wyzxe's ghost (legendary OpFE)
 80031 | Zig:27   | Noticed Wougrad's ghost (legendary GrEE)
 80031 | Zig:27   | Noticed Xentuelits's ghost (legendary DsGl)
 80031 | Zig:27   | Noticed Ifad's ghost (legendary NaSu)
 80031 | Zig:27   | Noticed Xiorchab's ghost (legendary VSFi)
 80031 | Zig:27   | Noticed Wougrad's ghost (legendary GrEE)
 80031 | Zig:27   | Noticed Saonuxt's ghost (legendary DsFi)
 80031 | Zig:27   | Noticed Wougrad's ghost (legendary GrEE)
 80031 | Zig:27   | Noticed Ifad's ghost (legendary NaSu)
 80032 | Zig:27   | Killed Wyzxe's ghost
 80032 | Zig:27   | Killed Ihium's ghost
 80033 | Zig:27   | Killed Saonuxt's ghost
 80033 | Zig:27   | Killed Ereufydu's ghost
 80033 | Zig:27   | Killed Wyzxe's ghost
 80033 | Zig:27   | Noticed Ereufydu's ghost (legendary VSGl)
 80033 | Zig:27   | Noticed Ahek's ghost (legendary GnTm)
 80034 | Zig:27   | Noticed Poybuibi's ghost (veteran MiMo)
 80034 | Zig:27   | Killed Ahek's ghost
 80034 | Zig:27   | Killed Saonuxt's ghost
 80034 | Zig:27   | Killed Xiorchab's ghost
 80034 | Zig:27   | Killed Wyzxe's ghost
 80034 | Zig:27   | Killed Wougrad's ghost
 80034 | Zig:27   | Noticed Erphurifo's ghost (legendary GnWn)
 80034 | Zig:27   | Noticed Erphurifo's ghost (legendary GnWn)
 80035 | Zig:27   | Killed Ifad's ghost
 80035 | Zig:27   | Killed Xentuelits's ghost
 80035 | Zig:27   | Killed Ihium's ghost
 80035 | Zig:27   | Killed Ereufydu's ghost
 80035 | Zig:27   | Killed Saonuxt's ghost
 80036 | Zig:27   | Noticed Wougrad's ghost (legendary GrEE)
 80036 | Zig:27   | Killed Poybuibi's ghost
 80036 | Zig:27   | Killed Ahek's ghost
 80036 | Zig:27   | Killed Ifad's ghost
 80036 | Zig:27   | Killed Ifad's ghost
 80036 | Zig:27   | Killed Leycex's ghost
 80036 | Zig:27   | Killed Wougrad's ghost
 80036 | Zig:27   | Killed Wougrad's ghost
 80036 | Zig:27   | Noticed Wougrad's ghost (legendary GrEE)
 80036 | Zig:27   | Noticed Leycex's ghost (legendary GrEE)
 80036 | Zig:27   | Noticed Ereufydu's ghost (legendary VSGl)
 80036 | Zig:27   | Noticed Poybuibi's ghost (veteran MiMo)
 80036 | Zig:27   | Noticed Xiorchab's ghost (legendary VSFi)
 80036 | Zig:27   | Noticed Zorhyraw's ghost (legendary GrEE)
 80036 | Zig:27   | Noticed Wougrad's ghost (legendary GrEE)
 80037 | Zig:27   | Reached skill level 10 in Long Blades
 80037 | Zig:27   | Reached skill level 10 in Staves
 80037 | Zig:27   | Reached skill level 10 in Invocations
 80037 | Zig:27   | Killed Ihium's ghost
 80037 | Zig:27   | Killed Ahek's ghost
 80037 | Zig:27   | Noticed Poybuibi's ghost (veteran MiMo)
 80037 | Zig:27   | Noticed Ihium's ghost (legendary GrEE)
 80037 | Zig:27   | Noticed Gishoal's ghost (legendary KoBr)
 80038 | Zig:27   | Killed Gyofeun's ghost
 80038 | Zig:27   | Killed Poybuibi's ghost
 80039 | Zig:27   | Killed Xiorchab's ghost
 80039 | Zig:27   | Killed Zorhyraw's ghost
 80039 | Zig:27   | Killed Erphurifo's ghost
 80039 | Zig:27   | Noticed Xentuelits's ghost (legendary DsGl)
 80039 | Zig:27   | Noticed Saonuxt's ghost (legendary DsFi)
 80040 | Zig:27   | Killed Erphurifo's ghost
 80040 | Zig:27   | Killed Wougrad's ghost
 80040 | Zig:27   | Killed Wougrad's ghost
 80040 | Zig:27   | Noticed Muffal's ghost (legendary FoFi)
 80041 | Zig:27   | Killed Leycex's ghost
 80041 | Zig:27   | Killed Gishoal's ghost
 80041 | Zig:27   | Killed Ihium's ghost
 80041 | Zig:27   | Killed Ereufydu's ghost
 80042 | Zig:27   | Noticed Ahek's ghost (legendary GnTm)
 80043 | Zig:27   | Killed Poybuibi's ghost
 80043 | Zig:27   | Killed Wougrad's ghost
 80044 | Zig:27   | Noticed Xienem's ghost (legendary GrEE)
 80044 | Zig:27   | Noticed Poybuibi's ghost (veteran MiMo)
 80044 | Zig:27   | Noticed Gishoal's ghost (legendary KoBr)
 80044 | Zig:27   | Noticed Ifad's ghost (legendary NaSu)
 80045 | Zig:27   | Noticed Town's ghost (veteran DgFE)
 80045 | Zig:27   | Noticed Wougrad's ghost (legendary GrEE)
 80046 | Zig:27   | Killed Muffal's ghost
 80046 | Zig:27   | Noticed Poybuibi's ghost (veteran MiMo)
 80048 | Zig:27   | Noticed Xentuelits's ghost (legendary DsGl)
 80050 | Zig:27   | Killed Xentuelits's ghost
 80050 | Zig:27   | Killed Ifad's ghost
 80050 | Zig:27   | Killed Town's ghost
 80050 | Zig:27   | Killed Saonuxt's ghost
 80050 | Zig:27   | Killed Xienem's ghost
 80050 | Zig:27   | Killed Poybuibi's ghost
 80051 | Zig:27   | Reached skill level 15 in Short Blades
 80051 | Zig:27   | Reached skill level 10 in Poison Magic
 80051 | Zig:27   | Killed Ahek's ghost
 80051 | Zig:27   | Killed Gishoal's ghost
 80051 | Zig:27   | Killed Wougrad's ghost
 80052 | Zig:27   | Killed Poybuibi's ghost
 80054 | Zig:27   | Killed Xentuelits's ghost
 80064 | Zig:27   | Killed Poybuibi's ghost
 80132 | Zig:27   | Identified the +0 leather armour "Qiohuatz" {rElec Str+3
                  | Dex-2}
 80134 | Zig:27   | Identified the +9 scimitar of Demand {heavy, Dex+2}
 80140 | Zig:27   | Identified the +6 flail of Verdant Honour {flame, Str+3
                  | Dex+4}
 80145 | Zig:27   | Identified the ring "Allic" {Fly Str+4 Stlth+}
 80424 | Depths:1 | Acquired a manual of Polearms
 80425 | Depths:1 | Acquired a manual of Staves
 80426 | Depths:1 | Acquired a manual of Long Blades
 80427 | Depths:1 | Acquired 746 gold pieces
 80446 | Zig:1    | Entered Level 1 of a ziggurat
 80482 | Zig:2    | Entered Level 2 of a ziggurat
 80483 | Zig:2    | Noticed Wougrad's ghost (legendary GrEE)
 80486 | Zig:2    | Killed Wougrad's ghost
 80529 | Zig:2    | Identified the +0 war axe of Ogiq {vamp, Dex+3}
 80547 | Zig:3    | Entered Level 3 of a ziggurat
 80553 | Zig:3    | Noticed a dread lich
 80554 | Zig:3    | Killed a dread lich
 80554 | Zig:3    | Noticed an ancient lich
 80556 | Zig:3    | Killed an ancient lich
 80614 | Zig:4    | Entered Level 4 of a ziggurat
 80716 | Zig:5    | Entered Level 5 of a ziggurat
 80824 | Zig:6    | Entered Level 6 of a ziggurat
 80827 | Zig:6    | Noticed a dread lich
 80827 | Zig:6    | Noticed an ancient lich
 80827 | Zig:6    | Noticed an ancient lich
 80828 | Zig:6    | Killed a dread lich
 80829 | Zig:6    | Reached skill level 15 in Staves
 80829 | Zig:6    | Reached skill level 15 in Invocations
 80829 | Zig:6    | Killed an ancient lich
 80829 | Zig:6    | Killed an ancient lich
 80830 | Zig:6    | Noticed an ancient lich
 80830 | Zig:6    | Noticed a dread lich
 80831 | Zig:6    | Killed an ancient lich
 80832 | Zig:6    | Killed a dread lich
 80836 | Zig:6    | Reached skill level 15 in Long Blades
 80918 | Zig:7    | Entered Level 7 of a ziggurat
 80957 | Zig:7    | Identified the ring "Mojoxzis" {Fly rN+ Will- EV+5 Dex+4}
 81037 | Zig:8    | Entered Level 8 of a ziggurat
 81132 | Zig:8    | Identified the +1 hand axe "Xeoc" {freeze, rF+ rCorr Int+4
                  | SInv}
 81136 | Zig:8    | Identified the ring of Doubts {Wiz rElec rN+ rCorr Int+4}
 81139 | Zig:8    | Identified the +9 broad axe "Wien" {pain, Str+4 Dex+2}
 81161 | Zig:8    | Identified the +5 flail "Worgh" {freeze, rElec Will+ Str+8
                  | Dex-4}
 81214 | Zig:9    | Entered Level 9 of a ziggurat
 81218 | Zig:9    | Noticed a dread lich
 81218 | Zig:9    | Noticed an ancient lich
 81219 | Zig:9    | Killed a dread lich
 81221 | Zig:9    | Noticed a dread lich
 81221 | Zig:9    | Noticed an ancient lich
 81222 | Zig:9    | Killed an ancient lich
 81224 | Zig:9    | Killed an ancient lich
 81224 | Zig:9    | Killed a dread lich
 81275 | Zig:9    | Identified the +0 leather armour of Zuciz {rC++ Dex-2 SInv}
 81276 | Zig:9    | Identified the +10 rapier of Prudence {drain, Str+5 Int+3}
 81283 | Zig:9    | Identified the ring "Rutulok" {Wiz rElec rPois rF+ Dex-3}
 81373 | Zig:10   | Entered Level 10 of a ziggurat
 81378 | Zig:10   | Noticed a dread lich
 81379 | Zig:10   | Noticed a dread lich
 81379 | Zig:10   | Noticed an ancient lich
 81379 | Zig:10   | Noticed a dread lich
 81380 | Zig:10   | Noticed a dread lich
 81380 | Zig:10   | Noticed an ancient lich
 81380 | Zig:10   | Noticed a dread lich
 81380 | Zig:10   | Noticed a dread lich
 81380 | Zig:10   | Noticed a dread lich
 81381 | Zig:10   | Killed a dread lich
 81382 | Zig:10   | Noticed a dread lich
 81382 | Zig:10   | Noticed a dread lich
 81382 | Zig:10   | Noticed an ancient lich
 81383 | Zig:10   | Killed an ancient lich
 81383 | Zig:10   | Killed a dread lich
 81383 | Zig:10   | Killed a dread lich
 81383 | Zig:10   | Killed an ancient lich
 81383 | Zig:10   | Killed a dread lich
 81383 | Zig:10   | Killed a dread lich
 81383 | Zig:10   | Killed a dread lich
 81383 | Zig:10   | Killed a dread lich
 81385 | Zig:10   | Killed a dread lich
 81385 | Zig:10   | Killed a dread lich
 81385 | Zig:10   | Killed an ancient lich
 81386 | Zig:10   | Reached skill level 15 in Poison Magic
 81545 | Zig:11   | Entered Level 11 of a ziggurat
 81600 | Zig:11   | Identified the +4 war axe of Circularity {flame, rPois rC++
                  | Dex-4}
 81768 | Zig:12   | Entered Level 12 of a ziggurat
 81971 | Zig:12   | Identified the +11 war axe of Change {freeze, rF- rN+++
                  | rCorr}
 81983 | Zig:12   | Identified the +7 shortbow of Demonkind {speed, SInv}
 82030 | Zig:13   | Entered Level 13 of a ziggurat
 82044 | Zig:13   | Found the +5 Lochaber axe {reach-cleave, Poleaxe Drain}
 82154 | Zig:13   | Identified the +8 war axe of Disintegration {flame, Str+3}
 82302 | Zig:14   | Entered Level 14 of a ziggurat
 82315 | Zig:14   | Noticed an ancient lich
 82315 | Zig:14   | Noticed an ancient lich
 82315 | Zig:14   | Noticed a dread lich
 82315 | Zig:14   | Noticed a dread lich
 82316 | Zig:14   | Killed an ancient lich
 82316 | Zig:14   | Killed a dread lich
 82316 | Zig:14   | Killed an ancient lich
 82318 | Zig:14   | Noticed a dread lich
 82318 | Zig:14   | Noticed a dread lich
 82319 | Zig:14   | Noticed a dread lich
 82320 | Zig:14   | Noticed a dread lich
 82321 | Zig:14   | Killed a dread lich
 82321 | Zig:14   | Killed a dread lich
 82322 | Zig:14   | Killed a dread lich
 82322 | Zig:14   | Killed a dread lich
 82322 | Zig:14   | Killed a dread lich
 82494 | Zig:14   | Identified the +6 scale mail "Fenaetar" {rC+ Will+ Int+3}
 82504 | Zig:14   | Identified the ring of Vejosagh {Fly rC+ Int-2 Dex+6}
 82509 | Zig:14   | Identified the +7 broad axe "Ycamn" {antimagic, rN+ rCorr
                  | Int+3}
 82511 | Zig:14   | Identified the +8 hand axe of Zedgh {protect, rC++}
 82522 | Zig:14   | Identified the +7 longbow of Flawed Execution {drain, Will+
                  | rCorr}
 82573 | Zig:15   | Entered Level 15 of a ziggurat
 82670 | Zig:15   | Identified the +5 plate armour of Onior {Str+3}
 82682 | Zig:15   | Identified the +9 flail of Joyful Slaughter {speed, rN+
                  | Str+4 Int-4 Dex+3}
 82692 | Zig:15   | Identified the +7 arbalest "Coimirub" {penet, Drain Str+5
                  | SInv}
 82904 | Zig:16   | Entered Level 16 of a ziggurat
 82916 | Zig:16   | Noticed an ancient lich
 82921 | Zig:16   | Killed an ancient lich
 83112 | Zig:16   | Identified the +8 dagger "Arcanum" {elec, rF+}
 83120 | Zig:16   | Identified the amulet of Esino {RegenMP rElec Slay-4 SInv}
 83152 | Zig:16   | Identified the +1 pair of boots of Cheibriados's Grace
                  | {*Corrode Str-3 Dex+7 SInv}
 83154 | Zig:16   | Identified the +2 arbalest of Ihusa {penet, SInv}
 83177 | Zig:17   | Entered Level 17 of a ziggurat
 83186 | Zig:17   | Noticed a dread lich
 83186 | Zig:17   | Noticed an ancient lich
 83186 | Zig:17   | Noticed a dread lich
 83186 | Zig:17   | Noticed a dread lich
 83186 | Zig:17   | Noticed an ancient lich
 83187 | Zig:17   | Noticed an ancient lich
 83187 | Zig:17   | Noticed an ancient lich
 83188 | Zig:17   | Noticed an ancient lich
 83188 | Zig:17   | Killed a dread lich
 83189 | Zig:17   | Killed an ancient lich
 83189 | Zig:17   | Killed an ancient lich
 83190 | Zig:17   | Killed a dread lich
 83190 | Zig:17   | Killed an ancient lich
 83190 | Zig:17   | Killed an ancient lich
 83191 | Zig:17   | Noticed an ancient lich
 83191 | Zig:17   | Killed an ancient lich
 83192 | Zig:17   | Noticed a dread lich
 83192 | Zig:17   | Noticed a dread lich
 83192 | Zig:17   | Noticed a dread lich
 83193 | Zig:17   | Noticed an ancient lich
 83193 | Zig:17   | Noticed a dread lich
 83193 | Zig:17   | Noticed a dread lich
 83194 | Zig:17   | Killed an ancient lich
 83194 | Zig:17   | Killed a dread lich
 83194 | Zig:17   | Killed an ancient lich
 83195 | Zig:17   | Killed a dread lich
 83195 | Zig:17   | Killed a dread lich
 83195 | Zig:17   | Killed a dread lich
 83195 | Zig:17   | Killed a dread lich
 83196 | Zig:17   | Killed a dread lich
 83196 | Zig:17   | Noticed a dread lich
 83198 | Zig:17   | Noticed a dread lich
 83200 | Zig:17   | Killed a dread lich
 83200 | Zig:17   | Killed a dread lich
 83201 | Zig:17   | Found the ring of the Octopus King
 83265 | Zig:17   | Identified the +7 arbalest of Nopp {drain, rC- rN+ Int+5}
 83270 | Zig:17   | Identified a ring of the Octopus King {rC+ HP+2 AC+2 EV+2
                  | SH+2}
 83276 | Zig:17   | Identified the amulet of the Distant Future {RegenMP rC+
                  | rCorr}
 83287 | Zig:17   | Identified the ring of Desertification {rElec rF+ rN+}
 83467 | Zig:18   | Entered Level 18 of a ziggurat
 83480 | Zig:18   | Identified the +0 tower shield "Varesaj" {Contam rF++ Str-2
                  | Int+8}
 83486 | Zig:18   | Identified the +1 tower shield of Jigsaw {Fly Slay+3}
 83499 | Zig:18   | Identified the +2 tower shield of Vehig Saxuc {Will+ Regen+
                  | Int+3}
 83510 | Zig:18   | Reached skill level 27 in Invocations
 83622 | Zig:18   | Found the ring of the Octopus King
 83681 | Zig:18   | Identified the +1 robe of Mutualism {Str+5}
 83684 | Zig:18   | Identified the ring "Necor" {rPois rC+ Int-5 Dex+3}
 83696 | Zig:18   | Identified the +2 scimitar of Disorder {venom, Dex+2}
 83705 | Zig:18   | Identified the +7 great sword of Honour {flame, Str+2 Dex+6
                  | SInv Stlth-}
 83722 | Zig:18   | Identified a ring of the Octopus King {rN+ HP+2 AC+2 EV+2
                  | SH+2}
 83798 | Zig:19   | Entered Level 19 of a ziggurat
 83823 | Zig:19   | Found the +11 Singing Sword {sonic wave}
 83877 | Zig:19   | Identified the +8 chain mail of Esu Rem {rPois Dex+3}
 83880 | Zig:19   | Identified the amulet of Henotheism {Spirit rElec rF+
                  | Slay+3 Stlth+}
 83891 | Zig:19   | Identified the +4 dagger "Concordance" {freeze, rF++ rN+}
 83901 | Zig:19   | Identified the +4 flail of Destiny {venom, rPois rC+ Str+2}
 83905 | Zig:19   | Identified the ring "Fuij" {rPois rC+ Will+ Int+3 Stlth+}
 84119 | Zig:20   | Entered Level 20 of a ziggurat
 84131 | Zig:20   | Noticed an ancient lich
 84131 | Zig:20   | Noticed a dread lich
 84132 | Zig:20   | Noticed an ancient lich
 84132 | Zig:20   | Noticed an ancient lich
 84133 | Zig:20   | Killed an ancient lich
 84134 | Zig:20   | Killed an ancient lich
 84134 | Zig:20   | Killed an ancient lich
 84134 | Zig:20   | Noticed an ancient lich
 84135 | Zig:20   | Killed a dread lich
 84136 | Zig:20   | Noticed an ancient lich
 84136 | Zig:20   | Noticed an ancient lich
 84136 | Zig:20   | Noticed an ancient lich
 84137 | Zig:20   | Noticed a dread lich
 84137 | Zig:20   | Noticed a dread lich
 84138 | Zig:20   | Noticed a dread lich
 84138 | Zig:20   | Noticed an ancient lich
 84138 | Zig:20   | Noticed an ancient lich
 84139 | Zig:20   | Noticed a dread lich
 84139 | Zig:20   | Killed an ancient lich
 84139 | Zig:20   | Killed a dread lich
 84139 | Zig:20   | Killed an ancient lich
 84140 | Zig:20   | Killed an ancient lich
 84140 | Zig:20   | Killed an ancient lich
 84140 | Zig:20   | Killed a dread lich
 84140 | Zig:20   | Killed an ancient lich
 84140 | Zig:20   | Killed an ancient lich
 84140 | Zig:20   | Noticed a dread lich
 84140 | Zig:20   | Noticed a dread lich
 84140 | Zig:20   | Noticed an ancient lich
 84141 | Zig:20   | Killed a dread lich
 84141 | Zig:20   | Killed a dread lich
 84142 | Zig:20   | Noticed a dread lich
 84142 | Zig:20   | Noticed a dread lich
 84142 | Zig:20   | Noticed an ancient lich
 84143 | Zig:20   | Noticed a dread lich
 84143 | Zig:20   | Killed a dread lich
 84144 | Zig:20   | Killed a dread lich
 84144 | Zig:20   | Killed a dread lich
 84144 | Zig:20   | Killed an ancient lich
 84145 | Zig:20   | Found the +7 Spriggan's Knife {stab, EV+4 Stlth+}
 84146 | Zig:20   | Killed a dread lich
 84146 | Zig:20   | Killed an ancient lich
 84147 | Zig:20   | Killed a dread lich
 84362 | Zig:20   | Identified the amulet "Uhiolor" {RegenMP rElec}
 84390 | Zig:20   | Identified the +2 trident "Ogrebane" {spect, rF+ Int+6}
 84394 | Zig:20   | Identified the ring of Noytiadgh {Dex+4 Slay+4}
 84399 | Zig:20   | Identified the +5 spear of Rulluasa {freeze, Int+2}
 84400 | Zig:20   | Identified the +1 chain mail of the Unseen Realm {+Blink
                  | Fly}
 84469 | Zig:21   | Entered Level 21 of a ziggurat
 84483 | Zig:21   | Reached skill level 27 in Long Blades
 84486 | Zig:21   | Reached skill level 27 in Staves
 84544 | Zig:21   | Identified the +11 triple sword of the Doomed Warrior
                  | {heavy, rN+ Str+3}
 84569 | Zig:21   | Identified the +1 chain mail "Syteexiu" {rCorr Str+4
                  | Stlth+}
 84913 | Zig:22   | Entered Level 22 of a ziggurat
 84929 | Zig:22   | Reached skill level 27 in Short Blades
 84935 | Zig:22   | Reached skill level 27 in Poison Magic
 84940 | Zig:22   | Noticed a dread lich
 84940 | Zig:22   | Found the +7 captain's cutlass {speed, disarm}
 84945 | Zig:22   | Killed a dread lich
 84946 | Zig:22   | Found the +12 glaive of Prune {freeze, Prune}
 84952 | Zig:22   | Found the +8 demon blade "Leech" {evervamp, Harm Drain rN+}
 84954 | Zig:22   | Killed a starcursed mass
 84955 | Zig:22   | Reached skill level 10 in Maces & Flails
 84955 | Zig:22   | Reached skill level 10 in Polearms
 85233 | Zig:22   | Identified the +0 chain mail of the Doldrums {rCorr Dex+5}
 85246 | Zig:22   | Identified the +8 longbow "Kureq" {antimagic, rF+}
 85247 | Zig:22   | Identified the amulet "Jyopoesch" {Faith rC+ Slay+2}
 85297 | Zig:22   | Identified the +2 rapier "Pauhadat" {antimagic, Fragile
                  | Int+3 Dex+3}
 85318 | Zig:22   | Identified the +2 war axe of Indomitability {spect, rF+ rN+
                  | Int-4 Dex+6}
 85386 | Zig:23   | Entered Level 23 of a ziggurat
 85409 | Zig:23   | Reached skill level 15 in Maces & Flails
 85409 | Zig:23   | Reached skill level 15 in Polearms
 85449 | Zig:23   | Found the +5 glaive of the Guard {elec, spectral, AC+5}
 85485 | Zig:23   | Identified the +1 trident "Piguit" {antimagic, rF+++}
 85486 | Zig:23   | Identified the +6 trident "Zoykyol" {venom, rElec rF+}
 85738 | Zig:23   | Identified the +0 short sword "Cang" {flame, Str+3}
 85788 | Zig:24   | Entered Level 24 of a ziggurat
 86160 | Zig:24   | Identified the +0 ring mail of Action {rF+ Str+6 Dex-3}
 86224 | Zig:24   | Identified the +4 halberd of Xeogo {protect, rElec rPois}
 86240 | Zig:24   | Identified the ring of Bajumoe {Str+6 Dex+4 SInv}
 86243 | Zig:24   | Identified the +0 robe "Redeloc" {-Tele Dex+3 Stlth+}
 86244 | Zig:24   | Identified the +2 leather armour of Onaocank {Dex+3}
 86316 | Zig:24   | Identified the ring "Diykod" {Fire rPois Will- MP+9 Dex+3}
 86327 | Zig:25   | Entered Level 25 of a ziggurat
 86328 | Zig:25   | Upgraded the game from 0.30-a0-897-ga2f19c967e to
                  | 0.30-a0-912-ge10d75a369
 86337 | Zig:25   | Noticed a dread lich
 86338 | Zig:25   | Noticed an ancient lich
 86343 | Zig:25   | Noticed an ancient lich
 86344 | Zig:25   | Noticed an ancient lich
 86344 | Zig:25   | Noticed a dread lich
 86345 | Zig:25   | Noticed a dread lich
 86346 | Zig:25   | Killed an ancient lich
 86346 | Zig:25   | Killed an ancient lich
 86346 | Zig:25   | Killed a dread lich
 86347 | Zig:25   | Noticed an ancient lich
 86348 | Zig:25   | Killed an ancient lich
 86350 | Zig:25   | Noticed an ancient lich
 86350 | Zig:25   | Noticed an ancient lich
 86350 | Zig:25   | Noticed an ancient lich
 86351 | Zig:25   | Noticed an ancient lich
 86351 | Zig:25   | Killed an ancient lich
 86351 | Zig:25   | Noticed a dread lich
 86352 | Zig:25   | Killed a dread lich
 86352 | Zig:25   | Killed a dread lich
 86353 | Zig:25   | Killed an ancient lich
 86353 | Zig:25   | Killed an ancient lich
 86354 | Zig:25   | Killed a dread lich
 86354 | Zig:25   | Killed an ancient lich
 86354 | Zig:25   | Noticed a dread lich
 86354 | Zig:25   | Noticed a dread lich
 86355 | Zig:25   | Noticed a dread lich
 86355 | Zig:25   | Noticed an ancient lich
 86357 | Zig:25   | Noticed a dread lich
 86359 | Zig:25   | Killed an ancient lich
 86359 | Zig:25   | Killed a dread lich
 86359 | Zig:25   | Killed a dread lich
 86360 | Zig:25   | Killed a dread lich
 86360 | Zig:25   | Killed an ancient lich
 86360 | Zig:25   | Noticed an ancient lich
 86361 | Zig:25   | Noticed a dread lich
 86361 | Zig:25   | Noticed an ancient lich
 86362 | Zig:25   | Killed an ancient lich
 86362 | Zig:25   | Noticed a dread lich
 86363 | Zig:25   | Noticed an ancient lich
 86363 | Zig:25   | Noticed a dread lich
 86363 | Zig:25   | Noticed a dread lich
 86365 | Zig:25   | Killed a dread lich
 86365 | Zig:25   | Killed a dread lich
 86365 | Zig:25   | Killed an ancient lich
 86366 | Zig:25   | Killed a dread lich
 86366 | Zig:25   | Killed an ancient lich
 86366 | Zig:25   | Killed a dread lich
 86367 | Zig:25   | Killed a dread lich
 86405 | Zig:25   | Found the +4 Cigotuvi's embrace {Corpsefed rMiasma Drain
                  | rN+}
 86405 | Zig:25   | Found the +9 sword of Zonguldrok {reap}
 86415 | Zig:25   | Identified the +0 robe of the Lotus Blossom {-Cast Regen+
                  | Dex-3 Stlth+}
 86446 | Zig:25   | Identified the +0 lajatang of Nuttehol {freeze, rC+}
 86457 | Zig:25   | Identified the +6 long sword of Instinct {freeze, rF++
                  | Will+++ MP-9 Dex-2}
 86462 | Zig:25   | Identified the +1 hand axe of Gozag's Fury {vamp, rElec rF-
                  | rN+}
 86763 | Zig:26   | Entered Level 26 of a ziggurat
 86798 | Zig:26   | Found the +8 frozen axe "Frostbite" {freeze, freezing
                  | cloud, *Noise Fly rC+}
 86855 | Zig:26   | Identified the amulet "Wounenn" {Reflect rN++ Dex-2 SH+5
                  | Stlth+}
 87135 | Zig:26   | Identified the +0 robe of Sophism {-Tele Harm Rampage}
 87166 | Zig:26   | Identified the +0 robe "Gemops" {rElec rCorr}
 87281 | Zig:27   | Entered Level 27 of a ziggurat
 87307 | Zig:27   | Reached skill level 27 in Maces & Flails
 87307 | Zig:27   | Reached skill level 27 in Polearms
 87360 | Zig:27   | Identified the amulet of Afaonkov {RegenMP +Inv rF+ Int+2}
 87365 | Zig:27   | Identified the ring "Okerobatz" {rC+ Str-3 Int+2 Slay+2}
 87372 | Zig:27   | Identified the amulet "Buahulomm" {Spirit Int+5}
 87377 | Zig:27   | Identified the amulet of the Tired Knives {RegenMP rPois
                  | Regen+}
 87381 | Zig:27   | Identified the ring "Waplucky" {Fly rF+}
 87383 | Zig:27   | Identified the +3 morningstar of Eternal Harmony {freeze,
                  | Str+6 Dex+2}
 87387 | Zig:27   | Identified the +1 rapier "Qotub" {heavy, MP+9 Dex+4 Stlth+}
 87390 | Zig:27   | Identified the orb of Geggilig {light, Dex+3}
 87431 | Zig:27   | Acquired a book of Lightning
 87957 | Depths:1 | Lost mutation: You possess an exceptional clarity of mind.
                  | [potion of mutation]
 87957 | Depths:1 | Lost mutation: You have sharp toenails. [potion of
                  | mutation]
 87957 | Depths:1 | Gained mutation: Your muscles are strong. (Str +4, Int/Dex
                  | -1) [potion of mutation]
 87957 | Depths:1 | Gained mutation: You have hidden genetic potential. [potion
                  | of mutation]
 87957 | Depths:1 | Gained mutation: Your flesh is heat resistant. (rF+)
                  | [potion of mutation]
 87958 | Depths:1 | Lost mutation: Your muscles are strong. (Str +4, Int/Dex
                  | -1) [potion of mutation]
 87958 | Depths:1 | Lost mutation: You have hidden genetic potential. [potion
                  | of mutation]
 87958 | Depths:1 | Lost mutation: Your flesh is heat resistant. (rF+) [potion
                  | of mutation]
 87958 | Depths:1 | Gained mutation: You expend magic power (3 MP) to
                  | strengthen your wands. [potion of mutation]
 87958 | Depths:1 | Gained mutation: You have large cloven feet. [potion of
                  | mutation]
 87959 | Depths:1 | Lost mutation: You have large cloven feet. [potion of
                  | mutation]
 87959 | Depths:1 | Lost mutation: You expend magic power (3 MP) to strengthen
                  | your wands. [potion of mutation]
 87959 | Depths:1 | Gained mutation: Your magical capacity is low. (-10% MP)
                  | [potion of mutation]
 87959 | Depths:1 | Gained mutation: You have large cloven feet. [potion of
                  | mutation]
 87959 | Depths:1 | Gained mutation: You occasionally lose the ability to read
                  | scrolls when taking damage. [potion of mutation]
 87959 | Depths:1 | Gained mutation: You have hoof-like feet. [potion of
                  | mutation]
 87960 | Depths:1 | Lost mutation: Your magical capacity is low. (-10% MP)
                  | [potion of mutation]
 87960 | Depths:1 | Lost mutation: You have hoof-like feet. [potion of
                  | mutation]
 87960 | Depths:1 | Lost mutation: You have large cloven feet. [potion of
                  | mutation]
 87960 | Depths:1 | Gained mutation: You have large cloven feet. [potion of
                  | mutation]
 87960 | Depths:1 | Gained mutation: Your body sometimes deteriorates upon
                  | taking damage. [potion of mutation]
 87960 | Depths:1 | Gained mutation: You are somewhat resistant to further
                  | mutation. [potion of mutation]
 87961 | Depths:1 | Lost mutation: You have large cloven feet. [potion of
                  | mutation]
 87961 | Depths:1 | Lost mutation: You occasionally lose the ability to read
                  | scrolls when taking damage. [potion of mutation]
 87961 | Depths:1 | Gained mutation: You have a pair of small antennae on your
                  | head. [potion of mutation]
 87961 | Depths:1 | Gained mutation: Your spells are a little easier to cast,
                  | but a little less powerful. [potion of mutation]
 87962 | Depths:1 | Lost mutation: You have a pair of small antennae on your
                  | head. [potion of mutation]
 87962 | Depths:1 | Lost mutation: Your spells are a little easier to cast, but
                  | a little less powerful. [potion of mutation]
 87962 | Depths:1 | Lost mutation: Your body sometimes deteriorates upon taking
                  | damage. [potion of mutation]
 87963 | Depths:1 | Lost mutation: You are somewhat resistant to further
                  | mutation. [potion of mutation]
 87963 | Depths:1 | Gained mutation: You have sharp fingernails. [potion of
                  | mutation]
 87963 | Depths:1 | Gained mutation: You are strong-willed. (Will+) [potion of
                  | mutation]
 87963 | Depths:1 | Gained mutation: You have sharp toenails. [potion of
                  | mutation]
 87964 | Depths:1 | Lost mutation: You are strong-willed. (Will+) [potion of
                  | mutation]
 87964 | Depths:1 | Lost mutation: You have sharp fingernails. [potion of
                  | mutation]
 87964 | Depths:1 | Gained mutation: You are weak. (Str -2) [potion of
                  | mutation]
 87964 | Depths:1 | Gained mutation: You occasionally lose the ability to drink
                  | potions when taking damage. [potion of mutation]
 87965 | Depths:1 | Lost mutation: You occasionally lose the ability to drink
                  | potions when taking damage. [potion of mutation]
 87965 | Depths:1 | Lost mutation: You are weak. (Str -2) [potion of mutation]
 87965 | Depths:1 | Lost mutation: You have sharp toenails. [potion of
                  | mutation]
 87965 | Depths:1 | Gained mutation: Your spells are a little harder to cast,
                  | but a little more powerful. [potion of mutation]
 87965 | Depths:1 | Gained mutation: You are weak. (Str -2) [potion of
                  | mutation]
 87965 | Depths:1 | Gained mutation: You have hidden genetic defects. [potion
                  | of mutation]
 87965 | Depths:1 | Gained mutation: You are partially covered in large bone
                  | plates. (SH +4) [potion of mutation]
 87966 | Depths:1 | Lost mutation: Your spells are a little harder to cast, but
                  | a little more powerful. [potion of mutation]
 87966 | Depths:1 | Lost mutation: You have hidden genetic defects. [potion of
                  | mutation]
 87966 | Depths:1 | Lost mutation: You are weak. (Str -2) [potion of mutation]
 87966 | Depths:1 | Gained mutation: You have a pair of small horns on your
                  | head. [potion of mutation]
 87966 | Depths:1 | Gained mutation: You sometimes lose your temper in combat.
                  | [potion of mutation]
 87966 | Depths:1 | Gained mutation: You are resistant to electric shocks.
                  | (rElec) [potion of mutation]
 87967 | Depths:1 | Lost mutation: You have a pair of small horns on your head.
                  | [potion of mutation]
 87967 | Depths:1 | Lost mutation: You are resistant to electric shocks.
                  | (rElec) [potion of mutation]
 87967 | Depths:1 | Gained mutation: Your muscles are strong. (Str +4, Int/Dex
                  | -1) [potion of mutation]
 87967 | Depths:1 | Gained mutation: Your spells are a little harder to cast,
                  | but a little more powerful. [potion of mutation]
 87967 | Depths:1 | Gained mutation: You are agile. (Dex +4, Str/Int -1)
                  | [potion of mutation]
 87983 | Zig:1    | Entered Level 1 of a ziggurat
 88030 | Zig:2    | Entered Level 2 of a ziggurat
 88033 | Zig:2    | Noticed a dread lich
 88036 | Zig:2    | Killed a dread lich
 88058 | Zig:2    | Identified the +2 great sword of the Nine Nightcaps {flame,
                  | *Corrode rC+ Will++ Int+3}
 88085 | Zig:3    | Entered Level 3 of a ziggurat
 88086 | Zig:3    | Noticed an ancient lich
 88087 | Zig:3    | Noticed a dread lich
 88089 | Zig:3    | Killed an ancient lich
 88089 | Zig:3    | Killed a dread lich
 88156 | Zig:4    | Entered Level 4 of a ziggurat
 88161 | Zig:4    | Noticed an ancient lich
 88162 | Zig:4    | Killed an ancient lich
 88248 | Zig:5    | Entered Level 5 of a ziggurat
 88292 | Zig:5    | Identified the +1 leather armour of Spring {Int+4}
 88372 | Zig:6    | Entered Level 6 of a ziggurat
 88458 | Zig:6    | Identified the +0 leather armour "Jetiumep" {*Slow rN+
                  | Dex+5}
 88472 | Zig:6    | Identified the +1 leather armour of the Abyss {Dex+5}
 88518 | Zig:6    | Identified the +10 scimitar of Haituuduo {heavy, rElec rC-
                  | Str+3 Dex+3}
 88539 | Zig:6    | Identified the +3 kite shield of Lesser Demons {rC+ rN+
                  | MP-9 Str+4}
 88545 | Zig:7    | Entered Level 7 of a ziggurat
 88626 | Zig:7    | Identified the ring of Jotoebee {rElec rPois rC+ Will-
                  | Stlth+}
 88678 | Zig:8    | Entered Level 8 of a ziggurat
 88782 | Zig:8    | Identified the ring of Ignis's Supremacy {Ice rN+++ Will-
                  | rCorr Dex+4}
 88789 | Zig:8    | Identified the +4 broad axe of Somewhere Else {heavy, Will-
                  | Str+5 Int-5}
 88820 | Zig:9    | Entered Level 9 of a ziggurat
 88829 | Zig:9    | Found the amulet of Elemental Vulnerability {rPois rF--
                  | rC-- AC+8}
 88865 | Zig:9    | Identified the +2 long sword of Ghostly Duty {freeze, *Slow
                  | +Blink rElec Dex-5}
 88866 | Zig:9    | Identified the ring of Hurgh {Fire Will- Int+2 Dex+5}
 88887 | Zig:9    | Identified the +3 trident of the Skies Above {heavy, rC-
                  | rN++ Dex+5}
 88888 | Zig:9    | Identified the +8 flail of the Thieving Seeker {speed,
                  | Str+3}
 88921 | Zig:9    | Identified the +1 pair of gloves "Lukhuyf" {Harm}
 88993 | Zig:10   | Entered Level 10 of a ziggurat
 88996 | Zig:10   | Noticed Uviabb the pandemonium lord
 88997 | Zig:10   | Noticed Badur the pandemonium lord
 88997 | Zig:10   | Noticed Peobb the pandemonium lord
 88997 | Zig:10   | Noticed Rixe the pandemonium lord
 88999 | Zig:10   | Killed Uviabb the pandemonium lord
 88999 | Zig:10   | Noticed Pehiuhuz the pandemonium lord
 88999 | Zig:10   | Noticed Vanaga the pandemonium lord
 88999 | Zig:10   | Noticed Bezuequt the pandemonium lord
 89000 | Zig:10   | Killed Peobb the pandemonium lord
 89000 | Zig:10   | Noticed Toulive the pandemonium lord
 89001 | Zig:10   | Killed Vanaga the pandemonium lord
 89001 | Zig:10   | Noticed Beasmeibb the pandemonium lord
 89001 | Zig:10   | Killed Pehiuhuz the pandemonium lord
 89001 | Zig:10   | Noticed Joqoda Kegg the pandemonium lord
 89002 | Zig:10   | Killed Rixe the pandemonium lord
 89002 | Zig:10   | Killed Badur the pandemonium lord
 89002 | Zig:10   | Noticed Lumoferch the pandemonium lord
 89002 | Zig:10   | Noticed Buof the pandemonium lord
 89002 | Zig:10   | Noticed Xuryu the pandemonium lord
 89003 | Zig:10   | Noticed Racwem the pandemonium lord
 89003 | Zig:10   | Killed Bezuequt the pandemonium lord
 89003 | Zig:10   | Killed Joqoda Kegg the pandemonium lord
 89004 | Zig:10   | Killed Beasmeibb the pandemonium lord
 89004 | Zig:10   | Killed Lumoferch the pandemonium lord
 89004 | Zig:10   | Killed Buof the pandemonium lord
 89004 | Zig:10   | Killed Racwem the pandemonium lord
 89004 | Zig:10   | Killed Toulive the pandemonium lord
 89004 | Zig:10   | Noticed Jaonweha the pandemonium lord
 89004 | Zig:10   | Noticed Himaecen the pandemonium lord
 89005 | Zig:10   | Noticed Givue the pandemonium lord
 89006 | Zig:10   | Noticed Kosmacuh the pandemonium lord
 89008 | Zig:10   | Killed Himaecen the pandemonium lord
 89009 | Zig:10   | Killed Jaonweha the pandemonium lord
 89009 | Zig:10   | Killed Xuryu the pandemonium lord
 89009 | Zig:10   | Noticed Fororuof the pandemonium lord
 89009 | Zig:10   | Killed Givue the pandemonium lord
 89009 | Zig:10   | Noticed Otofiak the pandemonium lord
 89010 | Zig:10   | Noticed Pasumea the pandemonium lord
 89011 | Zig:10   | Killed Kosmacuh the pandemonium lord
 89011 | Zig:10   | Killed Fororuof the pandemonium lord
 89011 | Zig:10   | Noticed Kucyps the pandemonium lord
 89012 | Zig:10   | Killed Otofiak the pandemonium lord
 89015 | Zig:10   | Killed Pasumea the pandemonium lord
 89016 | Zig:10   | Noticed Vohoall the pandemonium lord
 89018 | Zig:10   | Killed Vohoall the pandemonium lord
 89018 | Zig:10   | Killed Kucyps the pandemonium lord
 89165 | Zig:11   | Entered Level 11 of a ziggurat
 89166 | Zig:11   | Noticed a royal mummy
 89167 | Zig:11   | Noticed a royal mummy
 89167 | Zig:11   | Noticed a royal mummy
 89167 | Zig:11   | Noticed a royal mummy
 89167 | Zig:11   | Noticed a royal mummy
 89167 | Zig:11   | Noticed a royal mummy
 89167 | Zig:11   | Noticed a royal mummy
 89170 | Zig:11   | Noticed a royal mummy
 89170 | Zig:11   | Noticed a royal mummy
 89170 | Zig:11   | Noticed a royal mummy
 89170 | Zig:11   | Noticed a royal mummy
 89171 | Zig:11   | Killed a royal mummy
 89171 | Zig:11   | Killed a royal mummy
 89171 | Zig:11   | Killed a royal mummy
 89171 | Zig:11   | Killed a royal mummy
 89171 | Zig:11   | Killed a royal mummy
 89171 | Zig:11   | Killed a royal mummy
 89171 | Zig:11   | Noticed a royal mummy
 89172 | Zig:11   | Killed a royal mummy
 89172 | Zig:11   | Killed a royal mummy
 89172 | Zig:11   | Killed a royal mummy
 89172 | Zig:11   | Killed a royal mummy
 89172 | Zig:11   | Noticed a royal mummy
 89174 | Zig:11   | Noticed a royal mummy
 89174 | Zig:11   | Noticed a royal mummy
 89174 | Zig:11   | Noticed a royal mummy
 89175 | Zig:11   | Killed a royal mummy
 89175 | Zig:11   | Killed a royal mummy
 89175 | Zig:11   | Noticed a royal mummy
 89176 | Zig:11   | Noticed a royal mummy
 89176 | Zig:11   | Found the Hermit's Pendant {Faith Invo=14 Evo=0 MP+5}
 89177 | Zig:11   | Noticed a royal mummy
 89177 | Zig:11   | Killed a royal mummy
 89177 | Zig:11   | Killed a royal mummy
 89177 | Zig:11   | Killed a royal mummy
 89177 | Zig:11   | Noticed a royal mummy
 89177 | Zig:11   | Killed a royal mummy
 89177 | Zig:11   | Noticed a royal mummy
 89179 | Zig:11   | Killed a royal mummy
 89179 | Zig:11   | Killed a royal mummy
 89179 | Zig:11   | Killed a royal mummy
 89180 | Zig:11   | Killed a royal mummy
 89181 | Zig:11   | Killed a royal mummy
 89265 | Zig:11   | Identified the ring "Bufu" {+Blink rF+ Will+ Int-5 Dex+6}
 89277 | Zig:11   | Identified the +9 lajatang "Ramar" {drain, rN+}
 89284 | Zig:11   | Identified the +1 arbalest "Jejuh" {flame, Str-2 Dex+9
                  | SInv}
 89470 | Zig:11   | Identified the +9 whip "Waufa" {spect, Dex+5}
 89521 | Zig:12   | Entered Level 12 of a ziggurat
 89533 | Zig:12   | Found the +10 morningstar "Eos" {elec, Halo rElec}
 89720 | Zig:12   | Identified the +2 scale mail of the Snake Pit {Will- Str+4
                  | Stlth+}
 89777 | Zig:13   | Entered Level 13 of a ziggurat
 89801 | Zig:13   | Noticed Cuebyifi the pandemonium lord
 89807 | Zig:13   | Killed Cuebyifi the pandemonium lord
 89974 | Zig:13   | Identified the ring "Osasuosu" {Drain Fly rPois rF++ Will+}
 89999 | Zig:14   | Entered Level 14 of a ziggurat
 90007 | Zig:14   | Paralysed by an air elemental for 1 turns
 90254 | Zig:14   | Identified the ring "Suolix" {Fly Int+3}
 90271 | Zig:14   | Identified the +5 plate armour of Kofemnao {rPois Str+4
                  | Stlth+}
 90292 | Zig:14   | Identified the +4 scimitar of Cucher {flame, rPois rF+
                  | Str+3 Dex-4}
 90324 | Zig:14   | Identified the ring "Kudecan" {rPois rCorr Int+3}
 90333 | Zig:15   | Entered Level 15 of a ziggurat
 90342 | Zig:15   | Paralysed by a wendigo for 1 turns
 90349 | Zig:15   | Found the +4 consecrated labrys {holy, Valiant Fragile Fly
                  | SInv}
 90397 | Zig:15   | Identified the +1 mace of the Scorching Augurer {flame, rC+
                  | Int+2}
 90404 | Zig:15   | Identified the +1 chain mail "Hosasif" {Slay+5}
 90413 | Zig:15   | Identified the +5 great mace of Division {heavy, Fly rN+
                  | Dex+3}
 90605 | Zig:16   | Entered Level 16 of a ziggurat
 90898 | Zig:16   | Identified the +1 plate armour of Roghuluc {rN+ Will- rCorr
                  | Int+6}
 90917 | Zig:16   | Identified the +9 quarterstaff of Perversion {flame, rF+}
 90955 | Zig:17   | Entered Level 17 of a ziggurat
 90962 | Zig:17   | Noticed a dread lich
 90962 | Zig:17   | Noticed an ancient lich
 90962 | Zig:17   | Noticed a dread lich
 90965 | Zig:17   | Noticed a dread lich
 90965 | Zig:17   | Killed a dread lich
 90965 | Zig:17   | Killed a dread lich
 90966 | Zig:17   | Noticed a dread lich
 90966 | Zig:17   | Noticed an ancient lich
 90966 | Zig:17   | Noticed a dread lich
 90966 | Zig:17   | Noticed an ancient lich
 90967 | Zig:17   | Noticed a dread lich
 90967 | Zig:17   | Noticed a dread lich
 90967 | Zig:17   | Noticed an ancient lich
 90967 | Zig:17   | Noticed a dread lich
 90968 | Zig:17   | Killed a dread lich
 90968 | Zig:17   | Killed an ancient lich
 90969 | Zig:17   | Noticed an ancient lich
 90969 | Zig:17   | Noticed a dread lich
 90969 | Zig:17   | Noticed an ancient lich
 90969 | Zig:17   | Noticed a dread lich
 90969 | Zig:17   | Noticed an ancient lich
 90969 | Zig:17   | Killed an ancient lich
 90969 | Zig:17   | Noticed an ancient lich
 90970 | Zig:17   | Killed a dread lich
 90970 | Zig:17   | Killed a dread lich
 90970 | Zig:17   | Killed an ancient lich
 90970 | Zig:17   | Killed an ancient lich
 90970 | Zig:17   | Killed a dread lich
 90970 | Zig:17   | Killed a dread lich
 90970 | Zig:17   | Killed a dread lich
 90971 | Zig:17   | Killed an ancient lich
 90971 | Zig:17   | Killed an ancient lich
 90971 | Zig:17   | Noticed an ancient lich
 90971 | Zig:17   | Killed an ancient lich
 90971 | Zig:17   | Noticed a dread lich
 90972 | Zig:17   | Noticed an ancient lich
 90972 | Zig:17   | Noticed an ancient lich
 90972 | Zig:17   | Noticed an ancient lich
 90972 | Zig:17   | Noticed an ancient lich
 90973 | Zig:17   | Noticed a dread lich
 90973 | Zig:17   | Noticed a dread lich
 90974 | Zig:17   | Killed a dread lich
 90974 | Zig:17   | Killed a dread lich
 90974 | Zig:17   | Killed an ancient lich
 90975 | Zig:17   | Killed an ancient lich
 90975 | Zig:17   | Killed an ancient lich
 90975 | Zig:17   | Killed an ancient lich
 90975 | Zig:17   | Killed an ancient lich
 90975 | Zig:17   | Killed a dread lich
 90975 | Zig:17   | Killed a dread lich
 90976 | Zig:17   | Killed a dread lich
 90976 | Zig:17   | Killed an ancient lich
 91029 | Zig:17   | Identified the +0 flail of Zellaplutuy {heavy, *Noise rF+
                  | rC+ Will+}
 91030 | Zig:17   | Identified the ring "Hyoser" {Str+6 Dex+3}
 91272 | Zig:18   | Entered Level 18 of a ziggurat
 91517 | Zig:18   | Identified the +9 quarterstaff of the Fray {antimagic,
                  | Str+4}
 91547 | Zig:18   | Identified the +3 dagger of the Sky {heavy, rC++}
 91551 | Zig:18   | Identified the +8 broad axe of Cunwi {flame, *Noise rPois
                  | Dex+3}
 91563 | Zig:18   | Identified the amulet "Jadeuntadys" {Reflect Contam +Inv
                  | Will+ Regen+ SH+5}
 91603 | Zig:18   | Identified the +9 short sword "Aphes" {heavy, Str+6}
 91647 | Zig:19   | Entered Level 19 of a ziggurat
 91768 | Zig:19   | Identified the ring of Binymek {rPois Str-3 Int-5 Dex+6
                  | Slay+5}
 92189 | Zig:20   | Entered Level 20 of a ziggurat
 92212 | Zig:20   | Found the +2 Maxwell's thermic engine {flame, freeze, rev}
 92581 | Zig:20   | Identified the +4 eveningstar of Hell's Wrath {protect,
                  | rElec rN+++ Int-3 Dex-4}
 92616 | Zig:20   | Identified the +7 morningstar "Zioqeulu" {venom, Str+3}
 92652 | Zig:20   | Identified the +5 halberd of Racvios {protect, Int+4}
 92709 | Zig:21   | Entered Level 21 of a ziggurat
 92907 | Zig:21   | Identified the +6 triple sword "Baef" {drain, rC+ rN++}
 92908 | Zig:21   | Identified the +2 pair of gloves of Cafuim {Will+}
 92909 | Zig:21   | Identified the +6 quarterstaff of Kismet {freeze, rElec
                  | rPois Will++ Str-2}
 92911 | Zig:21   | Identified the +5 dagger of Arbitration {freeze, rPois
                  | Int+4}
 92921 | Zig:21   | Identified the ring "Fosche" {Drain rPois rF+ rC+}
 92925 | Zig:21   | Identified the +8 scimitar of Attainder {freeze, rC+ Int+7}
 92931 | Zig:21   | Identified the +9 mace of the Vendetta {drain, Will++ Int+5
                  | Dex-2}
 93276 | Zig:22   | Entered Level 22 of a ziggurat
 93637 | Zig:22   | Identified the +1 glaive "Ruroter" {freeze, +Blink rF+
                  | Int-3}
 93649 | Zig:22   | Identified the ring of Neurosis {*Slow rF- Str+2 Int+8
                  | SInv}
 93668 | Zig:22   | Identified the +1 spear of the Spheres {vamp, Str+2 Dex+2}
 93670 | Zig:22   | Identified the ring "Qenil" {rF- rN+ Dex+5 Slay+4}
 93673 | Zig:22   | Identified the +8 broad axe of Wessea {elec, rC+ Str+4
                  | Int-2 Dex+4}
 93747 | Zig:23   | Entered Level 23 of a ziggurat
 93854 | Zig:23   | Identified the +5 plate armour of the Ten Knaves {Int+2}
 93872 | Zig:23   | Identified the ring of Budodeuwn {rCorr MP+9 Str-3 Int+6
                  | Stlth-}
 93893 | Zig:23   | Identified the ring of Oenomania {Will+ rCorr EV+5 Dex+3
                  | Stlth+}
 93900 | Zig:23   | Identified the +2 short sword of Cugataji {pain, rElec}
 93905 | Zig:23   | Identified the +2 hand axe of Slime {freeze, rPois rF+ rC-
                  | MP+9}
 93913 | Zig:23   | Identified the +2 scale mail of Polish {Int+2}
 93924 | Zig:23   | Identified the +2 buckler of the Equinox {Fly Will++}
 93944 | Zig:23   | Identified the +2 shortbow "Iselemuge" {flame, MP+9 Int+3
                  | Dex+4}
 93946 | Zig:23   | Identified the +0 scale mail of the Furrier {rPois rN+}
 94303 | Zig:24   | Entered Level 24 of a ziggurat
 94673 | Zig:24   | Identified the +0 ring mail "Gexan" {Regen+ Dex+3}
 94690 | Zig:24   | Identified the +4 quarterstaff of the Messenger {spect,
                  | Fragile Str+6 SInv}
 94691 | Zig:24   | Identified the +3 falchion of Inference {flame, rC+++ Int+2
                  | Dex-3 SInv}
 94729 | Zig:24   | Identified the +1 pair of boots of the Hall of Blades
                  | {rCorr Str+2}
 94736 | Zig:24   | Identified the +3 sling of the Shore {heavy, rElec rPois}
 94745 | Zig:24   | Identified the +4 chain mail of Inquiry {rF+}
 94749 | Zig:24   | Identified the +7 falchion of Excruciating Pain {antimagic,
                  | rPois Will- Stlth+}
 94796 | Zig:25   | Entered Level 25 of a ziggurat
 94814 | Zig:25   | Paralysed by an air elemental for 1 turns
 94877 | Zig:25   | Identified the +11 morningstar of Yredelemnul's Pride
                  | {elec, Contam *Slow rN+++ Will+++}
 94900 | Zig:25   | Identified the amulet of Arrival {Acrobat Will+ Int+2}
 94915 | Zig:25   | Identified the +6 ring mail of Reason {rC+ rCorr Dex+3}
 95372 | Zig:26   | Entered Level 26 of a ziggurat
 95806 | Zig:26   | Identified the +9 dagger of Infinity {venom, rElec rN++
                  | SInv Stlth-}
 95824 | Zig:26   | Identified the +8 long sword "Zulaf" {spect, rPois Int+4}
 95889 | Zig:26   | Identified the +0 leather armour of Gusucvi {Stlth+}
 95987 | Zig:27   | Entered Level 27 of a ziggurat
 96023 | Zig:27   | Found the +9 staff of Olgreb {rPois∞}
 96023 | Zig:27   | Found the +10 dark maul {heavy}
 96024 | Zig:27   | Found the +8 longbow "Zephyr" {speed, Dex+3 SInv}
 96406 | Zig:27   | Identified the ring "Qiwn" {rF+ Str+6 Dex+2 Stlth+}
 96443 | Zig:27   | Identified the +6 war axe of Invincibility {freeze, *Noise
                  | Str+3 Int+5}
 96446 | Zig:27   | Identified the +5 plate armour "Eppaqopp" {SInv}
 96451 | Zig:27   | Identified the +5 long sword of the Spheres {drain, rPois
                  | rF+}
 96453 | Zig:27   | Identified the +2 sling of Dipyage {antimagic, Int+3}
 96457 | Zig:27   | Identified the ring "Ivea" {Drain rPois Int+3 Slay+3}
 96460 | Zig:27   | Identified the ring "Ronoxzu" {Fire +Blink rN+ Str+3 Int+2}
 96474 | Zig:27   | Identified the ring "Iler" {rF+ rC+}
 96490 | Zig:27   | Identified the +9 falchion of Fate {holy, Fly Stlth+}
 96493 | Zig:27   | Identified the +4 short sword "Conservator" {drain, Stlth+}
 96621 | Zig:1    | Entered Level 1 of a ziggurat
 96666 | Zig:2    | Entered Level 2 of a ziggurat
 96711 | Zig:2    | Identified the +5 sling of Isudinn {antimagic, rPois rCorr
                  | Int+4}
 96717 | Zig:3    | Entered Level 3 of a ziggurat
 96788 | Zig:4    | Entered Level 4 of a ziggurat
 96897 | Zig:4    | Learned a level 8 spell: Borgnjor's Revivification
 96907 | Zig:4    | Learned a level 8 spell: Lehudib's Crystal Spear
 96911 | Zig:5    | Entered Level 5 of a ziggurat
 97039 | Zig:6    | Entered Level 6 of a ziggurat
 97121 | Zig:6    | Identified the +2 spear of Neusm {venom, rPois Will+}
 97125 | Zig:6    | Identified the ring of Lucidity {Ice rElec Will+ Int+4
                  | Dex-2}
 97178 | Zig:7    | Entered Level 7 of a ziggurat
 97225 | Zig:7    | Identified the +10 hand axe "Oherirod" {elec, Int+3 Dex+3}
 97342 | Zig:8    | Entered Level 8 of a ziggurat
 97343 | Zig:8    | Noticed an ancient lich
 97346 | Zig:8    | Killed an ancient lich
 97348 | Zig:8    | Found the +10 Black Knight's barding {ponderous, rPois rN+}
 97475 | Zig:8    | Identified the +0 robe of Darkness {rElec rN++ Will-
                  | Stlth+}
 97532 | Zig:8    | Identified the ring of Yresh {rC+ MP+9}
 97568 | Zig:9    | Entered Level 9 of a ziggurat
 97568 | Zig:9    | Noticed a royal mummy
 97568 | Zig:9    | Noticed a royal mummy
 97568 | Zig:9    | Noticed a royal mummy
 97568 | Zig:9    | Noticed a royal mummy
 97571 | Zig:9    | Noticed a royal mummy
 97571 | Zig:9    | Noticed a royal mummy
 97572 | Zig:9    | Killed a royal mummy
 97572 | Zig:9    | Killed a royal mummy
 97572 | Zig:9    | Killed a royal mummy
 97573 | Zig:9    | Killed a royal mummy
 97573 | Zig:9    | Killed a royal mummy
 97574 | Zig:9    | Noticed a royal mummy
 97574 | Zig:9    | Noticed a royal mummy
 97575 | Zig:9    | Noticed a royal mummy
 97576 | Zig:9    | Killed a royal mummy
 97578 | Zig:9    | Noticed an ancient lich
 97579 | Zig:9    | Noticed a royal mummy
 97580 | Zig:9    | Killed a royal mummy
 97580 | Zig:9    | Killed a royal mummy
 97580 | Zig:9    | Killed an ancient lich
 97580 | Zig:9    | Killed a royal mummy
 97585 | Zig:9    | Killed a royal mummy
 97636 | Zig:9    | Identified the +8 war axe of the Big Bang {flame, Will++}
 97645 | Zig:9    | Identified the +5 scale mail "Vudone" {Regen+ Stlth+}
 97871 | Zig:10   | Entered Level 10 of a ziggurat
 98099 | Zig:10   | Identified the +9 lajatang "Muikaq" {antimagic, Dex+2}
 98102 | Zig:10   | Identified the +7 broad axe "Beastslayer" {elec, +Blink}
 98143 | Zig:11   | Entered Level 11 of a ziggurat
 98154 | Zig:11   | Found the +8 arc blade {discharge, rElec}
 98241 | Zig:11   | Identified the +7 glaive of the Beginning {chaos, *Corrode
                  | rF- rC+++ SInv}
 98275 | Zig:11   | Identified the +10 short sword of Suadut {flame, Will++}
 98417 | Zig:12   | Entered Level 12 of a ziggurat
 98426 | Zig:12   | Found the +6 shillelagh "Devastator" {shatter}
 98630 | Zig:12   | Identified the ring "Peqygg" {rN+ rCorr}
 98738 | Zig:13   | Entered Level 13 of a ziggurat
 98808 | Zig:13   | Identified the +1 plate armour "Yjumoc" {Harm rElec}
 98817 | Zig:13   | Identified the amulet "Ofikhoaj" {Reflect Contam +Blink rN+
                  | Dex+2 SH+5}
 99052 | Zig:14   | Entered Level 14 of a ziggurat
 99311 | Zig:14   | Identified the +2 dagger of Triumph {heavy, rN++}
 99327 | Zig:14   | Identified the +4 shortbow of Qeno {antimagic, rPois Will-
                  | Int+2}
 99329 | Zig:14   | Identified the +9 morningstar "Vucawnoc" {flame, *Corrode
                  | Int+3 Dex+9 Stlth+}
 99451 | Zig:15   | Entered Level 15 of a ziggurat
 99554 | Zig:15   | Identified the +3 long sword of Makhleb's Grace {heavy,
                  | Str+5}
 99556 | Zig:15   | Identified the +4 war axe "Lifebane" {holy, Str+3}
 99558 | Zig:15   | Identified the +8 broad axe "Ecabept" {pain, rC+ Str+4
                  | Dex-3}
 99561 | Zig:15   | Identified the +9 falchion "Hydrabane" {pain, Str+4}
 99562 | Zig:15   | Identified the +5 mace of the Eternal Warrior {flame, SInv}
 99600 | Zig:15   | Identified the ring "Zogar" {rPois rC- rCorr Dex+6 Slay+4}
 99884 | Zig:15   | Lost mutation: Your muscles are strong. (Str +4, Int/Dex
                  | -1) [potion of mutation]
 99884 | Zig:15   | Lost mutation: You are agile. (Dex +4, Str/Int -1) [potion
                  | of mutation]
 99884 | Zig:15   | Lost mutation: You sometimes lose your temper in combat.
                  | [potion of mutation]
 99884 | Zig:15   | Gained mutation: You possess an exceptional clarity of
                  | mind. [potion of mutation]
 99884 | Zig:15   | Gained mutation: You expend magic power (3 MP) to
                  | strengthen your wands. [potion of mutation]
 99889 | Zig:16   | Entered Level 16 of a ziggurat
 99909 | Zig:16   | Noticed an ancient lich
 99912 | Zig:16   | Killed an ancient lich
100102 | Zig:16   | Identified the +7 shortbow "Vuttuun" {freeze, Int+2}
100123 | Zig:16   | Identified the ring "Soxzeb" {Ice *Corrode rElec Slay+3
                  | Stlth+}
100136 | Zig:16   | Identified the ring of Cuvvotah {Contam Fly rPois Int+3
                  | Stlth+}
100140 | Zig:16   | Identified the +7 morningstar "Femu" {venom, MP+9}
100146 | Zig:16   | Identified the +8 trident of Ragnarok {drain, rPois rF+}
100212 | Zig:17   | Entered Level 17 of a ziggurat
100227 | Zig:17   | Found the +1 cloak of Starlight {*Dazzle EV+4 Stlth--}
100290 | Zig:17   | Identified the +7 hand axe of Resil {freeze, rN+ Str-2
                  | Int+3 SInv}
100298 | Zig:17   | Identified the +2 pair of boots of Busaunus {rF+ Int+6}
100309 | Zig:17   | Identified the ring "Botwafef" {rPois AC+4 Stlth+}
100328 | Zig:17   | Identified the +2 scimitar of Greatest Utility {venom,
                  | rElec Str+3 Int+3}
100341 | Zig:17   | Identified the amulet "Zourutiu" {Rampage Regen+}
100732 | Zig:18   | Entered Level 18 of a ziggurat
100755 | Zig:18   | Noticed Diseaw the pandemonium lord
100759 | Zig:18   | Killed Diseaw the pandemonium lord
101036 | Zig:18   | Identified the +6 whip "Long" {spect, Contam rN+ Will+++
                  | Str+3 Stlth+}
101045 | Zig:18   | Identified the +9 long sword of Vuwab {freeze, Drain Int+9
                  | Dex-4}
101127 | Zig:19   | Entered Level 19 of a ziggurat
101150 | Zig:19   | Found the +3 crown of Dyrovepreva {rElec Int+2 SInv}
101203 | Zig:19   | Identified the +0 fire dragon scales "Qyselunt" {rF++ rC-
                  | Dex+5}
101250 | Zig:19   | Identified the +5 arbalest of Tenacity {penet, rF+ rC+
                  | Str+4}
101534 | Zig:20   | Entered Level 20 of a ziggurat
101559 | Zig:20   | Noticed Sonut the pandemonium lord
101564 | Zig:20   | Killed Sonut the pandemonium lord
101567 | Zig:20   | Found the +9 scales of the Dragon King {rPois rF+ rC+
                  | Will+}
101884 | Zig:20   | Identified the +6 mace "Xocytal" {flame, Str+3 Int+8 Dex-5}
101911 | Zig:20   | Identified the ring "Roj Jami" {rN++ Int+6}
101984 | Zig:20   | Identified the +2 robe of the Harp {Fly Regen+ Int+3}
102023 | Zig:21   | Entered Level 21 of a ziggurat
102362 | Zig:21   | Found the +1 Delatra's gloves {ID++}
102362 | Zig:21   | Found the +3 salamander hide armour {Flames, rFlCloud rF++
                  | rC--}
102376 | Zig:21   | Identified the ring "Makustrie" {rElec rN++ Int+6 Dex-3
                  | SInv}
102378 | Zig:21   | Identified the +3 dagger "Coiddor" {freeze, *Corrode rC+
                  | Int+3 Dex+2}
102390 | Zig:21   | Identified the ring "Rumpin" {rElec Will+ AC+4 Str+6 Int-2}
102394 | Zig:21   | Identified the ring "Nausuits" {Fly Str+3 Int-3 SInv}
102415 | Zig:21   | Identified the ring "Gisotac" {Slay+3 SInv Stlth+}
102429 | Zig:21   | Identified the +1 leather armour "Jeps" {Will+ Str+2 Dex+3}
102434 | Zig:21   | Identified the +1 scale mail of Ratteloa {MP+9}
102490 | Zig:22   | Entered Level 22 of a ziggurat
102520 | Zig:22   | Noticed Gaekeasi the pandemonium lord
102524 | Zig:22   | Killed Gaekeasi the pandemonium lord
102526 | Zig:22   | Found the +5 scythe "Finisher" {speed, eviscerate}
102912 | Zig:22   | Identified the amulet "Afeway" {Reflect *Slow Will+++ Str+3
                  | SH+5}
102919 | Zig:22   | Identified the +0 plate armour of Gravity {Int+4}
102921 | Zig:22   | Identified the +12 rapier "Tyloid" {vamp, rC- rCorr Str+3
                  | Int+3}
102932 | Zig:22   | Identified the ring of Dishonour {rElec rN+ Int+2}
102996 | Zig:23   | Entered Level 23 of a ziggurat
103092 | Zig:23   | Identified the +7 war axe "Gyzig" {chaos, *Slow rCorr Int+3
                  | Dex+2}
103119 | Zig:23   | Identified the ring "Jecahegu" {*Slow rPois Dex+9 Slay-3
                  | SInv}
103134 | Zig:23   | Identified the +0 chain mail "Tonuph" {rElec Str+3}
103501 | Zig:24   | Entered Level 24 of a ziggurat
103536 | Zig:24   | Found the +18 Lear's hauberk
103921 | Zig:24   | Identified the +1 helmet of Qazlal's Envy {rC+ rCorr}
103930 | Zig:24   | Identified the +5 ring mail "Catu" {rPois rF- rC+ Str+2}
103949 | Zig:24   | Identified the +4 rapier "Newtslayer" {speed, *Noise rN+
                  | Int+3 Dex+3}
103953 | Zig:24   | Identified the ring of Juthom {Wiz rN+}
103960 | Zig:24   | Identified the ring of Susmil {Will+ Str+6}
103981 | Zig:24   | Identified the +6 quarterstaff of Nyppedd {flame, rF- rN+
                  | rCorr}
103985 | Zig:24   | Identified the +8 rapier of Cuoruffe {freeze, *Noise Will+
                  | SInv}
103995 | Zig:24   | Identified the ring "Tedi" {rPois rC+ Slay+2}
104085 | Zig:25   | Entered Level 25 of a ziggurat
104112 | Zig:25   | Noticed Syeghuser the pandemonium lord
104117 | Zig:25   | Killed Syeghuser the pandemonium lord
104229 | Zig:25   | Identified the ring "Ajimaa Pamu" {rF+ rCorr MP-9 Str+7
                  | Slay+4}
104232 | Zig:25   | Identified the +2 chain mail of Lust {rF+ rC+ Int+2}
104244 | Zig:25   | Identified the +9 dire flail "Giantbane" {heavy, Fragile
                  | rC- Str+6 SInv}
104640 | Zig:26   | Entered Level 26 of a ziggurat
104652 | Zig:26   | Noticed Reipram the pandemonium lord
104653 | Zig:26   | Noticed Bory the pandemonium lord
104654 | Zig:26   | Noticed Iddidiv the pandemonium lord
104655 | Zig:26   | Killed Reipram the pandemonium lord
104655 | Zig:26   | Noticed Puuchuh the pandemonium lord
104656 | Zig:26   | Noticed Hijotyet the pandemonium lord
104656 | Zig:26   | Noticed Oplaukea the pandemonium lord
104657 | Zig:26   | Killed Bory the pandemonium lord
104657 | Zig:26   | Noticed Jeguanuz the pandemonium lord
104657 | Zig:26   | Noticed Efel the pandemonium lord
104659 | Zig:26   | Noticed Tul Gees the pandemonium lord
104659 | Zig:26   | Noticed Mahioc the pandemonium lord
104660 | Zig:26   | Noticed Iforcher the pandemonium lord
104660 | Zig:26   | Noticed Deeqaic the pandemonium lord
104661 | Zig:26   | Noticed Yrinyug the pandemonium lord
104661 | Zig:26   | Noticed Wihori the pandemonium lord
104661 | Zig:26   | Noticed Visimibo the pandemonium lord
104662 | Zig:26   | Killed Oplaukea the pandemonium lord
104662 | Zig:26   | Killed Iddidiv the pandemonium lord
104662 | Zig:26   | Noticed Irixix the pandemonium lord
104663 | Zig:26   | Killed Mahioc the pandemonium lord
104663 | Zig:26   | Killed Visimibo the pandemonium lord
104663 | Zig:26   | Noticed Viyma the pandemonium lord
104664 | Zig:26   | Killed Iforcher the pandemonium lord
104664 | Zig:26   | Killed Jeguanuz the pandemonium lord
104664 | Zig:26   | Killed Hijotyet the pandemonium lord
104664 | Zig:26   | Killed Deeqaic the pandemonium lord
104664 | Zig:26   | Noticed Jymoses the pandemonium lord
104665 | Zig:26   | Killed Efel the pandemonium lord
104665 | Zig:26   | Killed Viyma the pandemonium lord
104665 | Zig:26   | Killed Irixix the pandemonium lord
104665 | Zig:26   | Noticed Qieshir the pandemonium lord
104665 | Zig:26   | Noticed Zerhuh the pandemonium lord
104665 | Zig:26   | Noticed Recvam the pandemonium lord
104666 | Zig:26   | Killed Wihori the pandemonium lord
104666 | Zig:26   | Killed Puuchuh the pandemonium lord
104667 | Zig:26   | Killed Jymoses the pandemonium lord
104667 | Zig:26   | Killed Zerhuh the pandemonium lord
104667 | Zig:26   | Killed Yrinyug the pandemonium lord
104667 | Zig:26   | Killed Tul Gees the pandemonium lord
104667 | Zig:26   | Noticed Qoteg the pandemonium lord
104668 | Zig:26   | Killed Qieshir the pandemonium lord
104668 | Zig:26   | Killed Recvam the pandemonium lord
104668 | Zig:26   | Noticed Sublewoxt the pandemonium lord
104668 | Zig:26   | Noticed Cocroca the pandemonium lord
104669 | Zig:26   | Noticed Gosoafai the pandemonium lord
104669 | Zig:26   | Noticed Sehaajy the pandemonium lord
104669 | Zig:26   | Noticed Fequil the pandemonium lord
104669 | Zig:26   | Noticed Sefeif the pandemonium lord
104669 | Zig:26   | Noticed Woustror the pandemonium lord
104669 | Zig:26   | Noticed Xaiphu the pandemonium lord
104669 | Zig:26   | Noticed Tuongete the pandemonium lord
104669 | Zig:26   | Noticed Yrghas the pandemonium lord
104669 | Zig:26   | Noticed Wemp the pandemonium lord
104670 | Zig:26   | Killed Fequil the pandemonium lord
104670 | Zig:26   | Killed Wemp the pandemonium lord
104670 | Zig:26   | Noticed Aroafron the pandemonium lord
104670 | Zig:26   | Noticed Bucom the pandemonium lord
104670 | Zig:26   | Noticed Torrir the pandemonium lord
104670 | Zig:26   | Noticed Ziasux the pandemonium lord
104671 | Zig:26   | Killed Sefeif the pandemonium lord
104671 | Zig:26   | Killed Sehaajy the pandemonium lord
104671 | Zig:26   | Killed Cocroca the pandemonium lord
104671 | Zig:26   | Killed Tuongete the pandemonium lord
104671 | Zig:26   | Killed Qoteg the pandemonium lord
104671 | Zig:26   | Killed Xaiphu the pandemonium lord
104672 | Zig:26   | Killed Gosoafai the pandemonium lord
104672 | Zig:26   | Killed Sublewoxt the pandemonium lord
104673 | Zig:26   | Killed Woustror the pandemonium lord
104673 | Zig:26   | Killed Ziasux the pandemonium lord
104673 | Zig:26   | Killed Yrghas the pandemonium lord
104674 | Zig:26   | Noticed Enesuf the pandemonium lord
104674 | Zig:26   | Killed Bucom the pandemonium lord
104674 | Zig:26   | Noticed Del Mesm the pandemonium lord
104674 | Zig:26   | Noticed Iwottiz the pandemonium lord
104674 | Zig:26   | Noticed Tealaelo the pandemonium lord
104674 | Zig:26   | Noticed Xuemai the pandemonium lord
104675 | Zig:26   | Killed Enesuf the pandemonium lord
104675 | Zig:26   | Killed Torrir the pandemonium lord
104675 | Zig:26   | Noticed Weohic the pandemonium lord
104676 | Zig:26   | Killed Xuemai the pandemonium lord
104677 | Zig:26   | Noticed Pocir the pandemonium lord
104677 | Zig:26   | Killed Tealaelo the pandemonium lord
104677 | Zig:26   | Noticed Rodym the pandemonium lord
104678 | Zig:26   | Killed Iwottiz the pandemonium lord
104678 | Zig:26   | Killed Del Mesm the pandemonium lord
104678 | Zig:26   | Banished Aroafron the pandemonium lord
104678 | Zig:26   | Noticed Sasucsen the pandemonium lord
104678 | Zig:26   | Noticed Ducorale the pandemonium lord
104678 | Zig:26   | Noticed Reehaet the pandemonium lord
104678 | Zig:26   | Noticed Nafurang the pandemonium lord
104679 | Zig:26   | Killed Weohic the pandemonium lord
104680 | Zig:26   | Killed Sasucsen the pandemonium lord
104680 | Zig:26   | Killed Nafurang the pandemonium lord
104680 | Zig:26   | Killed Reehaet the pandemonium lord
104680 | Zig:26   | Killed Ducorale the pandemonium lord
104680 | Zig:26   | Killed Pocir the pandemonium lord
104680 | Zig:26   | Noticed Febuzose the pandemonium lord
104680 | Zig:26   | Noticed Nyoniteb the pandemonium lord
104680 | Zig:26   | Noticed Xic Pargh the pandemonium lord
104680 | Zig:26   | Noticed Xuirch the pandemonium lord
104681 | Zig:26   | Noticed Xaofoxke the pandemonium lord
104681 | Zig:26   | Noticed Hunoi the pandemonium lord
104681 | Zig:26   | Noticed Xotrafeut the pandemonium lord
104681 | Zig:26   | Noticed Qausetae the pandemonium lord
104681 | Zig:26   | Noticed Qoshrem the pandemonium lord
104681 | Zig:26   | Noticed Toxenelu the pandemonium lord
104681 | Zig:26   | Noticed Jeosey the pandemonium lord
104682 | Zig:26   | Noticed Opagrah the pandemonium lord
104682 | Zig:26   | Noticed Ocsam the pandemonium lord
104683 | Zig:26   | Killed Febuzose the pandemonium lord
104683 | Zig:26   | Noticed Meexziysh the pandemonium lord
104683 | Zig:26   | Noticed Ifrec the pandemonium lord
104683 | Zig:26   | Noticed Oguufei the pandemonium lord
104684 | Zig:26   | Killed Nyoniteb the pandemonium lord
104684 | Zig:26   | Killed Jeosey the pandemonium lord
104684 | Zig:26   | Killed Rodym the pandemonium lord
104684 | Zig:26   | Killed Xuirch the pandemonium lord
104684 | Zig:26   | Killed Xotrafeut the pandemonium lord
104685 | Zig:26   | Killed Xaofoxke the pandemonium lord
104685 | Zig:26   | Killed Hunoi the pandemonium lord
104685 | Zig:26   | Killed Meexziysh the pandemonium lord
104685 | Zig:26   | Killed Xic Pargh the pandemonium lord
104685 | Zig:26   | Killed Toxenelu the pandemonium lord
104685 | Zig:26   | Killed Opagrah the pandemonium lord
104686 | Zig:26   | Killed Qoshrem the pandemonium lord
104686 | Zig:26   | Noticed Saene the pandemonium lord
104686 | Zig:26   | Noticed Yquureb the pandemonium lord
104686 | Zig:26   | Noticed Bumyosch the pandemonium lord
104687 | Zig:26   | Killed Ocsam the pandemonium lord
104687 | Zig:26   | Killed Ifrec the pandemonium lord
104688 | Zig:26   | Noticed Onluer the pandemonium lord
104688 | Zig:26   | Killed Oguufei the pandemonium lord
104689 | Zig:26   | Noticed Vumoes the pandemonium lord
104689 | Zig:26   | Killed Bumyosch the pandemonium lord
104689 | Zig:26   | Killed Onluer the pandemonium lord
104689 | Zig:26   | Killed Yquureb the pandemonium lord
104689 | Zig:26   | Killed Vumoes the pandemonium lord
104689 | Zig:26   | Noticed Kiciadoh the pandemonium lord
104690 | Zig:26   | Noticed Duclogin the pandemonium lord
104690 | Zig:26   | Killed Saene the pandemonium lord
104690 | Zig:26   | Noticed Pueng the pandemonium lord
104691 | Zig:26   | Killed Qausetae the pandemonium lord
104692 | Zig:26   | Killed Kiciadoh the pandemonium lord
104692 | Zig:26   | Killed Duclogin the pandemonium lord
104692 | Zig:26   | Noticed Diusadoh the pandemonium lord
104693 | Zig:26   | Noticed Moutuiri the pandemonium lord
104693 | Zig:26   | Noticed Zurum the pandemonium lord
104693 | Zig:26   | Noticed Fukixec the pandemonium lord
104694 | Zig:26   | Noticed Putis Sofalu the pandemonium lord
104694 | Zig:26   | Noticed Afogoin the pandemonium lord
104694 | Zig:26   | Noticed Ecukon the pandemonium lord
104694 | Zig:26   | Noticed Faith the pandemonium lord
104694 | Zig:26   | Noticed Vyregota the pandemonium lord
104694 | Zig:26   | Noticed Apop the pandemonium lord
104694 | Zig:26   | Noticed Kesm the pandemonium lord
104695 | Zig:26   | Killed Pueng the pandemonium lord
104695 | Zig:26   | Noticed Lohimoos the pandemonium lord
104696 | Zig:26   | Noticed Vumuly the pandemonium lord
104696 | Zig:26   | Noticed Decebb Tura the pandemonium lord
104696 | Zig:26   | Noticed Henkial the pandemonium lord
104696 | Zig:26   | Noticed Ygow the pandemonium lord
104696 | Zig:26   | Noticed Esuru the pandemonium lord
104696 | Zig:26   | Noticed Vyut the pandemonium lord
104696 | Zig:26   | Noticed Eriong the pandemonium lord
104696 | Zig:26   | Noticed Ciasm the pandemonium lord
104696 | Zig:26   | Noticed Revex the pandemonium lord
104696 | Zig:26   | Noticed Aleham the pandemonium lord
104696 | Zig:26   | Noticed Muus Sol the pandemonium lord
104696 | Zig:26   | Noticed Mial the pandemonium lord
104696 | Zig:26   | Noticed Kiedan the pandemonium lord
104696 | Zig:26   | Noticed Gemmob the pandemonium lord
104697 | Zig:26   | Noticed Boosugust the pandemonium lord
104697 | Zig:26   | Noticed Siuveanim the pandemonium lord
104697 | Zig:26   | Killed Ecukon the pandemonium lord
104697 | Zig:26   | Killed Zurum the pandemonium lord
104697 | Zig:26   | Killed Moutuiri the pandemonium lord
104697 | Zig:26   | Killed Putis Sofalu the pandemonium lord
104697 | Zig:26   | Killed Fukixec the pandemonium lord
104698 | Zig:26   | Noticed Yfupajyr the pandemonium lord
104698 | Zig:26   | Killed Kesm the pandemonium lord
104698 | Zig:26   | Killed Apop the pandemonium lord
104698 | Zig:26   | Killed Henkial the pandemonium lord
104698 | Zig:26   | Killed Vumuly the pandemonium lord
104698 | Zig:26   | Killed Eriong the pandemonium lord
104698 | Zig:26   | Killed Vyregota the pandemonium lord
104698 | Zig:26   | Killed Aleham the pandemonium lord
104698 | Zig:26   | Killed Faith the pandemonium lord
104698 | Zig:26   | Noticed Wasimok the pandemonium lord
104699 | Zig:26   | Killed Afogoin the pandemonium lord
104699 | Zig:26   | Killed Lohimoos the pandemonium lord
104699 | Zig:26   | Killed Decebb Tura the pandemonium lord
104699 | Zig:26   | Killed Siuveanim the pandemonium lord
104699 | Zig:26   | Killed Gemmob the pandemonium lord
104699 | Zig:26   | Killed Kiedan the pandemonium lord
104699 | Zig:26   | Killed Esuru the pandemonium lord
104699 | Zig:26   | Killed Yfupajyr the pandemonium lord
104699 | Zig:26   | Killed Vyut the pandemonium lord
104700 | Zig:26   | Killed Revex the pandemonium lord
104700 | Zig:26   | Noticed Yfaerigaw the pandemonium lord
104700 | Zig:26   | Killed Boosugust the pandemonium lord
104701 | Zig:26   | Noticed Domnemac the pandemonium lord
104701 | Zig:26   | Noticed Raimoamih the pandemonium lord
104701 | Zig:26   | Noticed Qon Sot the pandemonium lord
104701 | Zig:26   | Noticed Miffoukk the pandemonium lord
104702 | Zig:26   | Noticed Olakk the pandemonium lord
104702 | Zig:26   | Killed Wasimok the pandemonium lord
104702 | Zig:26   | Killed Miffoukk the pandemonium lord
104702 | Zig:26   | Killed Ciasm the pandemonium lord
104702 | Zig:26   | Noticed Deysiqenoq the pandemonium lord
104702 | Zig:26   | Noticed Jostaati the pandemonium lord
104703 | Zig:26   | Killed Qon Sot the pandemonium lord
104703 | Zig:26   | Killed Mial the pandemonium lord
104703 | Zig:26   | Noticed Riagooni the pandemonium lord
104704 | Zig:26   | Killed Ygow the pandemonium lord
104704 | Zig:26   | Killed Raimoamih the pandemonium lord
104704 | Zig:26   | Killed Jostaati the pandemonium lord
104704 | Zig:26   | Killed Yfaerigaw the pandemonium lord
104704 | Zig:26   | Killed Domnemac the pandemonium lord
104704 | Zig:26   | Killed Olakk the pandemonium lord
104705 | Zig:26   | Killed Diusadoh the pandemonium lord
104705 | Zig:26   | Noticed Joja Ohabubb the pandemonium lord
104706 | Zig:26   | Killed Muus Sol the pandemonium lord
104707 | Zig:26   | Killed Riagooni the pandemonium lord
104707 | Zig:26   | Killed Deysiqenoq the pandemonium lord
104707 | Zig:26   | Noticed Tynov the pandemonium lord
104709 | Zig:26   | Noticed Huhif the pandemonium lord
104709 | Zig:26   | Noticed Miofamm the pandemonium lord
104711 | Zig:26   | Killed Joja Ohabubb the pandemonium lord
104711 | Zig:26   | Killed Tynov the pandemonium lord
104712 | Zig:26   | Killed Miofamm the pandemonium lord
104713 | Zig:26   | Killed Huhif the pandemonium lord
104935 | Zig:26   | Found the +8 storm bow {elec, penet}
104951 | Zig:26   | Identified the +0 scale mail of the Lair of Beasts {rCorr
                  | Dex+3}
104956 | Zig:26   | Identified the ring "Tagosees" {EV+5 Int+2}
104959 | Zig:26   | Identified the +1 spear "Mishac" {heavy, rElec}
104960 | Zig:26   | Identified the ring of Bushrute {rC+ rN+ SInv}
104961 | Zig:26   | Identified the ring "Jaucoi" {rPois rC+ rN+ Str+3}
104967 | Zig:26   | Identified the +0 rapier "Adwaetoi" {freeze, *Slow Int+3}
104977 | Zig:26   | Identified the +1 flail of Karma {freeze, rElec rN+}
104992 | Zig:26   | Identified the ring "Biocyuz" {Slay+2 SInv}
105004 | Zig:26   | Identified the +4 ring mail of Lugonu's Envy {Str+4 Dex+2}
105187 | Zig:27   | Entered Level 27 of a ziggurat
105252 | Zig:27   | Noticed an ancient lich
105257 | Zig:27   | Killed an ancient lich
105272 | Zig:27   | Killed a starcursed mass
105272 | Zig:27   | Killed a starcursed mass
105342 | Zig:27   | Identified the +0 robe of Trumpets {rF+ Dex-5 SInv Stlth+}
105374 | Zig:27   | Identified the +6 great mace of Debt {speed, rPois rF+
                  | rC+++ Int-2}
105902 | Depths:1 | Acquired the +13 tower shield "Panuihisk" {rF- rC+ Will+}
105916 | Zig:1    | Entered Level 1 of a ziggurat
105964 | Zig:2    | Entered Level 2 of a ziggurat
106034 | Zig:3    | Entered Level 3 of a ziggurat
106034 | Zig:3    | Noticed a juggernaut
106034 | Zig:3    | Noticed a juggernaut
106036 | Zig:3    | Noticed a juggernaut
106036 | Zig:3    | Found the +5 Force Lance {heavy, knockback}
106037 | Zig:3    | Killed a juggernaut
106038 | Zig:3    | Killed a juggernaut
106039 | Zig:3    | Killed a juggernaut
106162 | Zig:4    | Entered Level 4 of a ziggurat
106302 | Zig:5    | Entered Level 5 of a ziggurat
106353 | Zig:5    | Identified the +2 spear "Fyateblu" {drain, Contam Will+++
                  | Str+6 Int-2}
106463 | Zig:6    | Entered Level 6 of a ziggurat
106573 | Zig:6    | Identified the +2 falchion "Hydraslayer" {freeze, rC+++
                  | Str-5 Int+2 Stlth+}
106582 | Zig:6    | Identified the +10 hand axe "Worm" {speed, Str+4 Int+6}
106583 | Zig:6    | Identified the amulet of Ignis's Generosity {Spirit Dex+3
                  | SInv}
106602 | Zig:7    | Entered Level 7 of a ziggurat
106603 | Zig:7    | Noticed Rul Mif the pandemonium lord
106603 | Zig:7    | Noticed Hyxzuav the pandemonium lord
106605 | Zig:7    | Killed Rul Mif the pandemonium lord
106605 | Zig:7    | Noticed Togo the pandemonium lord
106606 | Zig:7    | Noticed Jusm the pandemonium lord
106607 | Zig:7    | Noticed Eplyfe the pandemonium lord
106607 | Zig:7    | Noticed Aczulal the pandemonium lord
106607 | Zig:7    | Noticed Panlioj the pandemonium lord
106608 | Zig:7    | Killed Hyxzuav the pandemonium lord
106609 | Zig:7    | Noticed Viujud the pandemonium lord
106609 | Zig:7    | Noticed Haukh the pandemonium lord
106609 | Zig:7    | Noticed Ruumykiz the pandemonium lord
106610 | Zig:7    | Killed Panlioj the pandemonium lord
106610 | Zig:7    | Killed Aczulal the pandemonium lord
106610 | Zig:7    | Killed Togo the pandemonium lord
106611 | Zig:7    | Killed Jusm the pandemonium lord
106611 | Zig:7    | Killed Ruumykiz the pandemonium lord
106611 | Zig:7    | Noticed Ymnottoh the pandemonium lord
106612 | Zig:7    | Killed Haukh the pandemonium lord
106612 | Zig:7    | Killed Viujud the pandemonium lord
106614 | Zig:7    | Killed Eplyfe the pandemonium lord
106614 | Zig:7    | Killed Ymnottoh the pandemonium lord
106684 | Zig:7    | Identified the +0 pair of boots of the Stallion {-Tele
                  | Regen+ Dex+6}
106750 | Zig:8    | Entered Level 8 of a ziggurat
106752 | Zig:8    | Noticed an ancient lich
106753 | Zig:8    | Noticed a dread lich
106753 | Zig:8    | Noticed a dread lich
106753 | Zig:8    | Noticed an ancient lich
106754 | Zig:8    | Noticed an ancient lich
106754 | Zig:8    | Noticed an ancient lich
106754 | Zig:8    | Noticed an ancient lich
106755 | Zig:8    | Killed an ancient lich
106755 | Zig:8    | Killed a dread lich
106756 | Zig:8    | Killed an ancient lich
106756 | Zig:8    | Killed a dread lich
106756 | Zig:8    | Killed an ancient lich
106756 | Zig:8    | Killed an ancient lich
106757 | Zig:8    | Killed an ancient lich
106757 | Zig:8    | Noticed an ancient lich
106758 | Zig:8    | Killed an ancient lich
106760 | Zig:8    | Noticed a dread lich
106761 | Zig:8    | Killed a dread lich
106920 | Zig:9    | Entered Level 9 of a ziggurat
106921 | Zig:9    | Noticed Nexiowuatt the pandemonium lord
106921 | Zig:9    | Noticed Bagowa the pandemonium lord
106922 | Zig:9    | Noticed Jotom the pandemonium lord
106922 | Zig:9    | Noticed Tiez the pandemonium lord
106922 | Zig:9    | Noticed Voesih the pandemonium lord
106922 | Zig:9    | Noticed Fapahor the pandemonium lord
106922 | Zig:9    | Noticed Zimubrer the pandemonium lord
106922 | Zig:9    | Noticed Pad Korph the pandemonium lord
106925 | Zig:9    | Killed Tiez the pandemonium lord
106926 | Zig:9    | Killed Fapahor the pandemonium lord
106927 | Zig:9    | Killed Pad Korph the pandemonium lord
106928 | Zig:9    | Killed Zimubrer the pandemonium lord
106928 | Zig:9    | Killed Voesih the pandemonium lord
106929 | Zig:9    | Noticed Vyba the pandemonium lord
106929 | Zig:9    | Noticed Wiburio the pandemonium lord
106930 | Zig:9    | Killed Bagowa the pandemonium lord
106930 | Zig:9    | Killed Wiburio the pandemonium lord
106930 | Zig:9    | Noticed Kisoamyll the pandemonium lord
106931 | Zig:9    | Noticed Cynuato the pandemonium lord
106931 | Zig:9    | Killed Nexiowuatt the pandemonium lord
106931 | Zig:9    | Killed Jotom the pandemonium lord
106931 | Zig:9    | Killed Vyba the pandemonium lord
106932 | Zig:9    | Killed Cynuato the pandemonium lord
106933 | Zig:9    | Noticed Laig the pandemonium lord
106933 | Zig:9    | Killed Said the pandemonium lord
106934 | Zig:9    | Noticed Ebox the pandemonium lord
106934 | Zig:9    | Noticed Emequem the pandemonium lord
106934 | Zig:9    | Noticed Udonybre the pandemonium lord
106935 | Zig:9    | Noticed Gofosuod the pandemonium lord
106935 | Zig:9    | Noticed Jamuuts the pandemonium lord
106935 | Zig:9    | Killed Emequem the pandemonium lord
106936 | Zig:9    | Killed Laig the pandemonium lord
106936 | Zig:9    | Killed Kisoamyll the pandemonium lord
106938 | Zig:9    | Killed Gofosuod the pandemonium lord
106938 | Zig:9    | Noticed Eget the pandemonium lord
106939 | Zig:9    | Killed Ebox the pandemonium lord
106939 | Zig:9    | Killed Udonybre the pandemonium lord
106939 | Zig:9    | Killed Jamuuts the pandemonium lord
106940 | Zig:9    | Noticed Watsu the pandemonium lord
106942 | Zig:9    | Killed Eget the pandemonium lord
106942 | Zig:9    | Killed Watsu the pandemonium lord
107015 | Zig:9    | Identified the +1 robe "Toh Gar" {-Tele Will+ Dex+4}
107022 | Zig:9    | Identified the +3 dagger of Sotothot {drain, Drain rPois
                  | rCorr}
107101 | Zig:10   | Entered Level 10 of a ziggurat
107101 | Zig:10   | Noticed a royal mummy
107101 | Zig:10   | Noticed a royal mummy
107101 | Zig:10   | Noticed a royal mummy
107101 | Zig:10   | Noticed a royal mummy
107101 | Zig:10   | Noticed a royal mummy
107101 | Zig:10   | Noticed a royal mummy
107103 | Zig:10   | Noticed a royal mummy
107103 | Zig:10   | Noticed a royal mummy
107103 | Zig:10   | Noticed a royal mummy
107103 | Zig:10   | Noticed a royal mummy
107104 | Zig:10   | Killed a royal mummy
107104 | Zig:10   | Killed a royal mummy
107104 | Zig:10   | Killed a royal mummy
107104 | Zig:10   | Noticed a royal mummy
107104 | Zig:10   | Killed a royal mummy
107105 | Zig:10   | Killed a royal mummy
107105 | Zig:10   | Killed a royal mummy
107105 | Zig:10   | Killed a royal mummy
107105 | Zig:10   | Killed a royal mummy
107105 | Zig:10   | Killed a royal mummy
107105 | Zig:10   | Killed a royal mummy
107105 | Zig:10   | Noticed a royal mummy
107106 | Zig:10   | Noticed a royal mummy
107107 | Zig:10   | Noticed a royal mummy
107109 | Zig:10   | Killed a royal mummy
107109 | Zig:10   | Noticed a royal mummy
107109 | Zig:10   | Noticed a royal mummy
107109 | Zig:10   | Noticed a royal mummy
107110 | Zig:10   | Killed a royal mummy
107110 | Zig:10   | Killed a royal mummy
107110 | Zig:10   | Killed a royal mummy
107110 | Zig:10   | Noticed a royal mummy
107112 | Zig:10   | Noticed a royal mummy
107113 | Zig:10   | Killed a royal mummy
107114 | Zig:10   | Killed a royal mummy
107114 | Zig:10   | Killed a royal mummy
107116 | Zig:10   | Killed a royal mummy
107117 | Zig:10   | Killed a royal mummy
107394 | Zig:10   | Identified the ring of Gialah {rCorr Dex+3}
107434 | Zig:10   | Identified the amulet "Vupnexaf" {Spirit rC+}
107445 | Zig:11   | Entered Level 11 of a ziggurat
107547 | Zig:11   | Identified the +2 robe "Loum" {+Inv Fly Slay+6}
107551 | Zig:11   | Identified the ring of Luinte {Dex+6 SInv Stlth+}
107558 | Zig:11   | Identified the +1 leather armour of Negligence {rC+ Will+
                  | Str+3 Stlth+}
107563 | Zig:11   | Identified the orb of Eternity {*Rage, rC- rCorr Dex+8
                  | SInv}
107575 | Zig:11   | Identified the +2 pair of boots of the Lair of Beasts
                  | {Contam +Inv rCorr Stlth-}
107581 | Zig:11   | Identified the ring of Raff {rN+ Will+ MP+9 Str+3 SInv}
107610 | Zig:11   | Identified the +7 scimitar "Safekk" {heavy, Fly rElec
                  | Str-2}
107739 | Zig:12   | Entered Level 12 of a ziggurat
107741 | Zig:12   | Noticed an orb of fire
107741 | Zig:12   | Noticed an orb of fire
107741 | Zig:12   | Noticed an orb of fire
107742 | Zig:12   | Noticed an orb of fire
107742 | Zig:12   | Noticed an orb of fire
107742 | Zig:12   | Noticed an orb of fire
107742 | Zig:12   | Noticed an orb of fire
107742 | Zig:12   | Noticed an orb of fire
107742 | Zig:12   | Noticed an orb of fire
107743 | Zig:12   | Noticed an orb of fire
107743 | Zig:12   | Noticed an orb of fire
107744 | Zig:12   | Noticed an orb of fire
107745 | Zig:12   | Killed an orb of fire
107745 | Zig:12   | Killed an orb of fire
107745 | Zig:12   | Noticed an orb of fire
107745 | Zig:12   | Noticed an orb of fire
107746 | Zig:12   | Noticed an orb of fire
107746 | Zig:12   | Noticed an orb of fire
107746 | Zig:12   | Noticed an orb of fire
107746 | Zig:12   | Noticed an orb of fire
107746 | Zig:12   | Noticed an orb of fire
107746 | Zig:12   | Noticed an orb of fire
107747 | Zig:12   | Killed an orb of fire
107747 | Zig:12   | Killed an orb of fire
107747 | Zig:12   | Noticed an orb of fire
107747 | Zig:12   | Noticed an orb of fire
107748 | Zig:12   | Killed an orb of fire
107748 | Zig:12   | Killed an orb of fire
107748 | Zig:12   | Killed an orb of fire
107748 | Zig:12   | Killed an orb of fire
107749 | Zig:12   | Killed an orb of fire
107749 | Zig:12   | Killed an orb of fire
107749 | Zig:12   | Killed an orb of fire
107750 | Zig:12   | Noticed an orb of fire
107750 | Zig:12   | Noticed an orb of fire
107750 | Zig:12   | Noticed an orb of fire
107750 | Zig:12   | Noticed an orb of fire
107751 | Zig:12   | Killed an orb of fire
107751 | Zig:12   | Killed an orb of fire
107751 | Zig:12   | Killed an orb of fire
107752 | Zig:12   | Noticed an orb of fire
107753 | Zig:12   | Killed an orb of fire
107753 | Zig:12   | Killed an orb of fire
107753 | Zig:12   | Killed an orb of fire
107754 | Zig:12   | Killed an orb of fire
107754 | Zig:12   | Killed an orb of fire
107754 | Zig:12   | Killed an orb of fire
107754 | Zig:12   | Killed an orb of fire
107754 | Zig:12   | Killed an orb of fire
107756 | Zig:12   | Killed an orb of fire
107756 | Zig:12   | Killed an orb of fire
107756 | Zig:12   | Killed an orb of fire
107757 | Zig:12   | Killed an orb of fire
107757 | Zig:12   | Killed an orb of fire
107943 | Zig:12   | Identified the ring of Rahiacyis {rElec rPois Int+6}
108003 | Zig:13   | Entered Level 13 of a ziggurat
108031 | Zig:13   | Killed a starcursed mass
108217 | Zig:13   | Identified the +1 whip "Orb Guardian's Peril" {drain,
                  | Str+5}
108414 | Zig:13   | Identified the +4 hand axe of the Dungeon {distort, rCorr
                  | Str-4 Int+5}
108417 | Zig:13   | Identified the +6 triple sword of Caercham {holy, Int+5}
108441 | Zig:13   | Identified the ring "Korrurik" {rPois Will+ rCorr}
108448 | Zig:13   | Identified the +1 leather armour of Ocev {Fly rF+ rC-
                  | Str+2}
108483 | Zig:14   | Entered Level 14 of a ziggurat
108806 | Zig:14   | Identified the ring of Eternal Night {Ice rPois}
108813 | Zig:14   | Identified the +0 pair of gloves "Ziuliceo" {SInv Stlth+}
108821 | Zig:14   | Identified the +4 quarterstaff of Anxiety {heavy, rF+ rC++
                  | Will+}
108822 | Zig:14   | Identified the +2 eveningstar of Terra Cotta {speed,
                  | *Corrode rElec rN+++ Dex+4}
108837 | Zig:14   | Identified the +0 robe of Modesty {+Inv rCorr}
108881 | Zig:15   | Entered Level 15 of a ziggurat
108894 | Zig:15   | Found the +7 great mace "Undeadhunter" {deathbane, rN+}
108894 | Zig:15   | Found the +9 staff of Wucad Mu {*channel}
108936 | Zig:15   | Identified the +2 glaive of Obsession {speed, Dex+3}
108957 | Zig:15   | Identified the amulet of Tyuxkunn {Reflect Int+3 SH+5}
108971 | Zig:15   | Identified the amulet "Zicyiv" {Faith Fly Stlth+}
108984 | Zig:15   | Identified the +7 chain mail of Koprom {Will++ Str-2 Dex+3}
108986 | Zig:15   | Identified the +8 ring mail of the Valley of Death {Contam
                  | Will+ Str-4 Dex+8}
108987 | Zig:15   | Identified the +4 quarterstaff "Axaka" {flame, rF+ Str+3
                  | Dex+3}
108988 | Zig:15   | Identified the +1 war axe "Usecu" {elec, Str+3}
109258 | Zig:16   | Entered Level 16 of a ziggurat
109258 | Zig:16   | Noticed a royal mummy
109258 | Zig:16   | Noticed a royal mummy
109258 | Zig:16   | Noticed a royal mummy
109258 | Zig:16   | Noticed a royal mummy
109259 | Zig:16   | Noticed a royal mummy
109259 | Zig:16   | Noticed a royal mummy
109259 | Zig:16   | Noticed a royal mummy
109259 | Zig:16   | Noticed a royal mummy
109259 | Zig:16   | Noticed a royal mummy
109259 | Zig:16   | Noticed a royal mummy
109261 | Zig:16   | Killed a royal mummy
109261 | Zig:16   | Killed a royal mummy
109261 | Zig:16   | Killed a royal mummy
109261 | Zig:16   | Killed a royal mummy
109261 | Zig:16   | Killed a royal mummy
109261 | Zig:16   | Killed a royal mummy
109261 | Zig:16   | Killed a royal mummy
109261 | Zig:16   | Killed a royal mummy
109262 | Zig:16   | Noticed a royal mummy
109263 | Zig:16   | Killed a royal mummy
109263 | Zig:16   | Killed a royal mummy
109263 | Zig:16   | Noticed a royal mummy
109263 | Zig:16   | Noticed a royal mummy
109263 | Zig:16   | Noticed a royal mummy
109263 | Zig:16   | Noticed a royal mummy
109264 | Zig:16   | Noticed a royal mummy
109264 | Zig:16   | Noticed a royal mummy
109264 | Zig:16   | Noticed a royal mummy
109264 | Zig:16   | Noticed a royal mummy
109264 | Zig:16   | Noticed a royal mummy
109264 | Zig:16   | Noticed a royal mummy
109266 | Zig:16   | Noticed a royal mummy
109266 | Zig:16   | Noticed a royal mummy
109266 | Zig:16   | Noticed a royal mummy
109267 | Zig:16   | Noticed a dread lich
109267 | Zig:16   | Killed a royal mummy
109267 | Zig:16   | Killed a royal mummy
109267 | Zig:16   | Killed a royal mummy
109267 | Zig:16   | Killed a royal mummy
109267 | Zig:16   | Killed a royal mummy
109267 | Zig:16   | Killed a royal mummy
109267 | Zig:16   | Killed a royal mummy
109267 | Zig:16   | Killed a royal mummy
109267 | Zig:16   | Killed a royal mummy
109267 | Zig:16   | Noticed a royal mummy
109267 | Zig:16   | Noticed a royal mummy
109268 | Zig:16   | Noticed a royal mummy
109268 | Zig:16   | Noticed a royal mummy
109268 | Zig:16   | Noticed a royal mummy
109268 | Zig:16   | Killed a dread lich
109269 | Zig:16   | Killed a royal mummy
109269 | Zig:16   | Killed a royal mummy
109269 | Zig:16   | Noticed a royal mummy
109269 | Zig:16   | Killed a royal mummy
109269 | Zig:16   | Noticed a royal mummy
109270 | Zig:16   | Noticed a royal mummy
109270 | Zig:16   | Noticed a royal mummy
109270 | Zig:16   | Noticed a royal mummy
109271 | Zig:16   | Killed a royal mummy
109271 | Zig:16   | Killed a royal mummy
109271 | Zig:16   | Killed a royal mummy
109271 | Zig:16   | Killed a royal mummy
109271 | Zig:16   | Killed a royal mummy
109271 | Zig:16   | Killed a royal mummy
109271 | Zig:16   | Killed a royal mummy
109272 | Zig:16   | Noticed a royal mummy
109272 | Zig:16   | Killed a royal mummy
109272 | Zig:16   | Killed a royal mummy
109272 | Zig:16   | Noticed a royal mummy
109273 | Zig:16   | Noticed a royal mummy
109273 | Zig:16   | Noticed a royal mummy
109274 | Zig:16   | Killed a royal mummy
109274 | Zig:16   | Killed a royal mummy
109274 | Zig:16   | Killed a royal mummy
109275 | Zig:16   | Killed a royal mummy
109275 | Zig:16   | Killed a royal mummy
109275 | Zig:16   | Killed a royal mummy
109276 | Zig:16   | Killed a royal mummy
109277 | Zig:16   | Noticed a royal mummy
109279 | Zig:16   | Noticed a royal mummy
109281 | Zig:16   | Killed a royal mummy
109283 | Zig:16   | Killed a royal mummy
109808 | Zig:17   | Entered Level 17 of a ziggurat
110210 | Zig:17   | Identified the ring "Wefem" {rPois rC+ rN+ Will- Str+6}
110230 | Zig:17   | Identified the +9 shortbow of Misery {antimagic, rC+ Int+2}
110238 | Zig:18   | Entered Level 18 of a ziggurat
110258 | Zig:18   | Found the +0 toga "Victory" {*Victory Clar}
110259 | Zig:18   | Found the +7 Throatcutter {drain, coup de grace}
110508 | Zig:18   | Identified the +0 swamp dragon scales "Ezeng" {-Cast rPois
                  | Regen+ rCorr Stlth+}
110520 | Zig:18   | Identified the ring "Muygrobbu" {MP+9 Str+2 Int+4 Dex+6}
110524 | Zig:18   | Identified the amulet of Touleej {Spirit rN+}
110601 | Zig:18   | Identified the +9 battleaxe of Midnight {heavy, *Noise rC+
                  | MP+9 Int+2}
110666 | Zig:18   | Identified the +6 war axe of Dudiughump {venom, rF+ rC+
                  | Dex+2}
110668 | Zig:18   | Identified the amulet of Finality {Spirit Rampage rC+ rN++}
110726 | Zig:19   | Entered Level 19 of a ziggurat
110731 | Zig:19   | Noticed a juggernaut
110731 | Zig:19   | Noticed a juggernaut
110732 | Zig:19   | Noticed a juggernaut
110733 | Zig:19   | Noticed a juggernaut
110733 | Zig:19   | Noticed a juggernaut
110734 | Zig:19   | Noticed a juggernaut
110735 | Zig:19   | Killed a juggernaut
110735 | Zig:19   | Killed a juggernaut
110735 | Zig:19   | Killed a juggernaut
110735 | Zig:19   | Killed a juggernaut
110736 | Zig:19   | Noticed a juggernaut
110736 | Zig:19   | Noticed a juggernaut
110737 | Zig:19   | Noticed a juggernaut
110737 | Zig:19   | Noticed a juggernaut
110738 | Zig:19   | Noticed a juggernaut
110738 | Zig:19   | Noticed a juggernaut
110739 | Zig:19   | Killed a juggernaut
110739 | Zig:19   | Killed a juggernaut
110739 | Zig:19   | Noticed a juggernaut
110739 | Zig:19   | Noticed a juggernaut
110740 | Zig:19   | Noticed a juggernaut
110741 | Zig:19   | Killed a juggernaut
110741 | Zig:19   | Killed a juggernaut
110741 | Zig:19   | Killed a juggernaut
110741 | Zig:19   | Killed a juggernaut
110741 | Zig:19   | Killed a juggernaut
110741 | Zig:19   | Noticed a juggernaut
110743 | Zig:19   | Noticed a juggernaut
110744 | Zig:19   | Killed a juggernaut
110744 | Zig:19   | Killed a juggernaut
110745 | Zig:19   | Killed a juggernaut
110745 | Zig:19   | Killed a juggernaut
110746 | Zig:19   | Killed a juggernaut
110748 | Zig:19   | Identified the ring of Kexona {*Slow rElec rF- Str+6 SInv}
110749 | Zig:19   | Killed a juggernaut
110821 | Zig:19   | Identified the +3 scale mail of the Merchant {Str+2}
110860 | Zig:19   | Identified the +1 steam dragon scales of the Sacrificial
                  | Victim {Harm Int+3 SInv}
110872 | Zig:19   | Identified the +5 robe of the Kettle-Drum {rElec Will+}
110877 | Zig:19   | Identified the +5 trident of Premature Burial {flame,
                  | Int+3}
110902 | Zig:19   | Identified the +5 glaive of Big Damage {drain, Fragile rF++
                  | Str+5}
110911 | Zig:19   | Identified the ring "Ewadiqew" {Ice rN+ SInv}
110920 | Zig:19   | Identified the ring "Wyfuk" {rElec rPois Str-4 Slay+4}
111348 | Zig:19   | Upgraded the game from 0.30-a0-912-ge10d75a369 to
                  | 0.30-a0-916-g98134172ad
111352 | Zig:20   | Entered Level 20 of a ziggurat
111663 | Zig:20   | Identified the scarf of Rotation {repulsion, +Inv Regen+
                  | rCorr Str-4}
111665 | Zig:20   | Identified the +8 dagger of Wyrd {drain, Str+3 Int+2 Dex-2}
111677 | Zig:20   | Identified the +5 lajatang of the Badger {flame, rN+ Str-4
                  | Int+2 Dex+3}
111687 | Zig:20   | Identified the staff of conjuration "Uzecs" {rC+ Will+
                  | rCorr Stlth+}
111717 | Zig:20   | Identified the +4 long sword "Weishaona" {heavy, rN+
                  | Stlth+}
111740 | Zig:20   | Identified the staff of cold "Kafuf" {Fly rC+ Dex+2 Stlth+}
111753 | Zig:20   | Identified the +8 scale mail of Apreps {Contam Harm rElec
                  | Stlth+}
111816 | Zig:21   | Entered Level 21 of a ziggurat
111839 | Zig:21   | Found the +7 Kryia's mail coat {PotionHeal*2 rC+}
111974 | Zig:21   | Identified the ring "Umoabimn" {Fire Int+3}
112041 | Zig:21   | Identified the staff of cold "Qatify" {rC+ rN+ Will+ Dex+3}
112049 | Zig:21   | Identified the ring of Lust {Int+2 SInv}
112068 | Zig:21   | Identified the +8 short sword of the Protecting Gods
                  | {freeze, rC+ Will+ rCorr}
112401 | Zig:22   | Entered Level 22 of a ziggurat
112420 | Zig:22   | Noticed an ancient lich
112422 | Zig:22   | Killed an ancient lich
112458 | Zig:22   | Killed a starcursed mass
112461 | Zig:22   | Killed a starcursed mass
112845 | Zig:22   | Identified the +6 whip of No Interval {venom, *Noise rF+
                  | Int+2 Dex+4}
112882 | Zig:22   | Identified the +4 great sword "Emmeadd" {heavy, rC+ rN+}
112892 | Zig:22   | Identified the staff of fire "Yllaopp" {rF+ rCorr Str+2}
112927 | Zig:22   | Identified the +5 mace of the Beast {freeze, rC++ Will+}
112931 | Zig:22   | Identified the amulet of Kiash {Regen+ Str+3}
112937 | Zig:22   | Identified the ring of Penarr {rPois rF- rN+ Will+}
112941 | Zig:22   | Identified the +9 great sword "Koked" {speed, Str+3 SInv}
112956 | Zig:22   | Identified the +7 short sword of the Abyss {drain, rN+
                  | Will- Int+3}
113037 | Zig:23   | Entered Level 23 of a ziggurat
113111 | Zig:23   | Identified the +4 short sword of Accord {freeze, rPois rF-
                  | rC+++ Str-2}
113115 | Zig:23   | Identified the +1 quick blade "Zirphas" {pain, Dex+3}
113122 | Zig:23   | Identified the +4 robe of Death Resistance {rC+}
113138 | Zig:23   | Identified the +8 rapier of Res Nullius {flame, rC+ rN+
                  | Will++ Dex-4}
113156 | Zig:23   | Identified the +8 rapier "Kuer" {flame, Will++}
113176 | Zig:23   | Identified the staff of conjuration "Qaobal" {Contam rF+
                  | rC+ rN+}
113186 | Zig:23   | Identified the ring "Nuradd" {rN+ Dex+2}
113191 | Zig:23   | Identified the +6 lajatang "Togaxiopp" {protect, rElec rC+
                  | Str+3}
113198 | Zig:23   | Identified the amulet of Immorality {Faith Str+5}
113202 | Zig:23   | Identified the staff of air "Zemumnox" {rElec Dex+4}
113211 | Zig:23   | Identified the +1 leather armour of Zeran {rElec rF- Str+3}
113655 | Zig:24   | Entered Level 24 of a ziggurat
113759 | Zig:24   | Identified the ring "Ramum" {Int+3 Dex+6 Slay+5}
114130 | Zig:24   | Identified the staff of fire "Ofocim" {rF+ rC+ rCorr}
114133 | Zig:24   | Identified the staff of death "Neakykhla" {rF- rN+ Will+
                  | Stlth+}
114135 | Zig:24   | Identified the staff of cold "Inukew" {rC+ Int+5}
114139 | Zig:24   | Identified the +7 mace "Lolots" {spect, rElec Int+5}
114144 | Zig:24   | Identified the staff of poison "Nyraosann" {rPois rN+ rCorr
                  | MP+9}
114173 | Zig:24   | Identified the +8 battleaxe "Ogreslayer" {venom, *Rage
                  | rF+++ Dex+3}
114175 | Zig:24   | Identified the +3 ring mail of Absence {*Slow +Blink rF++
                  | rCorr}
114201 | Zig:24   | Identified the ring "Kozxail" {Will- Str+4 Slay+4}
114275 | Zig:25   | Entered Level 25 of a ziggurat
114321 | Zig:25   | Noticed Deydiexe the pandemonium lord
114325 | Zig:25   | Killed Deydiexe the pandemonium lord
114371 | Zig:25   | Identified the +4 flail "Nonithor" {heavy, Will+}
114374 | Zig:25   | Identified the ring "Iprosau" {rPois Will+ Slay-2 SInv}
114381 | Zig:25   | Identified the +5 broad axe of the Threshing Gods {freeze,
                  | Fly rElec rCorr}
114385 | Zig:25   | Identified the +5 chain mail "Quz Rewafo" {rC+++ Str-4
                  | Dex+5}
114392 | Zig:25   | Identified the +1 war axe "Zyduil" {elec, rPois rC+ Int+5}
114393 | Zig:25   | Identified the +3 trident of Feinuly {heavy, Contam rElec
                  | rN+}
114863 | Zig:26   | Entered Level 26 of a ziggurat
114899 | Zig:26   | Noticed Yciexeus the pandemonium lord
114906 | Zig:26   | Killed Yciexeus the pandemonium lord
115373 | Zig:26   | Identified the +2 pair of boots of the Skies Above {+Inv}
115387 | Zig:26   | Identified the amulet of Moderation {Spirit rPois rN+
                  | Int-3}
115407 | Zig:26   | Identified the staff of fire "Mubugh" {rF+ Int+3}
115408 | Zig:26   | Identified the ring "Forget-Me-Not" {rPois rC+ AC+4 Str+3}
115415 | Zig:26   | Identified the +5 hand axe "Vemofferoy" {chaos, Will+
                  | Str+3}
115425 | Zig:26   | Identified the +2 long sword of Arrival {elec, rPois Int+4}
115504 | Zig:27   | Entered Level 27 of a ziggurat
115514 | Zig:27   | Noticed a juggernaut
115515 | Zig:27   | Noticed a juggernaut
115515 | Zig:27   | Noticed a juggernaut
115515 | Zig:27   | Noticed a juggernaut
115515 | Zig:27   | Noticed a juggernaut
115515 | Zig:27   | Noticed a juggernaut
115515 | Zig:27   | Noticed a juggernaut
115515 | Zig:27   | Noticed a juggernaut
115515 | Zig:27   | Noticed a juggernaut
115516 | Zig:27   | Noticed a juggernaut
115517 | Zig:27   | Killed a juggernaut
115517 | Zig:27   | Killed a juggernaut
115517 | Zig:27   | Killed a juggernaut
115517 | Zig:27   | Killed a juggernaut
115517 | Zig:27   | Killed a juggernaut
115517 | Zig:27   | Killed a juggernaut
115517 | Zig:27   | Noticed a juggernaut
115518 | Zig:27   | Killed a juggernaut
115518 | Zig:27   | Killed a juggernaut
115518 | Zig:27   | Killed a juggernaut
115518 | Zig:27   | Killed a juggernaut
115518 | Zig:27   | Noticed a juggernaut
115518 | Zig:27   | Noticed a juggernaut
115518 | Zig:27   | Noticed a juggernaut
115518 | Zig:27   | Noticed a juggernaut
115519 | Zig:27   | Noticed a juggernaut
115519 | Zig:27   | Noticed a juggernaut
115519 | Zig:27   | Noticed a juggernaut
115520 | Zig:27   | Noticed a juggernaut
115520 | Zig:27   | Noticed a juggernaut
115521 | Zig:27   | Killed a juggernaut
115521 | Zig:27   | Noticed a juggernaut
115522 | Zig:27   | Killed a juggernaut
115522 | Zig:27   | Killed a juggernaut
115522 | Zig:27   | Killed a juggernaut
115522 | Zig:27   | Killed a juggernaut
115522 | Zig:27   | Killed a juggernaut
115522 | Zig:27   | Killed a juggernaut
115522 | Zig:27   | Killed a juggernaut
115523 | Zig:27   | Noticed a juggernaut
115524 | Zig:27   | Killed a juggernaut
115524 | Zig:27   | Killed a juggernaut
115524 | Zig:27   | Killed a juggernaut
115524 | Zig:27   | Noticed a juggernaut
115524 | Zig:27   | Noticed a juggernaut
115525 | Zig:27   | Noticed a juggernaut
115525 | Zig:27   | Noticed a juggernaut
115526 | Zig:27   | Noticed a juggernaut
115526 | Zig:27   | Noticed a juggernaut
115526 | Zig:27   | Noticed a juggernaut
115526 | Zig:27   | Noticed a juggernaut
115526 | Zig:27   | Noticed a juggernaut
115526 | Zig:27   | Noticed a juggernaut
115526 | Zig:27   | Noticed a juggernaut
115526 | Zig:27   | Noticed a juggernaut
115527 | Zig:27   | Noticed a juggernaut
115527 | Zig:27   | Noticed a juggernaut
115527 | Zig:27   | Noticed a juggernaut
115527 | Zig:27   | Noticed a juggernaut
115527 | Zig:27   | Noticed a juggernaut
115527 | Zig:27   | Noticed a juggernaut
115527 | Zig:27   | Noticed a juggernaut
115528 | Zig:27   | Killed a juggernaut
115528 | Zig:27   | Killed a juggernaut
115528 | Zig:27   | Killed a juggernaut
115528 | Zig:27   | Noticed a juggernaut
115528 | Zig:27   | Killed a juggernaut
115529 | Zig:27   | Killed a juggernaut
115529 | Zig:27   | Killed a juggernaut
115529 | Zig:27   | Killed a juggernaut
115529 | Zig:27   | Killed a juggernaut
115529 | Zig:27   | Killed a juggernaut
115529 | Zig:27   | Killed a juggernaut
115529 | Zig:27   | Killed a juggernaut
115529 | Zig:27   | Killed a juggernaut
115529 | Zig:27   | Noticed a juggernaut
115529 | Zig:27   | Killed a juggernaut
115529 | Zig:27   | Noticed a juggernaut
115530 | Zig:27   | Killed a juggernaut
115530 | Zig:27   | Killed a juggernaut
115530 | Zig:27   | Killed a juggernaut
115530 | Zig:27   | Killed a juggernaut
115530 | Zig:27   | Killed a juggernaut
115530 | Zig:27   | Killed a juggernaut
115530 | Zig:27   | Killed a juggernaut
115531 | Zig:27   | Noticed a juggernaut
115531 | Zig:27   | Noticed a juggernaut
115531 | Zig:27   | Noticed a juggernaut
115532 | Zig:27   | Noticed a juggernaut
115532 | Zig:27   | Noticed a juggernaut
115532 | Zig:27   | Noticed a juggernaut
115532 | Zig:27   | Noticed a juggernaut
115532 | Zig:27   | Killed a juggernaut
115533 | Zig:27   | Noticed a juggernaut
115533 | Zig:27   | Noticed a juggernaut
115534 | Zig:27   | Killed a juggernaut
115534 | Zig:27   | Killed a juggernaut
115534 | Zig:27   | Killed a juggernaut
115535 | Zig:27   | Noticed a juggernaut
115535 | Zig:27   | Noticed a juggernaut
115535 | Zig:27   | Noticed a juggernaut
115535 | Zig:27   | Killed a juggernaut
115536 | Zig:27   | Killed a juggernaut
115536 | Zig:27   | Killed a juggernaut
115536 | Zig:27   | Killed a juggernaut
115536 | Zig:27   | Killed a juggernaut
115536 | Zig:27   | Killed a juggernaut
115538 | Zig:27   | Killed a juggernaut
115538 | Zig:27   | Killed a juggernaut
115538 | Zig:27   | Killed a juggernaut
115538 | Zig:27   | Killed a juggernaut
115541 | Zig:27   | Killed a juggernaut
115564 | Zig:27   | Identified the +5 ring mail of Cheibriados's Respect {+Inv
                  | rElec rF+ Slay+2}
115585 | Zig:27   | Identified the +5 shortbow "Cotsarub" {elec, Int+6}
115592 | Zig:27   | Identified the +2 robe of Tomorrow {Will- rCorr Stlth+}
115593 | Zig:27   | Identified the staff of air "Gofosagu" {rElec Will+ Dex+3}
115595 | Zig:27   | Identified the +0 robe of Contentment {Will+ Dex+4}
115604 | Zig:27   | Identified the staff of fire "Yceenas" {rF+ rC++}
115614 | Zig:27   | Identified the amulet of Ymnossash {RegenMP Contam Int+4
                  | Dex+4}
115637 | Zig:27   | Identified the +8 whip "Jedoxaa" {heavy, Drain rC+ Int+4}
115645 | Zig:27   | Identified the ring of the Gloaming {rC+ Will+ rCorr SInv}
115704 | Zig:27   | Identified the ring "Mujihoix" {Drain rC- AC+4 Int+8 Dex+7}
115706 | Zig:27   | Identified the +4 morningstar of the Past {holy, rN+ Will+
                  | Dex+2}
115719 | Zig:27   | Identified the +0 long sword of the Chain {heavy, Str+2
                  | Int+3}
116217 | Zig:27   | Identified the amulet "Kociav" {Spirit *Corrode rPois
                  | Will+++ Str+5}
116223 | Zig:27   | Identified the +4 dagger "Arujauf" {protect, rF++ Dex+3}
116347 | Zig:1    | Entered Level 1 of a ziggurat
116400 | Zig:2    | Entered Level 2 of a ziggurat
116400 | Zig:2    | Found the +5 woodcutter's axe
116472 | Zig:3    | Entered Level 3 of a ziggurat
116512 | Zig:3    | Identified the +5 mace "Zafriup" {venom, rPois rCorr}
116538 | Zig:3    | Identified the +12 shortbow "Awauv" {drain, rC++}
116566 | Zig:4    | Entered Level 4 of a ziggurat
116665 | Zig:4    | Identified the +5 quarterstaff of Urosaufi {elec, Will+}
116683 | Zig:5    | Entered Level 5 of a ziggurat
116683 | Zig:5    | Noticed a juggernaut
116683 | Zig:5    | Noticed a juggernaut
116683 | Zig:5    | Noticed a juggernaut
116683 | Zig:5    | Found the +8 trident of the Octopus King {venom, rElec
                  | rPois}
116684 | Zig:5    | Noticed a juggernaut
116685 | Zig:5    | Killed a juggernaut
116686 | Zig:5    | Killed a juggernaut
116686 | Zig:5    | Killed a juggernaut
116689 | Zig:5    | Killed a juggernaut
116748 | Zig:5    | Identified the +0 ring mail of Baldness {Contam rPois
                  | Int+4}
116753 | Zig:5    | Identified the +1 morningstar "Secunae" {drain, Str-2
                  | Int+6}
116814 | Zig:6    | Entered Level 6 of a ziggurat
116817 | Zig:6    | Noticed Hajalak the pandemonium lord
116824 | Zig:6    | Killed Hajalak the pandemonium lord
116938 | Zig:6    | Identified the +0 plate armour of the Skies Above {rC+
                  | rCorr MP-9 Str+3}
116992 | Zig:7    | Entered Level 7 of a ziggurat
116995 | Zig:7    | Paralysed by an air elemental for 1 turns
117075 | Zig:7    | Identified the +1 robe of Mokurch {rF- Int+3 Dex+4}
117229 | Zig:8    | Entered Level 8 of a ziggurat
117229 | Zig:8    | Noticed a dread lich
117229 | Zig:8    | Noticed a dread lich
117229 | Zig:8    | Noticed an ancient lich
117229 | Zig:8    | Noticed an ancient lich
117230 | Zig:8    | Killed a dread lich
117231 | Zig:8    | Noticed a dread lich
117232 | Zig:8    | Noticed an ancient lich
117232 | Zig:8    | Noticed a dread lich
117232 | Zig:8    | Killed an ancient lich
117233 | Zig:8    | Killed an ancient lich
117233 | Zig:8    | Killed a dread lich
117234 | Zig:8    | Noticed a dread lich
117234 | Zig:8    | Noticed an ancient lich
117234 | Zig:8    | Noticed a dread lich
117234 | Zig:8    | Noticed an ancient lich
117234 | Zig:8    | Noticed an ancient lich
117234 | Zig:8    | Noticed an ancient lich
117234 | Zig:8    | Killed an ancient lich
117235 | Zig:8    | Noticed an ancient lich
117237 | Zig:8    | Killed a dread lich
117237 | Zig:8    | Killed an ancient lich
117237 | Zig:8    | Killed a dread lich
117237 | Zig:8    | Killed an ancient lich
117237 | Zig:8    | Killed a dread lich
117237 | Zig:8    | Killed an ancient lich
117237 | Zig:8    | Killed an ancient lich
117239 | Zig:8    | Killed a dread lich
117239 | Zig:8    | Killed an ancient lich
117341 | Zig:8    | Identified the ring of Vainlaq {Wiz *Slow Fly rElec Will+}
117362 | Zig:8    | Identified the ring "Kojit" {rElec rF+ rC+ Str-4 Dex+5}
117367 | Zig:8    | Identified the staff of fire "Viysaver" {*Corrode rF+ Str+3
                  | SInv}
117397 | Zig:8    | Identified the ring "Soamisse" {rN+ Int+2}
117404 | Zig:8    | Identified the +1 trident "Pesh" {spect, Fly rCorr Stlth+}
117428 | Zig:9    | Entered Level 9 of a ziggurat
117433 | Zig:9    | Noticed a dread lich
117433 | Zig:9    | Killed a dread lich
117508 | Zig:9    | Identified the +5 broad axe of Uxie {venom, rC+ Int+4
                  | Dex+5}
117531 | Zig:9    | Identified the +1 robe of Indomitability {SInv}
117654 | Zig:10   | Entered Level 10 of a ziggurat
117654 | Zig:10   | Noticed a juggernaut
117654 | Zig:10   | Noticed a juggernaut
117654 | Zig:10   | Noticed a juggernaut
117654 | Zig:10   | Noticed a juggernaut
117654 | Zig:10   | Noticed a juggernaut
117654 | Zig:10   | Noticed a juggernaut
117654 | Zig:10   | Noticed a juggernaut
117656 | Zig:10   | Noticed a juggernaut
117656 | Zig:10   | Noticed a juggernaut
117657 | Zig:10   | Noticed a juggernaut
117657 | Zig:10   | Noticed a juggernaut
117657 | Zig:10   | Killed a juggernaut
117658 | Zig:10   | Noticed a juggernaut
117658 | Zig:10   | Killed a juggernaut
117661 | Zig:10   | Killed a juggernaut
117662 | Zig:10   | Killed a juggernaut
117662 | Zig:10   | Killed a juggernaut
117662 | Zig:10   | Killed a juggernaut
117662 | Zig:10   | Killed a juggernaut
117663 | Zig:10   | Killed a juggernaut
117663 | Zig:10   | Killed a juggernaut
117664 | Zig:10   | Killed a juggernaut
117664 | Zig:10   | Killed a juggernaut
117664 | Zig:10   | Killed a juggernaut
117959 | Zig:10   | Identified the ring "Azyqamas" {Contam rPois rN+ AC+4}
117976 | Zig:10   | Identified the +0 pair of gloves of the Dowdy God {-Tele
                  | rElec rCorr Dex+3}
117978 | Zig:10   | Identified the +0 pair of boots of Eternal Night {Harm
                  | Will- Str+4 SInv}
117980 | Zig:10   | Identified the +9 war axe of the Hawk {flame, Str+3}
117998 | Zig:10   | Identified the +2 hat of Failure {rF++}
118009 | Zig:10   | Identified the ring "Jiom" {rF- rC+ rN+ Will+}
118014 | Zig:10   | Identified the staff of fire "Fufimir" {rF+ rCorr MP+9
                  | Dex+2 SInv}
118053 | Zig:10   | Identified the staff of death "Fytoheig" {rElec rN+ Str-2
                  | Dex+3}
118069 | Zig:10   | Identified the staff of death "Sefeynell" {rF+ rC+ rN+
                  | Dex+3 SInv}
118105 | Zig:11   | Entered Level 11 of a ziggurat
118172 | Zig:11   | Identified the +4 broad axe of Instinct {drain, rCorr
                  | Dex+2}
118185 | Zig:11   | Identified the +2 cloak of Eternity {-Tele rF++ rC+++
                  | Str+3}
118199 | Zig:11   | Identified the +12 dagger of Ypugufruj {chaos, Fragile
                  | rElec rF+ rC+}
118200 | Zig:11   | Identified the ring "Ifed" {EV+5 Str+4}
118224 | Zig:11   | Identified the ring of Replauma {rPois rN++ MP+9}
118240 | Zig:11   | Identified the amulet of Xirar {RegenMP rElec rPois SInv
                  | Stlth-}
118279 | Zig:11   | Identified the +0 chain mail of Complete Protection {rElec
                  | rF+ Str-3 Int+6}
118285 | Zig:11   | Identified the ring "Cuamiff" {EV+5 Int+5}
118410 | Zig:12   | Entered Level 12 of a ziggurat
118411 | Zig:12   | Paralysed by an air elemental for 1 turns
118661 | Zig:12   | Identified the +8 rapier "Awkumet" {flame, rElec Int+3}
118696 | Zig:12   | Identified the staff of earth "Seum" {rN+ rCorr MP+9
                  | Stlth+}
118702 | Zig:12   | Identified the +0 morningstar "Waetuy" {drain, Int+3}
118731 | Zig:12   | Identified the +6 shortbow "Unuefip" {elec, rElec Will+
                  | Str+4}
118733 | Zig:12   | Identified the +5 flail "Vegingir" {flame, *Corrode rElec
                  | Int+4}
118816 | Zig:13   | Entered Level 13 of a ziggurat
118888 | Zig:13   | Identified the +1 falchion "Maarorug" {holy, rElec Dex+2}
118890 | Zig:13   | Identified the ring "Acsoivud" {rPois rF+ Will+ Dex+2}
118900 | Zig:13   | Identified the +7 broad axe "Neosunges" {heavy, Dex+2}
118909 | Zig:13   | Identified the +6 chain mail of the Hills {Rampage *Corrode
                  | rElec}
118910 | Zig:13   | Identified the +0 chain mail of the Dolphin {rF- Regen+
                  | Int+4}
118933 | Zig:13   | Identified the +5 broad axe of Instinct {pain, rF+}
118962 | Zig:13   | Identified the staff of fire "Ruga Jui" {rF+ rC+ Will+}
118990 | Zig:13   | Identified the +8 broad axe of the Silent Majority {heavy,
                  | Fly rCorr Str+6 Stlth-}
119208 | Zig:13   | Identified the +4 flail "Aveku" {venom, Drain rElec rF+
                  | MP+9}
119236 | Zig:14   | Entered Level 14 of a ziggurat
119286 | Zig:14   | Noticed Ziof the pandemonium lord
119289 | Zig:14   | Killed Ziof the pandemonium lord
119530 | Zig:14   | Identified the +0 pair of gloves of Precision Catastrophes
                  | {rC+ Int-4 Slay+3 SInv}
119531 | Zig:14   | Identified the +2 mace of Destiny {freeze, Drain rCorr
                  | Str+3 Stlth+}
119535 | Zig:14   | Identified the staff of cold "Enyiquuq" {rC+ rCorr Str-4
                  | Dex+3 SInv}
119536 | Zig:14   | Identified the staff of fire "Logubomp" {rPois rF+ Dex+4}
119542 | Zig:14   | Identified the ring "Aciv" {rCorr Str+6 Int+3}
119574 | Zig:15   | Entered Level 15 of a ziggurat
119577 | Zig:15   | Noticed a dread lich
119579 | Zig:15   | Paralysed by a wendigo for 1 turns
119582 | Zig:15   | Killed a dread lich
119706 | Zig:15   | Identified the staff of conjuration "Buraul" {*Corrode rC++
                  | Dex+3}
119710 | Zig:15   | Identified the +12 morningstar of the Princes {protect, rF+
                  | rC- SInv}
119712 | Zig:15   | Identified the staff of poison "Ujued" {rPois rN+}
119713 | Zig:15   | Identified the +0 helmet of Gomamin {Drain Str+6}
119716 | Zig:15   | Identified the +2 flail "Guedwocoim" {protect, rC+ Str+3}
119728 | Zig:15   | Identified the staff of poison "Siddocku" {Drain rPois
                  | rCorr Dex+4 Stlth+}
119907 | Zig:16   | Entered Level 16 of a ziggurat
120202 | Zig:16   | Identified the staff of conjuration "Ynychuome" {rF+ rC-
                  | Dex+3 Stlth+}
120205 | Zig:16   | Identified the +2 glaive of the Spider {freeze, *Rage rN+
                  | SInv}
120389 | Zig:17   | Entered Level 17 of a ziggurat
120392 | Zig:17   | Noticed Erphurifo's ghost (legendary GnWn)
120392 | Zig:17   | Noticed Leycex's ghost (legendary GrEE)
120392 | Zig:17   | Noticed Gyofeun's ghost (legendary FoFi)
120393 | Zig:17   | Noticed Cetzew's ghost (legendary GrEE)
120393 | Zig:17   | Noticed Town's ghost (veteran DgFE)
120393 | Zig:17   | Noticed Erphurifo's ghost (legendary GnWn)
120393 | Zig:17   | Noticed Xiorchab's ghost (legendary VSFi)
120393 | Zig:17   | Noticed Ifad's ghost (legendary NaSu)
120393 | Zig:17   | Noticed Wyzxe's ghost (legendary OpFE)
120394 | Zig:17   | Noticed Erphurifo's ghost (legendary GnWn)
120394 | Zig:17   | Noticed Ereufydu's ghost (legendary VSGl)
120394 | Zig:17   | Noticed Erphurifo's ghost (legendary GnWn)
120394 | Zig:17   | Noticed Cetzew's ghost (legendary GrEE)
120394 | Zig:17   | Noticed Saonuxt's ghost (legendary DsFi)
120394 | Zig:17   | Noticed Xiorchab's ghost (legendary VSFi)
120394 | Zig:17   | Noticed Town's ghost (veteran DgFE)
120395 | Zig:17   | Noticed Gyofeun's ghost (legendary FoFi)
120395 | Zig:17   | Noticed Saonuxt's ghost (legendary DsFi)
120395 | Zig:17   | Noticed Ihium's ghost (legendary GrEE)
120396 | Zig:17   | Noticed Gishoal's ghost (legendary KoBr)
120396 | Zig:17   | Killed Town's ghost
120396 | Zig:17   | Noticed Xentuelits's ghost (legendary DsGl)
120396 | Zig:17   | Noticed Ifad's ghost (legendary NaSu)
120397 | Zig:17   | Killed Xiorchab's ghost
120397 | Zig:17   | Killed Erphurifo's ghost
120397 | Zig:17   | Killed Wyzxe's ghost
120397 | Zig:17   | Killed Ihium's ghost
120398 | Zig:17   | Killed Gyofeun's ghost
120398 | Zig:17   | Killed Ifad's ghost
120398 | Zig:17   | Killed Cetzew's ghost
120398 | Zig:17   | Killed Erphurifo's ghost
120398 | Zig:17   | Killed Xiorchab's ghost
120398 | Zig:17   | Killed Gishoal's ghost
120398 | Zig:17   | Killed Town's ghost
120398 | Zig:17   | Killed Saonuxt's ghost
120398 | Zig:17   | Noticed Town's ghost (veteran DgFE)
120399 | Zig:17   | Killed Leycex's ghost
120399 | Zig:17   | Killed Erphurifo's ghost
120399 | Zig:17   | Noticed Cetzew's ghost (legendary GrEE)
120400 | Zig:17   | Killed Cetzew's ghost
120400 | Zig:17   | Noticed Xienem's ghost (legendary GrEE)
120400 | Zig:17   | Noticed Muffal's ghost (legendary FoFi)
120400 | Zig:17   | Noticed Saonuxt's ghost (legendary DsFi)
120401 | Zig:17   | Killed Saonuxt's ghost
120402 | Zig:17   | Killed Town's ghost
120402 | Zig:17   | Killed Ifad's ghost
120402 | Zig:17   | Noticed Gyofeun's ghost (legendary FoFi)
120403 | Zig:17   | Killed Muffal's ghost
120403 | Zig:17   | Killed Ereufydu's ghost
120403 | Zig:17   | Killed Xentuelits's ghost
120403 | Zig:17   | Killed Gyofeun's ghost
120404 | Zig:17   | Noticed Erphurifo's ghost (legendary GnWn)
120404 | Zig:17   | Noticed Gyofeun's ghost (legendary FoFi)
120404 | Zig:17   | Noticed Saonuxt's ghost (legendary DsFi)
120404 | Zig:17   | Noticed Ahek's ghost (legendary GnTm)
120404 | Zig:17   | Noticed Ahek's ghost (legendary GnTm)
120404 | Zig:17   | Noticed Ereufydu's ghost (legendary VSGl)
120404 | Zig:17   | Noticed Wyzxe's ghost (legendary OpFE)
120405 | Zig:17   | Killed Xienem's ghost
120406 | Zig:17   | Killed Cetzew's ghost
120406 | Zig:17   | Killed Erphurifo's ghost
120406 | Zig:17   | Noticed Cetzew's ghost (legendary GrEE)
120406 | Zig:17   | Noticed Ihium's ghost (legendary GrEE)
120407 | Zig:17   | Killed Gyofeun's ghost
120407 | Zig:17   | Killed Gyofeun's ghost
120407 | Zig:17   | Killed Erphurifo's ghost
120407 | Zig:17   | Killed Ereufydu's ghost
120408 | Zig:17   | Killed Ahek's ghost
120408 | Zig:17   | Killed Saonuxt's ghost
120408 | Zig:17   | Noticed Cetzew's ghost (legendary GrEE)
120408 | Zig:17   | Noticed Cetzew's ghost (legendary GrEE)
120408 | Zig:17   | Noticed Ereufydu's ghost (legendary VSGl)
120408 | Zig:17   | Noticed Zorhyraw's ghost (legendary GrEE)
120409 | Zig:17   | Noticed Ifad's ghost (legendary NaSu)
120409 | Zig:17   | Noticed Leycex's ghost (legendary GrEE)
120409 | Zig:17   | Noticed Wyzxe's ghost (legendary OpFE)
120409 | Zig:17   | Noticed Gishoal's ghost (legendary KoBr)
120409 | Zig:17   | Noticed Xienem's ghost (legendary GrEE)
120409 | Zig:17   | Noticed Saonuxt's ghost (legendary DsFi)
120409 | Zig:17   | Noticed Saonuxt's ghost (legendary DsFi)
120409 | Zig:17   | Noticed Xentuelits's ghost (legendary DsGl)
120409 | Zig:17   | Noticed Town's ghost (veteran DgFE)
120409 | Zig:17   | Noticed Ahek's ghost (legendary GnTm)
120410 | Zig:17   | Killed Ahek's ghost
120410 | Zig:17   | Killed Saonuxt's ghost
120410 | Zig:17   | Killed Wyzxe's ghost
120411 | Zig:17   | Killed Cetzew's ghost
120411 | Zig:17   | Killed Ereufydu's ghost
120411 | Zig:17   | Noticed Ifad's ghost (legendary NaSu)
120411 | Zig:17   | Noticed Zorhyraw's ghost (legendary GrEE)
120412 | Zig:17   | Killed Ihium's ghost
120412 | Zig:17   | Killed Saonuxt's ghost
120412 | Zig:17   | Killed Town's ghost
120412 | Zig:17   | Killed Ifad's ghost
120412 | Zig:17   | Killed Wyzxe's ghost
120412 | Zig:17   | Killed Ahek's ghost
120413 | Zig:17   | Killed Xienem's ghost
120413 | Zig:17   | Killed Leycex's ghost
120413 | Zig:17   | Killed Cetzew's ghost
120413 | Zig:17   | Killed Saonuxt's ghost
120414 | Zig:17   | Killed Zorhyraw's ghost
120414 | Zig:17   | Killed Cetzew's ghost
120414 | Zig:17   | Killed Xentuelits's ghost
120414 | Zig:17   | Noticed Gyofeun's ghost (legendary FoFi)
120415 | Zig:17   | Killed Gishoal's ghost
120416 | Zig:17   | Noticed jrbgvjkr's ghost (legendary MiFi)
120416 | Zig:17   | Noticed Muffal's ghost (legendary FoFi)
120416 | Zig:17   | Noticed Ereufydu's ghost (legendary VSGl)
120416 | Zig:17   | Noticed Cetzew's ghost (legendary GrEE)
120416 | Zig:17   | Noticed Xiorchab's ghost (legendary VSFi)
120418 | Zig:17   | Noticed Ifad's ghost (legendary NaSu)
120418 | Zig:17   | Noticed Ahek's ghost (legendary GnTm)
120418 | Zig:17   | Noticed Gishoal's ghost (legendary KoBr)
120418 | Zig:17   | Noticed Ahek's ghost (legendary GnTm)
120418 | Zig:17   | Noticed Zorhyraw's ghost (legendary GrEE)
120418 | Zig:17   | Killed Ifad's ghost
120419 | Zig:17   | Killed Zorhyraw's ghost
120419 | Zig:17   | Killed Ereufydu's ghost
120419 | Zig:17   | Killed Cetzew's ghost
120420 | Zig:17   | Killed Muffal's ghost
120421 | Zig:17   | Killed Gyofeun's ghost
120421 | Zig:17   | Killed Ahek's ghost
120421 | Zig:17   | Killed Gishoal's ghost
120422 | Zig:17   | Killed jrbgvjkr's ghost
120422 | Zig:17   | Killed Ahek's ghost
120422 | Zig:17   | Killed Zorhyraw's ghost
120427 | Zig:17   | Killed Ifad's ghost
120429 | Zig:17   | Killed Xiorchab's ghost
120488 | Zig:17   | Identified the +8 quarterstaff of the Philosopher {drain,
                  | Int+3}
120490 | Zig:17   | Identified the +8 morningstar "Ojuhisog" {drain, Str+2
                  | Int+3}
120494 | Zig:17   | Identified the +10 plate armour "Jacuixt" {Str+3}
120495 | Zig:17   | Identified the staff of poison "Kadol" {Fly rPois Will+
                  | Str+7 Dex-4}
120539 | Zig:17   | Identified the +5 shortbow of Wuhash {elec, MP+9 Str+3}
120560 | Zig:17   | Identified the ring "Riadio" {rN+ Str-4 Int+2 Dex+6 Stlth+}
120797 | Zig:18   | Entered Level 18 of a ziggurat
121108 | Zig:18   | Identified the +0 scale mail of the Tundras {rElec MP+9}
121110 | Zig:18   | Identified the ring "Powoinnyss" {rC+ Int+3}
121115 | Zig:18   | Identified the +2 broad axe of Duty {drain, Will+}
121140 | Zig:18   | Identified the ring of Dukk {Fly rC- Will+ Int+6}
121143 | Zig:18   | Identified the ring of the Good {Fly rElec Will- Str+4
                  | Slay+5}
121150 | Zig:18   | Identified the ring of Vysit {rElec Will+ MP+9 Int+3 Dex+3}
121154 | Zig:18   | Identified the ring "Piluv" {rC+ Str+6}
121165 | Zig:18   | Identified the +1 robe of Leapfrog {Stlth+}
121190 | Zig:18   | Identified the staff of air "Mitulel" {rElec rPois Str-4
                  | Int+3 Stlth+}
121192 | Zig:18   | Identified the +1 fire dragon scales "Doalauci" {rF++ rC-
                  | rCorr Slay+5 SInv}
121342 | Zig:19   | Entered Level 19 of a ziggurat
121517 | Zig:19   | Identified the ring "Udog Oll" {+Blink rPois rC+ Will++
                  | Stlth-}
121524 | Zig:19   | Identified the ring "Beovvuyss" {rPois rF+ Will++ Str-5
                  | Int+2}
121538 | Zig:19   | Identified the amulet of Turema {RegenMP Str+4}
121543 | Zig:19   | Identified the +0 plate armour of the Locust {rPois Will++
                  | Regen+}
121558 | Zig:19   | Identified the +6 short sword of Keggab {spect, Int+4}
121562 | Zig:19   | Identified the +6 flail of Skirmishing {pain, Int+6}
121568 | Zig:19   | Identified the ring "Mirphaz" {rPois rN+}
121586 | Zig:19   | Identified the staff of death "Tuchogg" {rN+ Str+4 Dex+3}
121607 | Zig:19   | Identified the +8 double sword "Rutsaop" {heavy, Str+3
                  | Dex+4 SInv}
121611 | Zig:19   | Identified the staff of death "Cichoal" {Fragile rElec rC+
                  | rN+ Int+4}
121921 | Zig:20   | Entered Level 20 of a ziggurat
121931 | Zig:20   | Noticed an ancient lich
121932 | Zig:20   | Killed an ancient lich
122261 | Zig:20   | Identified the staff of poison "Cahoneatz" {rPois rF-
                  | Dex+5}
122285 | Zig:20   | Identified the +7 rapier "String" {holy, Fly rElec rF-
                  | Dex+6}
122311 | Zig:20   | Identified the +0 scale mail of Conscience {Harm *Corrode
                  | Str-5 Dex+9}
122329 | Zig:20   | Identified the amulet "Peocrirr" {Reflect rC+ SH+5}
122332 | Zig:20   | Identified the +0 spear "Lacesuq" {chaos, Fragile rElec
                  | rCorr Int+3}
122333 | Zig:20   | Identified the +0 helmet of Vampiric Thralls {Int+6 Dex+4}
122348 | Zig:20   | Identified the +2 robe of Mimogg {-Tele Int+3 Archmagi}
122486 | Zig:21   | Entered Level 21 of a ziggurat
122623 | Zig:21   | Identified the +5 ring mail "Ofadwas" {Harm Will- Str+3
                  | Dex+5}
122628 | Zig:21   | Identified the +2 long sword of Fate {holy, rElec rF+
                  | Int-4}
122631 | Zig:21   | Identified the ring of Pioroh {Will+ Str+6 Int+5 Dex+2}
122633 | Zig:21   | Identified the +11 flail "Yggaun" {protect, Fragile rF+
                  | Int+8 Dex-2}
122642 | Zig:21   | Identified the +0 leather armour of the Barnacle {rC++
                  | Int+2}
122648 | Zig:21   | Identified the +7 dire flail "Kyteurai" {freeze, MP+9}
122649 | Zig:21   | Identified the ring of Myon {rElec AC+4 Str+5 Int+3 Dex-5}
122652 | Zig:21   | Identified the +10 shortbow of Gozag's Regard {drain,
                  | +Blink rPois rN+ Str-5}
122653 | Zig:21   | Identified the +3 pair of boots of Defiance {rC+ Str+3
                  | Dex+5}
122654 | Zig:21   | Identified the +1 mace of the Present {freeze, rElec rPois
                  | Dex+2}
122656 | Zig:21   | Identified the +3 rapier of Quick Death {heavy, rF+ rCorr}
122660 | Zig:21   | Identified the ring of Xom's Fury {rF+ EV+5 Dex+3}
122664 | Zig:21   | Identified the ring "Idghunad" {rPois rCorr}
122677 | Zig:21   | Identified the +4 quarterstaff of Tender Mercy {heavy, rF+
                  | rC- Str+4}
122681 | Zig:21   | Identified the +5 scimitar of Invincibility {drain, MP+9}
122688 | Zig:21   | Identified the +4 dagger of Benefapn {vamp, Fragile rElec
                  | rN+ SInv}
122704 | Zig:21   | Identified the ring of Xucs {rC+ EV+5}
123083 | Zig:22   | Entered Level 22 of a ziggurat
123094 | Zig:22   | Noticed an ancient lich
123095 | Zig:22   | Noticed an ancient lich
123096 | Zig:22   | Killed an ancient lich
123096 | Zig:22   | Killed an ancient lich
123099 | Zig:22   | Noticed an ancient lich
123099 | Zig:22   | Noticed an ancient lich
123100 | Zig:22   | Noticed an ancient lich
123101 | Zig:22   | Killed an ancient lich
123101 | Zig:22   | Killed an ancient lich
123101 | Zig:22   | Killed an ancient lich
123103 | Zig:22   | Noticed an ancient lich
123103 | Zig:22   | Noticed an ancient lich
123103 | Zig:22   | Noticed an ancient lich
123103 | Zig:22   | Noticed an ancient lich
123105 | Zig:22   | Killed an ancient lich
123106 | Zig:22   | Killed an ancient lich
123107 | Zig:22   | Killed an ancient lich
123107 | Zig:22   | Killed an ancient lich
123112 | Zig:22   | Noticed an ancient lich
123114 | Zig:22   | Killed an ancient lich
123122 | Zig:22   | Noticed an ancient lich
123126 | Zig:22   | Killed an ancient lich
123421 | Zig:22   | Identified the ring "Faymiz" {rPois Int+2}
123458 | Zig:22   | Identified the amulet "Veroeqya" {Spirit rPois MP+9 Dex+3
                  | Slay-5}
123467 | Zig:22   | Identified the +7 broad axe "Xuisajai" {venom, Will- Str+3
                  | Int-5 Dex+8}
123477 | Zig:22   | Identified the +8 halberd "Mota" {distort, Dex+4}
123479 | Zig:22   | Identified the +1 ring mail of Yesterday {+Inv rC+ Dex+4}
123682 | Zig:23   | Entered Level 23 of a ziggurat
123690 | Zig:23   | Noticed an ancient lich
123690 | Zig:23   | Noticed an ancient lich
123691 | Zig:23   | Noticed an ancient lich
123692 | Zig:23   | Noticed an ancient lich
123693 | Zig:23   | Noticed an ancient lich
123693 | Zig:23   | Noticed an ancient lich
123693 | Zig:23   | Noticed an ancient lich
123693 | Zig:23   | Noticed an ancient lich
123693 | Zig:23   | Noticed an ancient lich
123694 | Zig:23   | Killed an ancient lich
123694 | Zig:23   | Killed an ancient lich
123694 | Zig:23   | Killed an ancient lich
123694 | Zig:23   | Killed an ancient lich
123694 | Zig:23   | Killed an ancient lich
123694 | Zig:23   | Killed an ancient lich
123694 | Zig:23   | Killed an ancient lich
123696 | Zig:23   | Noticed an ancient lich
123696 | Zig:23   | Noticed an ancient lich
123696 | Zig:23   | Noticed an ancient lich
123696 | Zig:23   | Killed an ancient lich
123697 | Zig:23   | Noticed an ancient lich
123698 | Zig:23   | Noticed an ancient lich
123698 | Zig:23   | Killed an ancient lich
123698 | Zig:23   | Killed an ancient lich
123699 | Zig:23   | Killed an ancient lich
123699 | Zig:23   | Killed an ancient lich
123699 | Zig:23   | Killed an ancient lich
123699 | Zig:23   | Killed an ancient lich
123699 | Zig:23   | Noticed an ancient lich
123700 | Zig:23   | Noticed an ancient lich
123701 | Zig:23   | Noticed an ancient lich
123702 | Zig:23   | Noticed an ancient lich
123702 | Zig:23   | Noticed an ancient lich
123702 | Zig:23   | Killed an ancient lich
123702 | Zig:23   | Noticed an ancient lich
123703 | Zig:23   | Killed an ancient lich
123703 | Zig:23   | Killed an ancient lich
123703 | Zig:23   | Killed an ancient lich
123703 | Zig:23   | Noticed an ancient lich
123703 | Zig:23   | Noticed an ancient lich
123705 | Zig:23   | Noticed an ancient lich
123706 | Zig:23   | Killed an ancient lich
123707 | Zig:23   | Killed an ancient lich
123707 | Zig:23   | Killed an ancient lich
123707 | Zig:23   | Killed an ancient lich
123707 | Zig:23   | Noticed an ancient lich
123708 | Zig:23   | Killed an ancient lich
123710 | Zig:23   | Killed an ancient lich
123713 | Zig:23   | Noticed an ancient lich
123715 | Zig:23   | Killed an ancient lich
123784 | Zig:23   | Identified the ring of the Firefly {Fly rN+ Slay+3 Stlth+}
123790 | Zig:23   | Identified the staff of conjuration "Nameff" {rElec rC++}
123807 | Zig:23   | Identified the +2 quarterstaff "Avoekips" {freeze, rC+
                  | Will+ MP+9 Dex-2}
123808 | Zig:23   | Identified the +6 falchion "Gynokoet" {venom, rElec}
123812 | Zig:23   | Identified the +1 scale mail of Jiwnu {Rampage Str-2 Dex+2
                  | Stlth+}
123817 | Zig:23   | Identified the staff of air "Ydyanaun" {rElec rPois rF+
                  | Dex-2}
123836 | Zig:23   | Identified the staff of fire "Cakhouhu" {rF+ rCorr}
123837 | Zig:23   | Identified the +6 dagger of the Hungering Moth {elec, rN+
                  | rCorr}
123839 | Zig:23   | Identified the staff of earth "Enwythrei" {rC++}
123843 | Zig:23   | Identified the staff of conjuration "Wogoqos" {Stlth+}
123854 | Zig:23   | Identified the +3 shortbow of Deovosuh {flame, rC+}
123855 | Zig:23   | Identified the staff of earth "Umeqairph" {Fragile rPois
                  | rN++ Will-}
123858 | Zig:23   | Identified the +0 helmet of an ossuary {rElec rF+++ rC-
                  | rCorr}
123892 | Zig:23   | Identified the +5 scale mail of the Crypt {Regen+ Str+6}
123902 | Zig:23   | Identified the staff of air "Caxzeth" {rElec rCorr Dex+6
                  | SInv}
124317 | Zig:24   | Entered Level 24 of a ziggurat
124332 | Zig:24   | Noticed an ancient lich
124335 | Zig:24   | Killed an ancient lich
124336 | Zig:24   | Noticed a dread lich
124337 | Zig:24   | Killed a dread lich
124553 | Zig:24   | Identified the +11 broad axe of Articulation {drain, rElec
                  | Str+4 Dex+4}
124646 | Zig:24   | Identified the staff of cold "Toxicony" {rElec rPois rF++
                  | rC+ Int-5}
124664 | Zig:24   | Identified the +0 broad axe "Ytutz" {drain, Fly rElec Will-
                  | MP+9}
124672 | Zig:24   | Identified the +1 scale mail of Darkness {MP+9 Str+6 Int-4}
124681 | Zig:24   | Identified the +9 broad axe of Xifool {freeze, *Slow rF+
                  | Str+3 SInv}
124683 | Zig:24   | Identified the +0 ring mail of Qulimnow {rC+}
124685 | Zig:24   | Identified the staff of death "Joraenuh" {Fragile rPois rN+
                  | Int+6}
124691 | Zig:24   | Identified the staff of fire "Ymuwiats" {Drain rElec rF+
                  | rCorr Dex+2}
124725 | Zig:24   | Identified the staff of conjuration "Ahato" {Dex+2}
124726 | Zig:24   | Identified the +1 hand axe of Tortured Expedience {flame,
                  | rF+ rC+}
124740 | Zig:24   | Identified the ring "Qeeroi" {Fly rCorr Dex-2 Slay+2}
124763 | Zig:24   | Identified the +9 plate armour "Foukhuas" {Int+2}
124766 | Zig:24   | Identified the +5 glaive "Leint" {heavy, Will+ Str+3 Dex+4}
124769 | Zig:24   | Identified the ring of Light {rC+ EV+5}
124774 | Zig:24   | Identified the +6 great sword of Taxation {flame, rF+ MP+9
                  | Str+3 Stlth+}
124934 | Zig:25   | Entered Level 25 of a ziggurat
125640 | Zig:26   | Entered Level 26 of a ziggurat
126161 | Zig:26   | Identified the +2 ring mail "Yttir" {Will+}
126177 | Zig:26   | Identified the +8 arbalest of Accord {freeze, Int+2 Dex+4}
126205 | Zig:26   | Identified the staff of cold "Plog" {rC+ Dex+4 Stlth+}
126208 | Zig:26   | Identified the +1 cloak "Qoajeroq" {-Cast rF- rN+++ Will++}
126216 | Zig:26   | Identified the amulet of the Scarab {Faith Str+3}
126244 | Zig:26   | Identified the staff of death "Plog" {rN+ Will+ rCorr Int-3
                  | Dex+2}
126254 | Zig:26   | Identified the ring "Ruqoucilou" {EV+5 Str+3 Dex+2}
126267 | Zig:26   | Identified the +3 whip of Nompiut {heavy, rC+ Str+3 Dex-2}
126268 | Zig:26   | Identified the ring of Rozi Gie {Will+ rCorr Dex+5}
126272 | Zig:26   | Identified the +9 falchion of Brutal Revenge {elec, rPois
                  | Will+ Str-3 Dex+4}
126587 | Zig:27   | Entered Level 27 of a ziggurat
126712 | Zig:27   | Identified the +4 longbow of the Stopping Butterfly {flame,
                  | Fly}
126720 | Zig:27   | Identified the +3 ring mail "Wygituor" {Dex+5}
126739 | Zig:27   | Identified the +5 long sword "Teclikk" {protect, rN+}
126762 | Zig:27   | Identified the +8 chain mail of Untruth {Int+2 Dex+5}
126766 | Zig:27   | Identified the +6 dagger of the Unspeakable One {heavy, rN+
                  | Will+}
126772 | Zig:27   | Identified the staff of air "Riawout" {rElec rF++ rCorr
                  | Int-5}
126844 | Zig:27   | Identified the amulet "Cuiteg" {RegenMP -Tele rElec rF+++
                  | Int-2}
127341 | Zig:1    | Entered Level 1 of a ziggurat
127341 | Zig:1    | Noticed Hubudghu the pandemonium lord
127343 | Zig:1    | Killed Hubudghu the pandemonium lord
127381 | Zig:2    | Entered Level 2 of a ziggurat
127428 | Zig:2    | Identified the +0 broad axe "Inai" {heavy, rF+}
127442 | Zig:3    | Entered Level 3 of a ziggurat
127481 | Zig:3    | Identified the staff of fire "Nuph" {rF+ Str+3 Dex+4
                  | Stlth+}
127492 | Zig:3    | Identified the +2 shortbow "Qais" {speed, Will- Int+2
                  | Dex+4}
127504 | Zig:3    | Identified the ring "Ukhliroa" {Contam rF+++ MP+9 SInv
                  | Stlth+}
127578 | Zig:4    | Entered Level 4 of a ziggurat
127703 | Zig:4    | Identified the +3 arbalest of Qeamp {flame, rElec Str+3}
127707 | Zig:4    | Identified the +1 robe of Watchfulness {rElec Will+ SInv}
127748 | Zig:5    | Entered Level 5 of a ziggurat
127748 | Zig:5    | Noticed a royal mummy
127751 | Zig:5    | Noticed a royal mummy
127751 | Zig:5    | Killed a royal mummy
127751 | Zig:5    | Noticed a royal mummy
127753 | Zig:5    | Noticed a royal mummy
127753 | Zig:5    | Killed a royal mummy
127756 | Zig:5    | Killed a royal mummy
127757 | Zig:5    | Killed a royal mummy
128003 | Zig:6    | Entered Level 6 of a ziggurat
128003 | Zig:6    | Identified the +0 buckler of the Squeaky God {Rampage Str+2
                  | Dex+3}
128003 | Zig:6    | Identified the +1 buckler "Zuchepu" {rF+ Str-3 Int+2
                  | Stlth+}
128198 | Zig:7    | Entered Level 7 of a ziggurat
128264 | Zig:7    | Identified the +1 robe of Trial and Error {Regen+ Dex+2}
128276 | Zig:7    | Identified the +0 pair of gloves "Nuech" {Dex+6}
128278 | Zig:7    | Identified the +9 broad axe of Resourcefulness {heavy,
                  | rPois rC+ rN+ Int-4}
128291 | Zig:7    | Identified the staff of conjuration "Piqe" {*Corrode Will+
                  | Dex+4 SInv}
128399 | Zig:8    | Entered Level 8 of a ziggurat
128451 | Zig:8    | Identified the +9 broad axe of Destiny {freeze, *Noise
                  | rPois rCorr Int+4}
128455 | Zig:8    | Identified the +3 long sword of Disharmony {freeze, rN++
                  | rCorr Int+4}
128462 | Zig:8    | Identified the +1 scale mail of Foazod {Int+2}
128582 | Zig:8    | Identified the ring "Mummyquale" {rC+ Will+ AC+4}
128674 | Zig:8    | Identified the +1 short sword of Breach {freeze, Str+4}
128682 | Zig:8    | Identified the +6 rapier of Ibbaetocw {protect, Will+ Str+3
                  | Int-5}
128697 | Zig:8    | Identified the +1 ring mail "Nikarch" {rPois rN+++ Regen+
                  | Str-3}
128698 | Zig:8    | Identified the staff of death "Foigh" {+Blink rPois rN+
                  | Will+ Int+3}
128721 | Zig:9    | Entered Level 9 of a ziggurat
128774 | Zig:9    | Identified the staff of death "Deubrew" {rN+ Str+3}
128792 | Zig:9    | Identified the +3 broad axe of Inflation {antimagic, Dex+2}
128798 | Zig:9    | Identified the +6 quarterstaff of Eternity {elec, rC+ rN+}
128810 | Zig:9    | Identified the +4 falchion of Urghisyext {flame, Will+
                  | Int+3 Dex+2}
128842 | Zig:9    | Identified the +4 shortbow "Zaele" {drain, Will+ Dex+2}
128847 | Zig:9    | Identified the +5 great mace of Cimmiept {venom, rElec}
128858 | Zig:9    | Identified the +1 robe "Xomol" {rF++}
129021 | Zig:10   | Entered Level 10 of a ziggurat
129021 | Zig:10   | Noticed a royal mummy
129021 | Zig:10   | Noticed a royal mummy
129021 | Zig:10   | Noticed a royal mummy
129021 | Zig:10   | Noticed a royal mummy
129021 | Zig:10   | Noticed a royal mummy
129021 | Zig:10   | Noticed a royal mummy
129023 | Zig:10   | Killed a royal mummy
129023 | Zig:10   | Killed a royal mummy
129023 | Zig:10   | Killed a royal mummy
129023 | Zig:10   | Noticed a royal mummy
129024 | Zig:10   | Noticed a royal mummy
129024 | Zig:10   | Noticed a royal mummy
129025 | Zig:10   | Noticed a royal mummy
129025 | Zig:10   | Noticed a royal mummy
129025 | Zig:10   | Noticed a royal mummy
129026 | Zig:10   | Killed a royal mummy
129026 | Zig:10   | Killed a royal mummy
129026 | Zig:10   | Killed a royal mummy
129026 | Zig:10   | Noticed a royal mummy
129027 | Zig:10   | Noticed a royal mummy
129027 | Zig:10   | Killed a royal mummy
129028 | Zig:10   | Noticed a royal mummy
129029 | Zig:10   | Killed a royal mummy
129029 | Zig:10   | Killed a royal mummy
129030 | Zig:10   | Killed a royal mummy
129030 | Zig:10   | Killed a royal mummy
129030 | Zig:10   | Killed a royal mummy
129030 | Zig:10   | Killed a royal mummy
129030 | Zig:10   | Killed a royal mummy
129030 | Zig:10   | Killed a royal mummy
129030 | Zig:10   | Noticed a royal mummy
129031 | Zig:10   | Noticed a royal mummy
129036 | Zig:10   | Killed a royal mummy
129036 | Zig:10   | Killed a royal mummy
129325 | Zig:10   | Identified the +6 dagger of Subjectivity {elec, rPois rF-
                  | Will++ Stlth+}
129414 | Zig:10   | Identified the ring "Ruleowok" {Fly Str+2}
129429 | Zig:10   | Identified the ring "Hanysunt" {Drain rPois EV+5 Int+2}
129432 | Zig:10   | Identified the ring "Cosuas" {rC+ Slay+4}
129464 | Zig:10   | Identified the ring "Moump" {rPois Str+3 Int+4 SInv}
129507 | Zig:11   | Entered Level 11 of a ziggurat
129509 | Zig:11   | Noticed a dread lich
129509 | Zig:11   | Noticed a dread lich
129509 | Zig:11   | Noticed an ancient lich
129509 | Zig:11   | Noticed a dread lich
129510 | Zig:11   | Noticed an ancient lich
129510 | Zig:11   | Noticed a dread lich
129510 | Zig:11   | Noticed a dread lich
129510 | Zig:11   | Noticed a dread lich
129510 | Zig:11   | Noticed an ancient lich
129510 | Zig:11   | Noticed an ancient lich
129510 | Zig:11   | Noticed a dread lich
129510 | Zig:11   | Noticed a dread lich
129511 | Zig:11   | Noticed an ancient lich
129511 | Zig:11   | Noticed a dread lich
129511 | Zig:11   | Noticed a dread lich
129511 | Zig:11   | Noticed an ancient lich
129511 | Zig:11   | Noticed an ancient lich
129511 | Zig:11   | Noticed a dread lich
129511 | Zig:11   | Noticed a dread lich
129511 | Zig:11   | Noticed an ancient lich
129512 | Zig:11   | Killed an ancient lich
129512 | Zig:11   | Killed an ancient lich
129512 | Zig:11   | Killed an ancient lich
129512 | Zig:11   | Killed an ancient lich
129512 | Zig:11   | Killed a dread lich
129512 | Zig:11   | Killed a dread lich
129513 | Zig:11   | Killed an ancient lich
129513 | Zig:11   | Killed a dread lich
129513 | Zig:11   | Killed a dread lich
129513 | Zig:11   | Killed a dread lich
129513 | Zig:11   | Killed a dread lich
129513 | Zig:11   | Killed a dread lich
129513 | Zig:11   | Killed a dread lich
129513 | Zig:11   | Killed an ancient lich
129513 | Zig:11   | Killed a dread lich
129513 | Zig:11   | Killed a dread lich
129513 | Zig:11   | Killed a dread lich
129513 | Zig:11   | Killed an ancient lich
129513 | Zig:11   | Killed an ancient lich
129513 | Zig:11   | Noticed an ancient lich
129514 | Zig:11   | Noticed an ancient lich
129514 | Zig:11   | Noticed an ancient lich
129514 | Zig:11   | Noticed a dread lich
129514 | Zig:11   | Noticed a dread lich
129515 | Zig:11   | Noticed an ancient lich
129515 | Zig:11   | Noticed a dread lich
129515 | Zig:11   | Noticed an ancient lich
129515 | Zig:11   | Noticed a dread lich
129516 | Zig:11   | Killed a dread lich
129516 | Zig:11   | Killed a dread lich
129516 | Zig:11   | Killed a dread lich
129516 | Zig:11   | Killed an ancient lich
129517 | Zig:11   | Killed an ancient lich
129517 | Zig:11   | Killed a dread lich
129517 | Zig:11   | Killed an ancient lich
129517 | Zig:11   | Killed an ancient lich
129517 | Zig:11   | Killed a dread lich
129517 | Zig:11   | Killed an ancient lich
129518 | Zig:11   | Noticed a dread lich
129521 | Zig:11   | Killed a dread lich
129636 | Zig:11   | Identified the ring of the Serpent {rElec rF+ Str-5 Slay+2}
129641 | Zig:11   | Identified the ring "Itroquts" {rElec rN+}
129664 | Zig:11   | Identified the staff of poison "Orphyerypt" {rPois rN+
                  | Str-5 Dex+3 SInv}
129673 | Zig:11   | Identified the +15 plate armour of the Black Moon {Will+
                  | Regen+ MP-9}
129677 | Zig:11   | Identified the ring of the Solstice {Will+ MP+9 Dex+2}
129699 | Zig:11   | Identified the staff of death "Kisam" {rF+ rN+ Str+4 Dex-3
                  | Stlth+}
129701 | Zig:11   | Identified the +1 halberd of Defiance {pain, rElec Int+4}
129829 | Zig:12   | Entered Level 12 of a ziggurat
130142 | Zig:12   | Identified the +4 broad axe of Haolug {spect, rElec rF+ rC+
                  | Will+}
130194 | Zig:12   | Identified the amulet of Qayrol {Faith rC++}
130258 | Zig:13   | Entered Level 13 of a ziggurat
130262 | Zig:13   | Noticed a dread lich
130262 | Zig:13   | Noticed a dread lich
130262 | Zig:13   | Noticed an ancient lich
130263 | Zig:13   | Noticed an ancient lich
130263 | Zig:13   | Noticed an ancient lich
130264 | Zig:13   | Killed a dread lich
130265 | Zig:13   | Killed a dread lich
130265 | Zig:13   | Killed an ancient lich
130265 | Zig:13   | Killed an ancient lich
130265 | Zig:13   | Killed an ancient lich
130267 | Zig:13   | Noticed an ancient lich
130267 | Zig:13   | Noticed a dread lich
130267 | Zig:13   | Noticed an ancient lich
130268 | Zig:13   | Noticed a dread lich
130268 | Zig:13   | Found the +2 ratskin cloak {*Rats rPois rN+ Str-1 Int-1
                  | Dex+1}
130270 | Zig:13   | Noticed a dread lich
130270 | Zig:13   | Killed an ancient lich
130271 | Zig:13   | Killed an ancient lich
130271 | Zig:13   | Killed a dread lich
130271 | Zig:13   | Killed a dread lich
130272 | Zig:13   | Noticed a dread lich
130273 | Zig:13   | Noticed an ancient lich
130275 | Zig:13   | Killed a dread lich
130276 | Zig:13   | Killed a dread lich
130276 | Zig:13   | Killed an ancient lich
130366 | Zig:13   | Identified the ring of Gypier {rC- Will+ Str+8}
130397 | Zig:13   | Identified the staff of conjuration "Cilehic" {rElec rPois
                  | Str-2 Dex+8}
130404 | Zig:13   | Identified the staff of cold "Xeshruama" {Fragile rC+
                  | Str+4}
130426 | Zig:13   | Identified the staff of fire "Qociff" {rPois rF+ rC- Str-5
                  | Dex+7}
130590 | Zig:14   | Entered Level 14 of a ziggurat
130853 | Zig:14   | Identified the +0 scale mail "Ihiklis" {Rampage rC- rN+}
130855 | Zig:14   | Identified the +4 shortbow of Qausafaa {freeze, rElec}
130863 | Zig:14   | Identified the ring of No Interval {Fire rPois rCorr Str-3
                  | Stlth-}
130866 | Zig:14   | Identified the +5 great mace of Zycuur {flame, rF+ Stlth+}
130868 | Zig:14   | Identified the ring of Coronation {Fire Dex+2}
130900 | Zig:14   | Identified the +2 troll leather armour of the Moneychanger
                  | {rPois rC+++ Regen+ Int-3}
130918 | Zig:14   | Identified the +5 ring mail of a bailey {rElec}
130923 | Zig:14   | Identified the staff of poison "Woickefu" {rPois rN+}
130929 | Zig:14   | Identified the ring of Dishonour {rF+ Dex+6}
130945 | Zig:14   | Identified the ring "Ihogennud" {rN++ rCorr}
130949 | Zig:14   | Identified the +10 glaive "Visufef" {holy, Dex+6}
130993 | Zig:15   | Entered Level 15 of a ziggurat
130999 | Zig:15   | Noticed an ancient lich
131001 | Zig:15   | Killed an ancient lich
131062 | Zig:15   | Identified the staff of fire "Siuhag" {rF+ Will+ Str+5
                  | Dex+4}
131090 | Zig:15   | Identified the +1 mace "Aciranir" {heavy, Int+3 Stlth+}
131126 | Zig:15   | Identified the +8 glaive of Uttuscha {vamp, Int+3 Dex+2}
131129 | Zig:15   | Identified the +2 long sword of Narrow Prudence {antimagic,
                  | *Corrode Will+ Str+2 Int+8}
131136 | Zig:15   | Identified the +3 spear of the Transmuting Salmon {freeze,
                  | Fly rC++ Str-5 SInv}
131352 | Zig:15   | Identified the ring "Lidiloebreu" {rPois MP+9 Int-2 Dex+3}
131372 | Zig:15   | Identified the +2 leather armour of Idealism {rC+ MP+9}
131429 | Zig:16   | Entered Level 16 of a ziggurat
131449 | Zig:16   | Noticed Umy Inin the pandemonium lord
131455 | Zig:16   | Killed Umy Inin the pandemonium lord
131787 | Zig:16   | Identified the ring "Ceremm" {rCorr Int+3 Dex+2}
131793 | Zig:16   | Identified the staff of death "Yckawyse" {rPois rN+}
131795 | Zig:16   | Identified the +1 rapier "Ugurun" {spect, Str-4 Int+9}
131797 | Zig:16   | Identified the +3 steam dragon scales "Gof Vua" {rPois
                  | rCorr}
131817 | Zig:16   | Identified the scarf of the Heron {repulsion, rElec rPois
                  | rC- Will++}
131839 | Zig:16   | Identified the +1 short sword "Gram" {vamp, *Noise +Blink
                  | Int+4}
131956 | Zig:17   | Entered Level 17 of a ziggurat
131961 | Zig:17   | Noticed an ancient lich
131961 | Zig:17   | Noticed a dread lich
131961 | Zig:17   | Noticed a dread lich
131962 | Zig:17   | Noticed an ancient lich
131962 | Zig:17   | Noticed an ancient lich
131962 | Zig:17   | Noticed an ancient lich
131963 | Zig:17   | Killed an ancient lich
131963 | Zig:17   | Noticed an ancient lich
131964 | Zig:17   | Killed a dread lich
131964 | Zig:17   | Killed an ancient lich
131964 | Zig:17   | Killed a dread lich
131964 | Zig:17   | Killed an ancient lich
131964 | Zig:17   | Killed an ancient lich
131964 | Zig:17   | Killed an ancient lich
131965 | Zig:17   | Noticed a dread lich
131966 | Zig:17   | Noticed an ancient lich
131966 | Zig:17   | Noticed a dread lich
131966 | Zig:17   | Noticed an ancient lich
131966 | Zig:17   | Noticed an ancient lich
131966 | Zig:17   | Noticed a dread lich
131966 | Zig:17   | Noticed a dread lich
131966 | Zig:17   | Noticed an ancient lich
131966 | Zig:17   | Noticed a dread lich
131966 | Zig:17   | Noticed a dread lich
131967 | Zig:17   | Noticed a dread lich
131967 | Zig:17   | Noticed a dread lich
131967 | Zig:17   | Noticed a dread lich
131967 | Zig:17   | Noticed an ancient lich
131967 | Zig:17   | Noticed a dread lich
131967 | Zig:17   | Noticed a dread lich
131968 | Zig:17   | Noticed a dread lich
131968 | Zig:17   | Noticed an ancient lich
131968 | Zig:17   | Noticed a dread lich
131968 | Zig:17   | Killed a dread lich
131968 | Zig:17   | Killed a dread lich
131968 | Zig:17   | Killed a dread lich
131968 | Zig:17   | Killed a dread lich
131968 | Zig:17   | Killed a dread lich
131968 | Zig:17   | Killed a dread lich
131968 | Zig:17   | Killed a dread lich
131968 | Zig:17   | Killed a dread lich
131968 | Zig:17   | Killed a dread lich
131968 | Zig:17   | Killed a dread lich
131968 | Zig:17   | Noticed a dread lich
131969 | Zig:17   | Killed an ancient lich
131969 | Zig:17   | Killed an ancient lich
131969 | Zig:17   | Killed a dread lich
131969 | Zig:17   | Killed an ancient lich
131969 | Zig:17   | Killed an ancient lich
131970 | Zig:17   | Noticed a dread lich
131970 | Zig:17   | Noticed a dread lich
131970 | Zig:17   | Noticed an ancient lich
131970 | Zig:17   | Noticed a dread lich
131970 | Zig:17   | Noticed a dread lich
131971 | Zig:17   | Noticed a dread lich
131971 | Zig:17   | Noticed a dread lich
131971 | Zig:17   | Noticed a dread lich
131971 | Zig:17   | Noticed an ancient lich
131971 | Zig:17   | Noticed an ancient lich
131971 | Zig:17   | Noticed a dread lich
131971 | Zig:17   | Noticed an ancient lich
131972 | Zig:17   | Killed a dread lich
131972 | Zig:17   | Killed an ancient lich
131972 | Zig:17   | Killed a dread lich
131972 | Zig:17   | Killed a dread lich
131972 | Zig:17   | Killed a dread lich
131972 | Zig:17   | Killed a dread lich
131972 | Zig:17   | Killed a dread lich
131972 | Zig:17   | Killed an ancient lich
131972 | Zig:17   | Killed an ancient lich
131972 | Zig:17   | Killed an ancient lich
131972 | Zig:17   | Killed a dread lich
131973 | Zig:17   | Killed a dread lich
131973 | Zig:17   | Killed a dread lich
131973 | Zig:17   | Killed a dread lich
131973 | Zig:17   | Killed a dread lich
131973 | Zig:17   | Noticed an ancient lich
131973 | Zig:17   | Noticed an ancient lich
131974 | Zig:17   | Killed an ancient lich
131974 | Zig:17   | Killed an ancient lich
131975 | Zig:17   | Noticed an ancient lich
131977 | Zig:17   | Killed an ancient lich
131977 | Zig:17   | Killed an ancient lich
131979 | Zig:17   | Killed an ancient lich
132036 | Zig:17   | Identified the +3 shortbow "Cysirupo" {freeze, Dex+3
                  | Stlth+}
132038 | Zig:17   | Identified the +0 chain mail "Yrchokk" {Harm rN+ MP+9 Dex-3
                  | SInv}
132045 | Zig:17   | Identified the +8 glaive of the Tooth {flame, Stlth+}
132046 | Zig:17   | Identified the staff of death "Ruppodwe" {rPois rC+ rN+}
132047 | Zig:17   | Identified the +2 triple crossbow of the Bespelling Gods
                  | {flame, Fragile Fly rC++ rCorr}
132058 | Zig:17   | Identified the ring of the Devil's Team {rElec rN++ rCorr
                  | Int-5 Stlth+}
132080 | Zig:17   | Identified the staff of air "Toxzit" {rElec rF++ SInv}
132422 | Zig:18   | Entered Level 18 of a ziggurat
132422 | Zig:18   | Noticed a royal mummy
132422 | Zig:18   | Noticed a royal mummy
132422 | Zig:18   | Noticed a royal mummy
132423 | Zig:18   | Noticed a royal mummy
132423 | Zig:18   | Noticed a royal mummy
132423 | Zig:18   | Noticed a royal mummy
132423 | Zig:18   | Noticed a royal mummy
132423 | Zig:18   | Noticed a royal mummy
132423 | Zig:18   | Noticed a royal mummy
132424 | Zig:18   | Noticed a royal mummy
132424 | Zig:18   | Noticed a royal mummy
132424 | Zig:18   | Noticed a royal mummy
132425 | Zig:18   | Noticed a royal mummy
132425 | Zig:18   | Noticed a royal mummy
132426 | Zig:18   | Noticed a royal mummy
132426 | Zig:18   | Noticed a royal mummy
132426 | Zig:18   | Noticed a royal mummy
132427 | Zig:18   | Noticed a royal mummy
132427 | Zig:18   | Noticed a royal mummy
132427 | Zig:18   | Noticed a royal mummy
132427 | Zig:18   | Noticed a royal mummy
132428 | Zig:18   | Killed a royal mummy
132428 | Zig:18   | Killed a royal mummy
132428 | Zig:18   | Killed a royal mummy
132428 | Zig:18   | Killed a royal mummy
132428 | Zig:18   | Killed a royal mummy
132428 | Zig:18   | Killed a royal mummy
132428 | Zig:18   | Killed a royal mummy
132428 | Zig:18   | Killed a royal mummy
132428 | Zig:18   | Killed a royal mummy
132428 | Zig:18   | Killed a royal mummy
132428 | Zig:18   | Noticed a royal mummy
132429 | Zig:18   | Noticed a royal mummy
132429 | Zig:18   | Noticed a royal mummy
132429 | Zig:18   | Noticed a royal mummy
132429 | Zig:18   | Noticed a royal mummy
132430 | Zig:18   | Killed a royal mummy
132430 | Zig:18   | Killed a royal mummy
132430 | Zig:18   | Killed a royal mummy
132430 | Zig:18   | Killed a royal mummy
132430 | Zig:18   | Killed a royal mummy
132430 | Zig:18   | Killed a royal mummy
132430 | Zig:18   | Killed a royal mummy
132430 | Zig:18   | Noticed a royal mummy
132430 | Zig:18   | Noticed a royal mummy
132431 | Zig:18   | Noticed a royal mummy
132431 | Zig:18   | Noticed a royal mummy
132431 | Zig:18   | Noticed a royal mummy
132432 | Zig:18   | Noticed a royal mummy
132433 | Zig:18   | Killed a royal mummy
132433 | Zig:18   | Killed a royal mummy
132433 | Zig:18   | Killed a royal mummy
132433 | Zig:18   | Killed a royal mummy
132433 | Zig:18   | Killed a royal mummy
132433 | Zig:18   | Killed a royal mummy
132433 | Zig:18   | Killed a royal mummy
132433 | Zig:18   | Killed a royal mummy
132433 | Zig:18   | Noticed a royal mummy
132434 | Zig:18   | Killed a royal mummy
132434 | Zig:18   | Killed a royal mummy
132434 | Zig:18   | Killed a royal mummy
132434 | Zig:18   | Killed a royal mummy
132435 | Zig:18   | Noticed a royal mummy
132435 | Zig:18   | Noticed a royal mummy
132436 | Zig:18   | Noticed a royal mummy
132436 | Zig:18   | Killed a royal mummy
132437 | Zig:18   | Killed a royal mummy
132437 | Zig:18   | Killed a royal mummy
132437 | Zig:18   | Killed a royal mummy
132437 | Zig:18   | Killed a royal mummy
132437 | Zig:18   | Noticed a royal mummy
132437 | Zig:18   | Noticed a royal mummy
132437 | Zig:18   | Noticed a royal mummy
132438 | Zig:18   | Noticed a royal mummy
132438 | Zig:18   | Noticed a royal mummy
132439 | Zig:18   | Noticed a royal mummy
132439 | Zig:18   | Found the +4 robe of Augmentation {Str+4 Int+4 Dex+4}
132440 | Zig:18   | Noticed a royal mummy
132440 | Zig:18   | Noticed a royal mummy
132441 | Zig:18   | Killed a royal mummy
132441 | Zig:18   | Killed a royal mummy
132441 | Zig:18   | Killed a royal mummy
132441 | Zig:18   | Killed a royal mummy
132441 | Zig:18   | Killed a royal mummy
132441 | Zig:18   | Noticed a royal mummy
132442 | Zig:18   | Killed a royal mummy
132442 | Zig:18   | Killed a royal mummy
132446 | Zig:18   | Killed a royal mummy
132447 | Zig:18   | Killed a royal mummy
132447 | Zig:18   | Killed a royal mummy
132447 | Zig:18   | Noticed a royal mummy
132448 | Zig:18   | Killed a royal mummy
132452 | Zig:18   | Killed a royal mummy
132937 | Zig:18   | Identified the staff of cold "Hevithryts" {rF++ rC+ Int+8
                  | Dex-5 Stlth+}
132941 | Zig:18   | Identified the +10 rapier of Understanding {flame, Will+}
133017 | Zig:18   | Identified the +0 scale mail "Othekk" {Fly rF+ Dex+4}
133023 | Zig:18   | Identified the +0 troll leather armour of Resilience {rF++
                  | Regen+ rCorr}
133028 | Zig:18   | Identified the +3 battleaxe of Destiny {heavy, rC+ rN+
                  | Will+}
133032 | Zig:18   | Identified the +0 plate armour of the Monk {Harm rF- Int-5
                  | SInv}
133213 | Zig:19   | Entered Level 19 of a ziggurat
133231 | Zig:19   | Noticed a dread lich
133233 | Zig:19   | Killed a dread lich
133287 | Zig:19   | Identified the staff of earth "Muarcheqa" {+Blink rN+ SInv
                  | Stlth+}
133293 | Zig:19   | Identified the +1 buckler of Zaot {Dex+5}
133297 | Zig:19   | Identified the +7 flail of Youthful Indiscretion {protect,
                  | rF+ Int+2}
133324 | Zig:19   | Identified the +2 cloak "Opakkad" {Drain rElec rPois rN+}
133326 | Zig:19   | Identified the +4 dagger of Wiffahis {antimagic, rElec rN+
                  | Stlth+}
133328 | Zig:19   | Identified the +11 battleaxe "Arypryno" {antimagic, rPois
                  | Dex+3}
133354 | Zig:19   | Identified the +10 plate armour of the Neverending Beds
                  | {rC+ Regen+ Int-5 Stlth+}
133356 | Zig:19   | Identified the +10 hand axe of the Horn {flame, rF+ Str+2}
133370 | Zig:19   | Identified the +10 rapier "Buamen" {heavy, rF+ Dex+3}
133381 | Zig:19   | Identified the +7 broad axe of Deformation {protect, Will+}
133392 | Zig:19   | Identified the ring "Kax Yzirghu" {rElec EV+5 Int+3}
133400 | Zig:19   | Identified the +2 mace of Musmo {drain, Drain rPois rN++
                  | Dex+3}
133401 | Zig:19   | Identified the amulet of Ununnoer {Acrobat Contam Harm
                  | rC+++ Int-2}
133734 | Zig:20   | Entered Level 20 of a ziggurat
133747 | Zig:20   | Noticed an ancient lich
133750 | Zig:20   | Noticed a dread lich
133751 | Zig:20   | Killed an ancient lich
133759 | Zig:20   | Killed a dread lich
133850 | Zig:20   | Identified the staff of fire "Ycuci" {Contam rF+ rC+ rCorr
                  | Int+3}
133862 | Zig:20   | Identified the +6 flail of an ossuary {vamp, rElec rPois
                  | rC++ Str-2}
133902 | Zig:20   | Identified the staff of conjuration "Fuemec" {rN+ Int+3}
134184 | Zig:20   | Identified the +10 quarterstaff of Sin {freeze, Fragile
                  | Str+6}
134203 | Zig:20   | Identified the +7 bardiche of Judgement {heavy, rCorr}
134230 | Zig:20   | Identified the staff of cold "Vihivua" {rC+ Dex+3}
134233 | Zig:20   | Identified the +0 ring mail of Ylloodog {rC+}
134240 | Zig:20   | Identified the staff of fire "Roqay" {rF+ Str+3 Dex+4
                  | Stlth+}
134331 | Zig:21   | Entered Level 21 of a ziggurat
134350 | Zig:21   | Noticed Cyseyrui the pandemonium lord
134354 | Zig:21   | Killed Cyseyrui the pandemonium lord
134456 | Zig:21   | Identified the +8 morningstar of Estrexipi {flame, rCorr}
134470 | Zig:21   | Identified the +7 dire flail "Jacyar" {drain, Int+2 Dex+3}
134482 | Zig:21   | Identified the staff of death "Fosucs" {*Slow rElec rF- rN+
                  | Stlth+}
134513 | Zig:21   | Identified the ring "Xenton" {Str+6 Dex+2 Slay+5 SInv}
134518 | Zig:21   | Identified the +9 great sword of the Unspeakable One {holy,
                  | +Blink}
134520 | Zig:21   | Identified the +0 leather armour of Leapfrog {Harm Dex+3
                  | SInv}
134532 | Zig:21   | Identified the +6 arbalest "Syuleis" {heavy, *Corrode rN+
                  | Dex+6}
135014 | Zig:22   | Entered Level 22 of a ziggurat
135025 | Zig:22   | Noticed a dread lich
135026 | Zig:22   | Noticed an ancient lich
135026 | Zig:22   | Noticed a dread lich
135027 | Zig:22   | Noticed a dread lich
135027 | Zig:22   | Noticed a dread lich
135028 | Zig:22   | Killed a dread lich
135028 | Zig:22   | Killed a dread lich
135029 | Zig:22   | Noticed an ancient lich
135029 | Zig:22   | Noticed an ancient lich
135029 | Zig:22   | Noticed a dread lich
135029 | Zig:22   | Noticed a dread lich
135029 | Zig:22   | Noticed an ancient lich
135029 | Zig:22   | Noticed a dread lich
135029 | Zig:22   | Noticed an ancient lich
135029 | Zig:22   | Noticed a dread lich
135029 | Zig:22   | Killed a dread lich
135029 | Zig:22   | Noticed a dread lich
135029 | Zig:22   | Noticed an ancient lich
135029 | Zig:22   | Noticed an ancient lich
135029 | Zig:22   | Noticed an ancient lich
135030 | Zig:22   | Noticed a dread lich
135030 | Zig:22   | Killed an ancient lich
135030 | Zig:22   | Killed a dread lich
135030 | Zig:22   | Killed an ancient lich
135030 | Zig:22   | Killed a dread lich
135030 | Zig:22   | Killed a dread lich
135030 | Zig:22   | Killed a dread lich
135030 | Zig:22   | Killed an ancient lich
135030 | Zig:22   | Noticed a dread lich
135030 | Zig:22   | Noticed a dread lich
135031 | Zig:22   | Noticed a dread lich
135031 | Zig:22   | Noticed a dread lich
135031 | Zig:22   | Noticed an ancient lich
135031 | Zig:22   | Noticed an ancient lich
135031 | Zig:22   | Noticed an ancient lich
135031 | Zig:22   | Noticed an ancient lich
135031 | Zig:22   | Noticed a dread lich
135031 | Zig:22   | Noticed an ancient lich
135031 | Zig:22   | Noticed an ancient lich
135031 | Zig:22   | Noticed an ancient lich
135031 | Zig:22   | Noticed an ancient lich
135031 | Zig:22   | Killed a dread lich
135031 | Zig:22   | Killed a dread lich
135032 | Zig:22   | Noticed a dread lich
135032 | Zig:22   | Noticed an ancient lich
135032 | Zig:22   | Noticed an ancient lich
135032 | Zig:22   | Noticed an ancient lich
135032 | Zig:22   | Noticed an ancient lich
135032 | Zig:22   | Noticed a dread lich
135032 | Zig:22   | Noticed an ancient lich
135032 | Zig:22   | Noticed a dread lich
135032 | Zig:22   | Noticed an ancient lich
135032 | Zig:22   | Noticed a dread lich
135032 | Zig:22   | Noticed a dread lich
135033 | Zig:22   | Killed an ancient lich
135033 | Zig:22   | Killed an ancient lich
135033 | Zig:22   | Killed an ancient lich
135033 | Zig:22   | Killed an ancient lich
135033 | Zig:22   | Killed a dread lich
135033 | Zig:22   | Killed a dread lich
135033 | Zig:22   | Killed an ancient lich
135033 | Zig:22   | Killed an ancient lich
135033 | Zig:22   | Killed an ancient lich
135033 | Zig:22   | Killed a dread lich
135033 | Zig:22   | Killed an ancient lich
135033 | Zig:22   | Killed a dread lich
135033 | Zig:22   | Killed an ancient lich
135033 | Zig:22   | Killed an ancient lich
135033 | Zig:22   | Killed a dread lich
135033 | Zig:22   | Killed a dread lich
135033 | Zig:22   | Killed an ancient lich
135033 | Zig:22   | Killed a dread lich
135033 | Zig:22   | Noticed a dread lich
135033 | Zig:22   | Noticed an ancient lich
135033 | Zig:22   | Noticed a dread lich
135034 | Zig:22   | Killed an ancient lich
135034 | Zig:22   | Killed an ancient lich
135034 | Zig:22   | Killed an ancient lich
135034 | Zig:22   | Killed an ancient lich
135034 | Zig:22   | Killed an ancient lich
135034 | Zig:22   | Killed a dread lich
135034 | Zig:22   | Killed an ancient lich
135034 | Zig:22   | Killed a dread lich
135034 | Zig:22   | Killed an ancient lich
135034 | Zig:22   | Killed an ancient lich
135034 | Zig:22   | Killed a dread lich
135034 | Zig:22   | Killed an ancient lich
135034 | Zig:22   | Killed a dread lich
135034 | Zig:22   | Noticed a dread lich
135035 | Zig:22   | Noticed a dread lich
135035 | Zig:22   | Noticed an ancient lich
135035 | Zig:22   | Noticed an ancient lich
135035 | Zig:22   | Noticed a dread lich
135035 | Zig:22   | Noticed a dread lich
135035 | Zig:22   | Noticed a dread lich
135035 | Zig:22   | Noticed an ancient lich
135036 | Zig:22   | Noticed a dread lich
135036 | Zig:22   | Noticed a dread lich
135037 | Zig:22   | Killed a dread lich
135037 | Zig:22   | Killed a dread lich
135037 | Zig:22   | Killed a dread lich
135037 | Zig:22   | Killed a dread lich
135037 | Zig:22   | Killed a dread lich
135037 | Zig:22   | Killed an ancient lich
135038 | Zig:22   | Killed an ancient lich
135038 | Zig:22   | Killed a dread lich
135038 | Zig:22   | Killed a dread lich
135038 | Zig:22   | Killed a dread lich
135038 | Zig:22   | Killed an ancient lich
135038 | Zig:22   | Killed a dread lich
135039 | Zig:22   | Identified the ring "Zoacideck" {Drain rF++ MP+9 SInv
                  | Stlth+}
135039 | Zig:22   | Noticed a dread lich
135040 | Zig:22   | Noticed a dread lich
135042 | Zig:22   | Noticed an ancient lich
135043 | Zig:22   | Killed an ancient lich
135052 | Zig:22   | Killed a dread lich
135052 | Zig:22   | Killed a dread lich
135409 | Zig:22   | Identified the +3 cloak "Vaysibem" {rElec rPois}
135426 | Zig:22   | Identified the +3 bardiche "Hibi" {pain, rC- rCorr Int+3
                  | Dex+4}
135428 | Zig:22   | Identified the staff of death "Edariugg" {*Slow rC++ rN+
                  | rCorr MP+9}
135432 | Zig:22   | Identified the +6 hand axe of Deflation {heavy, rElec rF-
                  | Will+ Int+3}
135498 | Zig:22   | Identified the ring "Uraqed" {rN++ EV+5}
135524 | Zig:22   | Identified the +1 scimitar of Qimme {heavy, Int+3}
135652 | Zig:23   | Entered Level 23 of a ziggurat
135776 | Zig:23   | Identified the +1 broad axe "Ygguhoz" {protect, rC+ Str+2}
135777 | Zig:23   | Identified the +6 scale mail of Ydusuom {rC+ MP+9}
135782 | Zig:23   | Identified the ring of Ziceh {Fly rN+ Str+6 Int-4}
135786 | Zig:23   | Identified the +1 sling of Causality {flame, +Blink}
135809 | Zig:23   | Identified the +2 battleaxe of the Sun {pain, Str+3 Int+4
                  | Dex+2}
135813 | Zig:23   | Identified the staff of conjuration "Ulaidux" {Will+}
135831 | Zig:23   | Identified the staff of death "Joaxzod" {rN+ Int-2 Dex+4}
135843 | Zig:23   | Identified the +10 rapier "Z" {freeze, Will- Str+4 Int+2}
135861 | Zig:23   | Identified the staff of earth "Puxararch" {Str+7}
136303 | Zig:23   | Identified the +2 robe of Cynicism {rPois Slay+3}
136377 | Zig:24   | Entered Level 24 of a ziggurat
136389 | Zig:24   | Noticed an ancient lich
136391 | Zig:24   | Noticed a dread lich
136391 | Zig:24   | Noticed an ancient lich
136391 | Zig:24   | Noticed an ancient lich
136392 | Zig:24   | Noticed an ancient lich
136392 | Zig:24   | Noticed a dread lich
136392 | Zig:24   | Noticed an ancient lich
136392 | Zig:24   | Noticed a dread lich
136392 | Zig:24   | Noticed an ancient lich
136392 | Zig:24   | Noticed an ancient lich
136393 | Zig:24   | Killed an ancient lich
136393 | Zig:24   | Killed a dread lich
136393 | Zig:24   | Noticed an ancient lich
136394 | Zig:24   | Killed an ancient lich
136394 | Zig:24   | Killed an ancient lich
136394 | Zig:24   | Killed an ancient lich
136394 | Zig:24   | Killed an ancient lich
136394 | Zig:24   | Killed a dread lich
136394 | Zig:24   | Killed an ancient lich
136394 | Zig:24   | Killed a dread lich
136394 | Zig:24   | Killed an ancient lich
136395 | Zig:24   | Noticed an ancient lich
136395 | Zig:24   | Noticed a dread lich
136395 | Zig:24   | Noticed a dread lich
136395 | Zig:24   | Noticed a dread lich
136395 | Zig:24   | Noticed a dread lich
136395 | Zig:24   | Noticed an ancient lich
136396 | Zig:24   | Noticed a dread lich
136396 | Zig:24   | Noticed an ancient lich
136396 | Zig:24   | Noticed a dread lich
136396 | Zig:24   | Noticed an ancient lich
136396 | Zig:24   | Noticed a dread lich
136396 | Zig:24   | Noticed an ancient lich
136396 | Zig:24   | Noticed an ancient lich
136396 | Zig:24   | Noticed an ancient lich
136396 | Zig:24   | Noticed a dread lich
136396 | Zig:24   | Noticed an ancient lich
136396 | Zig:24   | Noticed an ancient lich
136396 | Zig:24   | Noticed an ancient lich
136396 | Zig:24   | Noticed an ancient lich
136397 | Zig:24   | Noticed an ancient lich
136397 | Zig:24   | Noticed an ancient lich
136397 | Zig:24   | Noticed an ancient lich
136397 | Zig:24   | Noticed a dread lich
136397 | Zig:24   | Noticed an ancient lich
136398 | Zig:24   | Killed a dread lich
136398 | Zig:24   | Killed a dread lich
136398 | Zig:24   | Killed an ancient lich
136398 | Zig:24   | Noticed an ancient lich
136398 | Zig:24   | Noticed an ancient lich
136398 | Zig:24   | Noticed a dread lich
136399 | Zig:24   | Noticed a dread lich
136399 | Zig:24   | Noticed an ancient lich
136399 | Zig:24   | Killed a dread lich
136399 | Zig:24   | Killed an ancient lich
136399 | Zig:24   | Killed an ancient lich
136399 | Zig:24   | Killed an ancient lich
136399 | Zig:24   | Killed an ancient lich
136399 | Zig:24   | Killed a dread lich
136399 | Zig:24   | Killed a dread lich
136399 | Zig:24   | Killed a dread lich
136399 | Zig:24   | Killed a dread lich
136399 | Zig:24   | Killed an ancient lich
136399 | Zig:24   | Killed an ancient lich
136399 | Zig:24   | Killed an ancient lich
136399 | Zig:24   | Killed an ancient lich
136399 | Zig:24   | Noticed a dread lich
136399 | Zig:24   | Noticed an ancient lich
136399 | Zig:24   | Noticed an ancient lich
136400 | Zig:24   | Noticed an ancient lich
136400 | Zig:24   | Noticed an ancient lich
136400 | Zig:24   | Noticed an ancient lich
136400 | Zig:24   | Noticed an ancient lich
136400 | Zig:24   | Noticed an ancient lich
136400 | Zig:24   | Noticed an ancient lich
136400 | Zig:24   | Killed an ancient lich
136400 | Zig:24   | Killed an ancient lich
136400 | Zig:24   | Killed a dread lich
136401 | Zig:24   | Noticed a dread lich
136401 | Zig:24   | Noticed an ancient lich
136401 | Zig:24   | Noticed a dread lich
136401 | Zig:24   | Noticed a dread lich
136402 | Zig:24   | Killed a dread lich
136402 | Zig:24   | Killed an ancient lich
136402 | Zig:24   | Killed an ancient lich
136402 | Zig:24   | Killed an ancient lich
136402 | Zig:24   | Killed an ancient lich
136402 | Zig:24   | Killed an ancient lich
136402 | Zig:24   | Killed an ancient lich
136402 | Zig:24   | Killed an ancient lich
136402 | Zig:24   | Killed an ancient lich
136402 | Zig:24   | Killed an ancient lich
136402 | Zig:24   | Killed a dread lich
136402 | Zig:24   | Killed an ancient lich
136402 | Zig:24   | Killed an ancient lich
136402 | Zig:24   | Killed an ancient lich
136402 | Zig:24   | Killed a dread lich
136402 | Zig:24   | Killed a dread lich
136402 | Zig:24   | Killed a dread lich
136402 | Zig:24   | Killed an ancient lich
136402 | Zig:24   | Killed an ancient lich
136402 | Zig:24   | Noticed an ancient lich
136402 | Zig:24   | Killed a dread lich
136402 | Zig:24   | Noticed an ancient lich
136403 | Zig:24   | Killed an ancient lich
136403 | Zig:24   | Killed an ancient lich
136403 | Zig:24   | Killed a dread lich
136403 | Zig:24   | Killed an ancient lich
136404 | Zig:24   | Noticed an ancient lich
136404 | Zig:24   | Noticed a dread lich
136406 | Zig:24   | Killed an ancient lich
136406 | Zig:24   | Killed an ancient lich
136407 | Zig:24   | Noticed a dread lich
136407 | Zig:24   | Killed an ancient lich
136407 | Zig:24   | Killed a dread lich
136410 | Zig:24   | Killed a dread lich
136410 | Zig:24   | Noticed a dread lich
136413 | Zig:24   | Killed a dread lich
136682 | Zig:24   | Identified the +0 ring mail "Neteyzu" {rN++ Will+}
136698 | Zig:24   | Identified the staff of cold "Vuwnil" {rPois rC+ rN++
                  | Int-5}
136722 | Zig:24   | Identified the +0 leather armour "Apnozost" {Contam rPois
                  | rN+}
136756 | Zig:24   | Identified the ring of Siffig {rCorr Str+3}
136786 | Zig:24   | Identified the +1 robe of Vampiric Thralls {Contam rN+
                  | Will+ Int+2}
136809 | Zig:24   | Identified the +0 chain mail "Ximop" {Int+3 SInv}
136811 | Zig:24   | Identified the ring of Crawling {rF+ rC+ Str-3 Stlth+}
136816 | Zig:24   | Identified the +0 leather armour "Peffaple" {rPois Will-
                  | Dex+3}
136817 | Zig:24   | Identified the +1 leather armour "Acvost" {rC+ rCorr Int+3}
136828 | Zig:24   | Identified the +6 broad axe of Honour {flame, rF+ Will+}
136842 | Zig:24   | Identified the amulet of the Barnacled Rambutan {Regen+
                  | Str+3}
136906 | Zig:24   | Identified the +2 broad axe of Ogoty {holy, Fragile rN+
                  | rCorr}
136915 | Zig:24   | Identified the amulet of Zualupn {Faith rElec rN++ Int-3
                  | Dex+3}
137045 | Zig:25   | Entered Level 25 of a ziggurat
137048 | Zig:25   | Noticed a royal mummy
137048 | Zig:25   | Noticed a royal mummy
137049 | Zig:25   | Noticed a royal mummy
137050 | Zig:25   | Noticed a royal mummy
137051 | Zig:25   | Noticed a royal mummy
137053 | Zig:25   | Noticed a royal mummy
137053 | Zig:25   | Noticed a royal mummy
137053 | Zig:25   | Noticed a royal mummy
137053 | Zig:25   | Noticed a royal mummy
137053 | Zig:25   | Noticed a royal mummy
137053 | Zig:25   | Noticed a royal mummy
137054 | Zig:25   | Killed a royal mummy
137054 | Zig:25   | Killed a royal mummy
137054 | Zig:25   | Noticed a royal mummy
137054 | Zig:25   | Noticed a royal mummy
137054 | Zig:25   | Noticed a royal mummy
137054 | Zig:25   | Noticed a royal mummy
137055 | Zig:25   | Killed a royal mummy
137055 | Zig:25   | Killed a royal mummy
137055 | Zig:25   | Killed a royal mummy
137055 | Zig:25   | Killed a royal mummy
137055 | Zig:25   | Killed a royal mummy
137055 | Zig:25   | Killed a royal mummy
137055 | Zig:25   | Noticed a royal mummy
137055 | Zig:25   | Noticed a royal mummy
137055 | Zig:25   | Killed a royal mummy
137055 | Zig:25   | Noticed a royal mummy
137056 | Zig:25   | Noticed a royal mummy
137056 | Zig:25   | Noticed a royal mummy
137056 | Zig:25   | Noticed a royal mummy
137056 | Zig:25   | Noticed a royal mummy
137056 | Zig:25   | Noticed a royal mummy
137056 | Zig:25   | Killed a royal mummy
137056 | Zig:25   | Noticed a royal mummy
137056 | Zig:25   | Noticed a royal mummy
137056 | Zig:25   | Noticed a royal mummy
137057 | Zig:25   | Noticed a royal mummy
137057 | Zig:25   | Noticed a royal mummy
137057 | Zig:25   | Noticed a royal mummy
137058 | Zig:25   | Killed a royal mummy
137058 | Zig:25   | Killed a royal mummy
137058 | Zig:25   | Killed a royal mummy
137058 | Zig:25   | Killed a royal mummy
137058 | Zig:25   | Killed a royal mummy
137058 | Zig:25   | Noticed a royal mummy
137058 | Zig:25   | Noticed a royal mummy
137058 | Zig:25   | Noticed a royal mummy
137058 | Zig:25   | Noticed a royal mummy
137058 | Zig:25   | Killed a royal mummy
137059 | Zig:25   | Noticed a royal mummy
137059 | Zig:25   | Noticed a royal mummy
137059 | Zig:25   | Noticed a royal mummy
137059 | Zig:25   | Killed a royal mummy
137059 | Zig:25   | Killed a royal mummy
137060 | Zig:25   | Killed a royal mummy
137060 | Zig:25   | Killed a royal mummy
137060 | Zig:25   | Killed a royal mummy
137060 | Zig:25   | Killed a royal mummy
137060 | Zig:25   | Killed a royal mummy
137060 | Zig:25   | Killed a royal mummy
137060 | Zig:25   | Killed a royal mummy
137060 | Zig:25   | Killed a royal mummy
137060 | Zig:25   | Killed a royal mummy
137060 | Zig:25   | Killed a royal mummy
137060 | Zig:25   | Noticed a royal mummy
137060 | Zig:25   | Noticed a royal mummy
137060 | Zig:25   | Noticed a royal mummy
137060 | Zig:25   | Noticed a royal mummy
137061 | Zig:25   | Noticed a royal mummy
137061 | Zig:25   | Noticed a royal mummy
137061 | Zig:25   | Noticed a royal mummy
137061 | Zig:25   | Noticed a royal mummy
137061 | Zig:25   | Noticed a royal mummy
137061 | Zig:25   | Noticed a royal mummy
137061 | Zig:25   | Killed a royal mummy
137062 | Zig:25   | Noticed a royal mummy
137062 | Zig:25   | Noticed a royal mummy
137062 | Zig:25   | Noticed a royal mummy
137062 | Zig:25   | Noticed a royal mummy
137062 | Zig:25   | Noticed a royal mummy
137062 | Zig:25   | Noticed a royal mummy
137062 | Zig:25   | Noticed a royal mummy
137063 | Zig:25   | Killed a royal mummy
137063 | Zig:25   | Killed a royal mummy
137063 | Zig:25   | Killed a royal mummy
137063 | Zig:25   | Killed a royal mummy
137063 | Zig:25   | Killed a royal mummy
137063 | Zig:25   | Killed a royal mummy
137063 | Zig:25   | Killed a royal mummy
137063 | Zig:25   | Killed a royal mummy
137063 | Zig:25   | Noticed a royal mummy
137063 | Zig:25   | Noticed a royal mummy
137064 | Zig:25   | Noticed a royal mummy
137064 | Zig:25   | Noticed a royal mummy
137065 | Zig:25   | Noticed a royal mummy
137065 | Zig:25   | Noticed a royal mummy
137065 | Zig:25   | Noticed a royal mummy
137065 | Zig:25   | Noticed a royal mummy
137065 | Zig:25   | Noticed a royal mummy
137065 | Zig:25   | Noticed a royal mummy
137066 | Zig:25   | Killed a royal mummy
137066 | Zig:25   | Killed a royal mummy
137066 | Zig:25   | Killed a royal mummy
137066 | Zig:25   | Killed a royal mummy
137066 | Zig:25   | Killed a royal mummy
137066 | Zig:25   | Killed a royal mummy
137066 | Zig:25   | Killed a royal mummy
137066 | Zig:25   | Killed a royal mummy
137066 | Zig:25   | Killed a royal mummy
137066 | Zig:25   | Killed a royal mummy
137066 | Zig:25   | Killed a royal mummy
137066 | Zig:25   | Noticed a royal mummy
137066 | Zig:25   | Noticed a royal mummy
137066 | Zig:25   | Noticed a royal mummy
137066 | Zig:25   | Noticed a royal mummy
137066 | Zig:25   | Killed a royal mummy
137067 | Zig:25   | Killed a royal mummy
137067 | Zig:25   | Killed a royal mummy
137067 | Zig:25   | Killed a royal mummy
137067 | Zig:25   | Killed a royal mummy
137067 | Zig:25   | Killed a royal mummy
137067 | Zig:25   | Killed a royal mummy
137067 | Zig:25   | Noticed a royal mummy
137067 | Zig:25   | Noticed a royal mummy
137068 | Zig:25   | Noticed a royal mummy
137068 | Zig:25   | Noticed a royal mummy
137068 | Zig:25   | Noticed a royal mummy
137068 | Zig:25   | Noticed a royal mummy
137068 | Zig:25   | Killed a royal mummy
137068 | Zig:25   | Killed a royal mummy
137068 | Zig:25   | Killed a royal mummy
137068 | Zig:25   | Killed a royal mummy
137068 | Zig:25   | Noticed a royal mummy
137068 | Zig:25   | Noticed a royal mummy
137068 | Zig:25   | Noticed a royal mummy
137069 | Zig:25   | Noticed a royal mummy
137069 | Zig:25   | Noticed a royal mummy
137069 | Zig:25   | Noticed a royal mummy
137069 | Zig:25   | Noticed a royal mummy
137069 | Zig:25   | Noticed a royal mummy
137070 | Zig:25   | Killed a royal mummy
137070 | Zig:25   | Killed a royal mummy
137070 | Zig:25   | Killed a royal mummy
137070 | Zig:25   | Killed a royal mummy
137070 | Zig:25   | Killed a royal mummy
137070 | Zig:25   | Noticed a royal mummy
137070 | Zig:25   | Noticed a royal mummy
137070 | Zig:25   | Noticed a royal mummy
137071 | Zig:25   | Noticed a royal mummy
137071 | Zig:25   | Noticed a royal mummy
137071 | Zig:25   | Noticed a royal mummy
137071 | Zig:25   | Noticed a royal mummy
137071 | Zig:25   | Noticed a royal mummy
137071 | Zig:25   | Killed a royal mummy
137071 | Zig:25   | Killed a royal mummy
137072 | Zig:25   | Killed a royal mummy
137072 | Zig:25   | Killed a royal mummy
137072 | Zig:25   | Killed a royal mummy
137072 | Zig:25   | Killed a royal mummy
137072 | Zig:25   | Killed a royal mummy
137072 | Zig:25   | Killed a royal mummy
137072 | Zig:25   | Killed a royal mummy
137072 | Zig:25   | Killed a royal mummy
137072 | Zig:25   | Killed a royal mummy
137072 | Zig:25   | Killed a royal mummy
137073 | Zig:25   | Noticed a royal mummy
137073 | Zig:25   | Noticed a royal mummy
137073 | Zig:25   | Killed a royal mummy
137073 | Zig:25   | Killed a royal mummy
137074 | Zig:25   | Noticed a royal mummy
137074 | Zig:25   | Noticed a royal mummy
137075 | Zig:25   | Killed a royal mummy
137075 | Zig:25   | Killed a royal mummy
137075 | Zig:25   | Killed a royal mummy
137075 | Zig:25   | Killed a royal mummy
137075 | Zig:25   | Killed a royal mummy
137075 | Zig:25   | Killed a royal mummy
137075 | Zig:25   | Noticed a royal mummy
137076 | Zig:25   | Killed a royal mummy
137077 | Zig:25   | Killed a royal mummy
137077 | Zig:25   | Killed a royal mummy
137077 | Zig:25   | Killed a royal mummy
137077 | Zig:25   | Killed a royal mummy
137077 | Zig:25   | Noticed a royal mummy
137078 | Zig:25   | Killed a royal mummy
137079 | Zig:25   | Killed a royal mummy
137082 | Zig:25   | Killed a royal mummy
137083 | Zig:25   | Killed a royal mummy
137084 | Zig:25   | Killed a royal mummy
137084 | Zig:25   | Killed a royal mummy
137087 | Zig:25   | Noticed a royal mummy
137087 | Zig:25   | Noticed a royal mummy
137088 | Zig:25   | Killed a royal mummy
137088 | Zig:25   | Killed a royal mummy
137088 | Zig:25   | Killed a royal mummy
137092 | Zig:25   | Killed a royal mummy
137188 | Zig:25   | Identified the +1 quarterstaff of Darkness {spect, rCorr
                  | Str-5 Stlth+}
137198 | Zig:25   | Identified the +4 kite shield "Tiangiy" {Will+ SInv}
137206 | Zig:25   | Identified the +0 leather armour of the Fiddle {rPois
                  | Regen+}
137212 | Zig:25   | Identified the +12 triple crossbow "Tuvaena" {flame, rElec
                  | Dex+5}
137290 | Zig:25   | Identified the +6 short sword "Grim Tooth" {freeze, +Blink
                  | rElec rPois Str+3 Int+3}
137294 | Zig:25   | Identified the +5 plate armour of a volcano {Regen+}
137302 | Zig:25   | Identified the ring "Fenuh" {rElec rC- Str+5 Int+6}
137304 | Zig:25   | Identified the +1 leather armour of Insurance {Will+ Str+2}
137311 | Zig:25   | Identified the staff of air "Luason" {Contam rElec rN+++
                  | SInv}
137329 | Zig:25   | Identified the staff of death "Uggoa" {rF++ rN+ MP+9}
138056 | Zig:26   | Entered Level 26 of a ziggurat
138070 | Zig:26   | Noticed an ancient lich
138070 | Zig:26   | Noticed a dread lich
138070 | Zig:26   | Noticed a dread lich
138071 | Zig:26   | Noticed a dread lich
138071 | Zig:26   | Noticed a dread lich
138073 | Zig:26   | Noticed a dread lich
138073 | Zig:26   | Noticed a dread lich
138073 | Zig:26   | Noticed an ancient lich
138073 | Zig:26   | Noticed an ancient lich
138074 | Zig:26   | Killed a dread lich
138074 | Zig:26   | Killed an ancient lich
138074 | Zig:26   | Killed a dread lich
138074 | Zig:26   | Noticed a dread lich
138075 | Zig:26   | Noticed an ancient lich
138075 | Zig:26   | Noticed an ancient lich
138076 | Zig:26   | Noticed a dread lich
138076 | Zig:26   | Noticed a dread lich
138076 | Zig:26   | Noticed a dread lich
138076 | Zig:26   | Noticed a dread lich
138077 | Zig:26   | Noticed a dread lich
138077 | Zig:26   | Killed a dread lich
138077 | Zig:26   | Killed an ancient lich
138077 | Zig:26   | Killed a dread lich
138077 | Zig:26   | Killed a dread lich
138077 | Zig:26   | Killed a dread lich
138078 | Zig:26   | Noticed a dread lich
138078 | Zig:26   | Noticed an ancient lich
138078 | Zig:26   | Killed an ancient lich
138078 | Zig:26   | Noticed a dread lich
138079 | Zig:26   | Noticed a dread lich
138079 | Zig:26   | Killed an ancient lich
138079 | Zig:26   | Killed an ancient lich
138079 | Zig:26   | Killed a dread lich
138079 | Zig:26   | Killed a dread lich
138079 | Zig:26   | Killed a dread lich
138079 | Zig:26   | Killed a dread lich
138079 | Zig:26   | Killed a dread lich
138079 | Zig:26   | Killed a dread lich
138079 | Zig:26   | Killed an ancient lich
138079 | Zig:26   | Killed a dread lich
138079 | Zig:26   | Killed a dread lich
138079 | Zig:26   | Noticed an ancient lich
138080 | Zig:26   | Noticed a dread lich
138081 | Zig:26   | Noticed an ancient lich
138081 | Zig:26   | Noticed a dread lich
138081 | Zig:26   | Noticed a dread lich
138082 | Zig:26   | Noticed a dread lich
138083 | Zig:26   | Killed an ancient lich
138083 | Zig:26   | Killed a dread lich
138083 | Zig:26   | Killed a dread lich
138083 | Zig:26   | Killed a dread lich
138083 | Zig:26   | Noticed a dread lich
138084 | Zig:26   | Noticed a dread lich
138084 | Zig:26   | Killed an ancient lich
138084 | Zig:26   | Killed a dread lich
138085 | Zig:26   | Noticed an ancient lich
138086 | Zig:26   | Noticed an ancient lich
138087 | Zig:26   | Killed a dread lich
138087 | Zig:26   | Killed an ancient lich
138087 | Zig:26   | Killed an ancient lich
138087 | Zig:26   | Killed a dread lich
138089 | Zig:26   | Noticed a dread lich
138091 | Zig:26   | Killed a dread lich
138091 | Zig:26   | Killed a dread lich
138100 | Zig:26   | Noticed an ancient lich
138101 | Zig:26   | Noticed a dread lich
138103 | Zig:26   | Killed a dread lich
138104 | Zig:26   | Killed an ancient lich
138509 | Zig:26   | Identified the +6 long sword "Plog" {flame, *Rage rPois
                  | Will+ SInv}
138619 | Zig:26   | Identified the +5 quarterstaff of Bar Rayb {heavy, Will+
                  | MP+9 Dex+4}
138644 | Zig:26   | Identified the staff of poison "Kohuath" {rElec rPois
                  | Dex+5}
138646 | Zig:26   | Identified the +9 halberd of Circular Logic {antimagic,
                  | Int+4}
138652 | Zig:26   | Identified the +5 mace of Insufficient Pleasure {antimagic,
                  | Str+5 Int-4}
138798 | Zig:27   | Entered Level 27 of a ziggurat
138897 | Zig:27   | Identified the +6 broad axe of Tomorrow {freeze, rF++ rC+}
138913 | Zig:27   | Identified the staff of poison "Kousin" {rPois rF+ Int-4
                  | Dex+3}
138917 | Zig:27   | Identified the staff of poison "Wegexep" {rPois rF+ SInv}
138945 | Zig:27   | Identified the ring "Leutuug" {Ice Drain Slay+5 SInv}
138950 | Zig:27   | Identified the +11 sling of the Realm of Zot {heavy, Fly
                  | Stlth+}
138962 | Zig:27   | Identified the +8 war axe "Xeycw" {flame, Drain rPois
                  | Str+3}
138974 | Zig:27   | Identified the +4 sling of Wu Jian's Generosity {heavy, rN+
                  | rCorr}
138995 | Zig:27   | Identified the ring "Ohux" {rCorr Int+2}
138997 | Zig:27   | Identified the +4 flail "Woloyssi" {drain, Contam Str+3
                  | Int+2}
139006 | Zig:27   | Identified the +6 scale mail of Defiance {rPois rF- rCorr
                  | SInv}
139022 | Zig:27   | Identified the +1 shortbow of Bloodstone {flame, *Slow
                  | rElec Will++ Int+4}
139037 | Zig:27   | Identified the amulet "Robeaf" {Spirit rPois rF+ Str+2}
139677 | Depths:1 | Upgraded the game from 0.30-a0-916-g98134172ad to
                  | 0.30-a0-919-g9323dee000
139681 | Zig:1    | Entered Level 1 of a ziggurat
139725 | Zig:2    | Entered Level 2 of a ziggurat
139725 | Zig:2    | Noticed an ancient lich
139728 | Zig:2    | Killed an ancient lich
139795 | Zig:3    | Entered Level 3 of a ziggurat
139930 | Zig:4    | Entered Level 4 of a ziggurat
140062 | Zig:5    | Entered Level 5 of a ziggurat
140131 | Zig:5    | Identified the +10 broad axe "Emnucuil" {vamp, rPois rF-
                  | Str+3 Int+3}
140144 | Zig:5    | Identified the staff of cold "Saigi" {rC+ Str-2 Dex+6 SInv}
140155 | Zig:5    | Identified the staff of death "Zuczec" {*Slow rPois rN+
                  | Dex+8}
140332 | Zig:6    | Entered Level 6 of a ziggurat
140332 | Zig:6    | Noticed a royal mummy
140332 | Zig:6    | Noticed a royal mummy
140332 | Zig:6    | Noticed a royal mummy
140332 | Zig:6    | Noticed a royal mummy
140332 | Zig:6    | Noticed a royal mummy
140332 | Zig:6    | Noticed a royal mummy
140334 | Zig:6    | Killed a royal mummy
140335 | Zig:6    | Noticed a royal mummy
140335 | Zig:6    | Killed a royal mummy
140336 | Zig:6    | Killed a royal mummy
140338 | Zig:6    | Killed a royal mummy
140338 | Zig:6    | Killed a royal mummy
140338 | Zig:6    | Killed a royal mummy
140338 | Zig:6    | Killed a royal mummy
140526 | Zig:6    | Identified the +2 leather armour "Affiocw" {+Inv Will+
                  | Int+3}
140566 | Zig:6    | Identified the ring "Aclikkin" {+Blink rF++ rC- AC+4}
140572 | Zig:6    | Identified the ring "Boicza Jyhi" {+Blink rPois Will+
                  | Str-2}
140586 | Zig:6    | Identified the ring "Vaibiqaj" {rElec rCorr Stlth+}
140603 | Zig:7    | Entered Level 7 of a ziggurat
140671 | Zig:7    | Identified the +6 quarterstaff of the Green God {freeze,
                  | rC++ Str+3 Dex-5 Stlth+}
140679 | Zig:7    | Identified the amulet "Arigh" {Faith Drain rPois rF- rCorr}
140685 | Zig:7    | Identified the staff of conjuration "Berengo" {*Slow rN+++
                  | SInv}
140835 | Zig:8    | Entered Level 8 of a ziggurat
141000 | Zig:8    | Identified the +2 chain mail of Sin {Int+3}
141092 | Zig:9    | Entered Level 9 of a ziggurat
141093 | Zig:9    | Noticed an ancient lich
141093 | Zig:9    | Noticed a dread lich
141093 | Zig:9    | Noticed a dread lich
141093 | Zig:9    | Noticed an ancient lich
141094 | Zig:9    | Noticed an ancient lich
141094 | Zig:9    | Noticed a dread lich
141094 | Zig:9    | Noticed a dread lich
141094 | Zig:9    | Noticed a dread lich
141094 | Zig:9    | Noticed an ancient lich
141094 | Zig:9    | Noticed an ancient lich
141094 | Zig:9    | Noticed a dread lich
141095 | Zig:9    | Noticed an ancient lich
141095 | Zig:9    | Noticed a dread lich
141096 | Zig:9    | Killed an ancient lich
141096 | Zig:9    | Killed an ancient lich
141096 | Zig:9    | Killed a dread lich
141096 | Zig:9    | Killed an ancient lich
141096 | Zig:9    | Killed a dread lich
141097 | Zig:9    | Killed a dread lich
141098 | Zig:9    | Killed an ancient lich
141098 | Zig:9    | Killed a dread lich
141098 | Zig:9    | Killed an ancient lich
141098 | Zig:9    | Killed a dread lich
141098 | Zig:9    | Killed a dread lich
141098 | Zig:9    | Killed a dread lich
141098 | Zig:9    | Noticed a dread lich
141098 | Zig:9    | Noticed a dread lich
141099 | Zig:9    | Killed an ancient lich
141100 | Zig:9    | Noticed an ancient lich
141101 | Zig:9    | Noticed an ancient lich
141101 | Zig:9    | Noticed an ancient lich
141103 | Zig:9    | Killed a dread lich
141103 | Zig:9    | Killed a dread lich
141104 | Zig:9    | Killed an ancient lich
141104 | Zig:9    | Killed an ancient lich
141104 | Zig:9    | Killed an ancient lich
141148 | Zig:9    | Identified the staff of poison "Noeroxi" {rPois rN+ Will+
                  | Int+4 Dex+2}
141356 | Zig:10   | Entered Level 10 of a ziggurat
141367 | Zig:10   | Paralysed by an air elemental for 1 turns
141594 | Zig:10   | Identified the +1 ice dragon scales of Understanding {rElec
                  | rF- rC++ Str+8}
141701 | Zig:10   | Identified the +6 spear "Enigytun" {antimagic, +Blink}
141739 | Zig:11   | Entered Level 11 of a ziggurat
141822 | Zig:11   | Noticed a dread lich
141831 | Zig:11   | Killed a dread lich
142119 | Zig:12   | Entered Level 12 of a ziggurat
142121 | Zig:12   | Noticed an ancient lich
142136 | Zig:12   | Killed an ancient lich
142459 | Zig:12   | Identified the +10 plate armour of Resonance {+Blink rElec
                  | Int-4 Stlth-}
142612 | Zig:13   | Entered Level 13 of a ziggurat
142654 | Zig:13   | Identified the +2 quarterstaff of Duty {heavy, rCorr Str+3}
142699 | Zig:13   | Identified the ring "Qoenef" {rPois rF+}
142740 | Zig:13   | Identified the +7 morningstar "Dragon's Tongue" {venom,
                  | rPois rN+}
143016 | Zig:14   | Entered Level 14 of a ziggurat
143016 | Zig:14   | Noticed a royal mummy
143016 | Zig:14   | Noticed a royal mummy
143016 | Zig:14   | Noticed a royal mummy
143016 | Zig:14   | Noticed a royal mummy
143016 | Zig:14   | Noticed a royal mummy
143016 | Zig:14   | Noticed a royal mummy
143016 | Zig:14   | Noticed a royal mummy
143016 | Zig:14   | Noticed a royal mummy
143016 | Zig:14   | Noticed a royal mummy
143016 | Zig:14   | Noticed a royal mummy
143016 | Zig:14   | Noticed a royal mummy
143016 | Zig:14   | Noticed a royal mummy
143016 | Zig:14   | Noticed a royal mummy
143016 | Zig:14   | Noticed a royal mummy
143016 | Zig:14   | Noticed a royal mummy
143016 | Zig:14   | Noticed a royal mummy
143019 | Zig:14   | Noticed a royal mummy
143019 | Zig:14   | Noticed a royal mummy
143019 | Zig:14   | Killed a royal mummy
143019 | Zig:14   | Killed a royal mummy
143019 | Zig:14   | Killed a royal mummy
143019 | Zig:14   | Noticed a royal mummy
143020 | Zig:14   | Noticed a royal mummy
143020 | Zig:14   | Noticed a royal mummy
143020 | Zig:14   | Noticed a royal mummy
143020 | Zig:14   | Noticed a royal mummy
143020 | Zig:14   | Killed a royal mummy
143020 | Zig:14   | Killed a royal mummy
143020 | Zig:14   | Killed a royal mummy
143020 | Zig:14   | Killed a royal mummy
143021 | Zig:14   | Noticed a royal mummy
143021 | Zig:14   | Noticed a royal mummy
143021 | Zig:14   | Killed a royal mummy
143022 | Zig:14   | Killed a royal mummy
143022 | Zig:14   | Killed a royal mummy
143022 | Zig:14   | Killed a royal mummy
143022 | Zig:14   | Killed a royal mummy
143022 | Zig:14   | Killed a royal mummy
143022 | Zig:14   | Killed a royal mummy
143022 | Zig:14   | Killed a royal mummy
143022 | Zig:14   | Noticed a royal mummy
143022 | Zig:14   | Noticed a royal mummy
143023 | Zig:14   | Noticed a royal mummy
143023 | Zig:14   | Noticed a royal mummy
143023 | Zig:14   | Noticed a royal mummy
143023 | Zig:14   | Killed a royal mummy
143023 | Zig:14   | Killed a royal mummy
143023 | Zig:14   | Noticed a royal mummy
143023 | Zig:14   | Noticed a royal mummy
143024 | Zig:14   | Noticed a royal mummy
143024 | Zig:14   | Noticed a royal mummy
143024 | Zig:14   | Noticed a royal mummy
143024 | Zig:14   | Noticed a royal mummy
143024 | Zig:14   | Killed a royal mummy
143024 | Zig:14   | Noticed a royal mummy
143025 | Zig:14   | Killed a royal mummy
143025 | Zig:14   | Killed a royal mummy
143025 | Zig:14   | Killed a royal mummy
143025 | Zig:14   | Killed a royal mummy
143025 | Zig:14   | Noticed a royal mummy
143026 | Zig:14   | Killed a royal mummy
143026 | Zig:14   | Killed a royal mummy
143026 | Zig:14   | Killed a royal mummy
143026 | Zig:14   | Killed a royal mummy
143026 | Zig:14   | Killed a royal mummy
143026 | Zig:14   | Killed a royal mummy
143026 | Zig:14   | Killed a royal mummy
143026 | Zig:14   | Killed a royal mummy
143026 | Zig:14   | Noticed a royal mummy
143027 | Zig:14   | Noticed a royal mummy
143027 | Zig:14   | Noticed a royal mummy
143027 | Zig:14   | Noticed a royal mummy
143027 | Zig:14   | Killed a royal mummy
143028 | Zig:14   | Killed a royal mummy
143028 | Zig:14   | Killed a royal mummy
143028 | Zig:14   | Killed a royal mummy
143028 | Zig:14   | Killed a royal mummy
143030 | Zig:14   | Killed a royal mummy
143030 | Zig:14   | Killed a royal mummy
143030 | Zig:14   | Killed a royal mummy
143030 | Zig:14   | Killed a royal mummy
143031 | Zig:14   | Killed a royal mummy
143033 | Zig:14   | Killed a royal mummy
143035 | Zig:14   | Killed a royal mummy
143544 | Zig:14   | Identified the staff of death "Equssuir" {rF++ rN+ Str+2
                  | Dex-3 Stlth+}
143554 | Zig:14   | Identified the +3 chain mail of Cowardice {rElec Will+
                  | Dex+5}
143596 | Zig:14   | Identified the +10 scale mail "Mulump" {Int+5}
143599 | Zig:14   | Identified the +3 acid dragon scales of Compassion {rElec
                  | rF+ rCorr Int+3}
143655 | Zig:15   | Entered Level 15 of a ziggurat
143734 | Zig:15   | Identified the +1 broad axe of Vitebb {vamp, Fragile Fly
                  | MP-9 Dex+6}
143759 | Zig:15   | Identified the +0 crystal plate armour of Trumpets {rF++
                  | Will- Dex+2}
143768 | Zig:15   | Identified the ring of Pavo {rC+ Int+6}
143772 | Zig:15   | Identified the ring of Patience {Will+ Str+2}
143794 | Zig:15   | Identified the +9 flail "Gavuhiq" {freeze, rC+ MP+9 Str+2}
143796 | Zig:15   | Identified the +0 broad axe "Waimikleadu" {vamp, rN+}
144038 | Zig:16   | Entered Level 16 of a ziggurat
144194 | Zig:16   | Killed a starcursed mass
144463 | Zig:16   | Identified the staff of death "Yzuxut" {*Corrode Drain
                  | rF+++ rN+ Dex+8}
144481 | Zig:16   | Identified the ring "Qong" {Ice Drain rCorr Stlth+}
144487 | Zig:16   | Identified the +0 robe "Cigaruib" {Int+2}
144524 | Zig:16   | Identified the +3 great mace "Eruisud" {heavy, rF- rN+
                  | Int+6}
144530 | Zig:16   | Identified the +10 hand axe "Cubb" {flame, Dex+3}
144680 | Zig:16   | Identified the +3 giant spiked club "Unurahi" {spect, rElec
                  | rN+}
144685 | Zig:17   | Entered Level 17 of a ziggurat
144810 | Zig:17   | Identified the +2 falchion of Annihilation {drain, Str+6
                  | Int+5 Dex-2}
144813 | Zig:17   | Identified the +6 shortbow "Undertaker" {speed, *Corrode
                  | rPois Will+ Int+6}
144826 | Zig:17   | Identified the +1 plate armour "Xilun" {rCorr}
144842 | Zig:17   | Identified the staff of conjuration "Xelorofy" {Dex+4}
144844 | Zig:17   | Identified the +0 leather armour of Action {rC+ Will-
                  | Dex+3}
144863 | Zig:17   | Identified the staff of earth "Pohalytu" {*Slow rElec rF+++
                  | rCorr}
145282 | Zig:18   | Entered Level 18 of a ziggurat
145306 | Zig:18   | Noticed an ancient lich
145310 | Zig:18   | Killed an ancient lich
145552 | Zig:18   | Identified the staff of fire "Betejil" {rF+ Dex+7}
145556 | Zig:18   | Identified the staff of death "Wufitsatz" {rF+ rC+ rN+
                  | Int+3}
145587 | Zig:18   | Identified the +0 leather armour of Bad Feelings {Will+}
145591 | Zig:18   | Identified the ring of the Slug {rPois rF- rCorr Str+3
                  | Int+3}
145596 | Zig:18   | Identified the ring of the Meadowlark {Fly rElec rF+ rC++
                  | Int-2}
145758 | Zig:19   | Entered Level 19 of a ziggurat
145859 | Zig:19   | Identified the +8 short sword "Ykkum" {heavy, rC+}
145871 | Zig:19   | Identified the staff of cold "Ivonnofu" {rElec rF+ rC+
                  | Int+2}
145876 | Zig:19   | Identified the +0 pair of gloves of the Smoking Gods
                  | {Rampage Dex+2}
145894 | Zig:19   | Identified the staff of earth "Uqotaywn" {*Slow +Blink
                  | rPois rC- Int+2}
145896 | Zig:19   | Identified the ring "Qiliaff" {Wiz Str+7}
145906 | Zig:19   | Identified the staff of air "Laces" {rElec rC- Will+ Dex+5
                  | SInv}
145929 | Zig:19   | Identified the +1 ring mail of Efunos {rPois rF- MP+9
                  | Slay+5}
145945 | Zig:19   | Identified the +6 long sword of Abomination {venom, rF+
                  | MP+9 Str+4}
145951 | Zig:19   | Identified the +3 ring mail of Benevolence {rPois rN+
                  | Str+4}
145954 | Zig:19   | Identified the staff of fire "Yhuasux" {rF+ MP+9 Dex+3}
146358 | Zig:20   | Entered Level 20 of a ziggurat
146803 | Zig:20   | Identified the +4 shortbow "Qeheleysm" {freeze, *Corrode
                  | Will++ Dex+5}
146817 | Zig:20   | Identified the staff of death "Afemax" {+Blink rN+ Str-3
                  | Dex+2}
146819 | Zig:20   | Identified the +5 battleaxe of the Beginning {elec,
                  | *Corrode Fragile SInv Stlth+}
146829 | Zig:20   | Identified the +3 ring mail of the Seven Songs {Will-
                  | Regen+ Str+4}
146831 | Zig:20   | Identified the ring of the Delicate Fig {Drain rElec rF+
                  | EV+5 Dex+7}
146834 | Zig:20   | Identified the +1 robe of Inaction {Regen+ Str+3}
146837 | Zig:20   | Identified the amulet "Asipio" {Spirit *Corrode rF++ Int+3}
146858 | Zig:20   | Identified the amulet of Suicidal Tendencies {Rampage
                  | Regen+ Str-4 Int+3 Dex+3}
146860 | Zig:20   | Identified the staff of death "Owiloom" {Contam rElec rN+
                  | rCorr Stlth+}
146862 | Zig:20   | Identified the +3 mace of Untimely Demise {flame, Str+4}
146866 | Zig:20   | Identified the +11 broad axe of the Lurker {protect,
                  | Fragile rCorr Int+2}
146868 | Zig:20   | Identified the staff of earth "Semiysem" {Fly Dex+4}
146879 | Zig:20   | Identified the ring "Faothoqups" {MP+9 Str+2 Dex+3}
146880 | Zig:20   | Identified the ring "Ryassyx" {rElec rPois Str+4 Dex-3
                  | SInv}
146891 | Zig:20   | Identified the +2 ring mail of Makhleb's Delight {MP+9
                  | Stlth+}
146899 | Zig:20   | Identified the amulet of Nuxiseut {Regen+ Dex+4}
146905 | Zig:20   | Identified the +6 ice dragon scales of Aruylia {rF- rC++
                  | rN+ Regen+ Dex-2 SInv}
146934 | Zig:20   | Identified the ring of the Jester {*Corrode +Blink rN+++
                  | Dex+6 SInv}
146942 | Zig:20   | Identified the +11 rapier of Corporal Punishment {distort,
                  | rElec rPois Int+2}
146950 | Zig:20   | Identified the staff of conjuration "Ostruhono" {Str+2}
146959 | Zig:20   | Identified the ring of Donegg {Fly rElec rF+ rC+}
146993 | Zig:20   | Identified the +6 hand axe "Aschir" {heavy, Dex+9}
147107 | Zig:21   | Entered Level 21 of a ziggurat
147124 | Zig:21   | Noticed an ancient lich
147126 | Zig:21   | Killed an ancient lich
147208 | Zig:21   | Identified the +6 plate armour of Wiwosyn {Harm rC+ rN++
                  | Stlth-}
147211 | Zig:21   | Identified the +8 plate armour "Qorchatu" {Rampage rF-
                  | SInv}
147214 | Zig:21   | Identified the ring "Jiebbail" {rPois MP+9 Stlth+}
147233 | Zig:21   | Identified the ring of Ciewoafoa {rF+ Str+4}
147247 | Zig:21   | Identified the staff of fire "Ziuloefo" {rF+ rC- Will+++
                  | Int+9 Dex-3}
147249 | Zig:21   | Identified the +0 leather armour of Hangman {Rampage rN++
                  | Str-2 Stlth-}
147260 | Zig:21   | Identified the staff of earth "Qaomosiu" {Dex+3}
147284 | Zig:21   | Identified the +1 ring mail "Fidghomno" {rPois rF+ rC+}
147794 | Zig:22   | Entered Level 22 of a ziggurat
147800 | Zig:22   | Paralysed by an air elemental for 1 turns
147828 | Zig:22   | Identified the staff of earth "Pebym" {*Slow rF+++ Str-3
                  | Stlth+}
148233 | Zig:22   | Identified the +3 ring mail "Itelyone" {rN+ Str+4}
148402 | Zig:22   | Identified the +6 quarterstaff "Jellyslayer" {speed, rPois
                  | Int+3 Dex+2}
148419 | Zig:22   | Identified the +1 broad axe of Premature Burial {holy, rF+}
148422 | Zig:22   | Identified the ring "Caofur" {rPois rC+ Str+4 Dex+6}
148439 | Zig:22   | Identified the ring "Umile" {rN+ Int+3}
148450 | Zig:22   | Identified the +0 pair of boots "Sacir" {rElec rPois
                  | Regen+}
148454 | Zig:22   | Identified the ring of Wuanaz {EV+5 Str+5}
148456 | Zig:22   | Identified the ring "Ariehie" {Fly Slay+3}
148469 | Zig:22   | Identified the ring "Pinoffub" {rN+ Will+ MP-9 Str+3}
148512 | Zig:22   | Identified the +6 trident "Biasutae" {speed, rElec rPois
                  | Will- Dex+6}
148526 | Zig:22   | Identified the staff of earth "Muigebin" {rElec rPois Int+3
                  | Stlth+}
148533 | Zig:22   | Identified the +3 buckler of Too Many Cooks {Will+ Int+4
                  | SInv}
148708 | Zig:23   | Entered Level 23 of a ziggurat
148723 | Zig:23   | Noticed a dread lich
148726 | Zig:23   | Killed a dread lich
148736 | Zig:23   | Noticed an ancient lich
148738 | Zig:23   | Killed an ancient lich
148825 | Zig:23   | Identified the +0 ring mail "Herruhom" {rC+}
148856 | Zig:23   | Identified the ring "Wats" {Fly rElec Int+2}
148866 | Zig:23   | Identified the +0 robe of Fedhas's Displeasure {rN+ Str+3
                  | Dex+2 SInv}
148873 | Zig:23   | Identified the +2 pair of gloves of Yxiz Dip {rC+ rCorr}
148978 | Zig:23   | Identified the ring of Rezot {rF- rN++ Int+8 Dex-5 Slay+4}
148987 | Zig:23   | Identified the ring of New Discoveries {rCorr Dex+6 Slay+2}
149374 | Zig:24   | Entered Level 24 of a ziggurat
150079 | Zig:24   | Identified the ring "Cesoj" {*Slow rC+ Will+ EV+5}
150133 | Zig:24   | Identified the +1 flail of Disorder {freeze, rElec Str+5
                  | Dex+3}
150155 | Zig:24   | Identified the ring of Rumor {+Blink rF+ Will- rCorr Int+3}
150186 | Zig:24   | Identified the +4 scale mail "Suypueb" {Int+3}
150192 | Zig:24   | Identified the +2 rapier of the Protecting Badger {freeze,
                  | rPois Dex+3}
150196 | Zig:24   | Identified the +12 mace of Xoxtylef {holy, Dex+4 SInv}
150203 | Zig:24   | Identified the staff of conjuration "Eloffer" {Str+9}
150207 | Zig:24   | Identified the ring "Cualea" {Drain rPois rC+ rN+ rCorr}
150208 | Zig:24   | Identified the +2 spear "Fomuereo" {freeze, +Blink Int+3}
150224 | Zig:24   | Identified the +1 broad axe "Niodeh" {flame, Will+ Dex+3}
150227 | Zig:24   | Identified the ring of the Battered Priests {AC+4 Int+4}
150231 | Zig:24   | Identified the +8 flail of Puufuc {freeze, rC+++ rN+++
                  | Str-5 Dex-4}
150347 | Zig:25   | Entered Level 25 of a ziggurat
150478 | Zig:25   | Identified the +5 lajatang of Revolt {flame, rElec Str+5
                  | Int-4 Stlth+}
150493 | Zig:25   | Identified the +3 shortbow of the Ancients {heavy, Fly
                  | rElec rPois Str-3}
150495 | Zig:25   | Identified the ring of the Stallion {Will- rCorr Int+2
                  | Dex+3}
150511 | Zig:25   | Identified the +5 rapier of Resumed Hostilities {vamp, rF+
                  | Int+3 Dex+3}
150529 | Zig:25   | Identified the +7 scimitar of Sharkskin {pain, Str+4 Int+3}
150539 | Zig:25   | Identified the +2 robe "Ekaukk" {rElec rC+ Stlth+}
150577 | Zig:25   | Identified the +8 scimitar of the Chickpea {freeze, rC+}
150610 | Zig:25   | Identified the staff of death "Ifupt" {Fly rN+ Dex-4
                  | Stlth+}
150629 | Zig:25   | Identified the +7 morningstar "Saf Qyul" {holy, rC+ Int+3}
151221 | Zig:26   | Entered Level 26 of a ziggurat
151689 | Zig:26   | Identified the +9 hand axe of the Freezing Boar {flame, rN+
                  | Str+3}
151763 | Zig:26   | Identified the staff of cold "Qutoi" {rPois rC+ rCorr Int+2
                  | Stlth-}
151769 | Zig:26   | Identified the +11 trident "Ogre's Funeral" {speed, Fly rF+
                  | Int+4}
151787 | Zig:26   | Identified the ring "Zishraabo" {Fly rC- Str+2 Dex+4
                  | Stlth+}
151852 | Zig:26   | Identified the +6 broad axe of Ryedd {heavy, rCorr}
151854 | Zig:26   | Identified the +0 cloak of the Old and Reckless {rF+ Regen+
                  | rCorr}
151856 | Zig:26   | Identified the +0 quarterstaff of Slime {heavy, rF- rC+
                  | Dex+6}
151858 | Zig:26   | Identified the +0 plate armour of Responsibility {rN+}
152076 | Zig:27   | Entered Level 27 of a ziggurat
152424 | Zig:27   | Identified the +6 trident of the Keeping King {elec, rElec
                  | MP+9}
152436 | Zig:27   | Identified the +4 chain mail of Cebagomo {rN+ Regen+ MP+9
                  | Int-2}
152952 | Depths:1 | Upgraded the game from 0.30-a0-919-g9323dee000 to
                  | 0.30-a0-923-g828ccac5a3
152958 | Zig:1    | Entered Level 1 of a ziggurat
152958 | Zig:1    | Noticed a juggernaut
152962 | Zig:1    | Killed a juggernaut
152998 | Zig:1    | Identified the ring of Ascent {rF+ rC+ rCorr Str+2}
153031 | Zig:2    | Entered Level 2 of a ziggurat
153142 | Zig:3    | Entered Level 3 of a ziggurat
153142 | Zig:3    | Noticed Zokafuab the pandemonium lord
153142 | Zig:3    | Noticed Amocat the pandemonium lord
153142 | Zig:3    | Noticed Gesivucod the pandemonium lord
153142 | Zig:3    | Noticed Ebue the pandemonium lord
153142 | Zig:3    | Noticed Tibime the pandemonium lord
153142 | Zig:3    | Noticed Qoibb the pandemonium lord
153142 | Zig:3    | Noticed Hisok the pandemonium lord
153142 | Zig:3    | Noticed Huot the pandemonium lord
153142 | Zig:3    | Noticed Extoaffong the pandemonium lord
153142 | Zig:3    | Noticed Vekau the pandemonium lord
153143 | Zig:3    | Killed Vekau the pandemonium lord
153144 | Zig:3    | Killed Qoibb the pandemonium lord
153145 | Zig:3    | Killed Extoaffong the pandemonium lord
153145 | Zig:3    | Killed Huot the pandemonium lord
153145 | Zig:3    | Killed Hisok the pandemonium lord
153145 | Zig:3    | Killed Gesivucod the pandemonium lord
153146 | Zig:3    | Killed Tibime the pandemonium lord
153146 | Zig:3    | Killed Zokafuab the pandemonium lord
153147 | Zig:3    | Killed Amocat the pandemonium lord
153148 | Zig:3    | Killed Ebue the pandemonium lord
153204 | Zig:3    | Identified the +4 broad axe "Embalmer" {flame, *Rage rElec
                  | Str+3}
153259 | Zig:4    | Entered Level 4 of a ziggurat
153281 | Zig:4    | Learned a level 8 spell: Disjunction
153433 | Zig:4    | Identified the +1 chain mail of Inevitability {rC+}
153480 | Zig:5    | Entered Level 5 of a ziggurat
153564 | Zig:5    | Identified the staff of fire "Millet" {rF+ rN+ rCorr Int+2
                  | Dex-5 Stlth+}
153670 | Zig:6    | Entered Level 6 of a ziggurat
153670 | Zig:6    | Noticed an ancient lich
153671 | Zig:6    | Noticed a dread lich
153673 | Zig:6    | Killed an ancient lich
153674 | Zig:6    | Noticed an ancient lich
153674 | Zig:6    | Noticed a dread lich
153676 | Zig:6    | Killed a dread lich
153677 | Zig:6    | Killed a dread lich
153678 | Zig:6    | Killed an ancient lich
153886 | Zig:7    | Entered Level 7 of a ziggurat
154104 | Zig:8    | Entered Level 8 of a ziggurat
154104 | Zig:8    | Noticed a dread lich
154106 | Zig:8    | Noticed an ancient lich
154106 | Zig:8    | Noticed a dread lich
154109 | Zig:8    | Noticed a dread lich
154109 | Zig:8    | Noticed a dread lich
154109 | Zig:8    | Noticed an ancient lich
154110 | Zig:8    | Killed an ancient lich
154110 | Zig:8    | Killed a dread lich
154111 | Zig:8    | Killed a dread lich
154111 | Zig:8    | Killed a dread lich
154112 | Zig:8    | Killed an ancient lich
154114 | Zig:8    | Killed a dread lich
154335 | Zig:8    | Identified the amulet "Kikith" {-Cast rElec rF+++ Regen+
                  | Dex-4}
154345 | Zig:8    | Identified the +7 morningstar of Beogh's Hope {freeze, rN+
                  | SInv Stlth+}
154350 | Zig:8    | Identified the +1 leather armour of the Elven Halls {-Tele
                  | rPois rN+}
154351 | Zig:8    | Identified the staff of cold "Tupetus" {rC+ Int+2}
154393 | Zig:9    | Entered Level 9 of a ziggurat
154393 | Zig:9    | Noticed a dread lich
154397 | Zig:9    | Noticed a dread lich
154397 | Zig:9    | Noticed a dread lich
154409 | Zig:9    | Killed a dread lich
154410 | Zig:9    | Killed a dread lich
154498 | Zig:9    | Identified the staff of fire "Esiaph" {rElec rPois rF+}
154520 | Zig:9    | Killed a dread lich
154600 | Zig:9    | Identified the ring of Panentheism {rElec rF- rC+ AC+4
                  | Int+9}
154814 | Zig:10   | Entered Level 10 of a ziggurat
154814 | Zig:10   | Noticed an ancient lich
154815 | Zig:10   | Noticed an ancient lich
154816 | Zig:10   | Killed an ancient lich
154817 | Zig:10   | Killed an ancient lich
154818 | Zig:10   | Noticed a dread lich
154818 | Zig:10   | Noticed a dread lich
154818 | Zig:10   | Noticed an ancient lich
154819 | Zig:10   | Noticed an ancient lich
154819 | Zig:10   | Noticed an ancient lich
154819 | Zig:10   | Noticed an ancient lich
154820 | Zig:10   | Noticed an ancient lich
154820 | Zig:10   | Killed a dread lich
154820 | Zig:10   | Noticed a dread lich
154821 | Zig:10   | Killed an ancient lich
154824 | Zig:10   | Killed an ancient lich
154824 | Zig:10   | Killed an ancient lich
154824 | Zig:10   | Killed a dread lich
154824 | Zig:10   | Killed an ancient lich
154825 | Zig:10   | Killed a dread lich
154825 | Zig:10   | Killed an ancient lich
155084 | Zig:10   | Identified the +0 scale mail "Beuzuom" {rN+}
155090 | Zig:10   | Identified the +9 battleaxe "Culu Hon" {venom, rPois SInv}
155096 | Zig:10   | Identified the quicksilver dragon scales of Imperfection
                  | {rF- rN+ Will+ SInv}
155104 | Zig:10   | Identified the staff of earth "Ulupp" {*Corrode Dex+5
                  | Stlth+}
155114 | Zig:10   | Identified the +6 mace "Umaicvew" {elec, rPois Str+3 SInv}
155125 | Zig:10   | Identified the +6 great sword of Giqawn {holy, Str+3}
155154 | Zig:11   | Entered Level 11 of a ziggurat
155159 | Zig:11   | Noticed a dread lich
155163 | Zig:11   | Killed a dread lich
155224 | Zig:11   | Identified the staff of conjuration "Paomaov" {rF+}
155244 | Zig:11   | Identified the staff of fire "Wummuly" {rElec rF+}
155260 | Zig:11   | Identified the +6 great mace "Ocuwytum" {flame, rPois Str+3
                  | Dex+3}
155275 | Zig:11   | Identified the ring "Ebbeul" {Fire Str+2}
155359 | Zig:11   | Identified the amulet of Exhibitionism {Spirit rF+ MP+9
                  | Dex-5}
155362 | Zig:11   | Identified the +11 halberd of Reag Pei {freeze, rF+ Int+4
                  | Dex+2}
155516 | Zig:12   | Entered Level 12 of a ziggurat
155849 | Zig:12   | Identified the ring "Riwuloukote" {rC++ Str+2 Int+6}
155899 | Zig:12   | Identified the amulet "Ralak" {RegenMP Contam rElec rF+
                  | SInv}
155907 | Zig:12   | Identified the staff of earth "Pyul" {Will+ rCorr Int+4
                  | Stlth-}
155966 | Zig:13   | Entered Level 13 of a ziggurat
156065 | Zig:13   | Identified the +2 quarterstaff of Cheibriados's Regard
                  | {elec, rF+ rC+ Int+2}
156070 | Zig:13   | Identified the +4 ring mail of the Wild Haggis {rPois
                  | Int+3}
156079 | Zig:13   | Identified the ring "Yruurom" {Fire Will+}
156102 | Zig:13   | Identified the staff of conjuration "Gakehos" {rCorr Int-4
                  | Dex+7 Stlth+}
156108 | Zig:13   | Identified the amulet "Zutzi" {Reflect Harm rPois Slay+3
                  | SH+5}
156562 | Zig:14   | Entered Level 14 of a ziggurat
156562 | Zig:14   | Noticed a royal mummy
156562 | Zig:14   | Noticed a royal mummy
156562 | Zig:14   | Noticed a royal mummy
156562 | Zig:14   | Noticed a royal mummy
156562 | Zig:14   | Noticed a royal mummy
156562 | Zig:14   | Noticed a royal mummy
156562 | Zig:14   | Noticed a royal mummy
156562 | Zig:14   | Noticed a royal mummy
156562 | Zig:14   | Noticed a royal mummy
156562 | Zig:14   | Noticed a royal mummy
156562 | Zig:14   | Noticed a royal mummy
156562 | Zig:14   | Noticed a royal mummy
156562 | Zig:14   | Noticed a royal mummy
156564 | Zig:14   | Noticed a royal mummy
156564 | Zig:14   | Noticed a royal mummy
156564 | Zig:14   | Killed a royal mummy
156565 | Zig:14   | Killed a royal mummy
156565 | Zig:14   | Killed a royal mummy
156565 | Zig:14   | Killed a royal mummy
156565 | Zig:14   | Killed a royal mummy
156565 | Zig:14   | Killed a royal mummy
156565 | Zig:14   | Killed a royal mummy
156565 | Zig:14   | Killed a royal mummy
156565 | Zig:14   | Killed a royal mummy
156565 | Zig:14   | Killed a royal mummy
156565 | Zig:14   | Killed a royal mummy
156565 | Zig:14   | Killed a royal mummy
156565 | Zig:14   | Noticed a royal mummy
156565 | Zig:14   | Noticed a royal mummy
156566 | Zig:14   | Noticed a royal mummy
156566 | Zig:14   | Noticed a royal mummy
156566 | Zig:14   | Noticed a royal mummy
156566 | Zig:14   | Noticed a royal mummy
156566 | Zig:14   | Noticed a royal mummy
156566 | Zig:14   | Noticed a royal mummy
156566 | Zig:14   | Noticed a royal mummy
156567 | Zig:14   | Noticed a royal mummy
156567 | Zig:14   | Noticed a royal mummy
156567 | Zig:14   | Noticed a royal mummy
156567 | Zig:14   | Noticed a royal mummy
156567 | Zig:14   | Noticed a royal mummy
156568 | Zig:14   | Killed a royal mummy
156568 | Zig:14   | Killed a royal mummy
156568 | Zig:14   | Killed a royal mummy
156568 | Zig:14   | Killed a royal mummy
156568 | Zig:14   | Noticed a royal mummy
156568 | Zig:14   | Noticed a royal mummy
156568 | Zig:14   | Noticed a royal mummy
156569 | Zig:14   | Noticed a royal mummy
156569 | Zig:14   | Noticed a royal mummy
156570 | Zig:14   | Noticed a royal mummy
156570 | Zig:14   | Noticed a royal mummy
156570 | Zig:14   | Noticed a royal mummy
156571 | Zig:14   | Killed a royal mummy
156571 | Zig:14   | Killed a royal mummy
156571 | Zig:14   | Killed a royal mummy
156571 | Zig:14   | Killed a royal mummy
156571 | Zig:14   | Killed a royal mummy
156571 | Zig:14   | Killed a royal mummy
156571 | Zig:14   | Killed a royal mummy
156571 | Zig:14   | Killed a royal mummy
156571 | Zig:14   | Killed a royal mummy
156571 | Zig:14   | Killed a royal mummy
156571 | Zig:14   | Noticed a royal mummy
156572 | Zig:14   | Noticed a royal mummy
156572 | Zig:14   | Noticed a royal mummy
156572 | Zig:14   | Noticed a royal mummy
156573 | Zig:14   | Noticed a royal mummy
156574 | Zig:14   | Killed a royal mummy
156574 | Zig:14   | Killed a royal mummy
156574 | Zig:14   | Killed a royal mummy
156574 | Zig:14   | Killed a royal mummy
156574 | Zig:14   | Killed a royal mummy
156574 | Zig:14   | Killed a royal mummy
156574 | Zig:14   | Killed a royal mummy
156574 | Zig:14   | Killed a royal mummy
156574 | Zig:14   | Noticed a royal mummy
156574 | Zig:14   | Killed a royal mummy
156575 | Zig:14   | Noticed a royal mummy
156575 | Zig:14   | Noticed a royal mummy
156575 | Zig:14   | Killed a royal mummy
156575 | Zig:14   | Killed a royal mummy
156576 | Zig:14   | Killed a royal mummy
156576 | Zig:14   | Killed a royal mummy
156576 | Zig:14   | Killed a royal mummy
156576 | Zig:14   | Killed a royal mummy
156577 | Zig:14   | Noticed a royal mummy
156578 | Zig:14   | Killed a royal mummy
156578 | Zig:14   | Killed a royal mummy
156579 | Zig:14   | Killed a royal mummy
156579 | Zig:14   | Killed a royal mummy
156581 | Zig:14   | Killed a royal mummy
156600 | Zig:14   | Identified the +5 glaive of the Wary Heavens {freeze,
                  | rElec}
157114 | Zig:14   | Identified the +3 leather armour of Cowardice {Will+ Str+3
                  | SInv}
157124 | Zig:14   | Identified the ring "Waqat" {rElec rPois rC+ Int+6 Stlth+}
157165 | Zig:14   | Identified the staff of earth "Oguixekh" {Fly rElec rC++
                  | Str-3}
157181 | Zig:14   | Identified the +3 kite shield "Apritina" {rPois rF- Str+4}
157188 | Zig:14   | Identified the +1 scale mail of Harebb {rPois Regen+}
157270 | Zig:15   | Entered Level 15 of a ziggurat
157761 | Zig:16   | Entered Level 16 of a ziggurat
157765 | Zig:16   | Noticed an ancient lich
157766 | Zig:16   | Noticed a dread lich
157766 | Zig:16   | Noticed an ancient lich
157766 | Zig:16   | Noticed a dread lich
157766 | Zig:16   | Noticed an ancient lich
157766 | Zig:16   | Noticed an ancient lich
157766 | Zig:16   | Noticed an ancient lich
157767 | Zig:16   | Noticed an ancient lich
157767 | Zig:16   | Noticed an ancient lich
157767 | Zig:16   | Noticed a dread lich
157768 | Zig:16   | Killed an ancient lich
157768 | Zig:16   | Killed a dread lich
157768 | Zig:16   | Killed an ancient lich
157768 | Zig:16   | Killed an ancient lich
157768 | Zig:16   | Killed a dread lich
157768 | Zig:16   | Killed an ancient lich
157768 | Zig:16   | Killed an ancient lich
157768 | Zig:16   | Killed an ancient lich
157768 | Zig:16   | Noticed an ancient lich
157768 | Zig:16   | Noticed an ancient lich
157769 | Zig:16   | Noticed a dread lich
157769 | Zig:16   | Noticed an ancient lich
157769 | Zig:16   | Noticed an ancient lich
157769 | Zig:16   | Noticed a dread lich
157769 | Zig:16   | Noticed an ancient lich
157769 | Zig:16   | Noticed an ancient lich
157769 | Zig:16   | Killed an ancient lich
157770 | Zig:16   | Noticed an ancient lich
157770 | Zig:16   | Noticed a dread lich
157770 | Zig:16   | Noticed a dread lich
157770 | Zig:16   | Noticed an ancient lich
157770 | Zig:16   | Noticed a dread lich
157770 | Zig:16   | Noticed a dread lich
157770 | Zig:16   | Noticed an ancient lich
157771 | Zig:16   | Noticed an ancient lich
157771 | Zig:16   | Killed an ancient lich
157771 | Zig:16   | Killed a dread lich
157771 | Zig:16   | Killed an ancient lich
157771 | Zig:16   | Killed a dread lich
157771 | Zig:16   | Killed a dread lich
157771 | Zig:16   | Killed an ancient lich
157771 | Zig:16   | Killed a dread lich
157771 | Zig:16   | Killed a dread lich
157771 | Zig:16   | Noticed a dread lich
157771 | Zig:16   | Noticed a dread lich
157771 | Zig:16   | Noticed a dread lich
157771 | Zig:16   | Noticed an ancient lich
157771 | Zig:16   | Killed an ancient lich
157771 | Zig:16   | Noticed a dread lich
157771 | Zig:16   | Noticed an ancient lich
157771 | Zig:16   | Noticed a dread lich
157772 | Zig:16   | Killed an ancient lich
157772 | Zig:16   | Killed a dread lich
157772 | Zig:16   | Killed an ancient lich
157772 | Zig:16   | Killed an ancient lich
157772 | Zig:16   | Killed an ancient lich
157772 | Zig:16   | Killed an ancient lich
157772 | Zig:16   | Killed a dread lich
157772 | Zig:16   | Noticed an ancient lich
157773 | Zig:16   | Noticed a dread lich
157773 | Zig:16   | Noticed an ancient lich
157773 | Zig:16   | Noticed an ancient lich
157774 | Zig:16   | Noticed an ancient lich
157774 | Zig:16   | Noticed a dread lich
157774 | Zig:16   | Noticed an ancient lich
157775 | Zig:16   | Killed an ancient lich
157775 | Zig:16   | Killed a dread lich
157775 | Zig:16   | Killed an ancient lich
157775 | Zig:16   | Killed an ancient lich
157775 | Zig:16   | Killed a dread lich
157775 | Zig:16   | Killed an ancient lich
157775 | Zig:16   | Killed an ancient lich
157775 | Zig:16   | Killed an ancient lich
157775 | Zig:16   | Noticed a dread lich
157776 | Zig:16   | Killed a dread lich
157776 | Zig:16   | Killed a dread lich
157776 | Zig:16   | Killed a dread lich
157776 | Zig:16   | Killed an ancient lich
157776 | Zig:16   | Killed a dread lich
157777 | Zig:16   | Noticed a dread lich
157777 | Zig:16   | Killed a dread lich
157779 | Zig:16   | Killed a dread lich
157779 | Zig:16   | Killed an ancient lich
157780 | Zig:16   | Killed a dread lich
158075 | Zig:16   | Identified the ring of Vanity {rC+ Int+3}
158080 | Zig:16   | Identified the +4 short sword "Syrash" {venom, Str+4}
158108 | Zig:16   | Identified the ring "Arunt" {rF+ rN+ Will- Dex+2 SInv}
158123 | Zig:16   | Identified the staff of poison "Uptok" {rPois rF+ rC+
                  | Int+3}
158127 | Zig:16   | Identified the +8 chain mail "Qim Kan" {rPois Int+2}
158130 | Zig:16   | Identified the staff of conjuration "Kebonup" {rC+ Stlth+}
158132 | Zig:16   | Identified the ring "Butiathre" {rPois rC+ Will- Int+6}
158136 | Zig:16   | Identified the +0 robe of Stoicism {rN+ Dex+3}
158211 | Zig:17   | Entered Level 17 of a ziggurat
158308 | Zig:17   | Identified the +0 scale mail of Refuge {MP+9 Int+3}
158316 | Zig:17   | Identified the +0 shortbow "Deitast" {speed, Int+4 Dex+4}
158364 | Zig:17   | Identified the +4 falchion of Immorality {freeze, +Blink}
158388 | Zig:17   | Identified the +4 mace "Cacwaod" {venom, rPois Str-5 Int+5
                  | Dex+3}
158390 | Zig:17   | Identified the staff of air "Pauzuulu" {rElec rN+ Str+4}
158392 | Zig:17   | Identified the +2 war axe "Zerekisk" {freeze, Dex+3}
158394 | Zig:17   | Identified the +9 scimitar of Arbitration {speed, rElec
                  | Int+3 Dex+7}
158402 | Zig:17   | Identified the +1 scale mail of Vehumet's Hope {Will+}
158782 | Zig:18   | Entered Level 18 of a ziggurat
159142 | Zig:18   | Identified the +9 falchion of Makhleb's Condemnation {elec,
                  | Str+7}
159145 | Zig:18   | Identified the +7 hand axe "Kemaxziu" {spect, rC+}
159157 | Zig:18   | Identified the +0 robe of the Cooper {Int+2}
159158 | Zig:18   | Identified the +3 whip of the Augurer {flame, rElec Str+4}
159177 | Zig:18   | Identified the orb of Hepliaklqana's Esteem {*channel,
                  | *Corrode Regen+ Str+4 Slay+2}
159184 | Zig:18   | Identified the +6 hand axe "Cometan" {freeze, Str+3}
159192 | Zig:18   | Identified the staff of conjuration "Sehymo Yryko" {Contam
                  | rN+ Int+3}
159197 | Zig:18   | Identified the staff of earth "Maer" {rPois Will++}
159203 | Zig:18   | Identified the +2 broad axe of Jofoma {heavy, rPois MP+9
                  | Str+5}
159219 | Zig:18   | Identified the ring "Niosutu" {Wiz rC+ rCorr SInv}
159224 | Zig:18   | Identified the amulet "Emuetazebro" {rC+ Regen+ Int+4}
159239 | Zig:18   | Identified the amulet of the Endless Expanse {Acrobat
                  | Rampage Dex+3}
159245 | Zig:18   | Identified the +7 hand axe "Maeri" {venom, rN++ SInv}
159279 | Zig:18   | Identified the ring of Puamolef {rC- Int+5 Dex+6}
159303 | Zig:18   | Identified the +1 plate armour of the Armoured One {Str+3}
159305 | Zig:18   | Identified the +4 trident of Yfaskefo {heavy, rPois Str+3
                  | Dex+5}
159350 | Zig:18   | Identified the staff of poison "Dagowk" {rPois rN+ rCorr
                  | MP-9 Str+5}
159421 | Zig:19   | Entered Level 19 of a ziggurat
159434 | Zig:19   | Noticed an ancient lich
159435 | Zig:19   | Killed an ancient lich
159438 | Zig:19   | Noticed a dread lich
159440 | Zig:19   | Killed a dread lich
159564 | Zig:19   | Identified the +0 plate armour of Wu Jian's Delight {rC++}
159585 | Zig:19   | Identified the staff of cold "Getushrih" {rPois rF++ rC+
                  | MP+9 Int-4}
159592 | Zig:19   | Identified the +0 chain mail "Leorchosh" {-Cast rElec rC+++
                  | Stlth-}
159597 | Zig:19   | Identified the +0 plate armour of Recklessness {Str+3
                  | Int+3}
159627 | Zig:19   | Identified the +2 pair of gloves "Plog" {+Inv rN++ Dex-5
                  | Slay+2}
159629 | Zig:19   | Identified the staff of conjuration "Hebocu" {Str+5 Int+3}
159634 | Zig:19   | Identified the ring "Moblesko" {Ice rPois Str-3 Int-3
                  | Slay+4 SInv}
159638 | Zig:19   | Identified the +4 ring mail "Bopae" {rF- rN+ Dex+2}
159643 | Zig:19   | Identified the +2 pair of gloves of Vehumet's Delight {Harm
                  | rC+ Str-4 Slay+5}
159662 | Zig:19   | Identified the +1 robe of the Dolphin {Contam rC- Str+9
                  | Stlth+}
159942 | Zig:19   | Identified the +4 broad axe of Deflation {vamp, rPois rF-
                  | Will+ Int+3}
159952 | Zig:19   | Identified the staff of cold "Teid" {rPois rC+ Dex+6}
159954 | Zig:19   | Identified the +6 short sword "Ymuohin" {flame, Str+3}
160027 | Zig:20   | Entered Level 20 of a ziggurat
160565 | Zig:20   | Identified the +7 whip "Qipagrin" {holy, Drain Fly Int+3
                  | Dex+3}
160576 | Zig:20   | Identified the ring "Muufiwebb" {rPois Str+2 Int+3 Dex+6}
160584 | Zig:20   | Identified the +9 falchion of Poverty {venom, Str+2}
160588 | Zig:20   | Identified the +1 ring mail of the Oily God {Rampage rElec
                  | Stlth+}
160589 | Zig:20   | Identified the +3 broad axe of Hard Scrabble {elec, Fly rN+
                  | Str+3}
160590 | Zig:20   | Identified the +2 falchion of the Ass {speed, Fly rElec rF+
                  | Will+}
160593 | Zig:20   | Identified the +6 shortbow "Zetus" {speed, rF+ Dex+8}
160686 | Zig:21   | Entered Level 21 of a ziggurat
160763 | Zig:21   | Paralysed by an air elemental for 1 turns
161144 | Zig:21   | Identified the amulet of the Briny Deep {Acrobat Int+3}
161147 | Zig:21   | Identified the +6 flail of Jiogg {drain, +Blink rF+ Will+
                  | Str+4}
161152 | Zig:21   | Identified the +4 broad axe "Fiophuola" {protect, rF+
                  | Dex+4}
161162 | Zig:21   | Identified the ring of Racets {Fire Slay+3}
161166 | Zig:21   | Identified the +4 great sword "Unefuace" {vamp, rC+ Str-3
                  | Stlth+}
161171 | Zig:21   | Identified the +4 war axe "Yfruahueru" {flame, rPois}
161175 | Zig:21   | Identified the +2 broad axe of the Butterfly {venom, rPois
                  | Int+3}
161192 | Zig:21   | Identified the +5 arbalest "Icrom" {penet, Dex+5 Stlth-}
161244 | Zig:22   | Entered Level 22 of a ziggurat
161268 | Zig:22   | Paralysed by an air elemental for 1 turns
161843 | Zig:22   | Identified the +1 pair of gloves of the Many Nightmares
                  | {Harm rPois rC- Slay-5}
161935 | Zig:22   | Identified the +1 pair of boots of Kuvoucyu {Will+ Int+2
                  | Stlth+}
161945 | Zig:22   | Identified the ring "Dereol" {Wiz rElec rC- Int+5}
161956 | Zig:22   | Identified the +5 spear of Change {speed, Dex+3}
161958 | Zig:22   | Identified the +7 plate armour "Oshougof" {rElec Regen+
                  | Dex+3}
161999 | Zig:22   | Identified the +5 ring mail of Happiness {Contam Fly rN+++
                  | Int-3}
162014 | Zig:22   | Identified the +3 broad axe "Dragon's Tongue" {heavy, *Rage
                  | MP+9 Int+4}
162015 | Zig:22   | Identified the staff of air "Daoqy" {rElec Stlth+}
162037 | Zig:22   | Identified the amulet of Xom's Bemusement {Reflect +Inv rF+
                  | MP+9 Str+3 SH+5}
162039 | Zig:22   | Identified the amulet "Qoicimih" {Spirit Drain rN++ Str+8
                  | SInv}
162123 | Zig:23   | Entered Level 23 of a ziggurat
162203 | Zig:23   | Identified the +1 leather armour of the Lily {Str-2 Int+4
                  | Dex+3 SInv}
162215 | Zig:23   | Identified the +4 arbalest of Red Wine {penet, rCorr}
162218 | Zig:23   | Identified the staff of earth "Ingyol" {Str+5 Dex-4}
162223 | Zig:23   | Identified the +0 long sword "Qulacocs" {flame, Will+}
162229 | Zig:23   | Identified the staff of conjuration "Fiesoso" {Will++ SInv}
162232 | Zig:23   | Identified the staff of poison "Sankosegh" {rPois rC+ Dex-5
                  | SInv}
162234 | Zig:23   | Identified the ring "Misiotih" {rC+ Int+3}
162244 | Zig:23   | Identified the amulet of Rihili {Acrobat Rampage Str-2
                  | Slay+2}
162282 | Zig:23   | Identified the staff of conjuration "Aviypesi" {Will++
                  | Int+4 Dex-3 SInv}
162300 | Zig:23   | Identified the +0 robe of Jiopaq {*Slow Str+9 Int-2}
162312 | Zig:23   | Identified the +7 morningstar of Urphifiz {freeze, rPois}
162960 | Zig:24   | Entered Level 24 of a ziggurat
163354 | Zig:24   | Identified the +9 shortbow of Gehenna {heavy, rElec rN+
                  | MP-9 Dex+2}
163360 | Zig:24   | Identified the staff of poison "Butinam" {rPois rF+ Int-2
                  | Dex+3}
163366 | Zig:24   | Identified the staff of death "Ismyus" {rPois rN+ Will+
                  | Dex+3}
163374 | Zig:24   | Identified the +1 ring mail "Anahieto" {Harm Fly rElec
                  | Int-3}
163375 | Zig:24   | Identified the +6 chain mail of the Komodo Dragon {Slay+3}
163393 | Zig:24   | Identified the staff of poison "Suevvuka" {rPois MP+9
                  | Str+4}
163429 | Zig:24   | Identified the +3 triple crossbow "Woevoir" {heavy, Str+2
                  | Int+2}
163446 | Zig:24   | Identified the staff of air "Turits" {rElec MP-9 Int+3
                  | Dex+3}
163511 | Zig:24   | Identified the +10 plate armour "Plog" {Harm Rampage rN+}
163555 | Zig:24   | Identified the amulet "Zegufung" {Acrobat rCorr Str+2}
163559 | Zig:24   | Identified the +0 robe "Tyzolydo" {rC+}
163561 | Zig:24   | Identified the amulet of Zacikhe {RegenMP rPois rCorr Int-2
                  | SInv}
163569 | Zig:24   | Identified the +11 broad axe of the Inferno {freeze, rC++
                  | Str+3}
163576 | Zig:24   | Identified the ring "Bugueles" {rF- rN++ Will+ Int+9}
163577 | Zig:24   | Identified the +5 broad axe "Orb Guardian's Peril" {freeze,
                  | Will+ Str+2}
163611 | Zig:24   | Identified the +2 pair of boots of Untruth {rN+ Dex+4 SInv}
163722 | Zig:25   | Entered Level 25 of a ziggurat
163731 | Zig:25   | Noticed a dread lich
163739 | Zig:25   | Killed a dread lich
163783 | Zig:25   | Killed a starcursed mass
163803 | Zig:25   | Killed a starcursed mass
163890 | Zig:25   | Identified the +2 chain mail of Dust Devil {rF+ Dex+5}
163892 | Zig:25   | Identified the staff of cold "Ruittenk" {rPois rC+ rN+++
                  | Str-2 Int-2}
163918 | Zig:25   | Identified the ring of Ethics {Wiz rPois}
163932 | Zig:25   | Identified the +5 rapier of Ancient Evil {pain, rC+ Str-5
                  | Stlth+}
163970 | Zig:25   | Identified the +6 shortbow of the Shrinking Weasel {drain,
                  | Fly rN++ Will- Stlth+}
163994 | Zig:25   | Identified the staff of fire "Jalyuw" {rF+ Int+2}
163998 | Zig:25   | Identified the staff of conjuration "Limuicu Daol" {rPois
                  | rC+ Int+4}
164023 | Zig:25   | Identified the staff of conjuration "Kevapp" {rF++ Str+6
                  | Dex-5}
164027 | Zig:25   | Identified the staff of poison "Fept" {Fly rPois rCorr
                  | Dex+2}
164033 | Zig:25   | Identified the +0 hand axe of Vuuruscho {spect, Int+2}
164049 | Zig:25   | Identified the staff of earth "Ferchecut" {Str+2 Int+2}
164596 | Zig:25   | Identified the +6 shortbow of the King {drain, rElec Will++
                  | Str-4}
164690 | Zig:26   | Entered Level 26 of a ziggurat
164723 | Zig:26   | Noticed Faly the pandemonium lord
164749 | Zig:26   | Killed Faly the pandemonium lord
165288 | Zig:26   | Identified the ring "Veneazio" {rCorr Int+3 Dex-3 SInv}
165291 | Zig:26   | Identified the staff of fire "Naphaysemp" {rElec rF+ MP-9
                  | Str+5 Dex+3}
165292 | Zig:26   | Identified the staff of conjuration "Sufat" {Drain Will+
                  | Int+3}
165302 | Zig:26   | Identified the ring of Bourph {Fly Int+4}
165307 | Zig:26   | Identified the staff of conjuration "Simecsas" {*Corrode
                  | MP+9 Str+2 Int+4}
165308 | Zig:26   | Identified the +11 scimitar "Uptuiv" {venom, rPois Str+9
                  | Int-5 Dex+3}
165316 | Zig:26   | Identified the ring of Owooff {Fly rPois MP+9 Str+2 Dex-5}
165490 | Zig:27   | Entered Level 27 of a ziggurat
165510 | Zig:27   | Noticed an ancient lich
165512 | Zig:27   | Noticed a dread lich
165513 | Zig:27   | Killed an ancient lich
165513 | Zig:27   | Paralysed by a wendigo for 1 turns
165513 | Zig:27   | Noticed an ancient lich
165517 | Zig:27   | Killed a dread lich
165519 | Zig:27   | Killed an ancient lich
165520 | Zig:27   | Noticed an ancient lich
165523 | Zig:27   | Killed an ancient lich
165595 | Zig:27   | Identified the +3 leather armour "Rufae" {Harm Dex+3 SInv}
165610 | Zig:27   | Identified the +6 long sword "Ruadywn" {flame, MP+9}
165611 | Zig:27   | Identified the +4 halberd of Timm {pain, rF++ Stlth-}
165624 | Zig:27   | Identified the staff of fire "Batus" {Fragile rF+ SInv
                  | Stlth+}
165628 | Zig:27   | Identified the +8 great mace "Afinuc" {flame, Str+4}
165638 | Zig:27   | Identified the ring of Uwomm {Wiz rC+ Str+6}
165644 | Zig:27   | Identified the +1 scale mail of Decompression {rElec rC+
                  | Str+5 Slay-2}
165688 | Zig:27   | Identified the staff of poison "Haps" {rPois rN++ Str-3}
165700 | Zig:27   | Identified the staff of earth "Feruj" {rCorr Dex+5 Stlth-}
165739 | Zig:27   | Identified the +3 quarterstaff "Giantbane" {drain, *Slow
                  | rElec rC+++ Dex-4}
165743 | Zig:27   | Identified the +1 flail "Boiposif" {pain, rF- rC- Dex+9
                  | Stlth+}
165747 | Zig:27   | Identified the +4 spear "Ruyst" {heavy, rF+}
165753 | Zig:27   | Identified the +6 flail of the Spectre {protect, rElec rF++
                  | Will- Int+3}
165774 | Zig:27   | Identified the +6 long sword of Impatience {drain, rElec
                  | rC+ Int-4}
165854 | Zig:27   | Identified the +4 whip of the Hierophant {venom, Str+3
                  | Int+5}
165856 | Zig:27   | Identified the +2 helmet "Fesuptal" {SInv}
166346 | Zig:1    | Entered Level 1 of a ziggurat
166411 | Zig:2    | Entered Level 2 of a ziggurat
166498 | Zig:2    | Identified the +9 short sword of Truncation {heavy, rElec
                  | Str+2 Int-3 Stlth+}
166525 | Zig:3    | Entered Level 3 of a ziggurat
166533 | Zig:3    | Killed a starcursed mass
166670 | Zig:4    | Entered Level 4 of a ziggurat
166819 | Zig:5    | Entered Level 5 of a ziggurat
166881 | Zig:5    | Identified the amulet of the Shrike {Will- Regen+ rCorr
                  | Str+5 Dex-3}
166998 | Zig:6    | Entered Level 6 of a ziggurat
166998 | Zig:6    | Noticed Keimineo the pandemonium lord
166998 | Zig:6    | Noticed Axzuig the pandemonium lord
166998 | Zig:6    | Noticed Mifequasi the pandemonium lord
166998 | Zig:6    | Noticed Yzuavah the pandemonium lord
166998 | Zig:6    | Noticed Zydoubb the pandemonium lord
166998 | Zig:6    | Noticed Guwoarua the pandemonium lord
166998 | Zig:6    | Noticed Wisath the pandemonium lord
166998 | Zig:6    | Noticed Musar the pandemonium lord
166998 | Zig:6    | Noticed Loreplum the pandemonium lord
166998 | Zig:6    | Noticed Wiumasia the pandemonium lord
166998 | Zig:6    | Noticed Nefef the pandemonium lord
166998 | Zig:6    | Noticed Siqedghowk the pandemonium lord
166998 | Zig:6    | Noticed Anokeumm the pandemonium lord
166998 | Zig:6    | Noticed Fepawar the pandemonium lord
166998 | Zig:6    | Noticed Quliukuf the pandemonium lord
166998 | Zig:6    | Noticed Ojoff the pandemonium lord
166998 | Zig:6    | Noticed Hiegask the pandemonium lord
166999 | Zig:6    | Noticed Ontiqit the pandemonium lord
167000 | Zig:6    | Killed Quliukuf the pandemonium lord
167000 | Zig:6    | Killed Loreplum the pandemonium lord
167001 | Zig:6    | Killed Fepawar the pandemonium lord
167002 | Zig:6    | Killed Nefef the pandemonium lord
167002 | Zig:6    | Killed Anokeumm the pandemonium lord
167002 | Zig:6    | Killed Wisath the pandemonium lord
167002 | Zig:6    | Killed Mifequasi the pandemonium lord
167002 | Zig:6    | Killed Zydoubb the pandemonium lord
167002 | Zig:6    | Killed Guwoarua the pandemonium lord
167002 | Zig:6    | Noticed Ubey the pandemonium lord
167003 | Zig:6    | Killed Ojoff the pandemonium lord
167003 | Zig:6    | Killed Wiumasia the pandemonium lord
167003 | Zig:6    | Killed Hiegask the pandemonium lord
167003 | Zig:6    | Killed Keimineo the pandemonium lord
167003 | Zig:6    | Killed Yzuavah the pandemonium lord
167003 | Zig:6    | Killed Musar the pandemonium lord
167004 | Zig:6    | Noticed Yppireta the pandemonium lord
167004 | Zig:6    | Noticed Xiuriv the pandemonium lord
167004 | Zig:6    | Noticed Pigeroli the pandemonium lord
167004 | Zig:6    | Noticed Coast the pandemonium lord
167005 | Zig:6    | Noticed Dutast the pandemonium lord
167005 | Zig:6    | Noticed Iwecw the pandemonium lord
167005 | Zig:6    | Noticed Danong the pandemonium lord
167005 | Zig:6    | Noticed Loulih the pandemonium lord
167005 | Zig:6    | Noticed Jesovvorr the pandemonium lord
167006 | Zig:6    | Noticed Himipros the pandemonium lord
167006 | Zig:6    | Noticed Walos the pandemonium lord
167006 | Zig:6    | Noticed Zahy the pandemonium lord
167006 | Zig:6    | Noticed Rown the pandemonium lord
167006 | Zig:6    | Killed Ontiqit the pandemonium lord
167006 | Zig:6    | Killed Axzuig the pandemonium lord
167006 | Zig:6    | Killed Siqedghowk the pandemonium lord
167007 | Zig:6    | Noticed Nemusar the pandemonium lord
167007 | Zig:6    | Killed Coast the pandemonium lord
167007 | Zig:6    | Killed Ubey the pandemonium lord
167007 | Zig:6    | Killed Pigeroli the pandemonium lord
167007 | Zig:6    | Killed Dutast the pandemonium lord
167008 | Zig:6    | Killed Danong the pandemonium lord
167009 | Zig:6    | Killed Yppireta the pandemonium lord
167009 | Zig:6    | Killed Xiuriv the pandemonium lord
167009 | Zig:6    | Killed Iwecw the pandemonium lord
167009 | Zig:6    | Killed Himipros the pandemonium lord
167009 | Zig:6    | Killed Jesovvorr the pandemonium lord
167009 | Zig:6    | Killed Zahy the pandemonium lord
167009 | Zig:6    | Killed Rown the pandemonium lord
167009 | Zig:6    | Killed Loulih the pandemonium lord
167010 | Zig:6    | Killed Walos the pandemonium lord
167011 | Zig:6    | Killed Nemusar the pandemonium lord
167191 | Zig:6    | Identified the +10 broad axe "Xiodeb" {elec, rPois}
167195 | Zig:6    | Identified the +1 scale mail of Beyond {Dex+3}
167209 | Zig:7    | Entered Level 7 of a ziggurat
167221 | Zig:7    | Killed a starcursed mass
167253 | Zig:7    | Identified the ring of Kufil {AC+4 Dex+4 Slay+3}
167267 | Zig:7    | Identified the +6 great sword "Impbane" {flame, rPois Will+
                  | Dex+2}
167292 | Zig:7    | Identified the staff of cold "Qischy" {*Corrode rC+ Str+4
                  | SInv}
167424 | Zig:7    | Identified the ring "Alestroh" {Fly Str-4 Dex+6 Slay-3
                  | Stlth+}
167433 | Zig:8    | Entered Level 8 of a ziggurat
167611 | Zig:8    | Identified the +6 dagger "Yweqoxuv" {protect, rC+}
167648 | Zig:8    | Identified the +0 helmet of Broken Taboos {rC++ rN+ Will-}
167669 | Zig:8    | Identified the staff of air "Haudolu" {rElec rN+}
167690 | Zig:9    | Entered Level 9 of a ziggurat
167690 | Zig:9    | Noticed Tytesame the pandemonium lord
167690 | Zig:9    | Noticed Natriril the pandemonium lord
167690 | Zig:9    | Noticed Ykhloik the pandemonium lord
167690 | Zig:9    | Noticed Uxinyzo the pandemonium lord
167690 | Zig:9    | Noticed Soasumuk the pandemonium lord
167690 | Zig:9    | Noticed Hetucim the pandemonium lord
167690 | Zig:9    | Noticed Ceff the pandemonium lord
167690 | Zig:9    | Noticed Qymareal the pandemonium lord
167690 | Zig:9    | Noticed Ewual the pandemonium lord
167690 | Zig:9    | Noticed Ytoluso the pandemonium lord
167690 | Zig:9    | Noticed Nitaovi the pandemonium lord
167690 | Zig:9    | Noticed Kack the pandemonium lord
167690 | Zig:9    | Noticed Poefrap the pandemonium lord
167690 | Zig:9    | Noticed Xeme the pandemonium lord
167690 | Zig:9    | Noticed Qowel the pandemonium lord
167690 | Zig:9    | Noticed Naurchuikh the pandemonium lord
167690 | Zig:9    | Noticed Erapn the pandemonium lord
167690 | Zig:9    | Noticed Deliv the pandemonium lord
167690 | Zig:9    | Noticed Petupes the pandemonium lord
167690 | Zig:9    | Noticed Fienime the pandemonium lord
167690 | Zig:9    | Noticed Pagil the pandemonium lord
167693 | Zig:9    | Noticed Ydigut the pandemonium lord
167693 | Zig:9    | Noticed Mempos the pandemonium lord
167693 | Zig:9    | Killed Poefrap the pandemonium lord
167693 | Zig:9    | Killed Pagil the pandemonium lord
167693 | Zig:9    | Killed Erapn the pandemonium lord
167693 | Zig:9    | Noticed Vompol the pandemonium lord
167693 | Zig:9    | Noticed Barghuh the pandemonium lord
167694 | Zig:9    | Killed Naurchuikh the pandemonium lord
167694 | Zig:9    | Killed Petupes the pandemonium lord
167694 | Zig:9    | Killed Qowel the pandemonium lord
167694 | Zig:9    | Killed Ceff the pandemonium lord
167695 | Zig:9    | Killed Fienime the pandemonium lord
167695 | Zig:9    | Killed Soasumuk the pandemonium lord
167695 | Zig:9    | Killed Ewual the pandemonium lord
167695 | Zig:9    | Killed Ytoluso the pandemonium lord
167695 | Zig:9    | Killed Nitaovi the pandemonium lord
167695 | Zig:9    | Killed Ykhloik the pandemonium lord
167695 | Zig:9    | Killed Hetucim the pandemonium lord
167695 | Zig:9    | Killed Uxinyzo the pandemonium lord
167695 | Zig:9    | Killed Deliv the pandemonium lord
167695 | Zig:9    | Killed Kack the pandemonium lord
167695 | Zig:9    | Killed Ydigut the pandemonium lord
167695 | Zig:9    | Killed Natriril the pandemonium lord
167696 | Zig:9    | Noticed Atri the pandemonium lord
167696 | Zig:9    | Noticed Daxteg the pandemonium lord
167696 | Zig:9    | Noticed Cucvenn the pandemonium lord
167696 | Zig:9    | Noticed Zumadgh the pandemonium lord
167696 | Zig:9    | Noticed Iwash the pandemonium lord
167696 | Zig:9    | Noticed Woufoeca the pandemonium lord
167696 | Zig:9    | Killed Xeme the pandemonium lord
167697 | Zig:9    | Noticed Oricyti the pandemonium lord
167697 | Zig:9    | Noticed Sehiefaf the pandemonium lord
167697 | Zig:9    | Noticed Kobbiynwa the pandemonium lord
167697 | Zig:9    | Noticed Loutetut the pandemonium lord
167697 | Zig:9    | Killed Barghuh the pandemonium lord
167697 | Zig:9    | Killed Vompol the pandemonium lord
167698 | Zig:9    | Killed Cucvenn the pandemonium lord
167698 | Zig:9    | Killed Mempos the pandemonium lord
167698 | Zig:9    | Killed Daxteg the pandemonium lord
167699 | Zig:9    | Killed Zumadgh the pandemonium lord
167699 | Zig:9    | Killed Atri the pandemonium lord
167699 | Zig:9    | Killed Iwash the pandemonium lord
167699 | Zig:9    | Killed Sehiefaf the pandemonium lord
167699 | Zig:9    | Killed Qymareal the pandemonium lord
167699 | Zig:9    | Killed Oricyti the pandemonium lord
167699 | Zig:9    | Noticed Kudaentoes the pandemonium lord
167699 | Zig:9    | Killed Kobbiynwa the pandemonium lord
167699 | Zig:9    | Noticed Zaapuaj the pandemonium lord
167700 | Zig:9    | Noticed Emexox the pandemonium lord
167700 | Zig:9    | Noticed Awnuduc the pandemonium lord
167700 | Zig:9    | Noticed Ajostratz the pandemonium lord
167700 | Zig:9    | Noticed Tutu the pandemonium lord
167700 | Zig:9    | Noticed Jauj the pandemonium lord
167700 | Zig:9    | Noticed Ulecewoe the pandemonium lord
167700 | Zig:9    | Noticed Qimiywk the pandemonium lord
167700 | Zig:9    | Killed Tytesame the pandemonium lord
167702 | Zig:9    | Killed Woufoeca the pandemonium lord
167702 | Zig:9    | Noticed Wuc Hig the pandemonium lord
167702 | Zig:9    | Noticed Cargh the pandemonium lord
167703 | Zig:9    | Noticed Huet Xao the pandemonium lord
167703 | Zig:9    | Noticed Haquu the pandemonium lord
167703 | Zig:9    | Killed Kudaentoes the pandemonium lord
167705 | Zig:9    | Killed Zaapuaj the pandemonium lord
167705 | Zig:9    | Killed Ulecewoe the pandemonium lord
167705 | Zig:9    | Killed Tutu the pandemonium lord
167705 | Zig:9    | Killed Emexox the pandemonium lord
167705 | Zig:9    | Killed Loutetut the pandemonium lord
167706 | Zig:9    | Killed Jauj the pandemonium lord
167706 | Zig:9    | Killed Cargh the pandemonium lord
167707 | Zig:9    | Killed Awnuduc the pandemonium lord
167707 | Zig:9    | Killed Qimiywk the pandemonium lord
167708 | Zig:9    | Killed Ajostratz the pandemonium lord
167708 | Zig:9    | Killed Huet Xao the pandemonium lord
167709 | Zig:9    | Killed Haquu the pandemonium lord
167710 | Zig:9    | Killed Wuc Hig the pandemonium lord
167756 | Zig:9    | Identified the +9 falchion of Calculation {venom, Will+
                  | rCorr Int+2}
167760 | Zig:9    | Identified the +0 leather armour "Weh Cyc" {Contam rC+
                  | Int+5 SInv}
167764 | Zig:9    | Identified the staff of air "Fipnucea" {rElec rN+ Dex+3}
167767 | Zig:9    | Identified the +0 helmet of Midwinter {Slay+3}
167788 | Zig:9    | Identified the staff of earth "Nuohusas" {rElec rN+ Dex-3}
167789 | Zig:9    | Identified the staff of poison "Qairph" {rPois Str-3 Int+3
                  | Dex+6}
167977 | Zig:10   | Entered Level 10 of a ziggurat
168183 | Zig:10   | Identified the ring "Siutham" {Fly rElec Int-3 Slay-5 SInv}
168193 | Zig:10   | Identified the staff of earth "Wupu" {rPois rF- Int+3
                  | Dex+5}
168225 | Zig:10   | Identified the +2 scale mail "Nuulat" {-Cast +Inv Will++
                  | Dex+3}
168267 | Zig:10   | Identified the ring "Nyvoaq" {Fly Int+3 Dex+2}
168299 | Zig:11   | Entered Level 11 of a ziggurat
168311 | Zig:11   | Noticed Raqai the pandemonium lord
168313 | Zig:11   | Killed Raqai the pandemonium lord
168372 | Zig:11   | Identified the staff of fire "Zotap" {rF+ Str+5 Dex+2
                  | Stlth+}
168377 | Zig:11   | Identified the +5 broad axe of Demonkind {freeze, rC+
                  | Will+}
168650 | Zig:12   | Entered Level 12 of a ziggurat
168909 | Zig:12   | Identified the ring "Zalyak" {Ice Str+5}
168915 | Zig:12   | Identified the ring "Wisix" {Ice rCorr Int+3}
168955 | Zig:12   | Identified the +6 rapier of the Original Sin {drain, Will+
                  | Str+3}
168957 | Zig:12   | Identified the staff of cold "Ekics" {+Blink rC+ rN+ Int+4
                  | Dex-4}
168968 | Zig:12   | Identified the staff of earth "Hiyc" {rPois Will++ Str+3
                  | Stlth+}
168970 | Zig:12   | Identified the ring "Qetiun" {Drain rPois Dex+5}
169022 | Zig:13   | Entered Level 13 of a ziggurat
169034 | Zig:13   | Identified the +9 triple sword of True Grit {flame, +Blink
                  | Will+ rCorr}
169056 | Zig:13   | Identified the +1 war axe "Nisanot" {flame, rF++ Int-2}
169070 | Zig:13   | Identified the amulet "Yratis" {Regen+ Stlth+}
169092 | Zig:13   | Identified the staff of conjuration "Vyckih" {rCorr}
169117 | Zig:13   | Identified the ring of Tazerhoidgh {rElec rPois Str+2
                  | Int+6}
169393 | Zig:14   | Entered Level 14 of a ziggurat
169754 | Zig:14   | Identified the +5 plate armour of Quantum Leap {Rampage rF-
                  | Str+2 Int+6}
169763 | Zig:14   | Identified the +3 great sword of Turmoil {chaos, Fragile
                  | +Blink SInv}
169808 | Zig:15   | Entered Level 15 of a ziggurat
169843 | Zig:15   | Identified the +8 rapier of Mourning {freeze, rCorr Str+4}
169853 | Zig:15   | Identified the staff of poison "Uroib" {rPois rC+ Will++}
169866 | Zig:15   | Identified the +4 plate armour "Ysim" {-Tele *Slow Dex+8
                  | Stlth+}
169868 | Zig:15   | Identified the +10 broad axe "Xagisoz" {spect, rC- Dex+3
                  | Stlth+}
169874 | Zig:15   | Identified the staff of conjuration "Dola" {Fragile rF+
                  | Will- Str+4}
169897 | Zig:15   | Identified the +5 hand crossbow "Taokyegh" {speed, rElec
                  | Str-5 Dex+8}
169908 | Zig:15   | Identified the +3 leather armour of Eternity {rC+ Will++}
169916 | Zig:15   | Identified the +5 scale mail of Death Resistance {Int+2}
169929 | Zig:15   | Identified the ring "Ladgh" {Fly rPois rC+ Dex-5}
169933 | Zig:15   | Identified the +1 mace "Uriet" {vamp, rC+}
170237 | Zig:16   | Entered Level 16 of a ziggurat
170237 | Zig:16   | Noticed a juggernaut
170237 | Zig:16   | Noticed a juggernaut
170237 | Zig:16   | Noticed a juggernaut
170237 | Zig:16   | Noticed a juggernaut
170237 | Zig:16   | Noticed a juggernaut
170237 | Zig:16   | Noticed a juggernaut
170238 | Zig:16   | Killed a juggernaut
170238 | Zig:16   | Noticed a juggernaut
170240 | Zig:16   | Killed a juggernaut
170240 | Zig:16   | Killed a juggernaut
170240 | Zig:16   | Killed a juggernaut
170240 | Zig:16   | Killed a juggernaut
170241 | Zig:16   | Noticed a juggernaut
170241 | Zig:16   | Noticed a juggernaut
170242 | Zig:16   | Noticed a juggernaut
170242 | Zig:16   | Noticed a juggernaut
170243 | Zig:16   | Killed a juggernaut
170243 | Zig:16   | Killed a juggernaut
170243 | Zig:16   | Killed a juggernaut
170243 | Zig:16   | Noticed a juggernaut
170244 | Zig:16   | Killed a juggernaut
170244 | Zig:16   | Killed a juggernaut
170245 | Zig:16   | Killed a juggernaut
170245 | Zig:16   | Killed a juggernaut
170247 | Zig:16   | Noticed a juggernaut
170247 | Zig:16   | Noticed a juggernaut
170247 | Zig:16   | Noticed a juggernaut
170250 | Zig:16   | Identified the +9 shortbow "Azoyzum" {freeze, Will+ SInv}
170251 | Zig:16   | Killed a juggernaut
170251 | Zig:16   | Killed a juggernaut
170251 | Zig:16   | Killed a juggernaut
170513 | Zig:16   | Identified the +5 broad axe of Pride {drain, rCorr Int-5
                  | Dex+6}
170515 | Zig:16   | Identified the +6 mace of Ommoitz {flame, Str+3}
170519 | Zig:16   | Identified the ring of Nooguoth {rPois rF+ rC+ Int-3 Dex+3}
170532 | Zig:16   | Identified the staff of conjuration "Rawk" {Int+3}
170534 | Zig:16   | Identified the staff of conjuration "Sezexito" {Int+3}
170571 | Zig:16   | Identified the staff of poison "Pepsany" {rPois rC+ Str-3
                  | Int+2}
170597 | Zig:16   | Identified the staff of earth "Teifo" {rPois rC- MP+9
                  | Dex+3}
170605 | Zig:16   | Identified the +9 war axe "Mugef" {protect, rN+ Str-4
                  | Int+4}
170616 | Zig:16   | Identified the +8 broad axe of Onecs {distort, rPois rN+
                  | rCorr}
170626 | Zig:16   | Identified the +9 whip "Xuoxemet" {elec, rPois Int+3}
170664 | Zig:17   | Entered Level 17 of a ziggurat
170675 | Zig:17   | Paralysed by a wendigo for 1 turns
170683 | Zig:17   | Found the +5 robe of Misfortune {Harm *Corrode *Slow EV+5}
170780 | Zig:17   | Identified the staff of cold "Lyew" {rPois rC+ Str+2}
170786 | Zig:17   | Identified the +0 plate armour of the Pits of Slime {Harm}
170790 | Zig:17   | Identified the +3 scimitar "Ekkil" {freeze, rPois rF-
                  | Dex+9}
170826 | Zig:17   | Identified the +9 scale mail of the Shining One {rN+ Str+2}
171183 | Zig:18   | Entered Level 18 of a ziggurat
171183 | Zig:18   | Noticed a royal mummy
171183 | Zig:18   | Noticed a royal mummy
171183 | Zig:18   | Noticed a royal mummy
171183 | Zig:18   | Noticed a royal mummy
171183 | Zig:18   | Noticed a royal mummy
171183 | Zig:18   | Noticed a royal mummy
171183 | Zig:18   | Noticed a royal mummy
171183 | Zig:18   | Noticed a royal mummy
171183 | Zig:18   | Noticed a royal mummy
171183 | Zig:18   | Noticed a royal mummy
171185 | Zig:18   | Killed a royal mummy
171185 | Zig:18   | Killed a royal mummy
171185 | Zig:18   | Killed a royal mummy
171185 | Zig:18   | Killed a royal mummy
171185 | Zig:18   | Killed a royal mummy
171185 | Zig:18   | Noticed a royal mummy
171186 | Zig:18   | Noticed a royal mummy
171186 | Zig:18   | Noticed a royal mummy
171186 | Zig:18   | Noticed a royal mummy
171187 | Zig:18   | Noticed a royal mummy
171187 | Zig:18   | Noticed a royal mummy
171188 | Zig:18   | Noticed a royal mummy
171188 | Zig:18   | Noticed a royal mummy
171188 | Zig:18   | Noticed a royal mummy
171188 | Zig:18   | Noticed a royal mummy
171188 | Zig:18   | Noticed a royal mummy
171188 | Zig:18   | Noticed a royal mummy
171188 | Zig:18   | Killed a royal mummy
171189 | Zig:18   | Killed a royal mummy
171189 | Zig:18   | Killed a royal mummy
171189 | Zig:18   | Killed a royal mummy
171189 | Zig:18   | Killed a royal mummy
171189 | Zig:18   | Noticed a royal mummy
171189 | Zig:18   | Noticed a royal mummy
171189 | Zig:18   | Noticed a royal mummy
171190 | Zig:18   | Killed a royal mummy
171190 | Zig:18   | Killed a royal mummy
171190 | Zig:18   | Killed a royal mummy
171190 | Zig:18   | Killed a royal mummy
171190 | Zig:18   | Killed a royal mummy
171190 | Zig:18   | Killed a royal mummy
171190 | Zig:18   | Killed a royal mummy
171190 | Zig:18   | Killed a royal mummy
171190 | Zig:18   | Killed a royal mummy
171190 | Zig:18   | Killed a royal mummy
171190 | Zig:18   | Noticed a royal mummy
171190 | Zig:18   | Killed a royal mummy
171192 | Zig:18   | Noticed a royal mummy
171192 | Zig:18   | Noticed a royal mummy
171192 | Zig:18   | Noticed a royal mummy
171192 | Zig:18   | Killed a royal mummy
171193 | Zig:18   | Killed a royal mummy
171193 | Zig:18   | Killed a royal mummy
171194 | Zig:18   | Noticed a royal mummy
171194 | Zig:18   | Noticed a royal mummy
171194 | Zig:18   | Noticed a royal mummy
171194 | Zig:18   | Killed a royal mummy
171194 | Zig:18   | Killed a royal mummy
171194 | Zig:18   | Noticed a royal mummy
171195 | Zig:18   | Noticed a royal mummy
171196 | Zig:18   | Killed a royal mummy
171196 | Zig:18   | Killed a royal mummy
171196 | Zig:18   | Killed a royal mummy
171197 | Zig:18   | Killed a royal mummy
171198 | Zig:18   | Killed a royal mummy
171198 | Zig:18   | Killed a royal mummy
171199 | Zig:18   | Killed a royal mummy
171200 | Zig:18   | Killed a royal mummy
171557 | Zig:18   | Identified the +0 glaive "Avooppobb" {vamp, rElec rC- MP-9
                  | Dex+8}
171576 | Zig:18   | Identified the +6 flail "Enodiys" {freeze, *Noise Will+++
                  | rCorr Int+3}
171597 | Zig:18   | Identified the amulet of Linearity {Faith Int+4}
171601 | Zig:18   | Identified the +1 steam dragon scales of Thoughtfulness
                  | {Dex+2 Slay+3}
171603 | Zig:18   | Identified the +4 flail of the Distant Future {freeze,
                  | Fragile +Blink Str+2}
171611 | Zig:18   | Identified the +0 cloak "Nadghena" {rF+ Dex+4 SInv}
171662 | Zig:19   | Entered Level 19 of a ziggurat
171662 | Zig:19   | Noticed an ancient lich
171662 | Zig:19   | Noticed an ancient lich
171665 | Zig:19   | Noticed an ancient lich
171665 | Zig:19   | Noticed an ancient lich
171666 | Zig:19   | Killed an ancient lich
171666 | Zig:19   | Killed an ancient lich
171667 | Zig:19   | Noticed an ancient lich
171667 | Zig:19   | Noticed an ancient lich
171667 | Zig:19   | Noticed an ancient lich
171669 | Zig:19   | Killed an ancient lich
171669 | Zig:19   | Killed an ancient lich
171669 | Zig:19   | Noticed an ancient lich
171671 | Zig:19   | Killed an ancient lich
171671 | Zig:19   | Killed an ancient lich
171673 | Zig:19   | Killed an ancient lich
171673 | Zig:19   | Killed an ancient lich
171674 | Zig:19   | Noticed an ancient lich
171674 | Zig:19   | Noticed an ancient lich
171676 | Zig:19   | Killed an ancient lich
171676 | Zig:19   | Killed an ancient lich
171728 | Zig:19   | Identified the +1 falchion of the Thieving Shark {vamp,
                  | rElec rF- Int+5}
171732 | Zig:19   | Identified the +2 leather armour of the Demon Prince {Harm
                  | Rampage Int+3}
171734 | Zig:19   | Identified the +4 hand axe "Grim" {vamp, Fly rPois rCorr
                  | Dex+3}
171756 | Zig:19   | Identified the +6 chain mail of Jiypn {Harm rPois rF- rN++}
171763 | Zig:19   | Identified the +9 sling of Midnight {drain, rC++ rN+ Int-4
                  | SInv}
171773 | Zig:19   | Identified the ring "Apetugaun" {Wiz Int+3}
172168 | Zig:19   | Identified the +6 quarterstaff of Awkwardness {heavy, rF+
                  | Str+5 Dex+4}
172172 | Zig:19   | Identified the +5 broad axe of Donej {heavy, Will+ Str+4}
172187 | Zig:20   | Entered Level 20 of a ziggurat
172500 | Zig:20   | Identified the ring of Tytonicw {rCorr AC+4 Dex+3 Slay-4}
172536 | Zig:20   | Identified the ring "Hatiudd" {Wiz Drain Str+6 Int+5}
172545 | Zig:20   | Identified the staff of fire "Ekoown" {rF+ rC+ Str+3}
172555 | Zig:20   | Identified the +0 scale mail of Wusucow {*Corrode rPois
                  | Regen+ SInv}
172561 | Zig:20   | Identified the staff of earth "Okhac" {rF+ Dex+2}
172565 | Zig:20   | Identified the +10 dire flail of Fae Responsibility {speed,
                  | rPois rN+ Str+5 Int-3}
172580 | Zig:20   | Identified the amulet "Alu Nas" {Spirit Int+4}
172584 | Zig:20   | Identified the +4 chain mail of the Distant Future {rC+}
172606 | Zig:20   | Identified the +9 quarterstaff of Ru's Delight {speed,
                  | *Corrode Will++ Str+3}
172618 | Zig:20   | Identified the +1 triple crossbow of Righteous Fury {speed,
                  | Str+3 Dex+3}
172620 | Zig:20   | Identified the staff of conjuration "Cili" {Dex+3}
172682 | Zig:21   | Entered Level 21 of a ziggurat
172682 | Zig:21   | Noticed a juggernaut
172682 | Zig:21   | Noticed a juggernaut
172682 | Zig:21   | Noticed a juggernaut
172682 | Zig:21   | Noticed a juggernaut
172682 | Zig:21   | Noticed a juggernaut
172683 | Zig:21   | Killed a juggernaut
172683 | Zig:21   | Killed a juggernaut
172684 | Zig:21   | Killed a juggernaut
172684 | Zig:21   | Killed a juggernaut
172685 | Zig:21   | Noticed a juggernaut
172685 | Zig:21   | Noticed a juggernaut
172685 | Zig:21   | Noticed a juggernaut
172685 | Zig:21   | Noticed a juggernaut
172685 | Zig:21   | Noticed a juggernaut
172685 | Zig:21   | Noticed a juggernaut
172686 | Zig:21   | Noticed a juggernaut
172686 | Zig:21   | Noticed a juggernaut
172687 | Zig:21   | Noticed a juggernaut
172687 | Zig:21   | Noticed a juggernaut
172688 | Zig:21   | Killed a juggernaut
172688 | Zig:21   | Noticed a juggernaut
172688 | Zig:21   | Noticed a juggernaut
172689 | Zig:21   | Noticed a juggernaut
172689 | Zig:21   | Noticed a juggernaut
172689 | Zig:21   | Noticed a juggernaut
172689 | Zig:21   | Noticed a juggernaut
172690 | Zig:21   | Noticed a juggernaut
172690 | Zig:21   | Noticed a juggernaut
172690 | Zig:21   | Noticed a juggernaut
172692 | Zig:21   | Noticed a juggernaut
172692 | Zig:21   | Killed a juggernaut
172692 | Zig:21   | Killed a juggernaut
172692 | Zig:21   | Killed a juggernaut
172692 | Zig:21   | Killed a juggernaut
172692 | Zig:21   | Killed a juggernaut
172692 | Zig:21   | Killed a juggernaut
172692 | Zig:21   | Killed a juggernaut
172692 | Zig:21   | Killed a juggernaut
172692 | Zig:21   | Killed a juggernaut
172692 | Zig:21   | Killed a juggernaut
172692 | Zig:21   | Killed a juggernaut
172693 | Zig:21   | Noticed a juggernaut
172694 | Zig:21   | Killed a juggernaut
172694 | Zig:21   | Killed a juggernaut
172694 | Zig:21   | Killed a juggernaut
172694 | Zig:21   | Killed a juggernaut
172694 | Zig:21   | Killed a juggernaut
172694 | Zig:21   | Killed a juggernaut
172695 | Zig:21   | Noticed a juggernaut
172696 | Zig:21   | Killed a juggernaut
172697 | Zig:21   | Killed a juggernaut
172697 | Zig:21   | Killed a juggernaut
172697 | Zig:21   | Killed a juggernaut
172699 | Zig:21   | Killed a juggernaut
172728 | Zig:21   | Identified the +8 arbalest "Xuskan" {elec, Fly rC+}
172732 | Zig:21   | Identified the staff of earth "Ohietar" {rElec rF++ rN+}
172738 | Zig:21   | Identified the +0 buckler "Cuid" {rN+}
172740 | Zig:21   | Identified the +4 glaive "Behadekh" {protect, rF+ Str+2
                  | Int-4}
172759 | Zig:21   | Identified the ring "Locwem" {rPois rCorr}
172767 | Zig:21   | Identified the +1 leather armour of Deinus {Harm Int+3
                  | Stlth+}
172771 | Zig:21   | Identified the +5 broad axe of Fuvuv {freeze, rC+ rN+
                  | Will+}
172795 | Zig:21   | Identified the staff of cold "Ehos" {+Blink rElec rC+ Int+2
                  | Dex+4}
173321 | Zig:22   | Entered Level 22 of a ziggurat
173321 | Zig:22   | Noticed a juggernaut
173321 | Zig:22   | Noticed a juggernaut
173321 | Zig:22   | Noticed a juggernaut
173321 | Zig:22   | Noticed a juggernaut
173321 | Zig:22   | Noticed a juggernaut
173321 | Zig:22   | Noticed a juggernaut
173321 | Zig:22   | Noticed a juggernaut
173321 | Zig:22   | Noticed a juggernaut
173323 | Zig:22   | Killed a juggernaut
173323 | Zig:22   | Killed a juggernaut
173323 | Zig:22   | Killed a juggernaut
173323 | Zig:22   | Killed a juggernaut
173323 | Zig:22   | Killed a juggernaut
173323 | Zig:22   | Killed a juggernaut
173323 | Zig:22   | Noticed a juggernaut
173324 | Zig:22   | Killed a juggernaut
173324 | Zig:22   | Killed a juggernaut
173325 | Zig:22   | Noticed a juggernaut
173325 | Zig:22   | Noticed a juggernaut
173326 | Zig:22   | Noticed a juggernaut
173327 | Zig:22   | Noticed a juggernaut
173327 | Zig:22   | Noticed a juggernaut
173327 | Zig:22   | Noticed a juggernaut
173328 | Zig:22   | Noticed a juggernaut
173328 | Zig:22   | Killed a juggernaut
173329 | Zig:22   | Noticed a juggernaut
173329 | Zig:22   | Noticed a juggernaut
173329 | Zig:22   | Noticed a juggernaut
173329 | Zig:22   | Noticed a juggernaut
173329 | Zig:22   | Noticed a juggernaut
173329 | Zig:22   | Noticed a juggernaut
173329 | Zig:22   | Noticed a juggernaut
173330 | Zig:22   | Noticed a juggernaut
173330 | Zig:22   | Noticed a juggernaut
173330 | Zig:22   | Noticed a juggernaut
173330 | Zig:22   | Killed a juggernaut
173331 | Zig:22   | Noticed a juggernaut
173331 | Zig:22   | Noticed a juggernaut
173331 | Zig:22   | Killed a juggernaut
173331 | Zig:22   | Killed a juggernaut
173331 | Zig:22   | Killed a juggernaut
173331 | Zig:22   | Killed a juggernaut
173331 | Zig:22   | Killed a juggernaut
173332 | Zig:22   | Killed a juggernaut
173332 | Zig:22   | Killed a juggernaut
173332 | Zig:22   | Killed a juggernaut
173332 | Zig:22   | Killed a juggernaut
173332 | Zig:22   | Killed a juggernaut
173332 | Zig:22   | Killed a juggernaut
173332 | Zig:22   | Killed a juggernaut
173332 | Zig:22   | Noticed a juggernaut
173333 | Zig:22   | Killed a juggernaut
173333 | Zig:22   | Killed a juggernaut
173333 | Zig:22   | Killed a juggernaut
173333 | Zig:22   | Killed a juggernaut
173333 | Zig:22   | Killed a juggernaut
173333 | Zig:22   | Killed a juggernaut
173333 | Zig:22   | Noticed a juggernaut
173334 | Zig:22   | Noticed a juggernaut
173334 | Zig:22   | Noticed a juggernaut
173334 | Zig:22   | Noticed a juggernaut
173335 | Zig:22   | Noticed a juggernaut
173335 | Zig:22   | Noticed a juggernaut
173336 | Zig:22   | Killed a juggernaut
173336 | Zig:22   | Killed a juggernaut
173336 | Zig:22   | Noticed a juggernaut
173337 | Zig:22   | Noticed a juggernaut
173337 | Zig:22   | Noticed a juggernaut
173338 | Zig:22   | Killed a juggernaut
173338 | Zig:22   | Killed a juggernaut
173338 | Zig:22   | Killed a juggernaut
173338 | Zig:22   | Noticed a juggernaut
173339 | Zig:22   | Noticed a juggernaut
173339 | Zig:22   | Killed a juggernaut
173340 | Zig:22   | Killed a juggernaut
173340 | Zig:22   | Killed a juggernaut
173340 | Zig:22   | Killed a juggernaut
173340 | Zig:22   | Killed a juggernaut
173342 | Zig:22   | Killed a juggernaut
173342 | Zig:22   | Killed a juggernaut
173740 | Zig:22   | Identified the ring of Eppamino {rCorr Int+6}
173766 | Zig:22   | Identified the +9 mace "Gyimaeja" {heavy, rElec rN+ Str-3}
173774 | Zig:22   | Identified the staff of air "Cytt" {rElec rPois Int+5}
173788 | Zig:22   | Identified the +11 glaive of Valour {freeze, Int+4 Dex+4}
173864 | Zig:22   | Identified the ring of the Feeding Saviour {rPois Str+2
                  | Slay+2 Stlth+}
173903 | Zig:23   | Entered Level 23 of a ziggurat
173920 | Zig:23   | Paralysed by an air elemental for 1 turns
174062 | Zig:23   | Identified the +2 buckler of Anarchy {Str+2 Dex+5}
174089 | Zig:23   | Identified the +2 robe of Nemelex Xobeh's Hope {Dex-5
                  | Slay+2 SInv}
174455 | Zig:24   | Entered Level 24 of a ziggurat
174474 | Zig:24   | Identified the +0 tower shield of Disguise {Harm Int+3
                  | Dex+4}
174789 | Zig:24   | Identified the +1 troll leather armour of Atheism {Drain
                  | rPois Regen+ Str+2}
174825 | Zig:24   | Identified the +3 trident "Zemneonke" {flame, rF- rN++
                  | Will- Str+3}
174835 | Zig:24   | Identified the ring "Ophubb" {rC- rN+ rCorr Slay+3}
174837 | Zig:24   | Identified the ring "Wenka" {+Blink rF+ rN+ MP+9}
174879 | Zig:24   | Identified the +1 ring mail of the Illusory Xenops {rPois
                  | rCorr Str+3 Stlth-}
174881 | Zig:24   | Identified the staff of poison "Samaf" {rPois Stlth+}
174892 | Zig:24   | Identified the +10 trident "Ugibuakk" {freeze, Fragile
                  | rElec rF+ Dex+3}
174923 | Zig:24   | Identified the +3 morningstar "Jookuuj" {spect, Contam
                  | +Blink rPois Str+8}
174940 | Zig:24   | Identified the +5 glaive "ETAOIN SHRDLU" {flame, rPois rF+
                  | Will++ Str-3 Dex+2}
174942 | Zig:24   | Identified the staff of death "Lusuode" {rElec rN+ rCorr
                  | Str-3 Dex+2}
174948 | Zig:24   | Identified the ring "Deev" {rElec rF- Will+++ rCorr Dex+6}
174950 | Zig:24   | Identified the +1 quarterstaff of Insomnia {flame, Will+
                  | Int+2}
174957 | Zig:24   | Identified the +3 plate armour of Licu {Harm +Inv Str-4
                  | Dex+4}
174980 | Zig:24   | Identified the amulet of Qeratta {Spirit Stlth+}
174994 | Zig:24   | Identified the staff of air "Foiw" {Contam rElec rF+++ rN+}
175002 | Zig:24   | Identified the staff of death "Kuubb" {rElec rN+ Will-
                  | Str+2 Stlth+}
175004 | Zig:24   | Identified the staff of poison "Bikkaiq" {rPois rC+ rCorr
                  | Int+3}
175007 | Zig:24   | Identified the +1 leather armour of Rumpuul {Will++}
175072 | Zig:25   | Entered Level 25 of a ziggurat
175072 | Zig:25   | Noticed an orb of fire
175072 | Zig:25   | Noticed an orb of fire
175072 | Zig:25   | Noticed an orb of fire
175072 | Zig:25   | Noticed an orb of fire
175072 | Zig:25   | Noticed an orb of fire
175072 | Zig:25   | Noticed an orb of fire
175072 | Zig:25   | Noticed an orb of fire
175072 | Zig:25   | Noticed an orb of fire
175072 | Zig:25   | Noticed an orb of fire
175072 | Zig:25   | Noticed an orb of fire
175072 | Zig:25   | Noticed an orb of fire
175072 | Zig:25   | Noticed an orb of fire
175072 | Zig:25   | Noticed an orb of fire
175072 | Zig:25   | Noticed an orb of fire
175072 | Zig:25   | Noticed an orb of fire
175072 | Zig:25   | Noticed an orb of fire
175074 | Zig:25   | Noticed an orb of fire
175075 | Zig:25   | Noticed an orb of fire
175075 | Zig:25   | Noticed an orb of fire
175075 | Zig:25   | Killed an orb of fire
175076 | Zig:25   | Killed an orb of fire
175076 | Zig:25   | Killed an orb of fire
175076 | Zig:25   | Killed an orb of fire
175076 | Zig:25   | Noticed an orb of fire
175076 | Zig:25   | Noticed an orb of fire
175076 | Zig:25   | Noticed an orb of fire
175076 | Zig:25   | Noticed an orb of fire
175077 | Zig:25   | Noticed an orb of fire
175077 | Zig:25   | Noticed an orb of fire
175077 | Zig:25   | Noticed an orb of fire
175077 | Zig:25   | Noticed an orb of fire
175077 | Zig:25   | Noticed an orb of fire
175077 | Zig:25   | Noticed an orb of fire
175077 | Zig:25   | Noticed an orb of fire
175077 | Zig:25   | Noticed an orb of fire
175077 | Zig:25   | Noticed an orb of fire
175077 | Zig:25   | Noticed an orb of fire
175077 | Zig:25   | Noticed an orb of fire
175077 | Zig:25   | Noticed an orb of fire
175077 | Zig:25   | Noticed an orb of fire
175077 | Zig:25   | Noticed an orb of fire
175078 | Zig:25   | Noticed an orb of fire
175078 | Zig:25   | Killed an orb of fire
175078 | Zig:25   | Killed an orb of fire
175078 | Zig:25   | Killed an orb of fire
175078 | Zig:25   | Killed an orb of fire
175078 | Zig:25   | Noticed an orb of fire
175079 | Zig:25   | Killed an orb of fire
175079 | Zig:25   | Killed an orb of fire
175079 | Zig:25   | Noticed an orb of fire
175080 | Zig:25   | Noticed an orb of fire
175080 | Zig:25   | Noticed an orb of fire
175080 | Zig:25   | Noticed an orb of fire
175080 | Zig:25   | Noticed an orb of fire
175080 | Zig:25   | Noticed an orb of fire
175080 | Zig:25   | Noticed an orb of fire
175080 | Zig:25   | Noticed an orb of fire
175081 | Zig:25   | Killed an orb of fire
175081 | Zig:25   | Killed an orb of fire
175081 | Zig:25   | Noticed an orb of fire
175081 | Zig:25   | Noticed an orb of fire
175082 | Zig:25   | Noticed an orb of fire
175082 | Zig:25   | Killed an orb of fire
175082 | Zig:25   | Killed an orb of fire
175082 | Zig:25   | Killed an orb of fire
175082 | Zig:25   | Killed an orb of fire
175082 | Zig:25   | Killed an orb of fire
175082 | Zig:25   | Killed an orb of fire
175082 | Zig:25   | Killed an orb of fire
175082 | Zig:25   | Killed an orb of fire
175082 | Zig:25   | Killed an orb of fire
175082 | Zig:25   | Noticed an orb of fire
175082 | Zig:25   | Noticed an orb of fire
175083 | Zig:25   | Killed an orb of fire
175083 | Zig:25   | Killed an orb of fire
175083 | Zig:25   | Killed an orb of fire
175083 | Zig:25   | Killed an orb of fire
175083 | Zig:25   | Killed an orb of fire
175083 | Zig:25   | Killed an orb of fire
175083 | Zig:25   | Killed an orb of fire
175083 | Zig:25   | Killed an orb of fire
175083 | Zig:25   | Killed an orb of fire
175083 | Zig:25   | Killed an orb of fire
175083 | Zig:25   | Killed an orb of fire
175083 | Zig:25   | Killed an orb of fire
175083 | Zig:25   | Killed an orb of fire
175083 | Zig:25   | Killed an orb of fire
175083 | Zig:25   | Killed an orb of fire
175083 | Zig:25   | Killed an orb of fire
175083 | Zig:25   | Noticed an orb of fire
175084 | Zig:25   | Noticed an orb of fire
175084 | Zig:25   | Noticed an orb of fire
175084 | Zig:25   | Noticed an orb of fire
175084 | Zig:25   | Noticed an orb of fire
175084 | Zig:25   | Noticed an orb of fire
175084 | Zig:25   | Noticed an orb of fire
175084 | Zig:25   | Noticed an orb of fire
175084 | Zig:25   | Noticed an orb of fire
175084 | Zig:25   | Noticed an orb of fire
175084 | Zig:25   | Noticed an orb of fire
175084 | Zig:25   | Noticed an orb of fire
175084 | Zig:25   | Noticed an orb of fire
175084 | Zig:25   | Noticed an orb of fire
175084 | Zig:25   | Killed an orb of fire
175085 | Zig:25   | Killed an orb of fire
175085 | Zig:25   | Killed an orb of fire
175085 | Zig:25   | Killed an orb of fire
175085 | Zig:25   | Killed an orb of fire
175085 | Zig:25   | Killed an orb of fire
175085 | Zig:25   | Killed an orb of fire
175085 | Zig:25   | Killed an orb of fire
175085 | Zig:25   | Noticed an orb of fire
175085 | Zig:25   | Noticed an orb of fire
175086 | Zig:25   | Noticed an orb of fire
175086 | Zig:25   | Noticed an orb of fire
175086 | Zig:25   | Noticed an orb of fire
175086 | Zig:25   | Noticed an orb of fire
175086 | Zig:25   | Noticed an orb of fire
175086 | Zig:25   | Noticed an orb of fire
175086 | Zig:25   | Noticed an orb of fire
175086 | Zig:25   | Noticed an orb of fire
175086 | Zig:25   | Noticed an orb of fire
175086 | Zig:25   | Noticed an orb of fire
175086 | Zig:25   | Noticed an orb of fire
175086 | Zig:25   | Noticed an orb of fire
175087 | Zig:25   | Noticed an orb of fire
175087 | Zig:25   | Noticed an orb of fire
175087 | Zig:25   | Noticed an orb of fire
175087 | Zig:25   | Noticed an orb of fire
175087 | Zig:25   | Noticed an orb of fire
175087 | Zig:25   | Noticed an orb of fire
175087 | Zig:25   | Noticed an orb of fire
175087 | Zig:25   | Noticed an orb of fire
175088 | Zig:25   | Noticed an orb of fire
175088 | Zig:25   | Noticed an orb of fire
175088 | Zig:25   | Noticed an orb of fire
175088 | Zig:25   | Noticed an orb of fire
175088 | Zig:25   | Noticed an orb of fire
175088 | Zig:25   | Noticed an orb of fire
175088 | Zig:25   | Noticed an orb of fire
175088 | Zig:25   | Noticed an orb of fire
175088 | Zig:25   | Noticed an orb of fire
175089 | Zig:25   | Killed an orb of fire
175090 | Zig:25   | Killed an orb of fire
175090 | Zig:25   | Killed an orb of fire
175090 | Zig:25   | Killed an orb of fire
175090 | Zig:25   | Killed an orb of fire
175090 | Zig:25   | Killed an orb of fire
175090 | Zig:25   | Killed an orb of fire
175090 | Zig:25   | Killed an orb of fire
175090 | Zig:25   | Killed an orb of fire
175091 | Zig:25   | Killed an orb of fire
175091 | Zig:25   | Killed an orb of fire
175091 | Zig:25   | Killed an orb of fire
175091 | Zig:25   | Killed an orb of fire
175091 | Zig:25   | Killed an orb of fire
175091 | Zig:25   | Killed an orb of fire
175091 | Zig:25   | Killed an orb of fire
175091 | Zig:25   | Killed an orb of fire
175091 | Zig:25   | Killed an orb of fire
175091 | Zig:25   | Killed an orb of fire
175091 | Zig:25   | Killed an orb of fire
175091 | Zig:25   | Killed an orb of fire
175091 | Zig:25   | Killed an orb of fire
175091 | Zig:25   | Killed an orb of fire
175091 | Zig:25   | Noticed an orb of fire
175091 | Zig:25   | Noticed an orb of fire
175092 | Zig:25   | Killed an orb of fire
175092 | Zig:25   | Killed an orb of fire
175092 | Zig:25   | Killed an orb of fire
175092 | Zig:25   | Killed an orb of fire
175092 | Zig:25   | Killed an orb of fire
175092 | Zig:25   | Killed an orb of fire
175092 | Zig:25   | Killed an orb of fire
175092 | Zig:25   | Killed an orb of fire
175092 | Zig:25   | Killed an orb of fire
175092 | Zig:25   | Killed an orb of fire
175092 | Zig:25   | Killed an orb of fire
175092 | Zig:25   | Killed an orb of fire
175092 | Zig:25   | Killed an orb of fire
175092 | Zig:25   | Killed an orb of fire
175093 | Zig:25   | Killed an orb of fire
175093 | Zig:25   | Killed an orb of fire
175093 | Zig:25   | Killed an orb of fire
175093 | Zig:25   | Killed an orb of fire
175093 | Zig:25   | Killed an orb of fire
175093 | Zig:25   | Killed an orb of fire
175094 | Zig:25   | Killed an orb of fire
175095 | Zig:25   | Killed an orb of fire
175095 | Zig:25   | Killed an orb of fire
175095 | Zig:25   | Killed an orb of fire
175095 | Zig:25   | Killed an orb of fire
175095 | Zig:25   | Killed an orb of fire
175095 | Zig:25   | Killed an orb of fire
175095 | Zig:25   | Killed an orb of fire
175095 | Zig:25   | Noticed an orb of fire
175095 | Zig:25   | Noticed an orb of fire
175098 | Zig:25   | Killed an orb of fire
175098 | Zig:25   | Noticed an orb of fire
175099 | Zig:25   | Noticed an orb of fire
175099 | Zig:25   | Noticed an orb of fire
175101 | Zig:25   | Killed an orb of fire
175101 | Zig:25   | Killed an orb of fire
175102 | Zig:25   | Killed an orb of fire
175104 | Zig:25   | Killed an orb of fire
175106 | Zig:25   | Killed an orb of fire
175119 | Zig:25   | Killed an orb of fire
175121 | Zig:25   | Killed an orb of fire
175154 | Zig:25   | Identified the ring of Light {rN+ Str+2 Dex+6}
175158 | Zig:25   | Identified the +1 robe of Feasting {Str+3 Dex+3}
175159 | Zig:25   | Identified the staff of earth "Isabrih" {Int+3 Dex+4}
175161 | Zig:25   | Identified the +0 pair of boots of the Eight Boll Weevils
                  | {Contam rElec Regen+ Int+4}
175174 | Zig:25   | Identified the ring "Jolluvvu" {Ice rPois Will+}
175181 | Zig:25   | Identified the ring of the Salamander {rN+ Int+6 Dex+4}
175183 | Zig:25   | Identified the +1 pearl dragon scales of Bawnucludoz {rF++
                  | rN+ rCorr MP+9 Dex-5}
175185 | Zig:25   | Identified the staff of death "Paawasir" {rN+ Dex+3}
175192 | Zig:25   | Identified the +7 falchion of Uqyetsit {freeze, rElec rF+
                  | Int+4 Dex+4}
175193 | Zig:25   | Identified the +7 broad axe of Makkue {drain, rN+}
175204 | Zig:25   | Identified the +7 spear of Distant Shores {speed, *Corrode
                  | rPois Will+ Dex+4}
175205 | Zig:25   | Identified the +7 quarterstaff "Faton" {chaos, rF+}
175240 | Zig:25   | Identified the ring "Viemeawa" {rC+ rN+ Int+7}
175358 | Zig:25   | Identified the +10 war axe "Abuwagah" {antimagic, Str+3
                  | Dex+2}
175361 | Zig:25   | Identified the +1 scale mail of the Tarantula {Rampage}
175752 | Zig:25   | Identified the amulet of Loecuedgh {rN++ Regen+ SInv}
175769 | Zig:25   | Identified the ring "Zouhois" {Contam Fly rN+ rCorr}
175815 | Zig:26   | Entered Level 26 of a ziggurat
175835 | Zig:26   | Noticed Umakko the pandemonium lord
175838 | Zig:26   | Killed Umakko the pandemonium lord
176313 | Zig:26   | Identified the +3 broad axe of Doom {flame, Str+4}
176404 | Zig:26   | Identified the staff of cold "Ketteafi" {rPois rC+ Int+6}
176408 | Zig:26   | Identified the +1 chain mail of the Evening Star {Regen+}
176418 | Zig:26   | Identified the +8 broad axe of Grontol {flame, rF+ Dex+5}
176427 | Zig:26   | Identified the +2 mace "Yfosij" {elec, Dex+5 Stlth-}
176442 | Zig:26   | Identified the +5 long sword "Myneify" {freeze, Drain Str+4
                  | SInv}
176451 | Zig:26   | Identified the staff of earth "Yqeulurgh" {rPois rF- rN++}
176536 | Zig:27   | Entered Level 27 of a ziggurat
176564 | Zig:27   | Identified the +2 broad axe of Ineff {heavy, rElec}
176629 | Zig:27   | Identified the orb of Card Tricks {light, Str+4}
176632 | Zig:27   | Identified the +5 leather armour of Imikh {-Tele rC+ rCorr}
176645 | Zig:27   | Identified the +4 rapier "Tozoutz" {freeze, rF+}
176646 | Zig:27   | Identified the +2 spear of the Five Nightcaps {pain, rCorr
                  | Int+5 Dex-3}
176649 | Zig:27   | Identified the +1 robe of Oily Joy {Fly}
176660 | Zig:27   | Identified the +1 executioner's axe "Puimn" {speed, rPois
                  | rC+ Dex+2}
176671 | Zig:27   | Identified the +0 plate armour of the Demon Prince {rF+}
176677 | Zig:27   | Identified the staff of air "Zonamm" {Fragile rElec rF+
                  | rCorr Dex+2}
176686 | Zig:27   | Identified the amulet "Seomoxyo" {Reflect rElec rCorr Int+3
                  | SH+5}
176735 | Zig:27   | Identified the +8 broad axe of Insufficient Pleasure
                  | {freeze, Dex+5}
176737 | Zig:27   | Identified the ring of the Good {+Blink rElec Will- Str+8
                  | Dex+6}
176747 | Zig:27   | Identified the ring of Lucidity {Fly AC+4}
176790 | Zig:27   | Identified the +3 scale mail of Serendipity {Contam rElec
                  | rPois rN+++}
177122 | Zig:27   | Identified the ring of the Twenty Bones {Fly rPois rC++ rN+
                  | Dex-3}
177125 | Zig:27   | Identified the ring "Sauboahi" {+Blink Fly rF- Dex+6}
177129 | Zig:27   | Identified the +0 hand axe "Qudoosm" {speed, rF+ Int+4}
177149 | Zig:27   | Identified the +7 short sword of the Freezing God {flame,
                  | rN+ Int+3}
177165 | Zig:1    | Entered Level 1 of a ziggurat
177222 | Zig:2    | Entered Level 2 of a ziggurat
177327 | Zig:3    | Entered Level 3 of a ziggurat
177327 | Zig:3    | Noticed a dread lich
177327 | Zig:3    | Noticed a dread lich
177327 | Zig:3    | Noticed an ancient lich
177329 | Zig:3    | Killed an ancient lich
177330 | Zig:3    | Killed a dread lich
177330 | Zig:3    | Killed a dread lich
177387 | Zig:3    | Identified the +5 spear "Yviah" {freeze, rElec rN+ Int+3
                  | Dex+4}
177457 | Zig:4    | Entered Level 4 of a ziggurat
177609 | Zig:4    | Identified the +6 hand axe "Zexodod" {vamp, Str+4 Dex+3}
177644 | Zig:5    | Entered Level 5 of a ziggurat
177718 | Zig:5    | Identified the amulet "Yclel" {rN+ Regen+ Int+5}
177858 | Zig:6    | Entered Level 6 of a ziggurat
178048 | Zig:6    | Identified the amulet "Riqiomi" {RegenMP Will+ rCorr Str+3
                  | Stlth-}
178145 | Zig:7    | Entered Level 7 of a ziggurat
178219 | Zig:7    | Identified the +1 short sword of Agam {venom, Will+ Str-3
                  | SInv}
178222 | Zig:7    | Identified the +2 hat "Inugir" {rN+ Will+ Str+3}
178224 | Zig:7    | Identified the +0 pair of boots of Deaxinos {Will+}
178231 | Zig:7    | Identified the +10 spear of Eternal Night {heavy, Str+5
                  | Int+3}
178436 | Zig:8    | Entered Level 8 of a ziggurat
178436 | Zig:8    | Noticed Awkeept the pandemonium lord
178436 | Zig:8    | Noticed Ughaf the pandemonium lord
178436 | Zig:8    | Noticed Kotiri the pandemonium lord
178436 | Zig:8    | Noticed Teok Xiy the pandemonium lord
178436 | Zig:8    | Noticed Ircheaba the pandemonium lord
178436 | Zig:8    | Noticed Iruohas the pandemonium lord
178436 | Zig:8    | Noticed Wibucw the pandemonium lord
178436 | Zig:8    | Noticed Apsoipn the pandemonium lord
178436 | Zig:8    | Noticed Muduotef the pandemonium lord
178436 | Zig:8    | Noticed Eqoma the pandemonium lord
178436 | Zig:8    | Noticed Kiaz the pandemonium lord
178436 | Zig:8    | Noticed Haorghoe the pandemonium lord
178436 | Zig:8    | Noticed Peffixuas the pandemonium lord
178436 | Zig:8    | Noticed Gyol the pandemonium lord
178436 | Zig:8    | Noticed Jicaw the pandemonium lord
178436 | Zig:8    | Noticed Edeackio the pandemonium lord
178436 | Zig:8    | Noticed Famim the pandemonium lord
178436 | Zig:8    | Noticed Cizist the pandemonium lord
178436 | Zig:8    | Noticed Xuxuqaedgh the pandemonium lord
178436 | Zig:8    | Noticed Iciry the pandemonium lord
178436 | Zig:8    | Noticed Zaniam the pandemonium lord
178436 | Zig:8    | Noticed Xyirug the pandemonium lord
178436 | Zig:8    | Noticed Xiuxees the pandemonium lord
178436 | Zig:8    | Noticed Edauhue the pandemonium lord
178436 | Zig:8    | Noticed Moudy the pandemonium lord
178436 | Zig:8    | Noticed Zaot the pandemonium lord
178436 | Zig:8    | Noticed Jeelot the pandemonium lord
178436 | Zig:8    | Noticed Ukitt the pandemonium lord
178436 | Zig:8    | Noticed Nemeofom the pandemonium lord
178436 | Zig:8    | Noticed Neteof the pandemonium lord
178436 | Zig:8    | Noticed Wilasadghu the pandemonium lord
178436 | Zig:8    | Noticed Caucoff the pandemonium lord
178437 | Zig:8    | Killed Zaot the pandemonium lord
178437 | Zig:8    | Killed Eqoma the pandemonium lord
178437 | Zig:8    | Killed Kotiri the pandemonium lord
178437 | Zig:8    | Killed Jicaw the pandemonium lord
178438 | Zig:8    | Noticed Attecha the pandemonium lord
178439 | Zig:8    | Noticed Itiq Runte the pandemonium lord
178439 | Zig:8    | Killed Muduotef the pandemonium lord
178439 | Zig:8    | Killed Nemeofom the pandemonium lord
178439 | Zig:8    | Killed Neteof the pandemonium lord
178440 | Zig:8    | Killed Peffixuas the pandemonium lord
178440 | Zig:8    | Killed Zaniam the pandemonium lord
178440 | Zig:8    | Killed Iruohas the pandemonium lord
178440 | Zig:8    | Noticed Kerivaixt the pandemonium lord
178441 | Zig:8    | Killed Moudy the pandemonium lord
178441 | Zig:8    | Killed Famim the pandemonium lord
178441 | Zig:8    | Killed Edauhue the pandemonium lord
178441 | Zig:8    | Killed Ughaf the pandemonium lord
178441 | Zig:8    | Killed Gyol the pandemonium lord
178441 | Zig:8    | Killed Ircheaba the pandemonium lord
178441 | Zig:8    | Killed Wibucw the pandemonium lord
178441 | Zig:8    | Noticed Juskyeps the pandemonium lord
178441 | Zig:8    | Killed Apsoipn the pandemonium lord
178441 | Zig:8    | Killed Teok Xiy the pandemonium lord
178441 | Zig:8    | Killed Jeelot the pandemonium lord
178442 | Zig:8    | Killed Wilasadghu the pandemonium lord
178442 | Zig:8    | Killed Cizist the pandemonium lord
178442 | Zig:8    | Killed Edeackio the pandemonium lord
178442 | Zig:8    | Killed Kiaz the pandemonium lord
178442 | Zig:8    | Killed Iciry the pandemonium lord
178442 | Zig:8    | Killed Xuxuqaedgh the pandemonium lord
178442 | Zig:8    | Killed Ukitt the pandemonium lord
178442 | Zig:8    | Noticed Wuriul the pandemonium lord
178443 | Zig:8    | Killed Caucoff the pandemonium lord
178443 | Zig:8    | Killed Attecha the pandemonium lord
178443 | Zig:8    | Noticed Luguxzue the pandemonium lord
178443 | Zig:8    | Killed Wuriul the pandemonium lord
178444 | Zig:8    | Killed Haorghoe the pandemonium lord
178444 | Zig:8    | Killed Xyirug the pandemonium lord
178444 | Zig:8    | Killed Awkeept the pandemonium lord
178444 | Zig:8    | Killed Kerivaixt the pandemonium lord
178444 | Zig:8    | Noticed Qasch the pandemonium lord
178445 | Zig:8    | Killed Juskyeps the pandemonium lord
178445 | Zig:8    | Killed Luguxzue the pandemonium lord
178445 | Zig:8    | Noticed Nuyf Dos the pandemonium lord
178445 | Zig:8    | Noticed Cetipuet the pandemonium lord
178446 | Zig:8    | Noticed Gack the pandemonium lord
178446 | Zig:8    | Noticed Ygorch the pandemonium lord
178446 | Zig:8    | Noticed Eromur the pandemonium lord
178446 | Zig:8    | Noticed Liwyng the pandemonium lord
178447 | Zig:8    | Noticed Zis Ohu the pandemonium lord
178448 | Zig:8    | Noticed Joghien the pandemonium lord
178449 | Zig:8    | Killed Qasch the pandemonium lord
178450 | Zig:8    | Noticed Ocaanguy the pandemonium lord
178450 | Zig:8    | Killed Eromur the pandemonium lord
178450 | Zig:8    | Noticed Ydoklik the pandemonium lord
178456 | Zig:8    | Killed Ygorch the pandemonium lord
178457 | Zig:8    | Killed Joghien the pandemonium lord
178458 | Zig:8    | Killed Itiq Runte the pandemonium lord
178459 | Zig:8    | Killed Liwyng the pandemonium lord
178460 | Zig:8    | Killed Zis Ohu the pandemonium lord
178462 | Zig:8    | Killed Ocaanguy the pandemonium lord
178463 | Zig:8    | Killed Cetipuet the pandemonium lord
178465 | Zig:8    | Killed Gack the pandemonium lord
178465 | Zig:8    | Killed Ydoklik the pandemonium lord
178465 | Zig:8    | Killed Xiuxees the pandemonium lord
178465 | Zig:8    | Killed Nuyf Dos the pandemonium lord
178771 | Zig:8    | Identified the staff of conjuration "Paet" {rF+}
178773 | Zig:8    | Identified the staff of conjuration "Faeppaac" {Will-
                  | Int+4}
178777 | Zig:8    | Identified the +6 dire flail "Yruz" {heavy, rCorr Str+4
                  | Dex-3}
178805 | Zig:8    | Identified the +1 broad axe of the Equinox {heavy, Will+}
178828 | Zig:9    | Entered Level 9 of a ziggurat
178828 | Zig:9    | Noticed a juggernaut
178828 | Zig:9    | Noticed a juggernaut
178828 | Zig:9    | Noticed a juggernaut
178828 | Zig:9    | Noticed a juggernaut
178829 | Zig:9    | Noticed a juggernaut
178829 | Zig:9    | Noticed a juggernaut
178830 | Zig:9    | Killed a juggernaut
178830 | Zig:9    | Killed a juggernaut
178830 | Zig:9    | Killed a juggernaut
178830 | Zig:9    | Killed a juggernaut
178830 | Zig:9    | Noticed a juggernaut
178834 | Zig:9    | Killed a juggernaut
178834 | Zig:9    | Killed a juggernaut
178836 | Zig:9    | Noticed a juggernaut
178837 | Zig:9    | Killed a juggernaut
178838 | Zig:9    | Killed a juggernaut
178932 | Zig:9    | Identified the amulet of the Original Sin {RegenMP rPois}
178934 | Zig:9    | Identified the +8 ice dragon scales of the Elven Halls {rF-
                  | rC++ rCorr}
178957 | Zig:9    | Identified the +8 dagger "Kubeqy" {protect, rF- Dex+8}
178959 | Zig:9    | Identified the staff of poison "Sahoq" {rPois rF++ Str-4
                  | Int+3 SInv}
179226 | Zig:10   | Entered Level 10 of a ziggurat
179240 | Zig:10   | Identified the +1 great sword "Zoacw" {holy, *Corrode rElec
                  | Int+5}
179620 | Zig:10   | Identified the +3 plate armour of Joll {rN+ Str+3 Dex+2}
179622 | Zig:10   | Identified the ring "Ymabaott" {rCorr Str-3 Dex+3 SInv}
179638 | Zig:10   | Identified the +5 broad axe of Enotiun {heavy, rN+ Dex+4}
179676 | Zig:10   | Identified the +8 fire dragon scales "Hipnedgh" {rF++ rC-
                  | Str+3}
179684 | Zig:10   | Identified the +3 scale mail of the Ten Smoking Towns
                  | {rElec}
179685 | Zig:10   | Identified the +5 broad axe of Anger {antimagic, rElec}
179736 | Zig:11   | Entered Level 11 of a ziggurat
179736 | Zig:11   | Noticed a royal mummy
179736 | Zig:11   | Noticed a royal mummy
179736 | Zig:11   | Noticed a royal mummy
179736 | Zig:11   | Noticed a royal mummy
179736 | Zig:11   | Noticed a royal mummy
179736 | Zig:11   | Noticed a royal mummy
179736 | Zig:11   | Noticed a royal mummy
179736 | Zig:11   | Noticed a royal mummy
179736 | Zig:11   | Noticed a royal mummy
179736 | Zig:11   | Noticed a royal mummy
179736 | Zig:11   | Noticed a royal mummy
179736 | Zig:11   | Noticed a royal mummy
179736 | Zig:11   | Noticed a royal mummy
179738 | Zig:11   | Killed a royal mummy
179738 | Zig:11   | Killed a royal mummy
179738 | Zig:11   | Noticed a royal mummy
179738 | Zig:11   | Noticed a royal mummy
179738 | Zig:11   | Killed a royal mummy
179739 | Zig:11   | Noticed a royal mummy
179739 | Zig:11   | Noticed an ancient lich
179739 | Zig:11   | Noticed a royal mummy
179739 | Zig:11   | Killed a royal mummy
179740 | Zig:11   | Noticed a royal mummy
179740 | Zig:11   | Noticed a royal mummy
179741 | Zig:11   | Noticed a royal mummy
179741 | Zig:11   | Noticed a royal mummy
179741 | Zig:11   | Noticed a royal mummy
179741 | Zig:11   | Killed a royal mummy
179742 | Zig:11   | Killed a royal mummy
179742 | Zig:11   | Killed a royal mummy
179742 | Zig:11   | Killed a royal mummy
179742 | Zig:11   | Killed a royal mummy
179742 | Zig:11   | Killed an ancient lich
179742 | Zig:11   | Killed a royal mummy
179742 | Zig:11   | Killed a royal mummy
179742 | Zig:11   | Killed a royal mummy
179742 | Zig:11   | Noticed a royal mummy
179742 | Zig:11   | Noticed a royal mummy
179742 | Zig:11   | Noticed a royal mummy
179743 | Zig:11   | Noticed a royal mummy
179743 | Zig:11   | Noticed a royal mummy
179744 | Zig:11   | Killed a royal mummy
179744 | Zig:11   | Killed a royal mummy
179744 | Zig:11   | Killed a royal mummy
179744 | Zig:11   | Killed a royal mummy
179744 | Zig:11   | Killed a royal mummy
179744 | Zig:11   | Killed a royal mummy
179744 | Zig:11   | Killed a royal mummy
179744 | Zig:11   | Killed a royal mummy
179744 | Zig:11   | Noticed a royal mummy
179745 | Zig:11   | Noticed a royal mummy
179745 | Zig:11   | Noticed a royal mummy
179745 | Zig:11   | Noticed a royal mummy
179745 | Zig:11   | Killed a royal mummy
179747 | Zig:11   | Killed a royal mummy
179747 | Zig:11   | Killed a royal mummy
179747 | Zig:11   | Killed a royal mummy
179747 | Zig:11   | Killed a royal mummy
179747 | Zig:11   | Killed a royal mummy
179748 | Zig:11   | Killed a royal mummy
179748 | Zig:11   | Killed a royal mummy
179748 | Zig:11   | Killed a royal mummy
179749 | Zig:11   | Killed a royal mummy
179749 | Zig:11   | Killed a royal mummy
179796 | Zig:11   | Identified the +0 falchion "Depn" {venom, rElec Will+
                  | Stlth+}
179806 | Zig:11   | Identified the +0 ring mail of the Lich-sworn {*Corrode
                  | Str+5}
179812 | Zig:11   | Identified the +6 chain mail of the Butcher {Regen+ MP+9
                  | Int-3 Dex-5}
179834 | Zig:11   | Identified the +4 morningstar "Hiatruxu" {freeze, Str-4
                  | Dex+5}
180240 | Zig:12   | Entered Level 12 of a ziggurat
180241 | Zig:12   | Noticed a juggernaut
180241 | Zig:12   | Noticed a juggernaut
180241 | Zig:12   | Noticed a juggernaut
180242 | Zig:12   | Noticed a juggernaut
180242 | Zig:12   | Noticed a juggernaut
180242 | Zig:12   | Noticed a juggernaut
180243 | Zig:12   | Noticed a juggernaut
180243 | Zig:12   | Noticed a juggernaut
180243 | Zig:12   | Noticed a juggernaut
180243 | Zig:12   | Noticed a juggernaut
180243 | Zig:12   | Noticed a juggernaut
180244 | Zig:12   | Noticed a juggernaut
180245 | Zig:12   | Killed a juggernaut
180245 | Zig:12   | Killed a juggernaut
180245 | Zig:12   | Killed a juggernaut
180245 | Zig:12   | Killed a juggernaut
180245 | Zig:12   | Killed a juggernaut
180245 | Zig:12   | Killed a juggernaut
180245 | Zig:12   | Killed a juggernaut
180245 | Zig:12   | Killed a juggernaut
180245 | Zig:12   | Noticed a juggernaut
180245 | Zig:12   | Noticed a juggernaut
180245 | Zig:12   | Noticed a juggernaut
180245 | Zig:12   | Noticed a juggernaut
180245 | Zig:12   | Killed a juggernaut
180246 | Zig:12   | Noticed a juggernaut
180246 | Zig:12   | Noticed a juggernaut
180246 | Zig:12   | Noticed a juggernaut
180246 | Zig:12   | Noticed a juggernaut
180246 | Zig:12   | Noticed a juggernaut
180246 | Zig:12   | Noticed a juggernaut
180246 | Zig:12   | Noticed a juggernaut
180247 | Zig:12   | Noticed a juggernaut
180247 | Zig:12   | Noticed a juggernaut
180248 | Zig:12   | Killed a juggernaut
180248 | Zig:12   | Killed a juggernaut
180248 | Zig:12   | Killed a juggernaut
180248 | Zig:12   | Killed a juggernaut
180248 | Zig:12   | Killed a juggernaut
180248 | Zig:12   | Noticed a juggernaut
180248 | Zig:12   | Noticed a juggernaut
180249 | Zig:12   | Killed a juggernaut
180249 | Zig:12   | Killed a juggernaut
180249 | Zig:12   | Killed a juggernaut
180249 | Zig:12   | Killed a juggernaut
180249 | Zig:12   | Killed a juggernaut
180249 | Zig:12   | Killed a juggernaut
180249 | Zig:12   | Killed a juggernaut
180249 | Zig:12   | Killed a juggernaut
180249 | Zig:12   | Killed a juggernaut
180250 | Zig:12   | Killed a juggernaut
180250 | Zig:12   | Killed a juggernaut
180250 | Zig:12   | Killed a juggernaut
180250 | Zig:12   | Killed a juggernaut
180250 | Zig:12   | Noticed a juggernaut
180250 | Zig:12   | Noticed a juggernaut
180251 | Zig:12   | Noticed a juggernaut
180251 | Zig:12   | Noticed a juggernaut
180253 | Zig:12   | Killed a juggernaut
180254 | Zig:12   | Killed a juggernaut
180254 | Zig:12   | Killed a juggernaut
180254 | Zig:12   | Noticed a juggernaut
180256 | Zig:12   | Killed a juggernaut
180256 | Zig:12   | Killed a juggernaut
180513 | Zig:12   | Identified the +0 scale mail "Zupuaq" {Fly rN+ Dex+5}
180519 | Zig:12   | Identified the amulet "Boditog" {RegenMP rElec rPois Will+
                  | Str+2 Int-5}
180571 | Zig:12   | Identified the +12 sling "Icheihik" {flame, rN+ MP+9}
180572 | Zig:12   | Identified the +7 hand axe of Cicoxaun {freeze, Contam
                  | +Blink rF- rN+++}
180573 | Zig:12   | Identified the ring "Lunefata" {Drain rN+ MP+9 Str+4}
180646 | Zig:13   | Entered Level 13 of a ziggurat
180646 | Zig:13   | Noticed a juggernaut
180646 | Zig:13   | Noticed a juggernaut
180646 | Zig:13   | Noticed a juggernaut
180646 | Zig:13   | Noticed a juggernaut
180646 | Zig:13   | Noticed a juggernaut
180646 | Zig:13   | Noticed a juggernaut
180646 | Zig:13   | Noticed a juggernaut
180646 | Zig:13   | Noticed a juggernaut
180648 | Zig:13   | Killed a juggernaut
180648 | Zig:13   | Killed a juggernaut
180648 | Zig:13   | Killed a juggernaut
180648 | Zig:13   | Killed a juggernaut
180650 | Zig:13   | Killed a juggernaut
180650 | Zig:13   | Killed a juggernaut
180650 | Zig:13   | Killed a juggernaut
180650 | Zig:13   | Killed a juggernaut
180650 | Zig:13   | Noticed a juggernaut
180652 | Zig:13   | Noticed a juggernaut
180653 | Zig:13   | Noticed a juggernaut
180653 | Zig:13   | Noticed a juggernaut
180653 | Zig:13   | Noticed a juggernaut
180655 | Zig:13   | Noticed a juggernaut
180655 | Zig:13   | Noticed a juggernaut
180656 | Zig:13   | Noticed a juggernaut
180656 | Zig:13   | Noticed a juggernaut
180656 | Zig:13   | Noticed a juggernaut
180656 | Zig:13   | Noticed a juggernaut
180656 | Zig:13   | Killed a juggernaut
180656 | Zig:13   | Killed a juggernaut
180656 | Zig:13   | Killed a juggernaut
180656 | Zig:13   | Killed a juggernaut
180657 | Zig:13   | Noticed a juggernaut
180657 | Zig:13   | Noticed a juggernaut
180657 | Zig:13   | Noticed a juggernaut
180658 | Zig:13   | Killed a juggernaut
180658 | Zig:13   | Killed a juggernaut
180658 | Zig:13   | Killed a juggernaut
180658 | Zig:13   | Killed a juggernaut
180658 | Zig:13   | Killed a juggernaut
180658 | Zig:13   | Killed a juggernaut
180660 | Zig:13   | Killed a juggernaut
180661 | Zig:13   | Killed a juggernaut
180661 | Zig:13   | Killed a juggernaut
180663 | Zig:13   | Killed a juggernaut
180738 | Zig:13   | Identified the ring of Secrets {MP+9 Str+2 SInv}
180742 | Zig:13   | Identified the staff of cold "Zapnuil" {Contam rC+ Int+7}
180792 | Zig:13   | Identified the staff of cold "Xiudeim" {*Slow rC+ rN++
                  | SInv}
180818 | Zig:13   | Identified the +3 broad axe "Osiolu" {drain, rPois rC+
                  | Stlth+}
180841 | Zig:13   | Identified the +11 falchion of Terra Cotta {heavy, rPois
                  | Will+}
180844 | Zig:13   | Identified the +7 falchion of Disharmony {freeze, rElec rF+
                  | Str+2 SInv}
181267 | Zig:14   | Entered Level 14 of a ziggurat
181267 | Zig:14   | Noticed a dread lich
181274 | Zig:14   | Killed a dread lich
181347 | Zig:14   | Killed a starcursed mass
181348 | Zig:14   | Killed a starcursed mass
181800 | Zig:14   | Identified the +1 broad axe "Rijiutt" {freeze, rF+ Will+
                  | Str-2 Dex+3}
181801 | Zig:14   | Identified the +4 shortbow of Diet Blood {freeze, Dex+5
                  | Stlth-}
181814 | Zig:14   | Identified the +0 leather armour of the Leaf {Rampage rPois
                  | Int+5}
181822 | Zig:14   | Identified the +0 scale mail "Jydiz" {Rampage Str+3}
181832 | Zig:14   | Identified the +1 lajatang "Sarcophage" {holy, Dex+2}
181935 | Zig:15   | Entered Level 15 of a ziggurat
182036 | Zig:15   | Identified the +3 sling of Responsibility {drain, rElec
                  | rPois}
182049 | Zig:15   | Identified the ring of Yneqetez {rPois rF+ Will++ SInv}
182063 | Zig:15   | Identified the +9 scimitar of the Thoughtful Places {elec,
                  | Fly rN+ Dex+5 Stlth-}
182067 | Zig:15   | Identified the +8 great sword "Ycegheyr" {drain, rElec
                  | Str+6 Int-5}
182650 | Zig:16   | Entered Level 16 of a ziggurat
182650 | Zig:16   | Noticed a juggernaut
182650 | Zig:16   | Noticed a juggernaut
182650 | Zig:16   | Noticed a juggernaut
182650 | Zig:16   | Noticed a juggernaut
182650 | Zig:16   | Noticed a juggernaut
182650 | Zig:16   | Noticed a juggernaut
182650 | Zig:16   | Noticed a juggernaut
182650 | Zig:16   | Noticed a juggernaut
182650 | Zig:16   | Noticed a juggernaut
182651 | Zig:16   | Killed a juggernaut
182652 | Zig:16   | Noticed a juggernaut
182652 | Zig:16   | Noticed a juggernaut
182652 | Zig:16   | Noticed a juggernaut
182652 | Zig:16   | Noticed a juggernaut
182653 | Zig:16   | Noticed a juggernaut
182653 | Zig:16   | Killed a juggernaut
182653 | Zig:16   | Noticed a juggernaut
182653 | Zig:16   | Killed a juggernaut
182654 | Zig:16   | Noticed a juggernaut
182654 | Zig:16   | Noticed a juggernaut
182654 | Zig:16   | Killed a juggernaut
182654 | Zig:16   | Killed a juggernaut
182654 | Zig:16   | Killed a juggernaut
182654 | Zig:16   | Killed a juggernaut
182655 | Zig:16   | Noticed a juggernaut
182655 | Zig:16   | Noticed a juggernaut
182656 | Zig:16   | Noticed a juggernaut
182656 | Zig:16   | Noticed a juggernaut
182656 | Zig:16   | Noticed a juggernaut
182657 | Zig:16   | Noticed a juggernaut
182657 | Zig:16   | Noticed a juggernaut
182657 | Zig:16   | Killed a juggernaut
182657 | Zig:16   | Killed a juggernaut
182657 | Zig:16   | Killed a juggernaut
182657 | Zig:16   | Killed a juggernaut
182657 | Zig:16   | Killed a juggernaut
182657 | Zig:16   | Killed a juggernaut
182657 | Zig:16   | Killed a juggernaut
182657 | Zig:16   | Killed a juggernaut
182658 | Zig:16   | Killed a juggernaut
182658 | Zig:16   | Killed a juggernaut
182658 | Zig:16   | Killed a juggernaut
182658 | Zig:16   | Killed a juggernaut
182658 | Zig:16   | Killed a juggernaut
182658 | Zig:16   | Killed a juggernaut
182658 | Zig:16   | Noticed a juggernaut
182659 | Zig:16   | Noticed a juggernaut
182659 | Zig:16   | Noticed a juggernaut
182660 | Zig:16   | Noticed a juggernaut
182660 | Zig:16   | Noticed a juggernaut
182660 | Zig:16   | Noticed a juggernaut
182662 | Zig:16   | Killed a juggernaut
182662 | Zig:16   | Killed a juggernaut
182662 | Zig:16   | Killed a juggernaut
182662 | Zig:16   | Noticed a juggernaut
182662 | Zig:16   | Noticed a juggernaut
182662 | Zig:16   | Noticed a juggernaut
182662 | Zig:16   | Noticed a juggernaut
182664 | Zig:16   | Noticed a juggernaut
182665 | Zig:16   | Killed a juggernaut
182665 | Zig:16   | Killed a juggernaut
182665 | Zig:16   | Killed a juggernaut
182665 | Zig:16   | Killed a juggernaut
182666 | Zig:16   | Killed a juggernaut
182666 | Zig:16   | Killed a juggernaut
182666 | Zig:16   | Killed a juggernaut
182666 | Zig:16   | Killed a juggernaut
182666 | Zig:16   | Noticed a juggernaut
182668 | Zig:16   | Killed a juggernaut
182668 | Zig:16   | Killed a juggernaut
182668 | Zig:16   | Killed a juggernaut
182668 | Zig:16   | Killed a juggernaut
182673 | Zig:16   | Noticed a juggernaut
182680 | Zig:16   | Killed a juggernaut
183219 | Zig:16   | Identified the +9 spear of Giurgh {protect, rPois rC++
                  | rCorr Str-2}
183229 | Zig:16   | Identified the +7 rapier of Hepliaklqana's Scorn {holy,
                  | Str+5}
183242 | Zig:16   | Identified the ring "Vaoga" {*Slow rElec MP-9 Str+8 Int+6}
183288 | Zig:16   | Identified the ring "Joecuthre" {Fire rElec rCorr Str+3
                  | Dex-2}
183293 | Zig:16   | Identified the +1 glaive of Vyazee {elec, rC- rCorr Str+6}
183295 | Zig:16   | Identified the ring "Valoduko" {rN+ Int+5 Dex+2 Slay+4}
183337 | Zig:16   | Identified the amulet of Mirth {Faith Rampage *Corrode
                  | Dex+5}
183345 | Zig:16   | Identified the amulet "Fietih" {RegenMP Dex+3}
183354 | Zig:16   | Identified the +0 crystal plate armour of Autumn {MP+9
                  | Str+3 Int+2}
183360 | Zig:16   | Identified the +10 long sword "Xaixaoc" {venom, SInv}
183444 | Zig:17   | Entered Level 17 of a ziggurat
183496 | Zig:17   | Identified the ring "Ynaunec" {rPois rCorr Int+4 Slay-6}
183514 | Zig:17   | Identified the staff of air "Byqir" {rElec rF+ rC+}
183523 | Zig:17   | Identified the +8 great mace of Superiority {flame, Dex+4}
183542 | Zig:17   | Identified the +4 hand axe of Psychosis {flame, rPois rC-
                  | Int+6 Stlth+}
183543 | Zig:17   | Identified the +11 dagger of Armageddon {drain, *Rage rElec
                  | rCorr Str+3}
183549 | Zig:17   | Identified the +1 helmet of the Supporting Gods {Int+2}
183555 | Zig:17   | Identified the +4 flail of Hacking and Slashing {freeze,
                  | rF+ rC+}
184214 | Zig:18   | Entered Level 18 of a ziggurat
184214 | Zig:18   | Noticed a royal mummy
184214 | Zig:18   | Noticed a royal mummy
184214 | Zig:18   | Noticed a royal mummy
184214 | Zig:18   | Noticed a royal mummy
184214 | Zig:18   | Noticed a royal mummy
184214 | Zig:18   | Noticed a royal mummy
184214 | Zig:18   | Noticed a royal mummy
184214 | Zig:18   | Noticed a royal mummy
184214 | Zig:18   | Noticed a royal mummy
184214 | Zig:18   | Noticed a royal mummy
184214 | Zig:18   | Noticed a royal mummy
184214 | Zig:18   | Noticed a royal mummy
184214 | Zig:18   | Noticed a royal mummy
184216 | Zig:18   | Noticed a royal mummy
184216 | Zig:18   | Noticed a royal mummy
184216 | Zig:18   | Noticed a royal mummy
184216 | Zig:18   | Killed a royal mummy
184216 | Zig:18   | Noticed a royal mummy
184217 | Zig:18   | Killed a royal mummy
184217 | Zig:18   | Killed a royal mummy
184217 | Zig:18   | Killed a royal mummy
184217 | Zig:18   | Killed a royal mummy
184217 | Zig:18   | Killed a royal mummy
184217 | Zig:18   | Killed a royal mummy
184217 | Zig:18   | Killed a royal mummy
184217 | Zig:18   | Killed a royal mummy
184217 | Zig:18   | Killed a royal mummy
184217 | Zig:18   | Killed a royal mummy
184217 | Zig:18   | Noticed a royal mummy
184217 | Zig:18   | Noticed a royal mummy
184217 | Zig:18   | Noticed a royal mummy
184218 | Zig:18   | Noticed a royal mummy
184218 | Zig:18   | Noticed a royal mummy
184218 | Zig:18   | Killed a royal mummy
184219 | Zig:18   | Noticed a royal mummy
184219 | Zig:18   | Noticed a royal mummy
184219 | Zig:18   | Noticed a royal mummy
184219 | Zig:18   | Noticed a royal mummy
184219 | Zig:18   | Noticed a royal mummy
184220 | Zig:18   | Killed a royal mummy
184220 | Zig:18   | Killed a royal mummy
184220 | Zig:18   | Killed a royal mummy
184220 | Zig:18   | Killed a royal mummy
184220 | Zig:18   | Noticed a royal mummy
184220 | Zig:18   | Noticed a royal mummy
184220 | Zig:18   | Killed a royal mummy
184221 | Zig:18   | Noticed a royal mummy
184221 | Zig:18   | Noticed a royal mummy
184222 | Zig:18   | Killed a royal mummy
184222 | Zig:18   | Killed a royal mummy
184222 | Zig:18   | Killed a royal mummy
184222 | Zig:18   | Killed a royal mummy
184222 | Zig:18   | Killed a royal mummy
184222 | Zig:18   | Killed a royal mummy
184222 | Zig:18   | Killed a royal mummy
184222 | Zig:18   | Killed a royal mummy
184222 | Zig:18   | Killed a royal mummy
184222 | Zig:18   | Noticed a royal mummy
184222 | Zig:18   | Noticed a royal mummy
184223 | Zig:18   | Noticed a royal mummy
184224 | Zig:18   | Noticed a royal mummy
184224 | Zig:18   | Noticed a royal mummy
184224 | Zig:18   | Noticed a royal mummy
184224 | Zig:18   | Noticed a royal mummy
184224 | Zig:18   | Noticed a royal mummy
184224 | Zig:18   | Noticed a royal mummy
184225 | Zig:18   | Killed a royal mummy
184225 | Zig:18   | Killed a royal mummy
184225 | Zig:18   | Killed a royal mummy
184225 | Zig:18   | Killed a royal mummy
184225 | Zig:18   | Killed a royal mummy
184225 | Zig:18   | Noticed a royal mummy
184226 | Zig:18   | Noticed a royal mummy
184226 | Zig:18   | Noticed a royal mummy
184226 | Zig:18   | Killed a royal mummy
184226 | Zig:18   | Killed a royal mummy
184227 | Zig:18   | Noticed a royal mummy
184227 | Zig:18   | Noticed a royal mummy
184227 | Zig:18   | Noticed a royal mummy
184227 | Zig:18   | Noticed a royal mummy
184227 | Zig:18   | Noticed a royal mummy
184228 | Zig:18   | Killed a royal mummy
184228 | Zig:18   | Killed a royal mummy
184228 | Zig:18   | Killed a royal mummy
184228 | Zig:18   | Killed a royal mummy
184228 | Zig:18   | Killed a royal mummy
184228 | Zig:18   | Killed a royal mummy
184228 | Zig:18   | Noticed a royal mummy
184228 | Zig:18   | Noticed a royal mummy
184228 | Zig:18   | Noticed a royal mummy
184229 | Zig:18   | Noticed a royal mummy
184229 | Zig:18   | Noticed a royal mummy
184230 | Zig:18   | Noticed a royal mummy
184230 | Zig:18   | Noticed a royal mummy
184230 | Zig:18   | Noticed a royal mummy
184230 | Zig:18   | Noticed a royal mummy
184230 | Zig:18   | Noticed a royal mummy
184231 | Zig:18   | Killed a royal mummy
184231 | Zig:18   | Killed a royal mummy
184231 | Zig:18   | Killed a royal mummy
184231 | Zig:18   | Killed a royal mummy
184231 | Zig:18   | Killed a royal mummy
184231 | Zig:18   | Killed a royal mummy
184231 | Zig:18   | Killed a royal mummy
184231 | Zig:18   | Killed a royal mummy
184231 | Zig:18   | Noticed a royal mummy
184231 | Zig:18   | Noticed a royal mummy
184231 | Zig:18   | Noticed a royal mummy
184232 | Zig:18   | Noticed a royal mummy
184232 | Zig:18   | Killed a royal mummy
184232 | Zig:18   | Killed a royal mummy
184232 | Zig:18   | Killed a royal mummy
184232 | Zig:18   | Killed a royal mummy
184232 | Zig:18   | Killed a royal mummy
184232 | Zig:18   | Killed a royal mummy
184232 | Zig:18   | Killed a royal mummy
184232 | Zig:18   | Noticed a royal mummy
184232 | Zig:18   | Noticed a royal mummy
184232 | Zig:18   | Noticed a royal mummy
184232 | Zig:18   | Noticed a royal mummy
184233 | Zig:18   | Noticed a royal mummy
184233 | Zig:18   | Noticed a royal mummy
184233 | Zig:18   | Noticed a royal mummy
184233 | Zig:18   | Noticed a royal mummy
184233 | Zig:18   | Noticed a royal mummy
184233 | Zig:18   | Noticed a royal mummy
184233 | Zig:18   | Noticed a royal mummy
184234 | Zig:18   | Noticed a royal mummy
184234 | Zig:18   | Noticed a royal mummy
184235 | Zig:18   | Killed a royal mummy
184235 | Zig:18   | Killed a royal mummy
184235 | Zig:18   | Killed a royal mummy
184235 | Zig:18   | Killed a royal mummy
184235 | Zig:18   | Killed a royal mummy
184235 | Zig:18   | Killed a royal mummy
184235 | Zig:18   | Killed a royal mummy
184235 | Zig:18   | Killed a royal mummy
184235 | Zig:18   | Noticed a royal mummy
184237 | Zig:18   | Killed a royal mummy
184237 | Zig:18   | Killed a royal mummy
184237 | Zig:18   | Killed a royal mummy
184237 | Zig:18   | Killed a royal mummy
184237 | Zig:18   | Killed a royal mummy
184237 | Zig:18   | Killed a royal mummy
184237 | Zig:18   | Killed a royal mummy
184237 | Zig:18   | Killed a royal mummy
184237 | Zig:18   | Killed a royal mummy
184237 | Zig:18   | Killed a royal mummy
184237 | Zig:18   | Noticed a royal mummy
184237 | Zig:18   | Noticed a royal mummy
184238 | Zig:18   | Killed a royal mummy
184238 | Zig:18   | Killed a royal mummy
184238 | Zig:18   | Killed a royal mummy
184238 | Zig:18   | Noticed a royal mummy
184238 | Zig:18   | Noticed a royal mummy
184239 | Zig:18   | Killed a royal mummy
184239 | Zig:18   | Killed a royal mummy
184239 | Zig:18   | Killed a royal mummy
184239 | Zig:18   | Noticed a royal mummy
184243 | Zig:18   | Killed a royal mummy
184243 | Zig:18   | Killed a royal mummy
184248 | Zig:18   | Killed a royal mummy
184865 | Zig:18   | Identified the +10 falchion of Karma {venom, *Slow rF+
                  | Dex+3 Stlth+}
184875 | Zig:18   | Identified the +1 chain mail of Duck's Teeth {rN+}
184885 | Zig:18   | Identified the +7 broad axe "Fotif" {freeze, rF- rN+ Str+2
                  | Int+3}
184897 | Zig:18   | Identified the amulet "Nuoleur" {Acrobat rF++ rCorr Int+5}
184946 | Zig:18   | Identified the ring of Thoughtfulness {rF+ MP+9 Str+3
                  | Slay+2}
184955 | Zig:18   | Identified the +2 morningstar "Foddaenioh" {speed, rN+
                  | rCorr Str-3}
184960 | Zig:18   | Identified the +11 spear of Tender Mercy {flame, Int+5
                  | Stlth-}
185060 | Zig:19   | Entered Level 19 of a ziggurat
185178 | Zig:19   | Identified the ring of Aple Feumm {Fly rPois rN+ MP+9}
185184 | Zig:19   | Identified the staff of fire "Ginoj" {rElec rF+ Dex+3}
185205 | Zig:19   | Identified the +8 spear of Lust {holy, rN+}
185207 | Zig:19   | Identified the staff of death "Eleryfig" {rC+++ rN+ Str+3}
185217 | Zig:19   | Identified the staff of air "Aginup" {+Blink rElec}
185223 | Zig:19   | Identified the ring "Reathreh" {rPois rN+ Will- rCorr
                  | Str+6}
185322 | Zig:19   | Identified the +8 chain mail "Exzitrai" {rElec rC+}
185738 | Zig:20   | Entered Level 20 of a ziggurat
185748 | Zig:20   | Noticed a dread lich
185750 | Zig:20   | Noticed an ancient lich
185752 | Zig:20   | Killed a dread lich
185757 | Zig:20   | Killed an ancient lich
185772 | Zig:20   | Identified the ring "Onuruf" {rPois rN+ Will+}
185797 | Zig:20   | Killed a starcursed mass
185811 | Zig:20   | Killed a starcursed mass
186344 | Zig:20   | Identified the +6 broad axe of Icrix {freeze, *Slow rPois
                  | rCorr Dex+2}
186349 | Zig:20   | Identified the staff of fire "Xyvul" {+Blink rF+ Str-3
                  | Int+3 Dex+6}
186357 | Zig:20   | Identified the +7 broad axe of the Lair of Beasts {pain,
                  | rF++ Str+5}
186359 | Zig:20   | Identified the +7 dagger of Buebewomoa {freeze, Will- Int+3
                  | SInv}
186377 | Zig:20   | Identified the ring of Tender Moments {Fire rElec SInv}
186601 | Zig:21   | Entered Level 21 of a ziggurat
186732 | Zig:21   | Identified the +5 leather armour of Olevo {rF+}
186741 | Zig:21   | Identified the +7 quarterstaff of Subjectivity {protect,
                  | Will+ MP+9 SInv}
186743 | Zig:21   | Identified the +7 long sword of Zin, Enfolding {flame,
                  | Int+3 Dex+3}
186746 | Zig:21   | Identified the staff of fire "Goish" {*Slow rElec rPois
                  | rF+}
186756 | Zig:21   | Identified the staff of death "Sobaep" {rF+ rN+ Int+4
                  | Stlth+}
186779 | Zig:21   | Identified the staff of cold "Kuki" {rC+ Dex+4}
186799 | Zig:21   | Identified the amulet "Earthly Heaven" {RegenMP rPois rF+
                  | MP+9 Str+2}
187433 | Zig:22   | Entered Level 22 of a ziggurat
187457 | Zig:22   | Identified the +8 dagger of the Desert {venom, *Corrode
                  | rElec Str+2 Int+3}
187457 | Zig:22   | Identified the +5 arbalest "Nameurr" {penet, Will+ Int+5}
187457 | Zig:22   | Paralysed by a floating eye for 3 turns
188000 | Zig:22   | Identified the +1 tower shield of Theory {rElec Int+3}
188027 | Zig:22   | Identified the staff of cold "Vanouch" {rPois rF++ rC+ rN+
                  | SInv}
188053 | Zig:22   | Identified the staff of earth "Uxeraerch" {Will++}
188060 | Zig:22   | Identified the +5 chain mail of Narcissism {+Inv rN+
                  | Slay+2}
188064 | Zig:22   | Identified the staff of air "Nobuw" {rElec rF+ rN+ Int+3}
188073 | Zig:22   | Identified the +3 ring mail of Siah {rF++}
188233 | Zig:23   | Entered Level 23 of a ziggurat
188235 | Zig:23   | Noticed a royal mummy
188235 | Zig:23   | Noticed a royal mummy
188235 | Zig:23   | Noticed a royal mummy
188235 | Zig:23   | Noticed a royal mummy
188236 | Zig:23   | Noticed a royal mummy
188237 | Zig:23   | Noticed a royal mummy
188237 | Zig:23   | Noticed a royal mummy
188237 | Zig:23   | Noticed a royal mummy
188237 | Zig:23   | Noticed a royal mummy
188238 | Zig:23   | Noticed a royal mummy
188238 | Zig:23   | Noticed a royal mummy
188238 | Zig:23   | Noticed a royal mummy
188239 | Zig:23   | Noticed a royal mummy
188239 | Zig:23   | Killed a royal mummy
188239 | Zig:23   | Noticed a royal mummy
188239 | Zig:23   | Noticed a royal mummy
188239 | Zig:23   | Noticed a royal mummy
188240 | Zig:23   | Noticed a royal mummy
188240 | Zig:23   | Killed a royal mummy
188240 | Zig:23   | Killed a royal mummy
188241 | Zig:23   | Killed a royal mummy
188241 | Zig:23   | Killed a royal mummy
188241 | Zig:23   | Killed a royal mummy
188241 | Zig:23   | Killed a royal mummy
188241 | Zig:23   | Killed a royal mummy
188241 | Zig:23   | Killed a royal mummy
188241 | Zig:23   | Killed a royal mummy
188241 | Zig:23   | Noticed a royal mummy
188242 | Zig:23   | Noticed a royal mummy
188242 | Zig:23   | Noticed a royal mummy
188242 | Zig:23   | Noticed a royal mummy
188242 | Zig:23   | Noticed a royal mummy
188242 | Zig:23   | Noticed a royal mummy
188242 | Zig:23   | Noticed a royal mummy
188242 | Zig:23   | Noticed a royal mummy
188242 | Zig:23   | Killed a royal mummy
188243 | Zig:23   | Killed a royal mummy
188243 | Zig:23   | Killed a royal mummy
188243 | Zig:23   | Killed a royal mummy
188243 | Zig:23   | Killed a royal mummy
188243 | Zig:23   | Killed a royal mummy
188243 | Zig:23   | Noticed a royal mummy
188244 | Zig:23   | Killed a royal mummy
188244 | Zig:23   | Noticed a royal mummy
188244 | Zig:23   | Noticed a royal mummy
188244 | Zig:23   | Noticed a royal mummy
188244 | Zig:23   | Noticed a royal mummy
188245 | Zig:23   | Noticed a royal mummy
188245 | Zig:23   | Noticed a dread lich
188245 | Zig:23   | Noticed a royal mummy
188245 | Zig:23   | Killed a royal mummy
188246 | Zig:23   | Noticed a royal mummy
188246 | Zig:23   | Noticed a royal mummy
188246 | Zig:23   | Noticed a royal mummy
188246 | Zig:23   | Noticed a royal mummy
188246 | Zig:23   | Noticed a royal mummy
188246 | Zig:23   | Noticed a royal mummy
188246 | Zig:23   | Noticed a royal mummy
188246 | Zig:23   | Noticed a royal mummy
188246 | Zig:23   | Killed a royal mummy
188246 | Zig:23   | Killed a royal mummy
188247 | Zig:23   | Killed a royal mummy
188247 | Zig:23   | Killed a royal mummy
188247 | Zig:23   | Killed a royal mummy
188247 | Zig:23   | Killed a royal mummy
188247 | Zig:23   | Killed a royal mummy
188247 | Zig:23   | Killed a royal mummy
188247 | Zig:23   | Killed a royal mummy
188247 | Zig:23   | Noticed a royal mummy
188247 | Zig:23   | Noticed a royal mummy
188248 | Zig:23   | Noticed a royal mummy
188248 | Zig:23   | Noticed a royal mummy
188248 | Zig:23   | Noticed a royal mummy
188248 | Zig:23   | Killed a royal mummy
188248 | Zig:23   | Noticed a royal mummy
188248 | Zig:23   | Noticed a royal mummy
188248 | Zig:23   | Killed a royal mummy
188248 | Zig:23   | Noticed a royal mummy
188249 | Zig:23   | Noticed a royal mummy
188249 | Zig:23   | Noticed a royal mummy
188249 | Zig:23   | Noticed a royal mummy
188249 | Zig:23   | Noticed a royal mummy
188249 | Zig:23   | Noticed a royal mummy
188249 | Zig:23   | Killed a dread lich
188249 | Zig:23   | Noticed a royal mummy
188249 | Zig:23   | Noticed a royal mummy
188250 | Zig:23   | Killed a royal mummy
188250 | Zig:23   | Killed a royal mummy
188250 | Zig:23   | Killed a royal mummy
188250 | Zig:23   | Killed a royal mummy
188250 | Zig:23   | Killed a royal mummy
188250 | Zig:23   | Killed a royal mummy
188250 | Zig:23   | Killed a royal mummy
188250 | Zig:23   | Killed a royal mummy
188250 | Zig:23   | Killed a royal mummy
188250 | Zig:23   | Noticed a royal mummy
188250 | Zig:23   | Noticed a royal mummy
188250 | Zig:23   | Noticed a royal mummy
188250 | Zig:23   | Noticed a royal mummy
188250 | Zig:23   | Noticed a royal mummy
188250 | Zig:23   | Noticed a royal mummy
188251 | Zig:23   | Noticed a royal mummy
188251 | Zig:23   | Noticed a royal mummy
188251 | Zig:23   | Noticed a royal mummy
188251 | Zig:23   | Killed a royal mummy
188251 | Zig:23   | Noticed a royal mummy
188251 | Zig:23   | Killed a royal mummy
188252 | Zig:23   | Killed a royal mummy
188252 | Zig:23   | Killed a royal mummy
188252 | Zig:23   | Killed a royal mummy
188252 | Zig:23   | Killed a royal mummy
188252 | Zig:23   | Killed a royal mummy
188252 | Zig:23   | Killed a royal mummy
188252 | Zig:23   | Killed a royal mummy
188252 | Zig:23   | Killed a royal mummy
188252 | Zig:23   | Killed a royal mummy
188252 | Zig:23   | Noticed a royal mummy
188252 | Zig:23   | Noticed a royal mummy
188252 | Zig:23   | Noticed a royal mummy
188252 | Zig:23   | Noticed a royal mummy
188253 | Zig:23   | Noticed a royal mummy
188253 | Zig:23   | Noticed a royal mummy
188253 | Zig:23   | Noticed a royal mummy
188253 | Zig:23   | Noticed a royal mummy
188253 | Zig:23   | Noticed a royal mummy
188254 | Zig:23   | Killed a royal mummy
188254 | Zig:23   | Killed a royal mummy
188254 | Zig:23   | Killed a royal mummy
188254 | Zig:23   | Killed a royal mummy
188254 | Zig:23   | Killed a royal mummy
188254 | Zig:23   | Killed a royal mummy
188254 | Zig:23   | Killed a royal mummy
188254 | Zig:23   | Killed a royal mummy
188254 | Zig:23   | Killed a royal mummy
188254 | Zig:23   | Killed a royal mummy
188254 | Zig:23   | Noticed a royal mummy
188254 | Zig:23   | Noticed a royal mummy
188254 | Zig:23   | Noticed a royal mummy
188255 | Zig:23   | Killed a royal mummy
188255 | Zig:23   | Killed a royal mummy
188256 | Zig:23   | Killed a royal mummy
188256 | Zig:23   | Killed a royal mummy
188256 | Zig:23   | Noticed a royal mummy
188256 | Zig:23   | Noticed a royal mummy
188256 | Zig:23   | Killed a royal mummy
188257 | Zig:23   | Noticed a royal mummy
188257 | Zig:23   | Noticed a royal mummy
188257 | Zig:23   | Noticed a royal mummy
188257 | Zig:23   | Noticed a royal mummy
188257 | Zig:23   | Noticed a royal mummy
188258 | Zig:23   | Killed a royal mummy
188258 | Zig:23   | Noticed a royal mummy
188259 | Zig:23   | Killed a royal mummy
188260 | Zig:23   | Killed a royal mummy
188260 | Zig:23   | Killed a royal mummy
188261 | Zig:23   | Killed a royal mummy
188262 | Zig:23   | Killed a royal mummy
188263 | Zig:23   | Killed a royal mummy
188263 | Zig:23   | Killed a royal mummy
188263 | Zig:23   | Killed a royal mummy
188263 | Zig:23   | Killed a royal mummy
188264 | Zig:23   | Killed a royal mummy
188278 | Zig:23   | Killed a royal mummy
188280 | Zig:23   | Noticed a royal mummy
188280 | Zig:23   | Killed a royal mummy
188282 | Zig:23   | Killed a royal mummy
188282 | Zig:23   | Noticed a royal mummy
188283 | Zig:23   | Killed a royal mummy
188283 | Zig:23   | Killed a royal mummy
188284 | Zig:23   | Killed a royal mummy
188284 | Zig:23   | Noticed a royal mummy
188285 | Zig:23   | Killed a royal mummy
188285 | Zig:23   | Killed a royal mummy
188287 | Zig:23   | Noticed a royal mummy
188287 | Zig:23   | Noticed a royal mummy
188287 | Zig:23   | Noticed a royal mummy
188287 | Zig:23   | Noticed a royal mummy
188287 | Zig:23   | Noticed a royal mummy
188288 | Zig:23   | Noticed a royal mummy
188289 | Zig:23   | Killed a royal mummy
188289 | Zig:23   | Noticed a royal mummy
188290 | Zig:23   | Noticed a royal mummy
188290 | Zig:23   | Noticed a royal mummy
188290 | Zig:23   | Noticed a royal mummy
188291 | Zig:23   | Killed a royal mummy
188291 | Zig:23   | Killed a royal mummy
188291 | Zig:23   | Killed a royal mummy
188291 | Zig:23   | Killed a royal mummy
188291 | Zig:23   | Killed a royal mummy
188291 | Zig:23   | Noticed a royal mummy
188292 | Zig:23   | Killed a royal mummy
188293 | Zig:23   | Noticed a royal mummy
188293 | Zig:23   | Noticed a royal mummy
188293 | Zig:23   | Noticed a royal mummy
188293 | Zig:23   | Noticed a royal mummy
188294 | Zig:23   | Killed a royal mummy
188294 | Zig:23   | Killed a royal mummy
188294 | Zig:23   | Killed a royal mummy
188294 | Zig:23   | Killed a royal mummy
188294 | Zig:23   | Killed a royal mummy
188294 | Zig:23   | Noticed a royal mummy
188296 | Zig:23   | Killed a royal mummy
188296 | Zig:23   | Killed a royal mummy
188296 | Zig:23   | Killed a royal mummy
188296 | Zig:23   | Killed a royal mummy
188296 | Zig:23   | Killed a royal mummy
188296 | Zig:23   | Killed a royal mummy
188296 | Zig:23   | Killed a royal mummy
188296 | Zig:23   | Noticed a royal mummy
188297 | Zig:23   | Noticed a royal mummy
188297 | Zig:23   | Noticed a royal mummy
188297 | Zig:23   | Noticed a royal mummy
188298 | Zig:23   | Killed a royal mummy
188298 | Zig:23   | Killed a royal mummy
188301 | Zig:23   | Killed a royal mummy
188301 | Zig:23   | Killed a royal mummy
188301 | Zig:23   | Killed a royal mummy
188302 | Zig:23   | Killed a royal mummy
188367 | Zig:23   | Identified the +7 short sword of Atruq {holy, Str-3 Int+4}
188371 | Zig:23   | Identified the +0 scale mail of Responsibility {rElec rC+
                  | Will+}
188373 | Zig:23   | Identified the staff of air "Bosanom" {rElec rPois rCorr
                  | Str-5 SInv}
188376 | Zig:23   | Identified the staff of poison "Veiq" {rPois rC+ Int-4
                  | Dex+3}
188377 | Zig:23   | Identified the ring "Hirghai" {rN+ Dex+4 Slay+5}
188385 | Zig:23   | Identified the +5 spear "Tanomniatz" {venom, Str+5 Int+2}
188387 | Zig:23   | Identified the +7 chain mail of Objectivity {Dex+2}
188512 | Zig:23   | Identified the staff of death "Nerchemo" {rN+ Str+4}
189126 | Zig:23   | Identified the +0 scale mail of Dishonesty {rElec Int+3
                  | Dex+4 Stlth-}
189128 | Zig:23   | Identified the +1 chain mail "Ecueck" {Int+4}
189177 | Zig:24   | Entered Level 24 of a ziggurat
189774 | Zig:24   | Identified the +10 scimitar of Xujeqoizoz {flame, Will+
                  | rCorr MP+9 Str+4}
189860 | Zig:24   | Identified the ring "Dyxyxkelo" {Will- rCorr EV+5 Int-2
                  | Dex+9}
189863 | Zig:24   | Identified the +10 glaive "Worm's Wrath" {speed, rCorr}
189865 | Zig:24   | Identified the staff of conjuration "Wisuku" {rF+ Int+2}
189893 | Zig:24   | Identified the +0 plate armour of Turphax {-Tele Rampage
                  | Int+8 Stlth-}
189902 | Zig:24   | Identified the staff of conjuration "Diag" {rPois}
189904 | Zig:24   | Identified the +1 sling "Hydrabane" {speed, rC- Str+8 Int+8
                  | Stlth-}
189912 | Zig:24   | Identified the ring "Lafor" {rElec Str+6}
190109 | Zig:24   | Identified the staff of poison "Puucymn" {Fly rPois rC+
                  | Will+}
190242 | Zig:25   | Entered Level 25 of a ziggurat
190299 | Zig:25   | Noticed Umibroat the pandemonium lord
190302 | Zig:25   | Killed Umibroat the pandemonium lord
190970 | Zig:25   | Identified the +8 broad axe of the People {freeze, Will+}
190975 | Zig:25   | Identified the staff of earth "Jal Mecku" {*Corrode +Blink
                  | rPois Stlth+}
190990 | Zig:25   | Identified the ring "Jymmukk" {rElec rPois rN+ Dex-3 SInv}
190994 | Zig:25   | Identified the +3 hand axe of Idehez {heavy, rC+ Str+3}
191001 | Zig:25   | Identified the staff of poison "Mitak" {Fly rPois rC++
                  | rN+++ Str-2}
191015 | Zig:25   | Identified the +3 hand axe of the Present {chaos, rPois}
191027 | Zig:25   | Identified the +1 broad axe "Ecvucij" {freeze, rF+ Str+2}
191112 | Zig:26   | Entered Level 26 of a ziggurat
191795 | Zig:26   | Identified the +0 bardiche of Division {flame, rC++ MP+9}
191796 | Zig:26   | Identified the +6 sling of Mana {speed, Int+4 Stlth+}
191797 | Zig:26   | Identified the +1 falchion of Resourcefulness {antimagic,
                  | Dex+4}
191798 | Zig:26   | Identified the staff of conjuration "Idiypnuv" {+Blink
                  | rPois rN++ Will-}
191799 | Zig:26   | Identified the staff of air "Upoawn" {rElec Stlth+}
191802 | Zig:26   | Identified the +3 hand axe of Theory {freeze, rC+ MP+9}
191824 | Zig:26   | Identified the +0 glaive of Usoibb {freeze, rN+++ Str+3}
191995 | Zig:27   | Entered Level 27 of a ziggurat
192003 | Zig:27   | Paralysed by accursed screaming for 1 turns
192024 | Zig:27   | Banished a starcursed mass
192061 | Zig:27   | Killed a starcursed mass
192061 | Zig:27   | Killed a starcursed mass
192070 | Zig:27   | Paralysed by accursed screaming for 2 turns
192076 | Zig:27   | Killed a starcursed mass
192160 | Zig:27   | Identified the +8 morningstar of Foul Odours {venom, rF+
                  | rC- Int+2 SInv}
192161 | Zig:27   | Identified the staff of death "Laen" {rN+ rCorr Int+2}
192164 | Zig:27   | Identified the staff of conjuration "Jedenewa" {Will+}
192170 | Zig:27   | Identified the +0 chain mail of the Hippo {*Corrode rF+
                  | Dex+3 Stlth+}
192173 | Zig:27   | Identified the +0 pair of gloves of Light {-Cast Harm
                  | rPois}
192174 | Zig:27   | Identified the staff of death "Jiupsus" {rN+ Will++ rCorr
                  | Int+4 SInv}
192185 | Zig:27   | Identified the amulet "Gafaneymm" {RegenMP +Inv rC+ Str+6
                  | Int-5}
192189 | Zig:27   | Identified the +11 dagger of Departure {elec, *Noise rC+++
                  | rCorr Str+3}
192191 | Zig:27   | Identified the ring "Jongeasuy" {Will+ rCorr Str+6 Int+3}
192199 | Zig:27   | Identified the +5 broad axe of Bloody Death {venom, *Noise
                  | Fragile rCorr Str+7}
192200 | Zig:27   | Identified the +2 great sword of the Valley {flame, *Rage
                  | rF++ MP+9}
192207 | Zig:27   | Identified the ring "Ariascho" {Fly rN+ rCorr MP+9 Stlth-}
192213 | Zig:27   | Identified the ring "Geilam" {rC+ rN+ MP+9 Dex+3}
193073 | Zig:27   | Identified the +5 dagger "Ompiel" {drain, rElec rN+ Dex+4}
193120 | Depths:1 | Upgraded the game from 0.30-a0-923-g828ccac5a3 to
                  | 0.30-a0-928-g7f6bbad527
193432 | Tomb:1   | Entered Level 1 of the Tomb of the Ancients
193452 | Tomb:1   | Noticed a royal mummy
193453 | Tomb:1   | Noticed a royal mummy
193453 | Tomb:1   | Noticed a royal mummy
193454 | Tomb:1   | Noticed a royal mummy
193455 | Tomb:1   | Killed a royal mummy
193455 | Tomb:1   | Killed a royal mummy
193455 | Tomb:1   | Killed a royal mummy
193456 | Tomb:1   | Killed a royal mummy
193457 | Tomb:1   | Noticed a royal mummy
193459 | Tomb:1   | Noticed a royal mummy
193461 | Tomb:1   | Killed a royal mummy
193461 | Tomb:1   | Killed a royal mummy
193462 | Tomb:1   | Noticed a royal mummy
193463 | Tomb:1   | Noticed a royal mummy
193464 | Tomb:1   | Noticed a royal mummy
193465 | Tomb:1   | Killed a royal mummy
193465 | Tomb:1   | Noticed a royal mummy
193466 | Tomb:1   | Killed a royal mummy
193466 | Tomb:1   | Noticed a royal mummy
193467 | Tomb:1   | Noticed a royal mummy
193469 | Tomb:1   | Killed a royal mummy
193469 | Tomb:1   | Noticed a royal mummy
193470 | Tomb:1   | Killed a royal mummy
193470 | Tomb:1   | Killed a royal mummy
193470 | Tomb:1   | Killed a royal mummy
193471 | Tomb:1   | Killed a royal mummy
193475 | Tomb:1   | Noticed a royal mummy
193479 | Tomb:1   | Killed a royal mummy
193488 | Tomb:1   | Identified the +2 robe of the Earth {Will++ Regen+}
193493 | Tomb:1   | Noticed a royal mummy
193498 | Tomb:1   | Killed a royal mummy
193498 | Tomb:1   | Noticed a royal mummy
193504 | Tomb:1   | Killed a royal mummy
193512 | Tomb:1   | Noticed a royal mummy
193514 | Tomb:1   | Killed a royal mummy
193522 | Tomb:1   | Noticed a royal mummy
193526 | Tomb:1   | Killed a royal mummy
193547 | Tomb:2   | Noticed a royal mummy
193547 | Tomb:2   | Noticed a royal mummy
193549 | Tomb:2   | Noticed a royal mummy
193549 | Tomb:2   | Noticed a royal mummy
193551 | Tomb:2   | Killed a royal mummy
193554 | Tomb:2   | Killed a royal mummy
193556 | Tomb:2   | Killed a royal mummy
193569 | Tomb:2   | Killed a royal mummy
193674 | Tomb:3   | Entered Level 3 of the Tomb of the Ancients
193685 | Tomb:3   | Noticed a royal mummy
193685 | Tomb:3   | Noticed a royal mummy
193685 | Tomb:3   | Noticed a royal mummy
193685 | Tomb:3   | Noticed a royal mummy
193686 | Tomb:3   | Killed a royal mummy
193686 | Tomb:3   | Noticed a royal mummy
193686 | Tomb:3   | Noticed a royal mummy
193688 | Tomb:3   | Killed a royal mummy
193688 | Tomb:3   | Killed a royal mummy
193688 | Tomb:3   | Killed a royal mummy
193688 | Tomb:3   | Noticed a royal mummy
193690 | Tomb:3   | Noticed a royal mummy
193691 | Tomb:3   | Killed a royal mummy
193692 | Tomb:3   | Noticed a royal mummy
193694 | Tomb:3   | Killed a royal mummy
193695 | Tomb:3   | Killed a royal mummy
193695 | Tomb:3   | Killed a royal mummy
193696 | Tomb:3   | Killed a royal mummy
194089 | Tomb:3   | Identified the +10 trident of the Ship {flame, rF+ Int+3
                  | Stlth+}
194090 | Tomb:3   | Identified the +2 spear of the Owl {freeze, rPois rF++
                  | Str-3}
194102 | Tomb:3   | Identified the ring "Movvit" {rCorr MP+9 Str+4}
194217 | Tomb:3   | Got a golden rune of Zot
194263 | Tomb:1   | Noticed a royal mummy
194267 | Tomb:1   | Killed a royal mummy
194588 | Vaults:1 | You paid a toll of 6 scrolls of blinking to enter a
                  | treasure trove
194589 | Trove    | Entered a treasure trove
194596 | Trove    | Identified the +1 pair of gloves of Curiosity {-Cast rElec
                  | rCorr Dex+4}
194597 | Trove    | Identified the +0 pair of gloves of Sandy Mirth {Stlth+}
194598 | Trove    | Identified the ring of Mireus {Will+ Int+3 SInv}
194603 | Trove    | Identified the ring "Vifoll" {EV+5 Slay+3}
194610 | Trove    | Identified the +6 rapier "Myiruyri" {drain, rPois rF+ Str+2
                  | Int-5}
194827 | Pan      | Entered Pandemonium
195233 | Pan      | Noticed Emicock the pandemonium lord
195240 | Pan      | Killed Emicock the pandemonium lord
195245 | Pan      | Got a demonic rune of Zot
195530 | Pan      | Noticed Osuloass the pandemonium lord
195534 | Pan      | Killed Osuloass the pandemonium lord
195580 | Pan      | Identified the +2 helmet of Words of Power {rPois rC+
                  | Dex+2}
195954 | Pan      | Found an exit through the horrors of the Abyss.
196383 | Pan      | Entered the realm of Mnoleg.
196553 | Pan      | Identified the +7 battleaxe "Sub Ebin" {pain, rN+ Int+3
                  | Stlth+}
196568 | Pan      | Noticed Mnoleg
196572 | Pan      | Killed Mnoleg
196600 | Pan      | Got a glowing rune of Zot
196686 | Pan      | Entered the realm of Cerebov.
196738 | Pan      | Found the +6 sword of Cerebov {flame}
196738 | Pan      | Noticed Cerebov
196746 | Pan      | Killed Cerebov
196759 | Pan      | Got a fiery rune of Zot
196779 | Pan      | Identified the staff of cold "Jiezameb" {Drain rC+ Str+9
                  | Dex-5 Stlth+}
196792 | Pan      | Identified the +2 plate armour of Parlour Games {Harm rF+
                  | Regen+}
196872 | Pan      | Identified the +4 scimitar "Ytanurel" {drain, rC+}
196898 | Pan      | Identified the +1 scale mail of Polotak {Str+3}
196969 | Pan      | Found an exit through the horrors of the Abyss.
197129 | Pan      | Noticed Ignacio
197132 | Pan      | Killed Ignacio
197215 | Pan      | Entered the realm of Lom Lobon.
197415 | Pan      | Noticed Lom Lobon
197433 | Pan      | Killed Lom Lobon
197500 | Pan      | Got a magical rune of Zot
197878 | Pan      | Noticed Dabbong the pandemonium lord
197882 | Pan      | Killed Dabbong the pandemonium lord
197915 | Pan      | Noticed Mennas
197919 | Pan      | Killed Mennas
198127 | Pan      | Noticed Nuhaos the pandemonium lord
198141 | Pan      | Killed Nuhaos the pandemonium lord
198164 | Depths:2 | Escaped Pandemonium
198242 | Pan      | Entered the realm of Gloorx Vloq.
198242 | Pan      | Entered Pandemonium
198358 | Pan      | Noticed Gloorx Vloq
198376 | Pan      | Killed Gloorx Vloq
198389 | Pan      | Got a dark rune of Zot
198490 | Pan      | Found a runed translucent door.
198587 | Pan      | Found a runed translucent door.
198615 | Pan      | Found an exit through the horrors of the Abyss.
198623 | Pan      | Took an exit into the Abyss.
198623 | Abyss:2  | Escaped into the Abyss
198911 | Abyss:2  | Killed Aroafron the pandemonium lord
198941 | Abyss:2  | Found a corrupted altar of Lugonu.
199179 | Abyss:3  | Got an abyssal rune of Zot
199191 | Depths:2 | Escaped the Abyss
199234 | Hell     | Entered the Vestibule of Hell
199234 | Hell     | Noticed Geryon
199239 | Hell     | Noticed Murray
199240 | Hell     | Paralysed by a wendigo for 1 turns
199241 | Hell     | Killed Geryon
199244 | Hell     | Killed Murray
199283 | Hell     | Found a gateway to the freezing wastes of Cocytus.
199293 | Coc:1    | Entered Level 1 of Cocytus
199400 | Coc:7    | Entered Level 7 of Cocytus
199481 | Coc:7    | Paralysed by a wendigo for 1 turns
199508 | Coc:7    | Identified the +4 trident of Dullness {spect, rPois rF+
                  | Str-5}
199508 | Coc:7    | Noticed Antaeus
199517 | Coc:7    | Killed Antaeus
199536 | Coc:7    | Got an icy rune of Zot
199585 | Coc:7    | Paralysed by a wendigo for 1 turns
199640 | Hell     | Found a gateway to the decaying netherworld of Tartarus.
199649 | Tar:1    | Entered Level 1 of Tartarus
199856 | Tar:7    | Entered Level 7 of Tartarus
200249 | Tar:7    | Identified the amulet "Kedozidgh" {Faith rF+ Regen+ Stlth+}
200252 | Tar:7    | Found the +3 warlock's mirror {omnireflect}
200260 | Tar:7    | Identified the +2 leather armour "Kawkyng" {rN+}
200276 | Tar:7    | Identified the amulet "Ahunoez" {Faith rN+}
200492 | Tar:7    | Noticed Ereshkigal
200497 | Tar:7    | Killed Ereshkigal
200516 | Tar:7    | Got a bone rune of Zot
200838 | Hell     | Found a gateway to the Iron City of Dis.
200850 | Dis:1    | Entered Level 1 of the Iron City of Dis
200910 | Dis:2    | Noticed an ancient lich
200911 | Dis:2    | Killed an ancient lich
200941 | Dis:3    | You are sucked into a shaft and drop 1 floor!
201015 | Dis:7    | Entered Level 7 of the Iron City of Dis
201074 | Dis:7    | Noticed Dispater
201090 | Dis:7    | Killed Dispater
201093 | Dis:7    | Got an iron rune of Zot
201097 | Dis:7    | Identified the +8 plate armour of Zealous Music {Rampage
                  | rC+ SInv}
201101 | Dis:7    | Identified the +10 triple sword of Ihutih Fegg {venom, rF+
                  | Int+3}
201235 | Hell     | Found a gateway to the ashen valley of Gehenna.
201244 | Geh:1    | Entered Level 1 of Gehenna
201283 | Geh:1    | Noticed an ancient lich
201289 | Geh:1    | Killed an ancient lich
201450 | Geh:3    | Noticed a dread lich
201453 | Geh:3    | Killed a dread lich
201664 | Geh:7    | Entered Level 7 of Gehenna
201726 | Geh:7    | Identified the +4 plate armour "Doloskeymn" {rPois rF+}
201729 | Geh:7    | Identified the +3 leather armour of Hiprisew {Dex+3}
201978 | Geh:7    | Found the +7 sceptre of Asmodeus
201978 | Geh:7    | Noticed Asmodeus
201990 | Geh:7    | Killed Asmodeus
202016 | Geh:7    | Got an obsidian rune of Zot
202133 | Zot:1    | Entered Level 1 of the Realm of Zot
202140 | Zot:1    | Noticed an orb of fire
202144 | Zot:1    | Killed an orb of fire
202257 | Zot:4    | Found the +0 mask of the Dragon {Will+ Slay+3 SInv}
202258 | Zot:4    | Found a transporter.
202297 | Zot:4    | Found a transporter.
202387 | Zot:5    | Entered Level 5 of the Realm of Zot
202458 | Zot:5    | Noticed a dread lich
202462 | Zot:5    | Killed a dread lich
202472 | Zot:5    | Noticed an orb of fire
202473 | Zot:5    | Noticed an orb of fire
202475 | Zot:5    | Noticed an orb of fire
202475 | Zot:5    | Killed an orb of fire
202475 | Zot:5    | Killed an orb of fire
202476 | Zot:5    | Killed an orb of fire
202477 | Zot:5    | Noticed an orb of fire
202480 | Zot:5    | Killed an orb of fire
202501 | Zot:5    | Noticed an orb of fire
202504 | Zot:5    | Killed an orb of fire
202505 | Zot:5    | Noticed an orb of fire
202510 | Zot:5    | Killed an orb of fire
202511 | Zot:5    | Noticed an orb of fire
202512 | Zot:5    | Got the Orb of Zot
202517 | Zot:5    | Noticed an orb of fire
202520 | Zot:5    | Killed an orb of fire
202520 | Zot:5    | Killed an orb of fire
202522 | Zot:5    | Noticed an orb of fire
202527 | Zot:5    | Killed an orb of fire
202543 | Zot:5    | Noticed a dread lich
202545 | Zot:5    | Killed a dread lich
202546 | Zot:5    | Noticed Piggisol the pandemonium lord
202551 | Zot:5    | Killed Piggisol the pandemonium lord
202570 | Zot:5    | Noticed an orb of fire
202578 | Zot:5    | Killed an orb of fire
202889 | D:12     | Noticed Vezoic the pandemonium lord
202891 | D:12     | Killed Vezoic the pandemonium lord
202956 | D:9      | Gained mutation: Your magical capacity is low. (-10% MP) [a
                  | cacodemon]
203134 | D:$      | Escaped with the Orb!

Illustrated notes

Levels and vault maps discovered:
D:1:      giann_wishing_wells, layout_loops_ring,
          hellmonk_ecumenical_altar_zigzags, minmay_misc_feat_five
D:2:      layout_basic
D:3:      layout_loops_ring, mainiacjoe_overflow_24_doors, serial_undead,
          serial_undead_a, serial_undead_e, serial_undead_e, serial_undead_d,
          hellmonk_ghost_happy_afterlife
D:4:      layout_basic
D:5:      layout_basic, lemuel_doored_altar, minmay_temple_entry_crystal_x,
          nicolae_wormholes
D:6:      layout_rooms, minmay_misc_feat_square
D:7:      layout_loops_corners, kennysheep_mini_moat,
          mainiacjoe_overflow_alcove_1, uniq_pikel
D:8:      layout_loops_corners, nzn_wu_jian_council_hall
D:9:      layout_roguey
D:10:     layout_basic, david_lair_shrubbed, orc_0_dummy, serial_shops,
          nicolae_shop_temple_entry_statues_fountains,
          nicolae_concentric_dashed_squares_mild
D:11:     layout_irregular_city, gammafunk_ghost_wrathful_warriors
D:12:     layout_rooms, gammafunk_ghost_hydra_chop,
          portal_ice_cave_entry_ice_simulacra, uniq_psyche, uniq_snorg,
          uniq_lodul, uniq_azrael
D:13:     layout_roguey [special_room_orc]
D:14:     evilmike_iron_armoury, layout_irregular_city, david_vaults_1,
          kennysheep_generic_room_13
D:15:     hangedman_depths_entry_try_elsewhere_first, layout_basic,
          gammafunk_ghost_abyssal_escape, nicolae_gozag_zags_fifth_avenue,
          uniq_louise, uniq_kirke
Temple:   hellmonk_temple_divided_pantheon
Lair:1:   layout_misc_corridors, st_stairs_6, uniq_gastronok, uniq_joseph,
          uniq_amaemon
Lair:2:   layout_chaotic_city, palyth_hydra_swamp_entry,
          guppyfry_snake_entry_island, serial_bayou_shore_b
Lair:3:   layout_regular_city, serial_bayou, serial_bayou_lake_a,
          serial_bayou_ford_a, serial_bayou_pond_c, serial_bayou_pond_a,
          serial_bayou_pond_a, infiniplex_staircase_pool_2
Lair:4:   layout_hall_layers, slime_entry_1, gauntlet_entry_generic
Lair:5:   guppyfry_lair_end_dragon, layout_long_grid, hangedman_lair_in_review,
          hibernation_bobbens
Swamp:1:  nicolae_swamp_decorative_isthmus, layout_basic_swamp,
          nicolae_swamp_big_swirl, swamp_pool1
Swamp:2:  layout_falls_marsh, evilmike_swamp_ruin_house_2
Swamp:3:  layout_basic_swamp, ebering_ghost_disaster_area,
          evilmike_swamp_ruin_house_6, swamp_pool1
Swamp:4:  swamp_alternative, layout_basic_swamp, uniq_roxanne
Snake:1:  layout_gridlike, serial_shops, shop, grunt_megastairs_2,
          minmay_shoptagon, lemuel_fruit_tree
Snake:2:  layout_onion, basic_altar, ebering_ghost_xom, nicolae_take_the_stairs,
          serial_bayou_pond_d, uniq_saint_roka, uniq_agnes
Snake:3:  layout_honeycomb, ebering_ghost_xom, serial_shops, shop
Snake:4:  grunt_snake_rune_spirals, layout_onion, uniq_vashnia
Slime:1:  layout_caves
Slime:2:  layout_caves, nicolae_slime_phagocytosis
Slime:3:  layout_caves
Slime:4:  layout_caves, nicolae_slime_round_cave
Slime:5
Orc:1:    cheibrodos_orc_bank, layout_caves, serial_shops,
          nicolae_lakefront_shop
Orc:2:    st_orc_elflike, layout_caves, serial_shops, shop,
          nicolae_orc_lava_room
Elf:1:    minmay_elf_arrival_circle, layout_gridlike, minivault_28,
          hangedman_elf_simple_split
Elf:2:    elven_hall_of_blades_hangedman_original [mumra_blade_entry_dagger],
          layout_geoelf_octagon, serial_shops, shop, nicolae_shop_stone,
          nicolae_shop_advertising_works [nicolae_subvault_shop_adworks], shop,
          shop_fountains, nicolae_elf_v_pinch, uniq_asterion
Elf:3:    minmay_elf_hall_hex, layout_geoelf_grid, serial_shops, shop,
          nicolae_elf_glassroom_feature
Vaults:1: vaults_room_boxed, nicolae_vaults_ninety_degrees,
          hangedman_vaults_nodes, nicolae_vaults_meeting, v_misc_18,
          nicolae_vaults_diagonal_hallway_8, nicolae_vaults_stairing_the_circle,
          hangedman_vaults_impose, v_alt_pattern_4,
          ontoclasm_vaults_decontamination, hangedman_vaults_maws,
          layout_vaults_omnicross, nicolae_trove_entry_diagonal
Vaults:2: minmay_crypt_entry_simple_walls, v_alt_pattern_3, v_rooms_5,
          dpeg_vaults_monster_row, vaults_dpeg_cross, v_misc_8,
          hangedman_vaults_trim, hangedman_vaults_restitches,
          layout_vaults_big_room, serial_shops, shop, shop_statue, shop,
          uniq_xtahua
Vaults:3: nicolae_vaults_windows_and_doors_thing, vaults_dpeg_emergency_exit,
          vaults_room_hallway, vaults_room_stairs_pillars, v_misc_9,
          nicolae_vaults_asterisk, v_misc_17, v_misc_2, v_misc_10, v_misc_25,
          nicolae_vaults_minivaults, v_misc_9, nicolae_vaults_alarming,
          v_alt_pattern_1, ontoclasm_vaults_ring_large, layout_vaults_maze,
          serial_shops, nicolae_diamond_shop, uniq_mara
Vaults:4: ebering_ghost_inner_flame, nicolae_vaults_network_quincunx
          [nicolae_vaults_network_quincunx_subvault,
          nicolae_vaults_network_quincunx_subvault,
          nicolae_vaults_network_quincunx_subvault,
          nicolae_vaults_network_quincunx_subvault,
          nicolae_vaults_network_quincunx_subvault],
          nicolae_vaults_border_crossing, hangedman_vaults_trim, v_rooms_2,
          nicolae_vaults_rhombus_7, v_misc_1, hangedman_vaults_impose,
          hangedman_vaults_trim, vaults_room_stairs_pillars,
          nicolae_vaults_gold_heap, layout_vaults_omnigrid, serial_shops, shop
Vaults:5: serial_shops
Crypt:1:  layout_regular_city, hangedman_feature_mirror,
          minmay_misc_feat_hallway, minivault_26
Crypt:2:  layout_misc_corridors, basic_altar, ebering_ghost_gozag,
          minmay_strange_pillars
Crypt:3:  lightli_unholy_cathedral, layout_chaotic_city,
          nicolae_tomb_entry_unfolded_pyramid_diagonal
Tomb:1
Tomb:2
Tomb:3
Depths:1: layout_roguey, enter_ziggurat_c, minmay_misc_feat_more_columns,
          pf_hell_entry_tar_spiral, gammafunk_ghost_crypt, minislime_mu
Depths:2: minmay_the_grid_octo_tiled_squarecenter [minmay_the_grid_octo_chip,
          minmay_the_grid_octo_toaster, minmay_the_grid_octo_checkerflower,
          minmay_the_grid_octo_77,
          minmay_the_grid_square_5x5_megaprize_checkered,
          minmay_the_grid_square_5x5_n, minmay_the_grid_square_5x5_minibox,
          minmay_the_grid_square_5x5_half_checkered,
          minmay_the_grid_square_5x5_n_small], layout_long_grid,
          rand_demon_pan_entry_7, serial_shops, shop_fountains,
          nicolae_shop_trees, nicolae_shop_crystal, shop_statue, shop,
          fedhas_altar_2, pf_hell_entry_great_geh
Depths:3: minmay_complete_graph, layout_cave_pools, lightli_too_deep,
          marbit_kobold_abyss_entry, ashenzari_altar_1, serial_column_ruins,
          column_ruins_portal_hut, column_ruins_square_large, column_ruins_hut,
          column_ruins_open_small, column_ruins_open_tiny,
          column_ruins_open_tiny, column_ruins_corridor_straight,
          kennysheep_generic_room_4, uniq_margery, uniq_josephina, uniq_grunn
Depths:4: grunt_zot_entry_bicorn, layout_honeycomb, hangedman_coc_ice_floe,
          abyss_entry_small_statue_room, kiku_gazebo_garden_becter,
          grunt_guarded_unrand_obsidian_axe, serial_bayou_shore_b
Hell
Dis:1:    layout_gridville
Dis:2:    layout_regular_city
Dis:3:    layout_gridville, nicolae_dis_distal_crystal
Dis:4:    layout_gridville
Dis:5:    layout_subdivisions
Dis:6:    layout_jigsaw
Dis:7:    iron_city_of_dis [dis_grunt, dis_wall_4], layout_gridville,
          serial_glass, glass_columns_b, glass_columns_a, glass_columns_a,
          glass_columns_c, glass_columns_b, glass_columns_a
Geh:1:    layout_gehenna_lava_caves, special_room [special_room_morgue]
Geh:2:    layout_gehenna_pools_triple
Geh:3:    layout_gehenna_lava_caves
Geh:4:    layout_gehenna_lava_caves
Geh:5:    layout_gehenna_pools_triple
Geh:6:    layout_gehenna_lava_caves
Geh:7:    geh_old
Coc:1:    layout_cocytus_delve
Coc:2:    layout_cocytus_water_paths
Coc:3:    layout_ice_bergs
Coc:4:    layout_ice_bergs
Coc:5:    layout_cocytus_water_paths
Coc:6:    layout_ice_bergs, nicolae_hells_hurtin_island
Coc:7:    coc_grunt
Tar:1:    layout_catacombs, nicolae_tar_cuneiform_bird
Tar:2:    layout_cathedral_of_symmetry, nicolae_tar_just_some_guys
Tar:3:    layout_catacombs
Tar:4:    layout_cathedral_of_symmetry, nicolae_tar_cuneiform_oil
Tar:5:    layout_cathedral_of_symmetry
Tar:6:    layout_grid_maze
Tar:7:    tar_mu [tar_mu_maze]
Zot:1:    layout_cathedral_of_symmetry, drop_trap, st_stairs_11,
          grunt_megastairs_4
Zot:2:    layout_gridville, lemuel_lake_of_fire
Zot:3:    layout_misc_corridors, zot_minivault_3
Zot:4:    layout_misc_corridors, chequers_guarded_unrand_mask_of_the_dragon
Zot:5:    layout_onion

Skill      XL: |  1  2  3  4  5  6  7  8  9 10 11 12 13 14 15 16 17 18 19 20 21 22 23 24 25 26 27 |
---------------+----------------------------------------------------------------------------------+-----
Conjurations   | 5 6 7 8 10 11 12 14 17 18 19 21 27 | 27.0
Stealth        | 2 3 4 5 27 | 27.0
Dodging        | 2 3 4 5 6 10 14 27 | 27.0
Spellcasting   | 3 4 5 6 8 9 11 12 13 14 15 17 18 19 27 | 27.0
Fighting       | 1 2 3 4 5 7 8 9 17 27 | 27.0
Hexes          | 2 4 6 7 27 | 27.0
Translocations | 1 2 3 27 | 27.0
Armour         | 1 2 27 | 27.0
Short Blades   | 4 8 27 | 27.0
Fire Magic     | 1 3 8 10 27 | 27.0
Air Magic      | 3 5 12 16 19 20 27 | 27.0
Shields        | 5 8 9 12 13 27 | 27.0
Necromancy     | 12 16 17 27 | 27.0
Throwing       | 2 7 27 | 27.0
Transmutations | 2 6 27 | 27.0
Axes           | 27 | 27.0
Evocations     | 27 | 27.0
Earth Magic    | 27 | 27.0
Ice Magic      | 27 | 27.0
Summonings     | 27 | 27.0
Unarmed Combat | 27 | 27.0
Ranged Weapons | 27 | 27.0
Long Blades    | 27 | 27.0
Staves         | 27 | 27.0
Invocations    | 27 | 27.0
Poison Magic   | 27 | 27.0
Maces & Flails | 27 | 27.0
Polearms       | 27 | 27.0

Action                     |  1- 3 |  4- 6 |  7- 9 | 10-12 | 13-15 | 16-18 | 19-21 | 22-24 | 25-27 || total
---------------------------+-------+-------+-------+-------+-------+-------+-------+-------+-------++-------
  Melee: Staff             |       |     8 |     1 |     6 |     2 |       |       |       |    32 ||    49
         Tailslap          |       |       |       |     2 |    50 |     2 |       |       |    37 ||    91
         Pair of quick bla |       |       |       |       |   251 |    13 |       |       |       ||   264
         Broad axe         |       |       |       |       |       |       |       |       |    76 ||    76
  Throw: Javelin           |       |       |       |       |       |       |       |       |   137 ||   137
   Cast: Magic Dart        |    64 |    57 |    64 |    50 |   166 |   353 |    92 |     2 |       ||   848
         Searing Ray       |     2 |    21 |    40 |    48 |     3 |       |       |       |       ||   114
         Fulminant Prism   |       |       |    19 |   114 |   119 |    60 |     9 |       |       ||   321
         Iskenderun's Myst |       |       |       |    55 |   133 |   109 |    29 |     2 |     1 ||   329
         Blink             |       |       |       |     6 |       |       |       |       |     3 ||     9
         Arcjolt           |       |       |       |     2 |       |       |       |       |       ||     2
         Iskenderun's Batt |       |       |       |       |    45 |    94 |    22 |     1 |       ||   162
         Starburst         |       |       |       |       |   127 |   253 |   117 |       |       ||   497
         Irradiate         |       |       |       |       |     1 |     4 |       |       |       ||     5
         Chain Lightning   |       |       |       |       |       |       |   241 |   425 |  4559 ||  5225
         Iron Shot         |       |       |       |       |       |       |    15 |    18 |     6 ||    39
         Shatter           |       |       |       |       |       |       |       |       |  1279 ||  1279
         Necromutation     |       |       |       |       |       |       |       |       |   511 ||   511
         Lehudib's Crystal |       |       |       |       |       |       |       |       |   478 ||   478
         Fire Storm        |       |       |       |       |       |       |       |       |    35 ||    35
         Polar Vortex      |       |       |       |       |       |       |       |       |    31 ||    31
         Disjunction       |       |       |       |       |       |       |       |       |     1 ||     1
         Death's Door      |       |       |       |       |       |       |       |       |     1 ||     1
 Invoke: Potion Petition   |       |       |       |       |       |       |       |       |   601 ||   601
Ability: End Transformatio |       |       |       |       |       |       |       |       |    16 ||    16
  Evoke: Wand              |       |       |       |       |       |       |       |     2 |     6 ||     8
         Figurine of a zig |       |       |       |       |       |       |       |       |    15 ||    15
         Condenser vane    |       |       |       |       |       |       |       |       |     2 ||     2
    Use: Scroll            |     4 |     2 |     5 |     2 |    10 |    15 |     1 |     2 |    77 ||   118
         Potion            |       |       |       |     1 |     3 |     5 |       |     3 |   136 ||   148
   Stab: Sleeping          |       |       |       |       |     1 |       |       |       |       ||     1
         Distracted        |       |       |       |       |       |       |       |       |     1 ||     1
         Invisible         |       |       |       |       |       |       |       |       |     1 ||     1
 Armour: Robe              |     4 |     4 |     5 |    36 |     2 |       |       |       |       ||    51
         Leather armour    |       |       |       |       |    57 |    91 |    24 |    13 |    15 ||   200
         Pearl dragon scal |       |       |       |       |       |       |       |       |  2506 ||  2506
  Dodge: Dodged            |     2 |    15 |    26 |    81 |   108 |   101 |    32 |    24 |  2199 ||  2588
  Block: Other             |       |       |       |       |       |    20 |       |       |       ||    20
         Reflection        |       |       |       |       |       |    22 |    16 |     3 |    44 ||    85
         Buckler           |       |       |       |       |       |    22 |    41 |    18 |    18 ||    99
         Kite shield       |       |       |       |       |       |       |       |       |    16 ||    16
         Orb               |       |       |       |       |       |       |       |       |   309 ||   309

Table legend: (Time is in decaauts)
 A = Elapsed time spent in this place.
 B = Non-inter-level travel time spent in this place.
 C = Inter-level travel time spent in this place.
 D = Time resting spent in this place.
 E = Time spent auto-exploring this place.
 F = Levels seen in this place.
 G = Mean time per level.
                   A        B        C        D        E       F      G
               +--------+--------+--------+--------+--------+-----+--------+
         Total | 207288 | 197201 |  10087 |   4355 | 156762 | 549 |  377.6 |
       Dungeon |  16780 |  13603 |   3177 |   1452 |   9810 |  15 | 1118.7 |
        Temple |     54 |     27 |     27 |      0 |      6 |   1 |   54.0 |
          Lair |   6884 |   5959 |    925 |   1378 |   2927 |   5 | 1376.8 |
         Swamp |   3223 |   3015 |    208 |    198 |   2247 |   4 |  805.8 |
     Snake Pit |   4460 |   4118 |    342 |    141 |   2942 |   4 | 1115.0 |
    Slime Pits |    458 |    413 |     45 |    102 |      0 |   5 |   91.6 |
  Orcish Mines |   1350 |   1155 |    195 |     16 |    886 |   2 |  675.0 |
   Elven Halls |   2974 |   2423 |    551 |     39 |   2002 |   3 |  991.3 |
        Vaults |   8406 |   6320 |   2086 |    155 |   5138 |   5 | 1681.2 |
         Crypt |   2888 |   2585 |    303 |      0 |   2190 |   3 |  962.7 |
          Tomb |   1019 |    977 |     42 |      0 |    538 |   3 |  339.7 |
        Depths |   6367 |   4709 |   1658 |     39 |   3283 |   4 | 1591.8 |
          Hell |    401 |    358 |     43 |      0 |    204 |   1 |  401.0 |
           Dis |    341 |    232 |    109 |      0 |      0 |   7 |   48.7 |
       Gehenna |    817 |    787 |     30 |      0 |    227 |   7 |  116.7 |
       Cocytus |    349 |    299 |     50 |      0 |      0 |   7 |   49.9 |
      Tartarus |   1019 |    804 |    215 |      0 |    117 |   7 |  145.6 |
           Zot |    531 |    457 |     74 |      0 |      0 |   5 |  106.2 |
         Abyss |    890 |    890 |      0 |     19 |    257 |   3 |  296.7 |
   Pandemonium |   3911 |   3911 |      0 |    100 |    707 |  23 |  170.0 |
      Ziggurat | 143351 | 143351 |      0 |    677 | 123156 | 432 |  331.8 |
         Trove |     37 |     37 |      0 |      0 |     22 |   1 |   37.0 |
      Ice Cave |    436 |    436 |      0 |     38 |     92 |   1 |  436.0 |
      Gauntlet |    331 |    331 |      0 |      0 |      6 |   1 |  331.0 |
               +--------+--------+--------+--------+--------+-----+--------+

Top non-repeatable levels by time:
  Zig:27: 9957 daAuts
  Zig:25: 9869 daAuts
  Zig:26: 9494 daAuts
  Zig:24: 8763 daAuts
  Zig:23: 8307 daAuts
  Zig:22: 8239 daAuts
  Zig:21: 8127 daAuts
  Zig:20: 7494 daAuts
  Zig:19: 6817 daAuts
  Zig:18: 6801 daAuts
  Zig:17: 6299 daAuts
  Zig:16: 5936 daAuts
  Zig:14: 5868 daAuts
  Zig:15: 5588 daAuts
  Zig:13: 5089 daAuts
